 Dungeon Crawl Stone Soup version 0.31-a0-174-g85c54bcb58 (webtiles) character file.

Game seed: 1712386515938023160

534858 qw the Slayer (level 25, 134/157 HPs)
             Began as a Gargoyle Fighter on June 14, 2023.
             Was a Believer of Okawaru.
             Quit the game on level 1 of the Realm of Zot on June 15, 2023.
             The game lasted 01:14:56 (71346 turns).

qw the Slayer (Gargoyle Fighter)                   Turns: 71346, Time: 01:14:56

Health: 134/157    AC: 50    Str: 42    XL:     25   Next: 77%
Magic:  30/30      EV: 21    Int: 10    God:    Okawaru [**....]
Gold:   2779       SH: 21    Dex:  9    Spells: 24/24 levels left

rFire   + . .        C - +7 war axe (vamp)
rCold   + + .        I - +0 tower shield
rNeg    + . .        z - +9 scales of the Dragon King {rPois rF+ rC+ Will+}
rPois   inf          D - +1 helmet "Winead" {Slay+2}
rElec   +            t - +1 cloak of Ropaa {rElec rC+ Str+2 Stlth-}
rCorr   .            g - +2 pair of gloves
SInv    +            (no boots)
Will    ++...        L - amulet of faith Stlth
                     r - ring of Jealousy {*Corrode EV+5 Str+9 SInv}
HPRegen 0.46/turn    H - +5 ring of evasion
MPRegen 0.22/turn

%: corrode self (3%), clarity, faith
@: corroded, flying
A: sickness immunity, AC +19, big wings, negative energy resistance 1,
electricity resistance, torment resistance 1, petrification resistance, clarity,
screaming 1
}: 3/15 runes: serpentine, barnacled, silver
a: Renounce Religion, Heroism


You were on level 1 of the Realm of Zot.
You worshipped Okawaru.
Okawaru was pleased with you.
You visited 9 branches of the dungeon, and saw 41 of its levels.
You also visited: Ossuary.

You collected 8813 gold pieces.
You spent 6034 gold pieces at shops.


Innate Abilities, Weirdness & Mutations

You are immune to sickness and miasma.
Your stone body is resilient. (AC +19)
You are immune to poison.
Your large and strong wings let you fly.
You resist negative energy. (rN+)
You are resistant to electric shocks. (rElec)
You are resistant to unholy torment.
You are immune to petrification.
You possess an exceptional clarity of mind.
You occasionally shout uncontrollably at your foes.


   Skills:
 - Level 26.0 Fighting
 - Level 16.0 Axes
 + Level 13.2 Throwing
 - Level 22.0 Armour
 - Level 11.9 Dodging
 - Level 22.0 Shields
 - Level 10.0 Invocations


You had 24 spell levels left.
You didn't know any spells.
Your spell library was empty.

Inventory:

Hand Weapons
 C - a +7 vampiric war axe (weapon)
 K - a +5 broad axe of flaming
Missiles
 c - 27 boomerangs
 q - a silver javelin
 G - 9 javelins (quivered)
Armour
 g - a +2 pair of gloves (worn)
 p - +0 gold dragon scales
 s - the +2 pair of boots "Joblekop" {-Tele Rampage rC- Will+++}
   (Okawaru gifted it to you on level 3 of the Vaults)

   rC:        It makes you vulnerable to cold.
   -Tele:     It prevents most forms of teleportation.
   Rampage:   It bestows one free step when moving towards enemies.
   Will:      It greatly increases your willpower.
 t - the +1 cloak of Ropaa (worn) {rElec rC+ Str+2 Stlth-}
   (Okawaru gifted it to you on level 4 of the Vaults)

   Str:       It affects your strength (+2).
   rC:        It protects you from cold.
   rElec:     It insulates you from electricity.
   Stlth:     It makes you less stealthy.
 z - the +9 scales of the Dragon King (worn) {rPois rF+ rC+ Will+}
   (You found it on level 5 of the Lair of Beasts)

   rF:        It protects you from fire.
   rC:        It protects you from cold.
   rPois:     It protects you from poison.
   Will:      It increases your willpower.
 B - the +2 helmet of Okawaru's Favour {rF- Str+4}
   (Okawaru gifted it to you on level 4 of the Snake Pit)

   Str:       It affects your strength (+4).
   rF:        It makes you vulnerable to fire.
 D - the +1 helmet "Winead" (worn) {Slay+2}
   (Okawaru gifted it to you on level 4 of the Vaults)

   Slay:      It affects your accuracy & damage with ranged weapons and melee
   (+2).
 F - +0 acid dragon scales
 I - a +0 tower shield (worn)
Jewellery
 f - the amulet of Doatz {Reflect rC++ rN+ Dex-3 SH+5}
   (You found it on level 2 of the Depths)

   [amulet of reflection]

   It reflects blocked missile attacks.
   Dex:       It affects your dexterity (-3).
   rC:        It greatly protects you from cold.
   rN:        It protects you from negative energy.
   SH:        It affects your SH (+5).
 i - the amulet "Geuprisk" {Spirit rElec rCorr Str+3}
   (You acquired it on level 2 of the Dungeon)

   [amulet of guardian spirit]

   It causes incoming damage to be divided between your reserves of health and
   magic.
   Str:       It affects your strength (+3).
   rElec:     It insulates you from electricity.
   rCorr:     It protects you from acid and corrosion.
 j - the ring of Hoghafri {rF+ rN+ Dex-5 Slay+5}
   (You took it off a merfolk siren on level 4 of the Shoals)

   [ring of protection from fire]

   Dex:       It affects your dexterity (-5).
   Slay:      It affects your accuracy & damage with ranged weapons and melee
   (+5).
   rF:        It protects you from fire.
   rN:        It protects you from negative energy.
 n - the amulet "Sijomof" {Reflect Str+5 SH+5}
   (You bought it in a shop on level 3 of the Depths)

   [amulet of reflection]

   It reflects blocked missile attacks.
   Str:       It affects your strength (+5).
   SH:        It affects your SH (+5).
 r - the ring of Jealousy (left hand) {*Corrode EV+5 Str+9 SInv}
   (You found it on level 15 of the Dungeon)

   [ring of evasion]

   EV:        It affects your evasion (+5).
   Str:       It affects your strength (+9).
   SInv:      It lets you see invisible.
   *Corrode:  It may corrode you when you take damage.
 u - a ring of resist corrosion
 v - a ring of protection from cold
 E - the ring "Sasati" {Fly rPois Will+ rCorr Str-2}
   (You took it off an orc on level 4 of the Depths)

   [ring of willpower]

   Str:       It affects your strength (-2).
   rPois:     It protects you from poison.
   Fly:       It grants you flight.
   rCorr:     It protects you from acid and corrosion.
   Will:      It increases your willpower.
 H - a +5 ring of evasion (right hand)
 L - an amulet of faith (around neck)
 M - the ring "Ogun" {rN+ rCorr Dex+6 Slay-4 SInv}
   (You took it off a spriggan on level 4 of the Depths)

   [ring of dexterity]

   Dex:       It affects your dexterity (+6).
   Slay:      It affects your accuracy & damage with ranged weapons and melee
   (-4).
   rN:        It protects you from negative energy.
   SInv:      It lets you see invisible.
   rCorr:     It protects you from acid and corrosion.
 Y - the ring of Ahyfox {Will+ rCorr Int+3 Dex+6}
   (You found it on level 4 of the Depths)

   [ring of dexterity]

   Int:       It affects your intelligence (+3).
   Dex:       It affects your dexterity (+6).
   rCorr:     It protects you from acid and corrosion.
   Will:      It increases your willpower.
Wands
 x - a wand of digging (26)
Scrolls
 a - 29 scrolls of identify
 l - 16 scrolls of teleportation
 y - a scroll of enchant armour
 J - 4 scrolls of brand weapon
Potions
 b - 12 potions of mutation
 d - 2 potions of might
 e - 16 potions of attraction
 h - 10 potions of haste
 k - 4 potions of magic
 m - 5 potions of heal wounds
 o - 26 potions of curing
 w - a potion of cancellation
 A - 3 potions of lignification

Dungeon Overview and Level Annotations

Branches:
Dungeon (15/15)            Temple (1/1) D:7            Lair (5/5) D:8
 Shoals (4/4) Lair:3        Snake (4/4) Lair:3        Slime (0/5) Lair:4
    Orc (2/2) D:12            Elf (0/3) Orc:2        Vaults (5/5) D:14 Zot: 462
  Crypt (0/3) Vaults:3     Depths (4/4) D:15            Zot (1/5) Depths:4
Ossuary (visited)

Altars:
Ashenzari
Cheibriados
Dithmenos
Elyvilon
Fedhas
Gozag
Hepliaklqana
Kikubaaqudgha
Makhleb
Nemelex Xobeh
Okawaru
Qazlal
Ru
Sif Muna
Trog
Uskayaw
Vehumet
Wu Jian
Xom
Yredelemnul
Zin
The Shining One
Jiyva
Lugonu

Shops:
D:1 (   D:6 ?   D:7 *!   D:14 *   Orc:2 (:[(   Snake:2 *?*[?   Vaults:4 [
Depths:3 :==!

Portals:
Hell: Depths:1 Depths:2 Depths:3 Depths:4
Abyss: Shoals:1
Pandemonium: Depths:1 Depths:2 Depths:4
Ziggurat: Depths:3
Trove: Depths:2 (give +6 demon whip)

Annotations:
Shoals:1 1 runed translucent door
Snake:1 2 transporters, qw's ghost, adept GrFi
Snake:2 3 runed translucent doors, qw's ghost, adept GrFi
Vaults:2 3 runed translucent doors, Dacon's ghost, adept MiGl
Vaults:4 3 runed translucent doors, qw's ghost, adept GrFi
Depths:1 exclusion: necromancer
Depths:3 exclusion: ancient lich
Depths:4 2 transporters


Message History

You slash the black draconian knight!
The black draconian knight breathes lightning at you.
The bolt of lightning hits you! You resist.
You block the black draconian's attack.
The green draconian hits you but does no damage.
You block the green draconian's attack.
You barely miss the green draconian.
The green draconian is almost dead.
You hit the black draconian knight.
You block the black draconian knight's attack.
You block the black draconian's attack.
The green draconian hits you but does no damage.
The green draconian completely misses you.
You hit the green draconian but do no damage.
The green draconian is almost dead.
You hit the black draconian knight but do no damage.
The black draconian knight breathes lightning at you.
The bolt of lightning misses you.
You slash the green draconian!
You feel better.
You kill the green draconian!
Okawaru accepts your kill.
You slash the black draconian knight!
You feel better.
You block the black draconian knight's attack.
The black draconian breathes lightning at you.
The bolt of lightning hits you. You resist.
You slash the black draconian knight!
You feel better.
The black draconian knight is heavily wounded.
You block the black draconian knight's attack.
The black draconian hits you from afar with a +0 trident!
The black draconian knight hits you but does no damage.
You hit the black draconian knight.
You feel better.
The black draconian knight is heavily wounded.
The black draconian knight breathes lightning at you.
The bolt of lightning hits you. You resist.
You hit the black draconian knight but do no damage.
The black draconian knight is heavily wounded.
The black draconian hits you but does no damage.
You block the black draconian knight's attack.
Options error: Missing colour in message_colour setting: 'then' Are you sure you want to abandon this character and quit the game? (Confirm with "yes".)

..##########
.......\...+
...........#
.......d)q.#
........[@.#
####..##)[[#
#.. #...#
q... #...#
q.... +....
$.. #.....
###+##


You could see a black draconian knight (fast, invisible) and a black draconian
(catching breath).

Vanquished Creatures
  A dread lich (Depths:4)
  Mara (Snake:4)
  An ancient lich (Vaults:5)
  4 juggernauts
  Josephina (Depths:4)
  Boris (twice) (Vaults:4 Depths:4)
  Sojobo (Depths:1)
  Bai Suzhen (Shoals:3)
  Margery (Vaults:5)
  Vashnia (Snake:3)
  Saint Roka (Depths:4)
  4 caustic shrikes
  4 golden dragons
  A bone dragon (Depths:2)
  3 doom hounds (Depths:2)
  10 tentacled monstrosities
  A Tzitzimitl (Depths:2)
  Zenata (Vaults:4)
  A walking earthen tome (Depths:4)
  A walking crystal tome (Depths:1)
  4 liches
  Grunn (Depths:2)
  A walking divine tome (Depths:4)
  4 titans
  3 walking frostbound tomes
  2 krakens (Shoals:1)
  7 sphinxes
  Gastronok (D:11)
  15 tengu reavers
  6 shadow dragons
  2 draconian monks (Zot:1)
  Ilsuiw (Shoals:3)
  6 nagarajas (Snake:4)
  6 storm dragons
  Donald (Orc:2)
  Roxanne (Snake:3)
  2 iron dragons
  13 fire giants
  A deep elf sorcerer (Vaults:5)
  18 vault wardens
  9 frost giants
  Aizul (Snake:2)
  2 draconian scorchers
  A formless jellyfish (Vaults:4)
  2 draconian annihilators (Depths:4)
  24 ironbound preservers
  A war gargoyle (Vaults:5)
  21 very ugly things
  25 stone giants
  A caustic shrike skeleton (Depths:2)
  4 spriggan defenders
  2 green draconians (Zot:1)
  10 ironbound thunderhulks
  A deep elf demonologist (Vaults:5)
  19 dire elephants
  3 vampire knights
  A putrid mouth (Depths:2)
  Snorg (D:13)
  18 spark wasps
  7 merfolk javelineers
  7 fire dragons
  A deep elf death mage (Depths:4)
  2 jiangshi (Depths:4)
  10 merfolk impalers
  15 ettins
  A quicksilver dragon zombie (Depths:2)
  2 deep elf high priests (Vaults:5)
  3 great orbs of eyes
  8 yaktaur captains
  13 ice dragons
  A peacekeeper (Vaults:4)
  38 vault guards
  2 catoblepae (D:14)
  A caustic shrike simulacrum (Depths:4)
  6 hydras
  A juggernaut simulacrum (Depths:2)
  4 salamander tyrants
  An alligator snapping turtle (Shoals:2)
  9 ironbound frosthearts
  11 rakshasas
  2 boulder beetles
  13 centaur warriors
  8 anacondas
  2 ogre magi
  3 merfolk aquamancers
  13 spriggan air magi
  A satyr (Shoals:2)
  16 two-headed ogres
  2 death knights (Vaults:3)
  11 tengu warriors
  9 spriggan berserkers
  16 naga warriors
  4 vampire magi
  12 deep troll earth magi
  A dancing weapon (Vaults:5)
  13 shock serpents
  12 naga sharpshooters
  7 deep troll shamans
  18 hell knights
  Amaemon (Lair:1)
  12 iron trolls
  76 deep trolls
  A quicksilver dragon simulacrum (Depths:4)
  3 skeletal warriors (D:12)
  6 sea snakes
  4 skysharks
  8 salamander mystics
  5 flayed ghosts
  9 naga ritualists
  2 glowing orange brains
  A shadow demon (Depths:2)
  6 phantasmal warriors
  11 lindwurms
  9 wizards
  An orc knight (Orc:2)
  A tengu zombie (Depths:2)
  22 ironbound convokers
  Pikel (D:4)
  9 necromancers
  A deep elf pyromancer (D:12)
  A shining eye (shapeshifter) (Depths:1)
  12 harpies
  48 ugly things
  12 mana vipers
  An iron dragon zombie (Depths:2)
  15 manticores
  8 orc sorcerers
  A wolf spider (Lair:1)
  A cyclops (shapeshifter) (Vaults:5)
  41 salamanders
  7 fauns (Shoals:1)
  21 cyclopes
  11 guardian serpents
  11 merfolk sirens
  An apocalypse crab (Shoals:1)
  6 water nymphs (Shoals:4)
  A titan simulacrum (Depths:4)
  11 elephants
  43 black mambas
  An eye of devastation (shapeshifter) (D:11)
  A torpor snail (Lair:4)
  28 vault sentinels
  A fire giant skeleton (Depths:2)
  23 naga magi
  3 orange demons
  3 unseen horrors
  14 cane toads
  A rime drake (Lair:5)
  6 komodo dragons
  An efreet (D:14)
  2 freezing wraiths
  23 yaktaurs
  2 kobold demonologists
  An ice devil (Depths:2)
  10 tengu conjurers
  3 meliai (D:15)
  21 merfolk
  Grinder (D:6)
  8 wind drakes
  6 polar bears
  A queen bee (shapeshifter) (Vaults:5)
  A tengu simulacrum (Depths:4)
  Prince Ribbit (D:8)
  3 blink frogs (Lair:5)
  14 trolls
  11 dream sheep
  A dream sheep (shapeshifter) (Depths:3)
  13 hornets
  6 snapping turtles
  A snapping turtle (shapeshifter) (Depths:3)
  23 slime creatures
  6 air elementals (Shoals:4)
  A fire giant simulacrum (Depths:2)
  23 spriggans
  A vampire (D:9)
  2 wraiths
  57 yaks
  3 shadows
  3 wyverns
  A ynoxinul (Depths:2)
  25 water elementals
  Eustachio (D:9)
  A hog (shapeshifter) (Depths:3)
  2 steam dragons
  A chaos spawn (Depths:2)
  3 basilisks
  Menkaure (D:4)
  69 nagas
  3 acid dragons
  9 wargs
  14 water moccasins
  4 floating eyes
  9 hell hounds
  5 black bears
  18 orc warriors
  11 ogres
  A tengu (shapeshifter) (Vaults:5)
  47 wolves
  6 boggarts
  16 centaurs
  4 kobold brigands
  4 gnoll sergeants
  A glowing shapeshifter simulacrum (Depths:2)
  14 bullfrogs
  4 scorpions
  12 wights
  7 killer bees
  2 electric eels (D:11)
  8 howler monkeys
  4 crimson imps (Depths:3)
  13 orc priests
  6 hounds
  2 jellies
  3 iguanas
  4 sleepcaps
  38 orc wizards
  4 hell rats (Lair:3)
  9 mummies
  16 gnolls
  8 adders
  4 white imps
  2 ufetubi
  2 worms (D:3)
  3 dart slugs
  84 orcs
  3 bats
  12 endoplasms
  11 giant cockroaches
  A gnoll zombie (Ossuary)
  11 hobgoblins
  3 quokkas
  9 ball pythons
  7 frilled lizards
  9 goblins
  2 hobgoblin zombies (Ossuary)
  13 kobolds
  4 kobold zombies (Ossuary)
  An orc zombie (Ossuary)
  6 rats
  4 tentacles (Shoals:1)
1960 creatures vanquished.

Vanquished Creatures (others)
  A golden dragon (Vaults:5)
  A tengu reaver (Depths:1)
  A storm dragon (Zot:1)
  A shadow dragon (Depths:3)
  A yellow draconian (Zot:1)
  An anaconda (Snake:3)
  A deep troll earth mage (Depths:3)
  A deep troll (Depths:3)
  An ugly thing (Vaults:4)
  A mana viper (Snake:4)
  2 guardian serpents
  A naga mage (Snake:4)
  A merfolk (Shoals:4)
  A water elemental (Shoals:1)
  A naga (Snake:3)
  A boggart (Vaults:1)
  2 electric eels (D:11)
  12 tentacles (Shoals:1)
31 creatures vanquished.

Grand Total: 1991 creatures vanquished

Notes
Turn   | Place    | Note
-------+----------+-------------------------------------------
     0 | D:1      | qw the Gargoyle Fighter began the quest for the Orb.
     0 | D:1      | Reached XP level 1. HP: 14/14 MP: 1/1
     0 | D:1      | 0 ||| qw: Version: 0.2-a-29-g1fa15c8
     0 | D:1      | 0 ||| qw: Game counter: 5158
     0 | D:1      | 0 ||| qw: Always use a shield: true
     0 | D:1      | 0 ||| qw: God list: Okawaru
     0 | D:1      | 0 ||| qw: Allow faded altars: false
     0 | D:1      | 0 ||| qw: Do Orc after D:15 true
     0 | D:1      | 0 ||| qw: Do second Lair branch before Depths: true
     0 | D:1      | 0 ||| qw: Lair rune preference: random
     0 | D:1      | 0 ||| qw: Plans: Normal, Zot:1-4, Slime:5, God:TSO, Crypt,
                  | Tomb, Abyss, Pan, Hells, Win
     0 | D:1      | 0 ||| PLANNING D:1-11
   211 | D:1      | 211 ||| Stepping ~*~*~tactically~*~*~ (stealth).
   228 | D:1      | Reached XP level 2. HP: 19/19 MP: 2/2
   343 | D:1      | 343 ||| Stepping ~*~*~tactically~*~*~ (stealth).
   377 | D:1      | Reached skill level 3 in Axes
   395 | D:1      | Found Atafa's Antique Weapon Emporium.
   410 | D:1      | 410 ||| BUYING club (16 gold).
   410 | D:1      | Bought a club for 16 gold pieces
   410 | D:1      | 410 ||| SHOPLISTING demon whip (240 gold, have 9).
   410 | D:1      | 410 ||| SHOPLISTING mace (48 gold, have 9).
   417 | D:1      | Reached XP level 3. HP: 23/23 MP: 3/3
   870 | D:1      | 870 ||| UPGRADING to +0 chain mail.
   880 | D:1      | 880 ||| DROPPING +0 scale mail.
   881 | D:1      | 881 ||| UPGRADING to +1 helmet.
   886 | D:1      | 886 ||| UPGRADING to +0 plate armour.
   896 | D:1      | 896 ||| DROPPING +0 chain mail.
   897 | D:1      | 897 ||| UPGRADING to +6 ring of dexterity.
   898 | D:1      | 898 ||| READING 3 scrolls labelled OSTRYTR LYPS.
   899 | D:1      | 899 ||| READING scroll labelled VYZUFA NITEAMI.
   900 | D:1      | 900 ||| READING scroll labelled MEMAID LUOPRY.
   901 | D:1      | 901 ||| READING scroll labelled EDEORI FERUO.
   905 | D:1      | 905 ||| READING scroll labelled JEYZUA ZANKIPI.
   906 | D:1      | 906 ||| READING 2 scrolls of identify.
   906 | D:1      | 906 ||| IDENTIFYING pink potion
  1014 | D:2      | 1014 ||| DROPPING +0 club.
  1413 | D:2      | 1413 ||| Stepping ~*~*~tactically~*~*~ (stealth).
  1414 | D:2      | 1414 ||| Stepping ~*~*~tactically~*~*~ (stealth).
  1415 | D:2      | 1415 ||| Stepping ~*~*~tactically~*~*~ (stealth).
  1418 | D:2      | Reached XP level 4. HP: 28/28 MP: 4/4
  1436 | D:2      | 1436 ||| UPGRADING to +0 pair of gloves.
  1441 | D:2      | 1441 ||| READING scroll labelled QYODID GE KAU.
  1441 | D:2      | Identified a scroll of acquirement
  1441 | D:2      | 1441 ||| ACQUIRING amulet "Geuprisk" {Spirit rElec rCorr
                  | Str+3}
  1441 | D:2      | Acquired the amulet "Geuprisk" {Spirit rElec rCorr Str+3}
  1443 | D:2      | 1443 ||| UPGRADING to amulet "Geuprisk" {Spirit rElec rCorr
                  | Str+3}.
  1448 | D:2      | 1448 ||| READING scroll labelled EREEBB BOWYUQY.
  1449 | D:2      | 1449 ||| DRINKING 2 viscous pink potions.
  1449 | D:2      | Gained mutation: You occasionally shout uncontrollably at
                  | your foes. [potion of mutation]
  1449 | D:2      | Gained mutation: You possess an exceptional clarity of
                  | mind. [potion of mutation]
  1651 | D:3      | Reached skill level 1 in Dodging
  1741 | D:3      | 1741 ||| DROPPING +0 mace.
  1742 | D:3      | 1742 ||| Stepping ~*~*~tactically~*~*~ (stealth).
  1757 | D:3      | Reached XP level 5. HP: 29/32 MP: 5/5
  2434 | D:3      | 2434 ||| UPGRADING to +6 ring of strength.
  2435 | D:3      | 2435 ||| READING scroll labelled QYINOUXEAH.
  2436 | D:3      | 2436 ||| READING scroll labelled ZAQUAH GIUNU.
  2437 | D:3      | 2437 ||| READING scroll labelled BAOZOE UFILESM.
  2438 | D:3      | 2438 ||| READING scroll labelled QOEBIW LEIRGH.
  2439 | D:3      | 2439 ||| DRINKING 2 fizzy silvery potions.
  2440 | D:3      | 2440 ||| DRINKING 3 silvery potions.
  2441 | D:3      | 2441 ||| READING 2 scrolls of identify.
  2441 | D:3      | 2441 ||| IDENTIFYING metallic inky potion
  2478 | D:4      | Reached XP level 6. HP: 37/38 MP: 6/6
  2481 | D:4      | Reached skill level 4 in Fighting
  2515 | D:4      | 2515 ||| Stepping ~*~*~tactically~*~*~ (stealth).
  2595 | D:4      | Noticed Menkaure
  2603 | D:4      | Killed Menkaure
  2604 | D:4      | Reached skill level 6 in Axes
  2778 | D:4      | Reached XP level 7. HP: 43/43 MP: 7/7
  2837 | D:4      | Noticed Pikel
  2843 | D:4      | 2843 ||| Stepping ~*~*~tactically~*~*~ (stealth).
  2850 | D:4      | Killed Pikel
  2851 | D:4      | Reached skill level 6 in Armour
  2851 | D:4      | Reached XP level 8. HP: 32/48 MP: 3/8
  3375 | D:4      | 3375 ||| READING 2 scrolls labelled EHAAWU RAFIRPH.
  3376 | D:4      | 3376 ||| DROPPING scroll of fear.
  3428 | D:5      | Entered Level 5 of the Dungeon
  3429 | D:5      | 3429 ||| PLANNING OSSUARY
  3482 | D:5      | 3482 ||| Stepping ~*~*~tactically~*~*~ (hiding).
  3483 | D:5      | 3483 ||| Stepping ~*~*~tactically~*~*~ (hiding).
  3485 | D:5      | 3485 ||| Stepping ~*~*~tactically~*~*~ (hiding).
  3692 | D:5      | 3692 ||| Stepping ~*~*~tactically~*~*~ (stealth).
  3695 | D:5      | 3695 ||| Stepping ~*~*~tactically~*~*~ (stealth).
  3725 | D:5      | Reached skill level 5 in Fighting
  3881 | D:5      | Found a sand-covered staircase.
  3929 | Ossuary  | Entered an ossuary
  3964 | Ossuary  | 3964 ||| FLEEEEING.
  3965 | Ossuary  | 3965 ||| FLEEEEING.
  4018 | Ossuary  | 4018 ||| Stepping ~*~*~tactically~*~*~ (stealth).
  4139 | Ossuary  | 4139 ||| READING scroll labelled JAISMI ECAE.
  4140 | Ossuary  | 4140 ||| READING scroll labelled IZIW NONIASMI.
  4141 | Ossuary  | 4141 ||| READING 3 scrolls of identify.
  4141 | Ossuary  | 4141 ||| IDENTIFYING fizzy orange potion
  4142 | Ossuary  | 4142 ||| DROPPING potion of degeneration.
  4165 | D:5      | 4165 ||| PLANNING D:1-11
  4353 | D:5      | 4353 ||| Stepping ~*~*~tactically~*~*~ (stealth).
  4356 | D:5      | 4356 ||| Stepping ~*~*~tactically~*~*~ (stealth).
  4486 | D:5      | 4486 ||| READING scroll of enchant weapon.
  4486 | D:5      | 4486 ||| ENCHANTING +1 war axe.
  4742 | D:5      | You fall into a shaft and drop 1 floor!
  4759 | D:6      | 4759 ||| READING 2 scrolls of identify.
  4759 | D:6      | 4759 ||| IDENTIFYING viscous ruby potion
  4760 | D:6      | 4760 ||| DROPPING potion of enlightenment.
  4833 | D:5      | 4833 ||| READING scroll of enchant weapon.
  4833 | D:5      | 4833 ||| ENCHANTING +2 war axe.
  5143 | D:6      | Noticed Grinder
  5151 | D:6      | 5151 ||| FLEEEEING.
  5152 | D:6      | 5152 ||| FLEEEEING.
  5162 | D:6      | 5162 ||| Stepping ~*~*~tactically~*~*~ (hiding).
  5164 | D:6      | 5164 ||| Stepping ~*~*~tactically~*~*~ (hiding).
  5165 | D:6      | 5165 ||| Stepping ~*~*~tactically~*~*~ (hiding).
  5167 | D:6      | 5167 ||| Stepping ~*~*~tactically~*~*~ (hiding).
  5169 | D:6      | 5169 ||| Stepping ~*~*~tactically~*~*~ (hiding).
  5175 | D:6      | Killed Grinder
  5176 | D:6      | Reached skill level 6 in Fighting
  5176 | D:6      | Reached XP level 9. HP: 55/55 MP: 9/9
  5289 | D:6      | 5289 ||| Stepping ~*~*~tactically~*~*~ (hiding).
  5291 | D:6      | 5291 ||| Stepping ~*~*~tactically~*~*~ (hiding).
  5346 | D:6      | 5346 ||| Stepping ~*~*~tactically~*~*~ (hiding).
  5347 | D:6      | 5347 ||| Stepping ~*~*~tactically~*~*~ (hiding).
  5349 | D:6      | 5349 ||| Stepping ~*~*~tactically~*~*~ (hiding).
  5474 | D:6      | 5474 ||| READING 3 scrolls of enchant weapon.
  5474 | D:6      | 5474 ||| ENCHANTING +3 war axe.
  5475 | D:6      | 5475 ||| READING 2 scrolls of enchant weapon.
  5475 | D:6      | 5475 ||| ENCHANTING +4 war axe.
  5476 | D:6      | 5476 ||| READING scroll of enchant weapon.
  5476 | D:6      | 5476 ||| ENCHANTING +5 war axe.
  5519 | D:6      | Found a hazy altar of Hepliaklqana.
  5709 | D:6      | Found Erekkann's Magic Scroll Shop.
  5719 | D:6      | 5719 ||| BUYING scroll of enchant weapon (82 gold).
  5719 | D:6      | Bought a scroll of enchant weapon for 82 gold pieces
  5719 | D:6      | 5719 ||| BUYING scroll of identify (22 gold).
  5719 | D:6      | Bought a scroll of identify for 22 gold pieces
  5719 | D:6      | 5719 ||| BUYING scroll of identify (22 gold).
  5719 | D:6      | Bought a scroll of identify for 22 gold pieces
  5719 | D:6      | 5719 ||| BUYING scroll of teleportation (33 gold).
  5719 | D:6      | Bought a scroll of teleportation for 33 gold pieces
  5719 | D:6      | 5719 ||| BUYING scroll of teleportation (33 gold).
  5719 | D:6      | Bought a scroll of teleportation for 33 gold pieces
  5719 | D:6      | 5719 ||| READING scroll of enchant weapon.
  5719 | D:6      | 5719 ||| ENCHANTING +6 war axe.
  5853 | D:6      | 5853 ||| DROPPING ring of magical power.
  5854 | D:6      | 5854 ||| READING scroll labelled XUCERPHI NUOST.
  5855 | D:6      | 5855 ||| READING 4 scrolls of identify.
  5855 | D:6      | 5855 ||| IDENTIFYING sedimented emerald potion
  5903 | D:7      | 5903 ||| Stepping ~*~*~tactically~*~*~ (stealth).
  5931 | D:7      | Found Gytyqowk's Distillery.
  5937 | D:7      | 5937 ||| BUYING potion of attraction (36 gold).
  5937 | D:7      | Bought a potion of attraction for 36 gold pieces
  5937 | D:7      | 5937 ||| BUYING potion of curing (36 gold).
  5937 | D:7      | Bought a potion of curing for 36 gold pieces
  5937 | D:7      | 5937 ||| BUYING potion of magic (96 gold).
  5937 | D:7      | Bought a potion of magic for 96 gold pieces
  5976 | D:7      | Found a staircase to the Ecumenical Temple.
  5977 | D:7      | 5977 ||| PLANNING TEMPLE
  5985 | Temple   | Entered the Ecumenical Temple
  5986 | Temple   | 5986 ||| PLANNING OKAWARU WORSHIP
  5992 | Temple   | Became a worshipper of Warmaster Okawaru
  5993 | Temple   | 5993 ||| PLANNING D:1-11
  6014 | D:7      | Found Qudury's CLEARANCE SALE!.
  6047 | D:7      | 6047 ||| BUYING potion of heal wounds (20 gold).
  6047 | D:7      | Bought a potion of heal wounds for 20 gold pieces
  6047 | D:7      | 6047 ||| BUYING scroll of identify (8 gold).
  6047 | D:7      | Bought a scroll of identify for 8 gold pieces
  6126 | D:7      | 6126 ||| Stepping ~*~*~tactically~*~*~ (hiding).
  6127 | D:7      | 6127 ||| Stepping ~*~*~tactically~*~*~ (hiding).
  6128 | D:7      | 6128 ||| Stepping ~*~*~tactically~*~*~ (hiding).
  6518 | D:8      | Noticed a manticore
  6527 | D:8      | Killed a manticore
  6528 | D:8      | Reached skill level 9 in Axes
  6608 | D:8      | 6608 ||| Stepping ~*~*~tactically~*~*~ (stealth).
  6614 | D:8      | 6614 ||| FLEEEEING.
  6615 | D:8      | 6615 ||| FLEEEEING.
  6616 | D:8      | 6616 ||| FLEEEEING.
  6617 | D:8      | 6617 ||| FLEEEEING.
  6618 | D:8      | 6618 ||| FLEEEEING.
  6619 | D:8      | 6619 ||| FLEEEEING.
  6620 | D:8      | 6620 ||| FLEEEEING.
  6621 | D:8      | 6621 ||| FLEEEEING.
  6630 | D:8      | Reached * piety under Okawaru
  6631 | D:8      | 6631 ||| INVOKING Heroism.
  6631 | D:8      | Noticed Prince Ribbit
  6633 | D:8      | Reached skill level 7 in Fighting
  6639 | D:8      | Reached XP level 10. HP: 41/63 MP: 4/10
  6639 | D:8      | 6639 ||| Stepping ~*~*~tactically~*~*~ (hiding).
  6643 | D:8      | 6643 ||| INVOKING Heroism.
  6647 | D:8      | Reached skill level 1 in Invocations
  6656 | D:8      | 6656 ||| INVOKING Heroism.
  6661 | D:8      | Killed Prince Ribbit
  6664 | D:8      | Reached skill level 3 in Invocations
  6733 | D:8      | 6733 ||| Stepping ~*~*~tactically~*~*~ (stealth).
  6798 | D:8      | Found a staircase to the Lair.
  7150 | D:8      | Found a sacrificial altar of Ru.
  7152 | D:8      | Found a shadowy altar of Dithmenos.
  7197 | D:8      | 7197 ||| INVOKING Heroism.
  7198 | D:8      | 7198 ||| Stepping ~*~*~tactically~*~*~ (hiding).
  7201 | D:8      | 7201 ||| Stepping ~*~*~tactically~*~*~ (hiding).
  7257 | D:8      | 7257 ||| PLANNING LAIR
  7257 | D:8      | 7257 ||| READING scroll labelled ISTIECR VITRUN.
  7397 | Lair:1   | Entered Level 1 of the Lair of Beasts
  7407 | Lair:1   | 7407 ||| STAIRDANCE
  7412 | D:8      | Reached skill level 8 in Fighting
  7477 | Lair:1   | 7477 ||| STAIRDANCE
  7480 | D:8      | Reached ** piety under Okawaru
  7564 | Lair:1   | Noticed an elephant
  7564 | Lair:1   | Noticed an elephant
  7565 | Lair:1   | Noticed an elephant
  7569 | Lair:1   | Noticed an elephant
  7569 | Lair:1   | Noticed an elephant
  7578 | Lair:1   | Killed an elephant
  7582 | Lair:1   | Killed an elephant
  7584 | Lair:1   | 7584 ||| INVOKING Heroism.
  7586 | Lair:1   | Killed an elephant
  7586 | Lair:1   | Reached *** piety under Okawaru
  7594 | Lair:1   | Killed an elephant
  7602 | Lair:1   | Killed an elephant
  7602 | Lair:1   | Reached **** piety under Okawaru
  7603 | Lair:1   | Reached skill level 3 in Dodging
  7603 | Lair:1   | Reached XP level 11. HP: 29/68 MP: 5/14
  7628 | Lair:1   | 7628 ||| FLEEEEING.
  7759 | Lair:1   | 7759 ||| Stepping ~*~*~tactically~*~*~ (stealth).
  7760 | Lair:1   | 7760 ||| Stepping ~*~*~tactically~*~*~ (stealth).
  7874 | Lair:1   | 7874 ||| INVOKING Heroism.
  8021 | Lair:1   | 8021 ||| INVOKING Heroism.
  8091 | Lair:1   | 8091 ||| Stepping ~*~*~tactically~*~*~ (stealth).
  8093 | Lair:1   | 8093 ||| Stepping ~*~*~tactically~*~*~ (stealth).
  8094 | Lair:1   | 8094 ||| INVOKING Heroism.
  8103 | Lair:1   | Reached skill level 9 in Fighting
  8133 | Lair:1   | 8133 ||| Stepping ~*~*~tactically~*~*~ (stealth).
  8138 | Lair:1   | Reached skill level 6 in Invocations
  8141 | Lair:1   | 8141 ||| Stepping ~*~*~tactically~*~*~ (stealth).
  8397 | Lair:1   | Noticed a lindwurm
  8398 | Lair:1   | 8398 ||| INVOKING Heroism.
  8403 | Lair:1   | Killed a lindwurm
  8594 | Lair:1   | 8594 ||| INVOKING Heroism.
  8609 | Lair:1   | You fall into a shaft and drop 1 floor!
  8626 | Lair:2   | 8626 ||| INVOKING Heroism.
  8745 | Lair:1   | 8745 ||| READING scroll of enchant armour.
  8745 | Lair:1   | 8745 ||| ENCHANTING +0 pair of gloves.
  8886 | Lair:2   | 8886 ||| INVOKING Heroism.
  8896 | Lair:2   | Noticed a five-headed hydra
  8898 | Lair:2   | Noticed Amaemon
  8901 | Lair:2   | Noticed a six-headed hydra
  8903 | Lair:2   | 8903 ||| SWAPPING to +0 flail.
  8909 | Lair:2   | 8909 ||| STAIRDANCE
  8913 | Lair:1   | HP: 17/71 [five-headed hydra (2)]
  8914 | Lair:1   | 8914 ||| READING 10 scrolls of teleportation.
  8915 | Lair:1   | 8915 ||| DRINKING 3 potions of heal wounds.
  8919 | Lair:1   | 8919 ||| Stepping ~*~*~tactically~*~*~ (hiding).
  8921 | Lair:1   | 8921 ||| FLEEEEING.
  8922 | Lair:1   | 8922 ||| Stepping ~*~*~tactically~*~*~ (hiding).
  8923 | Lair:1   | 8923 ||| INVOKING Heroism.
  8934 | Lair:1   | Killed a five-headed hydra
  8935 | Lair:1   | Reached skill level 12 in Axes
  8941 | Lair:1   | Killed Amaemon
  8941 | Lair:1   | Received a gift from Okawaru
  9095 | Lair:1   | 9095 ||| UPGRADING to +7 war axe.
  9109 | Lair:2   | Noticed a wolf spider
  9110 | Lair:2   | 9110 ||| INVOKING Heroism.
  9111 | Lair:2   | 9111 ||| SWAPPING to +0 demon whip of venom.
  9119 | Lair:2   | 9119 ||| STAIRDANCE
  9124 | Lair:1   | Killed a six-headed hydra
  9125 | Lair:1   | Reached skill level 1 in Throwing
  9125 | Lair:1   | Reached XP level 12. HP: 30/76 MP: 5/18
  9130 | Lair:1   | HP: 18/76 [wolf spider (13)]
  9131 | Lair:1   | 9131 ||| READING 9 scrolls of teleportation.
  9132 | Lair:1   | 9132 ||| DRINKING 2 potions of heal wounds.
  9229 | Lair:1   | 9229 ||| UPGRADING to +7 war axe.
  9297 | Lair:2   | 9297 ||| STAIRDANCE
  9302 | Lair:1   | 9302 ||| INVOKING Heroism.
  9304 | Lair:1   | Reached skill level 9 in Invocations
  9440 | Lair:2   | Reached skill level 3 in Throwing
  9453 | Lair:2   | 9453 ||| Stepping ~*~*~tactically~*~*~ (stealth).
  9454 | Lair:2   | 9454 ||| Stepping ~*~*~tactically~*~*~ (stealth).
  9455 | Lair:2   | 9455 ||| Stepping ~*~*~tactically~*~*~ (stealth).
  9456 | Lair:2   | 9456 ||| Stepping ~*~*~tactically~*~*~ (stealth).
  9465 | Lair:2   | 9465 ||| Stepping ~*~*~tactically~*~*~ (stealth).
  9496 | Lair:2   | 9496 ||| INVOKING Heroism.
  9555 | Lair:2   | 9555 ||| Stepping ~*~*~tactically~*~*~ (stealth).
  9662 | Lair:2   | 9662 ||| Stepping ~*~*~tactically~*~*~ (stealth).
  9663 | Lair:2   | 9663 ||| Stepping ~*~*~tactically~*~*~ (stealth).
  9664 | Lair:2   | 9664 ||| Stepping ~*~*~tactically~*~*~ (stealth).
  9669 | Lair:2   | 9669 ||| INVOKING Heroism.
  9918 | Lair:2   | 9918 ||| DROPPING +1 pair of gloves.
  9919 | Lair:2   | 9919 ||| UPGRADING to amulet of the acrobat.
 10007 | Lair:3   | 10007 ||| INVOKING Heroism.
 10108 | Lair:3   | 10108 ||| Stepping ~*~*~tactically~*~*~ (hiding).
 10111 | Lair:3   | 10111 ||| Stepping ~*~*~tactically~*~*~ (hiding).
 10112 | Lair:3   | 10112 ||| Stepping ~*~*~tactically~*~*~ (hiding).
 10172 | Lair:3   | Found a staircase to the Shoals.
 10173 | Lair:3   | 10173 ||| INVOKING Heroism.
 10199 | Lair:3   | Reached skill level 6 in Shields
 10240 | Lair:3   | Noticed a skyshark
 10240 | Lair:3   | Noticed a six-headed hydra
 10241 | Lair:3   | 10241 ||| Stepping ~*~*~tactically~*~*~ (stealth).
 10243 | Lair:3   | 10243 ||| INVOKING Heroism.
 10245 | Lair:3   | 10245 ||| SWAPPING to +0 demon whip of venom.
 10251 | Lair:3   | Killed a six-headed hydra
 10264 | Lair:3   | Killed a skyshark
 10265 | Lair:3   | Reached skill level 10 in Fighting
 10344 | Lair:3   | 10344 ||| INVOKING Heroism.
 10446 | Lair:3   | 10446 ||| UPGRADING to +7 war axe.
 10666 | Lair:3   | 10666 ||| READING scroll of enchant weapon.
 10666 | Lair:3   | 10666 ||| ENCHANTING +7 war axe.
 10833 | Lair:3   | Found a staircase to the Snake Pit.
 11262 | Lair:4   | Received a gift from Okawaru
 11270 | Lair:4   | Reached XP level 13. HP: 76/82 MP: 20/20
 11376 | Lair:4   | 11376 ||| INVOKING Heroism.
 11379 | Lair:4   | 11379 ||| SWAPPING to +0 demon whip of venom.
 11402 | Lair:4   | 11402 ||| UPGRADING to +8 war axe.
 11656 | Lair:4   | 11656 ||| Stepping ~*~*~tactically~*~*~ (stealth).
 11660 | Lair:4   | 11660 ||| Stepping ~*~*~tactically~*~*~ (stealth).
 11669 | Lair:4   | Reached ***** piety under Okawaru
 11670 | Lair:4   | Reached skill level 9 in Armour
 11767 | Lair:4   | 11767 ||| FLEEEEING.
 11768 | Lair:4   | 11768 ||| FLEEEEING.
 11769 | Lair:4   | 11769 ||| FLEEEEING.
 11770 | Lair:4   | 11770 ||| FLEEEEING.
 11772 | Lair:4   | 11772 ||| FLEEEEING.
 11774 | Lair:4   | 11774 ||| FLEEEEING.
 11775 | Lair:4   | 11775 ||| FLEEEEING.
 11776 | Lair:4   | 11776 ||| FLEEEEING.
 11777 | Lair:4   | 11777 ||| FLEEEEING.
 11778 | Lair:4   | 11778 ||| FLEEEEING.
 11779 | Lair:4   | 11779 ||| FLEEEEING.
 11781 | Lair:4   | 11781 ||| FLEEEEING.
 11782 | Lair:4   | 11782 ||| FLEEEEING.
 11784 | Lair:4   | 11784 ||| INVOKING Heroism.
 11962 | Lair:4   | Found a viscous altar of Jiyva.
 11962 | Lair:4   | Found a staircase to the Slime Pits.
 11963 | Lair:4   | 11963 ||| Stepping ~*~*~tactically~*~*~ (hiding).
 12062 | Lair:4   | 12062 ||| UPGRADING to +0 pair of boots.
 12108 | Lair:5   | Entered Level 5 of the Lair of Beasts
 12108 | Lair:5   | Found the +9 scales of the Dragon King {rPois rF+ rC+
                  | Will+}
 12109 | Lair:5   | 12109 ||| INVOKING Heroism.
 12112 | Lair:5   | 12112 ||| Stepping ~*~*~tactically~*~*~ (stealth).
 12123 | Lair:5   | 12123 ||| INVOKING Finesse.
 12160 | Lair:5   | 12160 ||| INVOKING Heroism.
 12221 | Lair:5   | 12221 ||| Stepping ~*~*~tactically~*~*~ (hiding).
 12222 | Lair:5   | 12222 ||| Stepping ~*~*~tactically~*~*~ (hiding).
 12223 | Lair:5   | 12223 ||| Stepping ~*~*~tactically~*~*~ (hiding).
 12254 | Lair:5   | 12254 ||| FLEEEEING.
 12278 | Lair:5   | 12278 ||| FLEEEEING.
 12279 | Lair:5   | 12279 ||| FLEEEEING.
 12280 | Lair:5   | 12280 ||| FLEEEEING.
 12281 | Lair:5   | 12281 ||| FLEEEEING.
 12282 | Lair:5   | 12282 ||| FLEEEEING.
 12283 | Lair:5   | 12283 ||| FLEEEEING.
 12284 | Lair:5   | 12284 ||| STAIRDANCE
 12309 | Lair:4   | 12309 ||| UPGRADING to +9 scales of the Dragon King {rPois
                  | rF+ rC+ Will+}.
 12319 | Lair:4   | 12319 ||| DROPPING +0 plate armour.
 12322 | Lair:5   | 12322 ||| INVOKING Heroism.
 12372 | Lair:5   | 12372 ||| FLEEEEING.
 12373 | Lair:5   | 12373 ||| STAIRDANCE
 12470 | Lair:5   | 12470 ||| READING scroll of enchant armour.
 12470 | Lair:5   | 12470 ||| ENCHANTING +1 pair of gloves.
 12547 | Lair:5   | 12547 ||| INVOKING Heroism.
 12668 | Lair:5   | 12668 ||| INVOKING Heroism.
 12685 | Lair:5   | 12685 ||| INVOKING Finesse.
 12693 | Lair:5   | Received a gift from Okawaru
 12744 | Lair:5   | 12744 ||| Stepping ~*~*~tactically~*~*~ (hiding).
 12746 | Lair:5   | 12746 ||| INVOKING Heroism.
 12774 | Lair:5   | 12774 ||| Stepping ~*~*~tactically~*~*~ (stealth).
 12776 | Lair:5   | 12776 ||| Stepping ~*~*~tactically~*~*~ (stealth).
 12800 | Lair:5   | 12800 ||| Stepping ~*~*~tactically~*~*~ (stealth).
 12808 | Lair:5   | 12808 ||| Stepping ~*~*~tactically~*~*~ (stealth).
 12811 | Lair:5   | 12811 ||| INVOKING Heroism.
 12812 | Lair:5   | 12812 ||| INVOKING Finesse.
 12878 | Lair:5   | Identified the amulet "Juicwai" {Spirit Will+ rCorr Int-3}
 12909 | Lair:5   | 12909 ||| Stepping ~*~*~tactically~*~*~ (stealth).
 12913 | Lair:5   | 12913 ||| INVOKING Heroism.
 12931 | Lair:5   | Received a gift from Okawaru
 12954 | Lair:5   | 12954 ||| Stepping ~*~*~tactically~*~*~ (stealth).
 12999 | Lair:5   | 12999 ||| INVOKING Heroism.
 13044 | Lair:5   | 13044 ||| Stepping ~*~*~tactically~*~*~ (stealth).
 13099 | Lair:5   | 13099 ||| Stepping ~*~*~tactically~*~*~ (stealth).
 13362 | Lair:5   | 13362 ||| READING scroll of enchant armour.
 13362 | Lair:5   | 13362 ||| ENCHANTING +1 helmet.
 13365 | Lair:5   | 13365 ||| INVOKING Heroism.
 13388 | Lair:5   | Reached skill level 11 in Fighting
 13496 | Lair:5   | 13496 ||| PLANNING D:1-11
 13496 | Lair:5   | 13496 ||| UPGRADING to +1 buckler of protection.
 13506 | Lair:5   | 13506 ||| DROPPING +0 buckler.
 13507 | Lair:5   | 13507 ||| DROPPING amulet "Juicwai" {Spirit Will+ rCorr
                  | Int-3}.
 13508 | Lair:5   | 13508 ||| UPGRADING to +4 ring of slaying {mikee}.
 13510 | Lair:5   | 13510 ||| DROPPING +6 ring of dexterity.
 13682 | D:9      | 13682 ||| Stepping ~*~*~tactically~*~*~ (stealth).
 13684 | D:9      | 13684 ||| Stepping ~*~*~tactically~*~*~ (hiding).
 13686 | D:9      | 13686 ||| Stepping ~*~*~tactically~*~*~ (hiding).
 13687 | D:9      | 13687 ||| Stepping ~*~*~tactically~*~*~ (hiding).
 13689 | D:9      | Gained mutation: Your large and strong wings let you fly.
                  | [Gargoyle growth]
 13689 | D:9      | Reached XP level 14. HP: 90/90 MP: 21/21
 13758 | D:9      | 13758 ||| READING scroll of enchant armour.
 13758 | D:9      | 13758 ||| ENCHANTING +0 pair of boots.
 13825 | D:9      | 13825 ||| Stepping ~*~*~tactically~*~*~ (stealth).
 13962 | D:9      | Found a glowing silver altar of Zin.
 14025 | D:9      | Reached skill level 12 in Armour
 14115 | D:9      | Noticed Eustachio
 14116 | D:9      | 14116 ||| Stepping ~*~*~tactically~*~*~ (stealth).
 14119 | D:9      | 14119 ||| Stepping ~*~*~tactically~*~*~ (hiding).
 14120 | D:9      | 14120 ||| Stepping ~*~*~tactically~*~*~ (hiding).
 14123 | D:9      | Killed Eustachio
 14185 | D:9      | 14185 ||| Stepping ~*~*~tactically~*~*~ (stealth).
 14582 | D:9      | 14582 ||| UPGRADING to +0 kite shield.
 14592 | D:9      | 14592 ||| DROPPING +1 buckler of protection.
 14593 | D:9      | 14593 ||| UPGRADING to +2 kite shield.
 14603 | D:9      | 14603 ||| DROPPING +0 kite shield.
 14604 | D:9      | 14604 ||| UPGRADING to +0 cloak.
 14609 | D:9      | 14609 ||| UPGRADING to amulet of reflection.
 14619 | D:9      | 14619 ||| DROPPING amulet of the acrobat.
 14620 | D:9      | 14620 ||| READING scroll labelled WIDAYDWIJOI.
 14699 | D:10     | Entered Level 10 of the Dungeon
 14771 | D:10     | Received a gift from Okawaru
 14777 | D:10     | 14777 ||| Stepping ~*~*~tactically~*~*~ (stealth).
 14852 | D:10     | Found a hide-covered altar of Uskayaw.
 14952 | D:10     | 14952 ||| Stepping ~*~*~tactically~*~*~ (stealth).
 15154 | D:10     | 15154 ||| READING 7 scrolls of identify.
 15154 | D:10     | 15154 ||| IDENTIFYING fuming emerald potion
 15155 | D:10     | 15155 ||| DROPPING potion of brilliance.
 15211 | D:11     | Received a gift from Okawaru
 15349 | D:11     | Reached skill level 9 in Shields
 15466 | D:11     | Noticed a storm dragon
 15467 | D:11     | 15467 ||| INVOKING Heroism.
 15467 | D:11     | a storm dragon changed into a great orb of eyes
 15611 | D:11     | 15611 ||| Stepping ~*~*~tactically~*~*~ (stealth).
 15619 | D:11     | 15619 ||| Stepping ~*~*~tactically~*~*~ (hiding).
 15636 | D:11     | 15636 ||| Stepping ~*~*~tactically~*~*~ (stealth).
 15857 | D:11     | Noticed Gastronok
 15858 | D:11     | 15858 ||| Stepping ~*~*~tactically~*~*~ (hiding).
 15874 | D:11     | 15874 ||| INVOKING Heroism.
 15876 | D:11     | Killed Gastronok
 16170 | D:11     | 16170 ||| INVOKING Heroism.
 16200 | D:11     | HP: 19/90 [hell knight/+1 halberd of draining (9)]
 16201 | D:11     | 16201 ||| READING 10 scrolls of teleportation.
 16202 | D:11     | 16202 ||| DRINKING 3 potions of heal wounds.
 16540 | D:11     | 16540 ||| Stepping ~*~*~tactically~*~*~ (hiding).
 16591 | D:11     | 16591 ||| Stepping ~*~*~tactically~*~*~ (stealth).
 16593 | D:11     | 16593 ||| Stepping ~*~*~tactically~*~*~ (hiding).
 16611 | D:11     | 16611 ||| Stepping ~*~*~tactically~*~*~ (stealth).
 16721 | D:11     | Reached skill level 12 in Shields
 16915 | D:11     | 16915 ||| PLANNING D
 16915 | D:11     | 16915 ||| DROPPING +2 crystal plate armour.
 17055 | D:12     | 17055 ||| INVOKING Heroism.
 17061 | D:12     | Received a gift from Okawaru
 17178 | D:12     | 17178 ||| UPGRADING to +2 vampiric war axe.
 17259 | D:12     | Reached XP level 15. HP: 94/94 MP: 22/22
 17444 | D:12     | Found a staircase to the Orcish Mines.
 17457 | D:12     | 17457 ||| FLEEEEING.
 17458 | D:12     | 17458 ||| FLEEEEING.
 17459 | D:12     | 17459 ||| FLEEEEING.
 17460 | D:12     | 17460 ||| FLEEEEING.
 17462 | D:12     | 17462 ||| Stepping ~*~*~tactically~*~*~ (hiding).
 17502 | D:12     | 17502 ||| INVOKING Heroism.
 17503 | D:12     | 17503 ||| INVOKING Finesse.
 17523 | D:12     | Reached skill level 15 in Axes
 17599 | D:12     | 17599 ||| Stepping ~*~*~tactically~*~*~ (stealth).
 17601 | D:12     | 17601 ||| Stepping ~*~*~tactically~*~*~ (hiding).
 17826 | D:12     | 17826 ||| Stepping ~*~*~tactically~*~*~ (stealth).
 17828 | D:12     | 17828 ||| Stepping ~*~*~tactically~*~*~ (stealth).
 17840 | D:12     | 17840 ||| INVOKING Heroism.
 17841 | D:12     | 17841 ||| READING 10 scrolls of teleportation.
 18133 | D:12     | 18133 ||| Stepping ~*~*~tactically~*~*~ (stealth).
 18137 | D:12     | 18137 ||| Stepping ~*~*~tactically~*~*~ (hiding).
 18143 | D:12     | Identified the +12 orcbow "Yneriom" {flame, rC+ rCorr MP-9
                  | Int+4}
 18143 | D:12     | Identified the +4 sling "Nihikhloy" {drain, rF+ Str+4 Int+2
                  | Stlth+}
 18148 | D:12     | Reached skill level 6 in Throwing
 18172 | D:12     | 18172 ||| Stepping ~*~*~tactically~*~*~ (hiding).
 18174 | D:12     | 18174 ||| Stepping ~*~*~tactically~*~*~ (hiding).
 18175 | D:12     | 18175 ||| Stepping ~*~*~tactically~*~*~ (hiding).
 18176 | D:12     | 18176 ||| Stepping ~*~*~tactically~*~*~ (hiding).
 18178 | D:12     | 18178 ||| INVOKING Heroism.
 18186 | D:12     | 18186 ||| INVOKING Finesse.
 18201 | D:12     | Received a gift from Okawaru
 18258 | D:12     | 18258 ||| READING 7 scrolls of identify.
 18258 | D:12     | 18258 ||| IDENTIFYING dark potion
 18259 | D:12     | 18259 ||| DROPPING potion of invisibility.
 18288 | D:12     | 18288 ||| Stepping ~*~*~tactically~*~*~ (hiding).
 18494 | D:13     | Identified the +0 ring mail of Lugonu's Hatred {rC- Str+3}
 18511 | D:13     | 18511 ||| Stepping ~*~*~tactically~*~*~ (hiding).
 18513 | D:13     | 18513 ||| Stepping ~*~*~tactically~*~*~ (hiding).
 18514 | D:13     | 18514 ||| Stepping ~*~*~tactically~*~*~ (hiding).
 18533 | D:13     | 18533 ||| Stepping ~*~*~tactically~*~*~ (stealth).
 18535 | D:13     | 18535 ||| Stepping ~*~*~tactically~*~*~ (stealth).
 18599 | D:13     | Reached skill level 12 in Fighting
 18778 | D:13     | 18778 ||| READING scroll of enchant weapon.
 18778 | D:13     | 18778 ||| ENCHANTING +2 vampiric war axe.
 18846 | D:13     | Noticed Snorg
 18848 | D:13     | 18848 ||| INVOKING Heroism.
 18860 | D:13     | Killed Snorg
 18865 | D:13     | 18865 ||| DROPPING ring of wizardry.
 18891 | D:14     | Found Woggo's Assorted Antiques.
 18898 | D:14     | 18898 ||| BUYING potion of might (100 gold).
 18898 | D:14     | Bought a potion of might for 100 gold pieces
 18947 | D:14     | Received a gift from Okawaru
 18949 | D:14     | 18949 ||| INVOKING Heroism.
 19042 | D:14     | 19042 ||| Stepping ~*~*~tactically~*~*~ (stealth).
 19043 | D:14     | 19043 ||| Stepping ~*~*~tactically~*~*~ (stealth).
 19177 | D:14     | Found a gate to the Vaults.
 19178 | D:14     | 19178 ||| INVOKING Heroism.
 19179 | D:14     | 19179 ||| INVOKING Finesse.
 19241 | D:14     | 19241 ||| SWAPPING to +5 demon whip of flaming.
 19247 | D:14     | Received a gift from Okawaru
 19248 | D:14     | Reached XP level 16. HP: 87/101 MP: 19/23
 19300 | D:14     | 19300 ||| Stepping ~*~*~tactically~*~*~ (stealth).
 19310 | D:14     | 19310 ||| UPGRADING to +2 heavy broad axe.
 19311 | D:14     | 19311 ||| UPGRADING to +3 vampiric war axe.
 19312 | D:14     | 19312 ||| DROPPING +8 war axe.
 19327 | D:14     | 19327 ||| Stepping ~*~*~tactically~*~*~ (stealth).
 19820 | D:15     | Entered Level 15 of the Dungeon
 19832 | D:15     | 19832 ||| DROPPING +0 flail.
 19833 | D:15     | 19833 ||| DROPPING +2 flail of draining.
 19836 | D:15     | 19836 ||| Stepping ~*~*~tactically~*~*~ (hiding).
 19837 | D:15     | 19837 ||| INVOKING Heroism.
 19884 | D:15     | Identified the ring of Jealousy {*Corrode EV+5 Str+9 SInv}
 19920 | D:15     | Found a white marble altar of Elyvilon.
 20058 | D:15     | Found a staircase to the Depths.
 20059 | D:15     | 20059 ||| INVOKING Heroism.
 20246 | D:15     | 20246 ||| Stepping ~*~*~tactically~*~*~ (hiding).
 20444 | D:15     | 20444 ||| Stepping ~*~*~tactically~*~*~ (stealth).
 20445 | D:15     | 20445 ||| Stepping ~*~*~tactically~*~*~ (stealth).
 20447 | D:15     | 20447 ||| Stepping ~*~*~tactically~*~*~ (stealth).
 20461 | D:15     | 20461 ||| INVOKING Heroism.
 20464 | D:15     | 20464 ||| INVOKING Finesse.
 20478 | D:15     | 20478 ||| SWAPPING to +5 demon whip of flaming.
 20491 | D:15     | 20491 ||| UPGRADING to +2 heavy broad axe.
 20492 | D:15     | 20492 ||| UPGRADING to +3 vampiric war axe.
 20588 | D:15     | Received a gift from Okawaru
 20792 | D:15     | 20792 ||| PLANNING ORC
 20792 | D:15     | 20792 ||| UPGRADING to ring of Jealousy {*Corrode EV+5
                  | Str+9 SInv}.
 20794 | D:15     | 20794 ||| DROPPING ring of fire.
 20795 | D:15     | 20795 ||| DROPPING +4 ring of slaying {mikee}.
 20883 | Orc:1    | Entered Level 1 of the Orcish Mines
 20987 | Orc:2    | Entered Level 2 of the Orcish Mines
 21033 | Orc:2    | 21033 ||| Stepping ~*~*~tactically~*~*~ (hiding).
 21134 | Orc:2    | 21134 ||| Stepping ~*~*~tactically~*~*~ (stealth).
 21135 | Orc:2    | 21135 ||| Stepping ~*~*~tactically~*~*~ (stealth).
 21167 | Orc:2    | Reached skill level 13 in Fighting
 21172 | Orc:2    | Noticed Donald
 21173 | Orc:2    | 21173 ||| INVOKING Heroism.
 21174 | Orc:2    | 21174 ||| INVOKING Finesse.
 21196 | Orc:2    | Killed Donald
 21197 | Orc:2    | 21197 ||| Stepping ~*~*~tactically~*~*~ (hiding).
 21198 | Orc:2    | 21198 ||| Stepping ~*~*~tactically~*~*~ (hiding).
 21322 | Orc:1    | 21322 ||| Stepping ~*~*~tactically~*~*~ (hiding).
 21324 | Orc:1    | 21324 ||| Stepping ~*~*~tactically~*~*~ (hiding).
 21327 | Orc:1    | 21327 ||| Stepping ~*~*~tactically~*~*~ (hiding).
 21330 | Orc:1    | 21330 ||| Stepping ~*~*~tactically~*~*~ (hiding).
 21570 | Orc:1    | Received a gift from Okawaru
 21612 | Orc:1    | Found a dark tunnel.
 21613 | Orc:1    | 21613 ||| Stepping ~*~*~tactically~*~*~ (hiding).
 21813 | Orc:2    | 21813 ||| Stepping ~*~*~tactically~*~*~ (stealth).
 21815 | Orc:2    | 21815 ||| Stepping ~*~*~tactically~*~*~ (hiding).
 21816 | Orc:2    | 21816 ||| INVOKING Heroism.
 21817 | Orc:2    | 21817 ||| Stepping ~*~*~tactically~*~*~ (hiding).
 21818 | Orc:2    | 21818 ||| Stepping ~*~*~tactically~*~*~ (hiding).
 21853 | Orc:2    | 21853 ||| Stepping ~*~*~tactically~*~*~ (stealth).
 21854 | Orc:2    | 21854 ||| Stepping ~*~*~tactically~*~*~ (stealth).
 21855 | Orc:2    | 21855 ||| INVOKING Heroism.
 21875 | Orc:2    | 21875 ||| Stepping ~*~*~tactically~*~*~ (hiding).
 21908 | Orc:2    | 21908 ||| INVOKING Heroism.
 21926 | Orc:2    | 21926 ||| Stepping ~*~*~tactically~*~*~ (stealth).
 21927 | Orc:2    | 21927 ||| Stepping ~*~*~tactically~*~*~ (stealth).
 21928 | Orc:2    | 21928 ||| Stepping ~*~*~tactically~*~*~ (stealth).
 21936 | Orc:2    | 21936 ||| INVOKING Heroism.
 21975 | Orc:2    | 21975 ||| INVOKING Heroism.
 21981 | Orc:2    | 21981 ||| Stepping ~*~*~tactically~*~*~ (hiding).
 21982 | Orc:2    | 21982 ||| Stepping ~*~*~tactically~*~*~ (hiding).
 21997 | Orc:2    | 21997 ||| Stepping ~*~*~tactically~*~*~ (stealth).
 21999 | Orc:2    | 21999 ||| Stepping ~*~*~tactically~*~*~ (stealth).
 22001 | Orc:2    | 22001 ||| Stepping ~*~*~tactically~*~*~ (stealth).
 22002 | Orc:2    | 22002 ||| Stepping ~*~*~tactically~*~*~ (stealth).
 22003 | Orc:2    | 22003 ||| Stepping ~*~*~tactically~*~*~ (stealth).
 22022 | Orc:2    | 22022 ||| Stepping ~*~*~tactically~*~*~ (stealth).
 22023 | Orc:2    | 22023 ||| Stepping ~*~*~tactically~*~*~ (stealth).
 22024 | Orc:2    | 22024 ||| Stepping ~*~*~tactically~*~*~ (stealth).
 22044 | Orc:2    | 22044 ||| INVOKING Heroism.
 22058 | Orc:2    | 22058 ||| Stepping ~*~*~tactically~*~*~ (stealth).
 22102 | Orc:2    | 22102 ||| Stepping ~*~*~tactically~*~*~ (hiding).
 22105 | Orc:2    | 22105 ||| Stepping ~*~*~tactically~*~*~ (hiding).
 22107 | Orc:2    | 22107 ||| Stepping ~*~*~tactically~*~*~ (hiding).
 22204 | Orc:2    | Found Quikho's Weapon Boutique.
 22204 | Orc:2    | Found Tebap Qau's Armour Shoppe.
 22211 | Orc:2    | 22211 ||| BUYING +3 hat of Pondering {ponderous, Will+
                  | MP+10 Int+5} (533 gold).
 22211 | Orc:2    | Bought the +3 hat of Pondering {ponderous, Will+ MP+10
                  | Int+5} for 533 gold pieces
 22211 | Orc:2    | Found the +3 hat of Pondering {ponderous, Will+ MP+10
                  | Int+5}
 22363 | Orc:2    | 22363 ||| Stepping ~*~*~tactically~*~*~ (hiding).
 22364 | Orc:2    | 22364 ||| Stepping ~*~*~tactically~*~*~ (hiding).
 22365 | Orc:2    | 22365 ||| Stepping ~*~*~tactically~*~*~ (hiding).
 22374 | Orc:2    | Received a gift from Okawaru
 22461 | Orc:2    | Found a staircase to the Elven Halls.
 22524 | Orc:2    | Found a bloodstained altar of Trog.
 22576 | Orc:2    | Found Umu Qod's Antique Weapon Shoppe.
 22576 | Orc:2    | Found Qipyfil's Book Boutique.
 22586 | Orc:2    | 22586 ||| Stepping ~*~*~tactically~*~*~ (hiding).
 22587 | Orc:2    | 22587 ||| Stepping ~*~*~tactically~*~*~ (hiding).
 22600 | Orc:2    | Reached skill level 15 in Armour
 22715 | Orc:2    | 22715 ||| PLANNING SNAKE:1-3
 22913 | Snake:1  | Entered Level 1 of the Snake Pit
 23015 | Snake:1  | 23015 ||| Stepping ~*~*~tactically~*~*~ (hiding).
 23034 | Snake:1  | 23034 ||| Stepping ~*~*~tactically~*~*~ (stealth).
 23037 | Snake:1  | 23037 ||| Stepping ~*~*~tactically~*~*~ (stealth).
 23069 | Snake:1  | 23069 ||| Stepping ~*~*~tactically~*~*~ (hiding).
 23070 | Snake:1  | 23070 ||| Stepping ~*~*~tactically~*~*~ (hiding).
 23080 | Snake:1  | Received a gift from Okawaru
 23219 | Snake:1  | 23219 ||| INVOKING Heroism.
 23290 | Snake:1  | 23290 ||| Stepping ~*~*~tactically~*~*~ (stealth).
 23332 | Snake:1  | 23332 ||| Stepping ~*~*~tactically~*~*~ (hiding).
 23422 | Snake:1  | 23422 ||| Stepping ~*~*~tactically~*~*~ (stealth).
 23453 | Snake:1  | 23453 ||| Stepping ~*~*~tactically~*~*~ (stealth).
 23467 | Snake:1  | Found a transporter.
 23478 | Snake:1  | Noticed qw's ghost (adept GrFi)
 23481 | Snake:1  | 23481 ||| Stepping ~*~*~tactically~*~*~ (hiding).
 23527 | Snake:1  | Reached XP level 17. HP: 108/110 MP: 24/24
 23614 | Snake:1  | Identified the +9 falchion of the Disbelieving Gods {pain,
                  | *Corrode rC+ rN+ Dex+3}
 23637 | Snake:1  | Found a transporter.
 23659 | Snake:1  | Reached skill level 14 in Fighting
 23717 | Snake:2  | Found Ananoul's Overcharged Wands.
 23766 | Snake:2  | 23766 ||| BUYING wand of digging (11) (693 gold).
 23766 | Snake:2  | Bought a wand of digging (11) for 693 gold pieces
 23766 | Snake:2  | 23766 ||| BUYING wand of digging (11) (693 gold).
 23766 | Snake:2  | Bought a wand of digging (11) for 693 gold pieces
 23802 | Snake:2  | Identified the +2 pair of gloves of the Old World {+Blink
                  | Int+3} (Okawaru gifted it to you on level 2 of the Snake
                  | Pit)
 23802 | Snake:2  | Received a gift from Okawaru
 23879 | Snake:2  | Found a runed translucent gate.
 23881 | Snake:2  | Found a runed translucent gate.
 23882 | Snake:2  | Found a runed translucent gate.
 23911 | Snake:2  | Noticed Aizul
 23912 | Snake:2  | 23912 ||| Stepping ~*~*~tactically~*~*~ (hiding).
 23913 | Snake:2  | 23913 ||| Stepping ~*~*~tactically~*~*~ (hiding).
 23914 | Snake:2  | 23914 ||| INVOKING Heroism.
 23915 | Snake:2  | 23915 ||| INVOKING Finesse.
 23937 | Snake:2  | Killed Aizul
 23954 | Snake:2  | 23954 ||| Stepping ~*~*~tactically~*~*~ (hiding).
 23956 | Snake:2  | 23956 ||| Stepping ~*~*~tactically~*~*~ (hiding).
 23957 | Snake:2  | 23957 ||| Stepping ~*~*~tactically~*~*~ (hiding).
 23987 | Snake:2  | Found Koscheif's Magic Scroll Boutique.
 23990 | Snake:2  | Found Raihiur's Armour Shop.
 23990 | Snake:2  | Found Wesaola Omykh's Assorted Antiques.
 23995 | Snake:2  | 23995 ||| BUYING scroll of enchant weapon (105 gold).
 23995 | Snake:2  | Bought a scroll of enchant weapon for 105 gold pieces
 23995 | Snake:2  | 23995 ||| READING scroll of enchant weapon.
 23995 | Snake:2  | 23995 ||| ENCHANTING +3 vampiric war axe.
 23996 | Snake:2  | Found Xorida's Magic Scroll Shop.
 23999 | Snake:2  | 23999 ||| BUYING glowing gilded ring (155 gold).
 23999 | Snake:2  | Bought a glowing gilded ring for 155 gold pieces
 23999 | Snake:2  | 23999 ||| BUYING potion of haste (310 gold).
 23999 | Snake:2  | Bought a potion of haste for 310 gold pieces
 23999 | Snake:2  | 23999 ||| SHOPLISTING scroll of enchant armour (232 gold,
                  | have 71).
 24002 | Snake:2  | 24002 ||| SHOPLISTING scroll of brand weapon (142 gold,
                  | have 71).
 24002 | Snake:2  | 24002 ||| SHOPLISTING scroll of enchant weapon (112 gold,
                  | have 71).
 24002 | Snake:2  | 24002 ||| BUYING scroll of teleportation (45 gold).
 24002 | Snake:2  | Bought a scroll of teleportation for 45 gold pieces
 24002 | Snake:2  | 24002 ||| SHOPLISTING scroll of teleportation (45 gold,
                  | have 26).
 24107 | Snake:2  | 24107 ||| Stepping ~*~*~tactically~*~*~ (hiding).
 24111 | Snake:2  | 24111 ||| Stepping ~*~*~tactically~*~*~ (hiding).
 24279 | Snake:2  | 24279 ||| INVOKING Heroism.
 24676 | Snake:2  | Noticed qw's ghost (adept GrFi)
 24726 | Snake:2  | 24726 ||| Stepping ~*~*~tactically~*~*~ (hiding).
 24728 | Snake:2  | 24728 ||| Stepping ~*~*~tactically~*~*~ (hiding).
 24857 | Snake:2  | 24857 ||| DROPPING +2 pair of gloves of the Old World
                  | {+Blink Int+3}.
 24858 | Snake:2  | 24858 ||| DROPPING ring of flight.
 24870 | Snake:3  | 24870 ||| STAIRDANCE
 25019 | Snake:3  | 25019 ||| INVOKING Heroism.
 25024 | Snake:3  | Reached skill level 15 in Fighting
 25024 | Snake:3  | 25024 ||| Stepping ~*~*~tactically~*~*~ (hiding).
 25026 | Snake:3  | 25026 ||| Stepping ~*~*~tactically~*~*~ (hiding).
 25057 | Snake:3  | 25057 ||| Stepping ~*~*~tactically~*~*~ (hiding).
 25064 | Snake:3  | Noticed Vashnia
 25069 | Snake:3  | 25069 ||| INVOKING Heroism.
 25102 | Snake:3  | Killed Vashnia
 25193 | Snake:3  | 25193 ||| Stepping ~*~*~tactically~*~*~ (stealth).
 25200 | Snake:3  | 25200 ||| Stepping ~*~*~tactically~*~*~ (stealth).
 25207 | Snake:3  | 25207 ||| Stepping ~*~*~tactically~*~*~ (stealth).
 25251 | Snake:3  | 25251 ||| Stepping ~*~*~tactically~*~*~ (stealth).
 25253 | Snake:3  | 25253 ||| Stepping ~*~*~tactically~*~*~ (hiding).
 25255 | Snake:3  | 25255 ||| Stepping ~*~*~tactically~*~*~ (stealth).
 25256 | Snake:3  | 25256 ||| Stepping ~*~*~tactically~*~*~ (stealth).
 25270 | Snake:3  | 25270 ||| Stepping ~*~*~tactically~*~*~ (hiding).
 25272 | Snake:3  | 25272 ||| Stepping ~*~*~tactically~*~*~ (hiding).
 25403 | Snake:3  | 25403 ||| Stepping ~*~*~tactically~*~*~ (hiding).
 25415 | Snake:3  | 25415 ||| Stepping ~*~*~tactically~*~*~ (stealth).
 25417 | Snake:3  | 25417 ||| Stepping ~*~*~tactically~*~*~ (hiding).
 25428 | Snake:3  | Noticed Roxanne
 25429 | Snake:3  | 25429 ||| INVOKING Heroism.
 25430 | Snake:3  | 25430 ||| INVOKING Finesse.
 25449 | Snake:3  | Killed Roxanne
 25451 | Snake:3  | 25451 ||| Stepping ~*~*~tactically~*~*~ (hiding).
 25478 | Snake:3  | 25478 ||| Stepping ~*~*~tactically~*~*~ (stealth).
 25482 | Snake:3  | 25482 ||| Stepping ~*~*~tactically~*~*~ (stealth).
 25485 | Snake:3  | 25485 ||| Stepping ~*~*~tactically~*~*~ (hiding).
 25486 | Snake:3  | 25486 ||| Stepping ~*~*~tactically~*~*~ (hiding).
 25487 | Snake:3  | 25487 ||| Stepping ~*~*~tactically~*~*~ (hiding).
 25613 | Snake:3  | 25613 ||| Stepping ~*~*~tactically~*~*~ (stealth).
 25649 | Snake:3  | Received a gift from Okawaru
 25651 | Snake:3  | 25651 ||| DROPPING +1 heavy broad axe.
 25766 | Snake:3  | 25766 ||| Stepping ~*~*~tactically~*~*~ (stealth).
 25768 | Snake:3  | 25768 ||| Stepping ~*~*~tactically~*~*~ (hiding).
 25779 | Snake:3  | Reached skill level 15 in Shields
 25991 | Snake:3  | 25991 ||| Stepping ~*~*~tactically~*~*~ (stealth).
 25993 | Snake:3  | 25993 ||| Stepping ~*~*~tactically~*~*~ (hiding).
 26156 | Snake:3  | 26156 ||| Stepping ~*~*~tactically~*~*~ (hiding).
 26212 | Snake:3  | 26212 ||| INVOKING Heroism.
 26363 | Snake:3  | Reached XP level 18. HP: 119/119 MP: 25/25
 26364 | Snake:3  | 26364 ||| DROPPING +0 demon whip of venom.
 26365 | Snake:3  | 26365 ||| DROPPING +3 demon whip of flaming.
 26366 | Snake:3  | 26366 ||| DROPPING +1 demon whip.
 26367 | Snake:3  | 26367 ||| DROPPING +5 demon whip of flaming.
 26368 | Snake:3  | 26368 ||| DROPPING +0 morningstar.
 26433 | Snake:3  | 26433 ||| PLANNING SHOALS:1-3
 26433 | Snake:3  | 26433 ||| DROPPING +6 ring of intelligence.
 26529 | Shoals:1 | Entered Level 1 of the Shoals
 26565 | Shoals:1 | 26565 ||| Stepping ~*~*~tactically~*~*~ (stealth).
 26593 | Shoals:1 | 26593 ||| Stepping ~*~*~tactically~*~*~ (hiding).
 26605 | Shoals:1 | 26605 ||| Stepping ~*~*~tactically~*~*~ (cloud).
 26639 | Shoals:1 | 26639 ||| Stepping ~*~*~tactically~*~*~ (hiding).
 26640 | Shoals:1 | 26640 ||| Stepping ~*~*~tactically~*~*~ (hiding).
 26744 | Shoals:1 | 26744 ||| Stepping ~*~*~tactically~*~*~ (hiding).
 26864 | Shoals:1 | Reached skill level 16 in Fighting
 26882 | Shoals:1 | Identified the +2 leather armour of a bazaar {rN+ Will-
                  | SInv}
 26912 | Shoals:1 | 26912 ||| INVOKING Heroism.
 26935 | Shoals:1 | Received a gift from Okawaru
 26953 | Shoals:1 | Found a runed translucent door.
 27201 | Shoals:1 | 27201 ||| Stepping ~*~*~tactically~*~*~ (hiding).
 27380 | Shoals:1 | Found a corrupted altar of Lugonu.
 27605 | Shoals:1 | Found a one-way gate to the infinite horrors of the Abyss.
 27887 | Shoals:1 | 27887 ||| Stepping randomly (stuck).
 27992 | Shoals:2 | Found a white marble altar of Elyvilon.
 28037 | Shoals:2 | 28037 ||| INVOKING Heroism.
 28106 | Shoals:2 | 28106 ||| Stepping ~*~*~tactically~*~*~ (stealth).
 28147 | Shoals:2 | Found a blossoming altar of Fedhas.
 28624 | Shoals:2 | 28624 ||| DROPPING +1 pair of gloves.
 28625 | Shoals:2 | 28625 ||| DROPPING +2 pair of gloves.
 28648 | Shoals:3 | Received a gift from Okawaru
 28649 | Shoals:3 | Reached skill level 18 in Armour
 28669 | Shoals:3 | 28669 ||| INVOKING Heroism.
 28670 | Shoals:3 | 28670 ||| INVOKING Finesse.
 28815 | Shoals:3 | 28815 ||| Stepping ~*~*~tactically~*~*~ (hiding).
 28820 | Shoals:3 | Noticed Ilsuiw
 28821 | Shoals:3 | 28821 ||| INVOKING Heroism.
 28831 | Shoals:3 | 28831 ||| Stepping ~*~*~tactically~*~*~ (hiding).
 28848 | Shoals:3 | Killed Ilsuiw
 28849 | Shoals:3 | 28849 ||| Stepping ~*~*~tactically~*~*~ (hiding).
 28888 | Shoals:3 | Noticed Bai Suzhen
 28893 | Shoals:3 | 28893 ||| INVOKING Heroism.
 28896 | Shoals:3 | 28896 ||| Stepping ~*~*~tactically~*~*~ (hiding).
 28897 | Shoals:3 | 28897 ||| Stepping ~*~*~tactically~*~*~ (hiding).
 28898 | Shoals:3 | 28898 ||| Stepping ~*~*~tactically~*~*~ (hiding).
 28903 | Shoals:3 | Killed Bai Suzhen
 29449 | Shoals:3 | 29449 ||| PLANNING SNAKE:4
 29449 | Shoals:3 | 29449 ||| DRINKING 2 ruby potions.
 29621 | Snake:4  | Entered Level 4 of the Snake Pit
 29722 | Snake:4  | 29722 ||| Stepping ~*~*~tactically~*~*~ (hiding).
 29733 | Snake:4  | Noticed Mara
 29734 | Snake:4  | 29734 ||| INVOKING Heroism.
 29735 | Snake:4  | 29735 ||| INVOKING Finesse.
 29737 | Snake:4  | Noticed qw's illusion
 29758 | Snake:4  | Noticed qw's illusion
 29786 | Snake:4  | 29786 ||| INVOKING Finesse.
 29807 | Snake:4  | Noticed qw's illusion
 29819 | Snake:4  | Killed Mara
 29820 | Snake:4  | Reached skill level 9 in Throwing
 29921 | Snake:4  | 29921 ||| INVOKING Heroism.
 29925 | Snake:4  | Reached skill level 17 in Fighting
 29937 | Snake:4  | Identified the +2 helmet of Okawaru's Favour {rF- Str+4}
                  | (Okawaru gifted it to you on level 4 of the Snake Pit)
 29937 | Snake:4  | Received a gift from Okawaru
 30059 | Snake:4  | 30059 ||| Stepping ~*~*~tactically~*~*~ (stealth).
 30073 | Snake:4  | Reached XP level 19. HP: 128/128 MP: 26/26
 30073 | Snake:4  | 30073 ||| Stepping ~*~*~tactically~*~*~ (hiding).
 30090 | Snake:4  | 30090 ||| Stepping ~*~*~tactically~*~*~ (stealth).
 30092 | Snake:4  | 30092 ||| INVOKING Heroism.
 30169 | Snake:4  | 30169 ||| FLEEEEING.
 30170 | Snake:4  | 30170 ||| Stepping ~*~*~tactically~*~*~ (stealth).
 30179 | Snake:4  | 30179 ||| INVOKING Heroism.
 30336 | Snake:4  | 30336 ||| READING scroll of enchant weapon.
 30336 | Snake:4  | 30336 ||| ENCHANTING +4 vampiric war axe.
 30432 | Snake:4  | 30432 ||| Stepping ~*~*~tactically~*~*~ (hiding).
 30463 | Snake:4  | 30463 ||| INVOKING Heroism.
 30495 | Snake:4  | 30495 ||| INVOKING Heroism.
 30508 | Snake:4  | 30508 ||| Stepping ~*~*~tactically~*~*~ (hiding).
 30524 | Snake:4  | 30524 ||| INVOKING Heroism.
 30582 | Snake:4  | 30582 ||| Stepping ~*~*~tactically~*~*~ (stealth).
 30601 | Snake:4  | 30601 ||| Stepping ~*~*~tactically~*~*~ (hiding).
 30606 | Snake:4  | 30606 ||| INVOKING Heroism.
 30629 | Snake:4  | 30629 ||| Stepping ~*~*~tactically~*~*~ (hiding).
 30631 | Snake:4  | 30631 ||| Stepping ~*~*~tactically~*~*~ (hiding).
 30632 | Snake:4  | 30632 ||| Stepping ~*~*~tactically~*~*~ (hiding).
 30720 | Snake:4  | Got a serpentine rune of Zot
 30913 | Snake:4  | 30913 ||| Stepping ~*~*~tactically~*~*~ (stealth).
 30914 | Snake:4  | 30914 ||| Stepping ~*~*~tactically~*~*~ (stealth).
 30915 | Snake:4  | 30915 ||| Stepping ~*~*~tactically~*~*~ (stealth).
 30917 | Snake:4  | 30917 ||| Stepping ~*~*~tactically~*~*~ (stealth).
 30918 | Snake:4  | 30918 ||| Stepping ~*~*~tactically~*~*~ (stealth).
 30920 | Snake:4  | 30920 ||| Stepping ~*~*~tactically~*~*~ (stealth).
 30922 | Snake:4  | 30922 ||| Stepping ~*~*~tactically~*~*~ (hiding).
 30996 | Snake:4  | 30996 ||| Stepping ~*~*~tactically~*~*~ (stealth).
 31001 | Snake:4  | Received a gift from Okawaru
 31013 | Snake:4  | 31013 ||| Stepping ~*~*~tactically~*~*~ (hiding).
 31014 | Snake:4  | 31014 ||| Stepping ~*~*~tactically~*~*~ (hiding).
 31086 | Snake:4  | 31086 ||| PLANNING VAULTS:1-4
 31086 | Snake:4  | 31086 ||| UPGRADING to +2 kite shield of protection.
 31096 | Snake:4  | 31096 ||| DROPPING +2 kite shield.
 31472 | Vaults:1 | Entered Level 1 of the Vaults
 31533 | Vaults:1 | 31533 ||| Stepping ~*~*~tactically~*~*~ (hiding).
 31614 | Vaults:1 | 31614 ||| INVOKING Heroism.
 31615 | Vaults:1 | 31615 ||| INVOKING Finesse.
 31964 | Vaults:1 | 31964 ||| Stepping ~*~*~tactically~*~*~ (hiding).
 32020 | Vaults:1 | 32020 ||| Stepping ~*~*~tactically~*~*~ (stealth).
 32023 | Vaults:1 | 32023 ||| Stepping ~*~*~tactically~*~*~ (stealth).
 32025 | Vaults:1 | 32025 ||| Stepping ~*~*~tactically~*~*~ (stealth).
 32055 | Vaults:1 | Identified the +1 robe of the Orb Guardian {rPois rF+
                  | Slay+4} (Okawaru gifted it to you on level 1 of the Vaults)
 32055 | Vaults:1 | Received a gift from Okawaru
 32225 | Vaults:1 | 32225 ||| Stepping ~*~*~tactically~*~*~ (stealth).
 32227 | Vaults:1 | 32227 ||| Stepping ~*~*~tactically~*~*~ (stealth).
 32290 | Vaults:1 | 32290 ||| FLEEEEING.
 32291 | Vaults:1 | 32291 ||| FLEEEEING.
 32292 | Vaults:1 | 32292 ||| FLEEEEING.
 32293 | Vaults:1 | 32293 ||| FLEEEEING.
 32294 | Vaults:1 | 32294 ||| FLEEEEING.
 32297 | Vaults:1 | 32297 ||| FLEEEEING.
 32320 | Vaults:1 | Reached skill level 18 in Fighting
 32362 | Vaults:1 | 32362 ||| Stepping ~*~*~tactically~*~*~ (hiding).
 32687 | Vaults:2 | 32687 ||| Stepping ~*~*~tactically~*~*~ (hiding).
 32827 | Vaults:2 | 32827 ||| FLEEEEING.
 32828 | Vaults:2 | 32828 ||| FLEEEEING.
 32831 | Vaults:2 | 32831 ||| FLEEEEING.
 32833 | Vaults:2 | 32833 ||| FLEEEEING.
 32834 | Vaults:2 | 32834 ||| FLEEEEING.
 32835 | Vaults:2 | 32835 ||| FLEEEEING.
 32842 | Vaults:2 | 32842 ||| FLEEEEING.
 32846 | Vaults:2 | 32846 ||| STAIRDANCE
 32948 | Vaults:1 | 32948 ||| DROPPING amulet of regeneration.
 32967 | Vaults:2 | 32967 ||| Stepping ~*~*~tactically~*~*~ (hiding).
 32968 | Vaults:2 | 32968 ||| STAIRDANCE
 33079 | Vaults:2 | 33079 ||| STAIRDANCE
 33244 | Vaults:2 | Reached XP level 20. HP: 136/136 MP: 27/27
 33259 | Vaults:2 | 33259 ||| Stepping ~*~*~tactically~*~*~ (hiding).
 33277 | Vaults:2 | 33277 ||| Stepping ~*~*~tactically~*~*~ (hiding).
 33366 | Vaults:2 | 33366 ||| Stepping ~*~*~tactically~*~*~ (hiding).
 33723 | Vaults:2 | Found a runed translucent gate.
 33723 | Vaults:2 | Found a runed translucent gate.
 33723 | Vaults:2 | Noticed Dacon's ghost (adept MiGl)
 33724 | Vaults:2 | Found a runed translucent gate.
 34289 | Vaults:2 | Found a viscous altar of Jiyva.
 35101 | Vaults:3 | 35101 ||| READING scroll of enchant weapon.
 35101 | Vaults:3 | 35101 ||| ENCHANTING +5 vampiric war axe.
 35123 | Vaults:3 | 35123 ||| Stepping ~*~*~tactically~*~*~ (hiding).
 35270 | Vaults:3 | Received a gift from Okawaru
 35298 | Vaults:3 | 35298 ||| FLEEEEING.
 35367 | Vaults:3 | Identified the +2 pair of boots "Joblekop" {-Tele Rampage
                  | rC- Will+++} (Okawaru gifted it to you on level 3 of the
                  | Vaults)
 35367 | Vaults:3 | Received a gift from Okawaru
 35380 | Vaults:3 | 35380 ||| Stepping ~*~*~tactically~*~*~ (stealth).
 35382 | Vaults:3 | 35382 ||| Stepping ~*~*~tactically~*~*~ (stealth).
 35389 | Vaults:3 | 35389 ||| Stepping ~*~*~tactically~*~*~ (hiding).
 35393 | Vaults:3 | 35393 ||| Stepping ~*~*~tactically~*~*~ (hiding).
 35394 | Vaults:3 | 35394 ||| Stepping ~*~*~tactically~*~*~ (hiding).
 35395 | Vaults:3 | 35395 ||| Stepping ~*~*~tactically~*~*~ (hiding).
 35419 | Vaults:3 | Reached skill level 19 in Fighting
 35520 | Vaults:3 | 35520 ||| Stepping ~*~*~tactically~*~*~ (stealth).
 35552 | Vaults:3 | 35552 ||| Stepping ~*~*~tactically~*~*~ (stealth).
 35554 | Vaults:3 | 35554 ||| Stepping ~*~*~tactically~*~*~ (hiding).
 35645 | Vaults:3 | 35645 ||| FLEEEEING.
 35646 | Vaults:3 | 35646 ||| FLEEEEING.
 35647 | Vaults:3 | 35647 ||| FLEEEEING.
 35648 | Vaults:3 | 35648 ||| FLEEEEING.
 35649 | Vaults:3 | 35649 ||| FLEEEEING.
 35734 | Vaults:3 | Reached ****** piety under Okawaru
 36068 | Vaults:3 | 36068 ||| Stepping ~*~*~tactically~*~*~ (stealth).
 36144 | Vaults:3 | 36144 ||| Stepping ~*~*~tactically~*~*~ (hiding).
 36282 | Vaults:3 | Reached skill level 21 in Armour
 36331 | Vaults:3 | 36331 ||| Stepping ~*~*~tactically~*~*~ (hiding).
 36502 | Vaults:3 | Found a staircase to the Crypt.
 36534 | Vaults:3 | 36534 ||| UPGRADING to +0 tower shield.
 36544 | Vaults:3 | 36544 ||| DROPPING +2 kite shield of protection.
 36545 | Vaults:3 | 36545 ||| READING 21 scrolls of identify.
 36545 | Vaults:3 | 36545 ||| IDENTIFYING coppery potion
 36546 | Vaults:3 | 36546 ||| DROPPING potion of ambrosia.
 36666 | Vaults:4 | 36666 ||| Stepping ~*~*~tactically~*~*~ (stealth).
 36668 | Vaults:4 | 36668 ||| Stepping ~*~*~tactically~*~*~ (hiding).
 36687 | Vaults:4 | Received a gift from Okawaru
 36705 | Vaults:4 | Reached XP level 21. HP: 144/144 MP: 28/28
 36719 | Vaults:4 | Found Rauch's Armour Shoppe.
 36755 | Vaults:4 | 36755 ||| INVOKING Heroism.
 36794 | Vaults:4 | 36794 ||| Stepping ~*~*~tactically~*~*~ (hiding).
 36806 | Vaults:4 | Identified the +1 cloak of Ropaa {rElec rC+ Str+2 Stlth-}
                  | (Okawaru gifted it to you on level 4 of the Vaults)
 36806 | Vaults:4 | Received a gift from Okawaru
 36970 | Vaults:4 | Reached skill level 18 in Shields
 36984 | Vaults:4 | 36984 ||| INVOKING Heroism.
 36985 | Vaults:4 | 36985 ||| INVOKING Finesse.
 37000 | Vaults:4 | Noticed Boris
 37050 | Vaults:4 | Killed Boris
 37087 | Vaults:4 | Paralysed by a great orb of eyes for 2 turns
 37294 | Vaults:4 | 37294 ||| Stepping ~*~*~tactically~*~*~ (hiding).
 37297 | Vaults:4 | 37297 ||| Stepping ~*~*~tactically~*~*~ (hiding).
 37306 | Vaults:4 | 37306 ||| Stepping ~*~*~tactically~*~*~ (hiding).
 37311 | Vaults:4 | 37311 ||| Stepping ~*~*~tactically~*~*~ (hiding).
 37312 | Vaults:4 | 37312 ||| Stepping ~*~*~tactically~*~*~ (hiding).
 37430 | Vaults:4 | 37430 ||| INVOKING Heroism.
 37526 | Vaults:4 | Noticed Zenata
 37527 | Vaults:4 | 37527 ||| INVOKING Heroism.
 37528 | Vaults:4 | 37528 ||| INVOKING Finesse.
 37557 | Vaults:4 | Killed Zenata
 37646 | Vaults:4 | 37646 ||| Stepping ~*~*~tactically~*~*~ (stealth).
 37655 | Vaults:4 | 37655 ||| Stepping ~*~*~tactically~*~*~ (stealth).
 37658 | Vaults:4 | 37658 ||| Stepping ~*~*~tactically~*~*~ (hiding).
 37735 | Vaults:4 | 37735 ||| Stepping ~*~*~tactically~*~*~ (hiding).
 37771 | Vaults:4 | 37771 ||| Stepping ~*~*~tactically~*~*~ (hiding).
 37811 | Vaults:4 | Identified the +1 helmet "Winead" {Slay+2} (Okawaru gifted
                  | it to you on level 4 of the Vaults)
 37811 | Vaults:4 | Received a gift from Okawaru
 37934 | Vaults:4 | 37934 ||| Stepping ~*~*~tactically~*~*~ (hiding).
 38067 | Vaults:4 | Found a runed translucent gate.
 38067 | Vaults:4 | Found a runed translucent gate.
 38067 | Vaults:4 | Found a runed translucent gate.
 38069 | Vaults:4 | Noticed qw's ghost (adept GrFi)
 38259 | Vaults:4 | 38259 ||| DROPPING +3 hat of Pondering {ponderous, Will+
                  | MP+10 Int+5}.
 38260 | Vaults:4 | 38260 ||| PLANNING SHOALS:4
 38260 | Vaults:4 | 38260 ||| UPGRADING to +1 cloak of Ropaa {rElec rC+ Str+2
                  | Stlth-}.
 38270 | Vaults:4 | 38270 ||| UPGRADING to +1 helmet "Winead" {Slay+2}.
 38280 | Vaults:4 | 38280 ||| DROPPING +2 helmet.
 38281 | Vaults:4 | 38281 ||| DROPPING +0 cloak.
 38688 | Shoals:4 | Entered Level 4 of the Shoals
 38742 | Shoals:4 | 38742 ||| INVOKING Heroism.
 38743 | Shoals:4 | 38743 ||| INVOKING Finesse.
 38744 | Shoals:4 | 38744 ||| INVOKING Finesse.
 38744 | Shoals:4 | Paralysed by an air elemental for 1 turns
 39002 | Shoals:4 | 39002 ||| Stepping ~*~*~tactically~*~*~ (hiding).
 39027 | Shoals:4 | 39027 ||| Stepping ~*~*~tactically~*~*~ (stealth).
 39032 | Shoals:4 | 39032 ||| Stepping ~*~*~tactically~*~*~ (hiding).
 39034 | Shoals:4 | 39034 ||| Stepping ~*~*~tactically~*~*~ (hiding).
 39118 | Shoals:4 | 39118 ||| INVOKING Heroism.
 39119 | Shoals:4 | 39119 ||| INVOKING Finesse.
 39127 | Shoals:4 | Reached skill level 6 in Dodging
 39180 | Shoals:4 | Paralysed by an air elemental for 1 turns
 39191 | Shoals:4 | 39191 ||| Stepping ~*~*~tactically~*~*~ (hiding).
 39193 | Shoals:4 | 39193 ||| Stepping ~*~*~tactically~*~*~ (hiding).
 39207 | Shoals:4 | 39207 ||| Stepping ~*~*~tactically~*~*~ (hiding).
 39211 | Shoals:4 | 39211 ||| INVOKING Heroism.
 39212 | Shoals:4 | 39212 ||| INVOKING Finesse.
 39415 | Shoals:4 | 39415 ||| INVOKING Heroism.
 39437 | Shoals:4 | 39437 ||| Stepping ~*~*~tactically~*~*~ (stealth).
 39438 | Shoals:4 | 39438 ||| Stepping ~*~*~tactically~*~*~ (stealth).
 39440 | Shoals:4 | 39440 ||| Stepping ~*~*~tactically~*~*~ (hiding).
 39488 | Shoals:4 | 39488 ||| INVOKING Heroism.
 39507 | Shoals:4 | Identified the ring of Hoghafri {rF+ rN+ Dex-5 Slay+5}
 39508 | Shoals:4 | 39508 ||| Stepping ~*~*~tactically~*~*~ (stealth).
 39510 | Shoals:4 | 39510 ||| Stepping ~*~*~tactically~*~*~ (stealth).
 39512 | Shoals:4 | 39512 ||| Stepping ~*~*~tactically~*~*~ (hiding).
 39515 | Shoals:4 | Paralysed by an air elemental for 1 turns
 39558 | Shoals:4 | Identified the +7 plate armour "Jeoloth" {Int+3}
 39559 | Shoals:4 | 39559 ||| Stepping ~*~*~tactically~*~*~ (hiding).
 39570 | Shoals:4 | 39570 ||| INVOKING Heroism.
 39586 | Shoals:4 | Reached XP level 22. HP: 137/151 MP: 29/29
 39619 | Shoals:4 | 39619 ||| Stepping ~*~*~tactically~*~*~ (stealth).
 39622 | Shoals:4 | Got a barnacled rune of Zot
 39648 | Shoals:4 | 39648 ||| INVOKING Heroism.
 39664 | Shoals:4 | 39664 ||| Stepping ~*~*~tactically~*~*~ (hiding).
 39842 | Shoals:4 | 39842 ||| PLANNING DEPTHS
 39842 | Shoals:4 | 39842 ||| UPGRADING to ring of Hoghafri {rF+ rN+ Dex-5
                  | Slay+5}.
 39844 | Shoals:4 | 39844 ||| DROPPING ring of fire.
 40194 | Depths:1 | Entered Level 1 of the Depths
 40195 | Depths:1 | 40195 ||| PLANNING WIZLAB
 40195 | Depths:1 | 40195 ||| INVOKING Heroism.
 40210 | Depths:1 | Noticed Sojobo
 40233 | Depths:1 | Paralysed by an air elemental for 1 turns
 40244 | Depths:1 | Reached skill level 20 in Fighting
 40248 | Depths:1 | Paralysed by an air elemental for 1 turns
 40252 | Depths:1 | 40252 ||| INVOKING Heroism.
 40255 | Depths:1 | Killed Sojobo
 40338 | Depths:1 | 40338 ||| INVOKING Heroism.
 40364 | Depths:1 | 40364 ||| Stepping ~*~*~tactically~*~*~ (hiding).
 40370 | Depths:1 | Noticed a juggernaut
 40375 | Depths:1 | Identified the ring of Tuhehyga {rN+ Will+ Str+2}
 40380 | Depths:1 | 40380 ||| INVOKING Heroism.
 40385 | Depths:1 | Killed a juggernaut
 40406 | Depths:1 | Received a gift from Okawaru
 40501 | Depths:1 | Noticed a caustic shrike
 40502 | Depths:1 | 40502 ||| Stepping ~*~*~tactically~*~*~ (stealth).
 40503 | Depths:1 | 40503 ||| INVOKING Heroism.
 40513 | Depths:1 | Killed a caustic shrike
 40540 | Depths:1 | 40540 ||| Stepping ~*~*~tactically~*~*~ (stealth).
 40543 | Depths:1 | 40543 ||| Stepping ~*~*~tactically~*~*~ (stealth).
 40546 | Depths:1 | 40546 ||| Stepping ~*~*~tactically~*~*~ (stealth).
 40547 | Depths:1 | 40547 ||| Stepping ~*~*~tactically~*~*~ (stealth).
 40549 | Depths:1 | 40549 ||| Stepping ~*~*~tactically~*~*~ (hiding).
 40688 | Depths:1 | 40688 ||| INVOKING Heroism.
 40716 | Depths:1 | 40716 ||| Stepping ~*~*~tactically~*~*~ (hiding).
 40759 | Depths:1 | 40759 ||| Stepping ~*~*~tactically~*~*~ (hiding).
 40760 | Depths:1 | 40760 ||| Stepping ~*~*~tactically~*~*~ (stealth).
 40761 | Depths:1 | 40761 ||| Stepping ~*~*~tactically~*~*~ (hiding).
 40762 | Depths:1 | 40762 ||| Stepping ~*~*~tactically~*~*~ (stealth).
 40763 | Depths:1 | 40763 ||| INVOKING Heroism.
 40888 | Depths:1 | Found a magical portal.
 41064 | Depths:1 | Found a one-way gate leading to the halls of Pandemonium.
 41065 | Depths:1 | 41065 ||| RIP WIZLAB
 41065 | Depths:1 | 41065 ||| PLANNING DEPTHS
 41065 | Depths:1 | 41065 ||| Stepping ~*~*~tactically~*~*~ (hiding).
 41234 | Depths:1 | Found a gateway to Hell.
 41320 | Depths:1 | Reached skill level 21 in Shields
 41356 | Depths:1 | Received a gift from Okawaru
 41424 | Depths:1 | 41424 ||| Stepping ~*~*~tactically~*~*~ (hiding).
 41426 | Depths:1 | 41426 ||| Stepping ~*~*~tactically~*~*~ (hiding).
 41437 | Depths:1 | Noticed a juggernaut
 41438 | Depths:1 | 41438 ||| Stepping ~*~*~tactically~*~*~ (stealth).
 41441 | Depths:1 | 41441 ||| INVOKING Heroism.
 41453 | Depths:1 | Killed a juggernaut
 41523 | Depths:2 | 41523 ||| INVOKING Heroism.
 41533 | Depths:2 | Received a gift from Okawaru
 41543 | Depths:2 | HP: 32/153 [rakshasa/lance of force (11)]
 41544 | Depths:2 | 41544 ||| READING 15 scrolls of teleportation.
 41545 | Depths:2 | 41545 ||| DRINKING 6 potions of heal wounds.
 41580 | Depths:2 | 41580 ||| INVOKING Finesse.
 41581 | Depths:2 | Noticed Grunn
 41592 | Depths:2 | Reached skill level 21 in Fighting
 41632 | Depths:2 | 41632 ||| INVOKING Heroism.
 41633 | Depths:2 | Killed Grunn
 41684 | Depths:2 | 41684 ||| Stepping ~*~*~tactically~*~*~ (stealth).
 41689 | Depths:2 | 41689 ||| Stepping ~*~*~tactically~*~*~ (stealth).
 41691 | Depths:2 | 41691 ||| Stepping ~*~*~tactically~*~*~ (hiding).
 41704 | Depths:2 | Received a gift from Okawaru
 41716 | Depths:2 | 41716 ||| Stepping ~*~*~tactically~*~*~ (hiding).
 41725 | Depths:2 | Reached XP level 23. HP: 160/160 MP: 30/30
 41859 | Depths:2 | 41859 ||| Stepping ~*~*~tactically~*~*~ (hiding).
 41860 | Depths:2 | 41860 ||| Stepping ~*~*~tactically~*~*~ (hiding).
 41862 | Depths:2 | 41862 ||| Stepping ~*~*~tactically~*~*~ (hiding).
 41863 | Depths:2 | 41863 ||| Stepping ~*~*~tactically~*~*~ (hiding).
 41865 | Depths:2 | 41865 ||| INVOKING Heroism.
 41967 | Depths:2 | Found a portal to a secret trove of treasure.
 42115 | Depths:2 | Identified the amulet of Doatz {Reflect rC++ rN+ Dex-3
                  | SH+5}
 42123 | Depths:2 | 42123 ||| Stepping ~*~*~tactically~*~*~ (hiding).
 42128 | Depths:2 | 42128 ||| Stepping ~*~*~tactically~*~*~ (stealth).
 42144 | Depths:2 | 42144 ||| Stepping ~*~*~tactically~*~*~ (stealth).
 42357 | Depths:2 | 42357 ||| Stepping ~*~*~tactically~*~*~ (stealth).
 42359 | Depths:2 | 42359 ||| Stepping ~*~*~tactically~*~*~ (hiding).
 42386 | Depths:2 | 42386 ||| INVOKING Heroism.
 42402 | Depths:2 | Reached skill level 22 in Fighting
 42425 | Depths:2 | 42425 ||| Stepping ~*~*~tactically~*~*~ (stealth).
 42435 | Depths:2 | Received a gift from Okawaru
 42436 | Depths:2 | 42436 ||| UPGRADING to +5 ring of evasion.
 42438 | Depths:2 | 42438 ||| UPGRADING to amulet of Doatz {Reflect rC++ rN+
                  | Dex-3 SH+5}.
 42448 | Depths:2 | 42448 ||| DROPPING +6 ring of strength.
 42449 | Depths:2 | Found the +5 glaive of the Guard {elec, spectral, AC+5}
 42454 | Depths:2 | 42454 ||| Stepping ~*~*~tactically~*~*~ (hiding).
 42604 | Depths:3 | Found a shimmering altar of Xom.
 42660 | Depths:3 | 42660 ||| Stepping ~*~*~tactically~*~*~ (hiding).
 42682 | Depths:3 | 42682 ||| Stepping ~*~*~tactically~*~*~ (hiding).
 42683 | Depths:3 | 42683 ||| INVOKING Heroism.
 42723 | Depths:3 | 42723 ||| INVOKING Finesse.
 42748 | Depths:3 | Received a gift from Okawaru
 42849 | Depths:3 | 42849 ||| Stepping ~*~*~tactically~*~*~ (hiding).
 42850 | Depths:3 | 42850 ||| INVOKING Finesse.
 42851 | Depths:3 | 42851 ||| Stepping ~*~*~tactically~*~*~ (hiding).
 42858 | Depths:3 | 42858 ||| Stepping ~*~*~tactically~*~*~ (hiding).
 42859 | Depths:3 | 42859 ||| Stepping ~*~*~tactically~*~*~ (hiding).
 42912 | Depths:3 | 42912 ||| INVOKING Heroism.
 42913 | Depths:3 | 42913 ||| INVOKING Finesse.
 42956 | Depths:3 | Noticed a caustic shrike
 42963 | Depths:3 | Noticed a caustic shrike
 42969 | Depths:3 | Noticed a caustic shrike
 43001 | Depths:3 | 43001 ||| INVOKING Finesse.
 43023 | Depths:3 | 43023 ||| INVOKING Heroism.
 43026 | Depths:3 | Killed a caustic shrike
 43027 | Depths:3 | Reached skill level 23 in Fighting
 43036 | Depths:3 | Killed a caustic shrike
 43046 | Depths:3 | Killed a caustic shrike
 43105 | Depths:3 | 43105 ||| Stepping ~*~*~tactically~*~*~ (stealth).
 43132 | Depths:3 | Noticed a juggernaut
 43133 | Depths:3 | 43133 ||| INVOKING Heroism.
 43137 | Depths:3 | Paralysed by a floating eye for 2 turns
 43147 | Depths:3 | Paralysed by a floating eye for 3 turns
 43155 | Depths:3 | Paralysed by a floating eye for 4 turns
 43167 | Depths:3 | Killed a juggernaut
 43180 | Depths:3 | 43180 ||| FLEEEEING.
 43181 | Depths:3 | 43181 ||| FLEEEEING.
 43182 | Depths:3 | 43182 ||| FLEEEEING.
 43183 | Depths:3 | 43183 ||| FLEEEEING.
 43184 | Depths:3 | 43184 ||| FLEEEEING.
 43185 | Depths:3 | 43185 ||| FLEEEEING.
 43187 | Depths:3 | 43187 ||| FLEEEEING.
 43188 | Depths:3 | 43188 ||| FLEEEEING.
 43189 | Depths:3 | 43189 ||| FLEEEEING.
 43204 | Depths:3 | 43204 ||| Stepping ~*~*~tactically~*~*~ (stealth).
 43205 | Depths:3 | 43205 ||| Stepping ~*~*~tactically~*~*~ (stealth).
 43230 | Depths:3 | 43230 ||| INVOKING Heroism.
 43250 | Depths:3 | Identified the +2 spear of Peace {elec, rC+}
 43252 | Depths:3 | Noticed a golden dragon
 43267 | Depths:3 | Killed a golden dragon
 43273 | Depths:3 | 43273 ||| INVOKING Heroism.
 43300 | Depths:3 | Paralysed by a floating eye for 3 turns
 43333 | Depths:3 | 43333 ||| Stepping ~*~*~tactically~*~*~ (stealth).
 43338 | Depths:3 | 43338 ||| Stepping ~*~*~tactically~*~*~ (stealth).
 43368 | Depths:3 | 43368 ||| Stepping ~*~*~tactically~*~*~ (hiding).
 43370 | Depths:3 | 43370 ||| Stepping ~*~*~tactically~*~*~ (hiding).
 43371 | Depths:3 | 43371 ||| Stepping ~*~*~tactically~*~*~ (hiding).
 43462 | Depths:3 | 43462 ||| Stepping ~*~*~tactically~*~*~ (hiding).
 43464 | Depths:3 | 43464 ||| Stepping ~*~*~tactically~*~*~ (hiding).
 43469 | Depths:3 | Received a gift from Okawaru
 43470 | Depths:3 | Reached skill level 24 in Fighting
 43636 | Depths:3 | Found Azujyunone's Distillery.
 43645 | Depths:3 | 43645 ||| BUYING 2 potions of curing (126 gold).
 43645 | Depths:3 | Bought 2 potions of curing for 126 gold pieces
 43645 | Depths:3 | 43645 ||| BUYING potion of attraction (63 gold).
 43645 | Depths:3 | Bought a potion of attraction for 63 gold pieces
 43645 | Depths:3 | 43645 ||| BUYING potion of curing (63 gold).
 43645 | Depths:3 | Bought a potion of curing for 63 gold pieces
 43645 | Depths:3 | 43645 ||| BUYING potion of curing (63 gold).
 43645 | Depths:3 | Bought a potion of curing for 63 gold pieces
 43746 | Depths:3 | Reached XP level 24. HP: 163/173 MP: 30/30
 43759 | Depths:3 | Found Oritid's Book Shoppe.
 43760 | Depths:3 | Found Moinadan's Jewellery Shop.
 43760 | Depths:3 | Found Lomeifyu's Jewellery Shop.
 43769 | Depths:3 | 43769 ||| BUYING amulet "Sijomof" {Reflect Str+5 SH+5} (950
                  | gold).
 43769 | Depths:3 | Bought the amulet "Sijomof" {Reflect Str+5 SH+5} for 950
                  | gold pieces
 43769 | Depths:3 | 43769 ||| SHOPLISTING amulet of faith (800 gold, have 512).
 43769 | Depths:3 | 43769 ||| BUYING ring of resist corrosion (400 gold).
 43769 | Depths:3 | Bought a ring of resist corrosion for 400 gold pieces
 43769 | Depths:3 | 43769 ||| SHOPLISTING ring of resist corrosion (400 gold,
                  | have 112).
 43796 | Depths:3 | 43796 ||| Stepping ~*~*~tactically~*~*~ (hiding).
 43805 | Depths:3 | 43805 ||| INVOKING Heroism.
 43900 | Depths:3 | Found a one-way gateway to a ziggurat.
 43900 | Depths:3 | Noticed an ancient lich
 43901 | Depths:3 | 43901 ||| INVOKING Heroism.
 43902 | Depths:3 | 43902 ||| UPGRADING to amulet "Sijomof" {Reflect Str+5
                  | SH+5}.
 43912 | Depths:3 | 43912 ||| DROPPING amulet of reflection.
 44065 | Depths:4 | Entered Level 4 of the Depths
 44101 | Depths:4 | Found an opulent altar of Gozag.
 44103 | Depths:4 | 44103 ||| INVOKING Heroism.
 44238 | Depths:4 | 44238 ||| DROPPING +2 broad axe of freezing.
 44311 | Depths:4 | Noticed Saint Roka
 44322 | Depths:4 | Identified the ring "Sasati" {Fly rPois Will+ rCorr Str-2}
 44346 | Depths:4 | Killed Saint Roka
 44346 | Depths:4 | Received a gift from Okawaru
 44370 | Depths:4 | 44370 ||| DROPPING +2 heavy broad axe.
 44371 | Depths:4 | 44371 ||| DROPPING +4 broad axe of distortion.
 44398 | Depths:4 | Noticed a dread lich
 44399 | Depths:4 | 44399 ||| INVOKING Heroism.
 44400 | Depths:4 | 44400 ||| INVOKING Finesse.
 44406 | Depths:4 | Killed a dread lich
 44407 | Depths:4 | Noticed Boris
 44422 | Depths:4 | Killed Boris
 44435 | Depths:4 | 44435 ||| Stepping ~*~*~tactically~*~*~ (stealth).
 44436 | Depths:4 | 44436 ||| Stepping ~*~*~tactically~*~*~ (stealth).
 44473 | Depths:4 | 44473 ||| INVOKING Heroism.
 44561 | Depths:4 | 44561 ||| Stepping ~*~*~tactically~*~*~ (hiding).
 44562 | Depths:4 | 44562 ||| Stepping ~*~*~tactically~*~*~ (hiding).
 44601 | Depths:4 | 44601 ||| Stepping ~*~*~tactically~*~*~ (hiding).
 44735 | Depths:4 | Reached skill level 12 in Throwing
 44756 | Depths:4 | Identified the ring of Ahyfox {Will+ rCorr Int+3 Dex+6}
 44779 | Depths:4 | Found a gate to the Realm of Zot.
 44850 | Depths:4 | 44850 ||| Stepping ~*~*~tactically~*~*~ (stealth).
 44857 | Depths:4 | 44857 ||| Stepping ~*~*~tactically~*~*~ (stealth).
 44859 | Depths:4 | 44859 ||| Stepping ~*~*~tactically~*~*~ (hiding).
 44862 | Depths:4 | Paralysed by a vampire knight for 2 turns
 44985 | Depths:4 | 44985 ||| Stepping ~*~*~tactically~*~*~ (stealth).
 44987 | Depths:4 | 44987 ||| Stepping ~*~*~tactically~*~*~ (hiding).
 44989 | Depths:4 | Identified the ring of Jacetwim {Ice Int+2}
 44989 | Depths:4 | Noticed Josephina
 44990 | Depths:4 | 44990 ||| Stepping ~*~*~tactically~*~*~ (hiding).
 45008 | Depths:4 | Killed Josephina
 45026 | Depths:4 | 45026 ||| FLEEEEING.
 45027 | Depths:4 | 45027 ||| FLEEEEING.
 45028 | Depths:4 | 45028 ||| FLEEEEING.
 45029 | Depths:4 | 45029 ||| FLEEEEING.
 45030 | Depths:4 | 45030 ||| FLEEEEING.
 45031 | Depths:4 | 45031 ||| FLEEEEING.
 45032 | Depths:4 | 45032 ||| INVOKING Heroism.
 45048 | Depths:4 | 45048 ||| Stepping ~*~*~tactically~*~*~ (hiding).
 45055 | Depths:4 | Found a transporter.
 45063 | Depths:4 | Identified the ring "Ogun" {rN+ rCorr Dex+6 Slay-4 SInv}
 45066 | Depths:4 | 45066 ||| INVOKING Finesse.
 45106 | Depths:4 | Reached skill level 25 in Fighting
 45134 | Depths:4 | 45134 ||| Stepping ~*~*~tactically~*~*~ (hiding).
 45135 | Depths:4 | 45135 ||| Stepping ~*~*~tactically~*~*~ (hiding).
 45159 | Depths:4 | Received a gift from Okawaru
 45212 | Depths:4 | 45212 ||| Stepping ~*~*~tactically~*~*~ (stealth).
 45235 | Depths:4 | Noticed a juggernaut
 45236 | Depths:4 | 45236 ||| INVOKING Heroism.
 45237 | Depths:4 | 45237 ||| INVOKING Finesse.
 45245 | Depths:4 | Killed a juggernaut
 45306 | Depths:4 | Found a transporter.
 45393 | Depths:4 | 45393 ||| Stepping ~*~*~tactically~*~*~ (stealth).
 45394 | Depths:4 | 45394 ||| Stepping ~*~*~tactically~*~*~ (stealth).
 45395 | Depths:4 | 45395 ||| Stepping ~*~*~tactically~*~*~ (stealth).
 45396 | Depths:4 | 45396 ||| Stepping ~*~*~tactically~*~*~ (stealth).
 45540 | Depths:4 | Identified the +11 shortbow of Extinguishment {freeze,
                  | Will+}
 45553 | Depths:4 | 45553 ||| PLANNING VAULTS:5
 45553 | Depths:4 | 45553 ||| DROPPING +1 pair of gloves.
 45554 | Depths:4 | 45554 ||| DROPPING ring of resist corrosion.
 45555 | Depths:4 | 45555 ||| DROPPING ring of ice.
 45556 | Depths:4 | 45556 ||| UPGRADING to ring of Ahyfox {Will+ rCorr Int+3
                  | Dex+6}.
 45813 | Vaults:5 | Entered Level 5 of the Vaults
 45819 | Vaults:5 | Noticed an ancient lich
 45820 | Vaults:5 | 45820 ||| INVOKING Heroism.
 45846 | Vaults:5 | Reached skill level 9 in Dodging
 45849 | Vaults:5 | 45849 ||| INVOKING Finesse.
 45849 | Vaults:5 | Killed an ancient lich
 45853 | Vaults:5 | Reached XP level 25. HP: 182/182 MP: 25/30
 45865 | Vaults:5 | Received a gift from Okawaru
 45895 | Vaults:5 | Identified the +2 morningstar "Giantbane" {protect, *Slow
                  | rN+ Int+4}
 45906 | Vaults:5 | 45906 ||| Stepping ~*~*~tactically~*~*~ (stealth).
 45907 | Vaults:5 | 45907 ||| Stepping ~*~*~tactically~*~*~ (stealth).
 45951 | Vaults:5 | 45951 ||| INVOKING Heroism.
 45968 | Vaults:5 | Received a gift from Okawaru
 46006 | Vaults:5 | 46006 ||| INVOKING Heroism.
 46016 | Vaults:5 | Received a gift from Okawaru
 46268 | Vaults:5 | 46268 ||| Stepping ~*~*~tactically~*~*~ (hiding).
 46274 | Vaults:5 | 46274 ||| INVOKING Heroism.
 46292 | Vaults:5 | 46292 ||| Stepping ~*~*~tactically~*~*~ (hiding).
 46315 | Vaults:5 | Noticed Margery
 46316 | Vaults:5 | 46316 ||| DRINKING potion of resistance.
 46331 | Vaults:5 | Killed Margery
 46359 | Vaults:5 | Reached skill level 26 in Fighting
 46442 | Vaults:5 | 46442 ||| Stepping ~*~*~tactically~*~*~ (hiding).
 46443 | Vaults:5 | 46443 ||| Stepping ~*~*~tactically~*~*~ (hiding).
 46460 | Vaults:5 | 46460 ||| INVOKING Heroism.
 46467 | Vaults:5 | 46467 ||| Stepping ~*~*~tactically~*~*~ (hiding).
 46532 | Vaults:5 | 46532 ||| INVOKING Heroism.
 46571 | Vaults:5 | 46571 ||| INVOKING Heroism.
 46633 | Vaults:5 | 46633 ||| INVOKING Heroism.
 46675 | Vaults:5 | 46675 ||| INVOKING Heroism.
 46730 | Vaults:5 | 46730 ||| Stepping ~*~*~tactically~*~*~ (stealth).
 46732 | Vaults:5 | 46732 ||| Stepping ~*~*~tactically~*~*~ (hiding).
 46872 | Vaults:5 | 46872 ||| Stepping ~*~*~tactically~*~*~ (hiding).
 46873 | Vaults:5 | 46873 ||| Stepping ~*~*~tactically~*~*~ (hiding).
 46874 | Vaults:5 | 46874 ||| INVOKING Heroism.
 46977 | Vaults:5 | Identified the +0 ring mail of the Blind Marksman {rElec
                  | Int+3 Slay+2}
 47051 | Vaults:5 | Identified the +5 scale mail of Spring Thaw {rN++}
 47193 | Vaults:5 | 47193 ||| Stepping ~*~*~tactically~*~*~ (stealth).
 47243 | Vaults:5 | 47243 ||| Stepping ~*~*~tactically~*~*~ (stealth).
 47263 | Vaults:5 | 47263 ||| Stepping ~*~*~tactically~*~*~ (hiding).
 47266 | Vaults:5 | 47266 ||| INVOKING Heroism.
 47324 | Vaults:5 | Identified the +3 morningstar of Eternal War {heavy, rPois
                  | Dex+3}
 47325 | Vaults:5 | 47325 ||| Stepping ~*~*~tactically~*~*~ (stealth).
 47327 | Vaults:5 | 47327 ||| Stepping ~*~*~tactically~*~*~ (hiding).
 47329 | Vaults:5 | 47329 ||| Stepping ~*~*~tactically~*~*~ (hiding).
 47726 | Vaults:5 | Identified the +1 plate armour of Fulywis {rF++ Slay-5}
 47732 | Vaults:5 | Got a silver rune of Zot
 47735 | Vaults:5 | 47735 ||| PLANNING SHOPPING SPREE
 47735 | Vaults:5 | 47735 ||| UPGRADING to +2 pair of boots "Joblekop" {-Tele
                  | Rampage rC- Will+++}.
 47745 | Vaults:5 | 47745 ||| DROPPING +1 pair of boots.
 47746 | Vaults:5 | 47746 ||| UPGRADING to amulet of Doatz {Reflect rC++ rN+
                  | Dex-3 SH+5}.
 47756 | Vaults:5 | 47756 ||| REMOVING +2 pair of boots "Joblekop" {-Tele
                  | Rampage rC- Will+++}.
 47761 | Vaults:5 | 47761 ||| UPGRADING to amulet "Sijomof" {Reflect Str+5
                  | SH+5}.
 47771 | Vaults:5 | 47771 ||| UPGRADING to +2 pair of boots "Joblekop" {-Tele
                  | Rampage rC- Will+++}.
 47776 | Vaults:5 | 47776 ||| UPGRADING to amulet of Doatz {Reflect rC++ rN+
                  | Dex-3 SH+5}.
 47786 | Vaults:5 | 47786 ||| REMOVING +2 pair of boots "Joblekop" {-Tele
                  | Rampage rC- Will+++}.
 47791 | Vaults:5 | 47791 ||| UPGRADING to amulet "Sijomof" {Reflect Str+5
                  | SH+5}.
 47801 | Vaults:5 | 47801 ||| UPGRADING to +2 pair of boots "Joblekop" {-Tele
                  | Rampage rC- Will+++}.
 47806 | Vaults:5 | 47806 ||| UPGRADING to amulet of Doatz {Reflect rC++ rN+
                  | Dex-3 SH+5}.
 47816 | Vaults:5 | 47816 ||| REMOVING +2 pair of boots "Joblekop" {-Tele
                  | Rampage rC- Will+++}.
 47821 | Vaults:5 | 47821 ||| UPGRADING to amulet "Sijomof" {Reflect Str+5
                  | SH+5}.
 47831 | Vaults:5 | 47831 ||| UPGRADING to +2 pair of boots "Joblekop" {-Tele
                  | Rampage rC- Will+++}.
 47836 | Vaults:5 | 47836 ||| UPGRADING to amulet of Doatz {Reflect rC++ rN+
                  | Dex-3 SH+5}.
 47846 | Vaults:5 | 47846 ||| REMOVING +2 pair of boots "Joblekop" {-Tele
                  | Rampage rC- Will+++}.
 47851 | Vaults:5 | 47851 ||| UPGRADING to amulet "Sijomof" {Reflect Str+5
                  | SH+5}.
 47861 | Vaults:5 | 47861 ||| UPGRADING to +2 pair of boots "Joblekop" {-Tele
                  | Rampage rC- Will+++}.
 47866 | Vaults:5 | 47866 ||| UPGRADING to amulet of Doatz {Reflect rC++ rN+
                  | Dex-3 SH+5}.
 47876 | Vaults:5 | 47876 ||| REMOVING +2 pair of boots "Joblekop" {-Tele
                  | Rampage rC- Will+++}.
 47881 | Vaults:5 | 47881 ||| UPGRADING to amulet "Sijomof" {Reflect Str+5
                  | SH+5}.
 47891 | Vaults:5 | 47891 ||| UPGRADING to +2 pair of boots "Joblekop" {-Tele
                  | Rampage rC- Will+++}.
 47896 | Vaults:5 | 47896 ||| UPGRADING to amulet of Doatz {Reflect rC++ rN+
                  | Dex-3 SH+5}.
 47906 | Vaults:5 | 47906 ||| REMOVING +2 pair of boots "Joblekop" {-Tele
                  | Rampage rC- Will+++}.
 47911 | Vaults:5 | 47911 ||| UPGRADING to amulet "Sijomof" {Reflect Str+5
                  | SH+5}.
 47921 | Vaults:5 | 47921 ||| UPGRADING to +2 pair of boots "Joblekop" {-Tele
                  | Rampage rC- Will+++}.
 47926 | Vaults:5 | 47926 ||| UPGRADING to amulet of Doatz {Reflect rC++ rN+
                  | Dex-3 SH+5}.
 47936 | Vaults:5 | 47936 ||| REMOVING +2 pair of boots "Joblekop" {-Tele
                  | Rampage rC- Will+++}.
 47941 | Vaults:5 | 47941 ||| UPGRADING to amulet "Sijomof" {Reflect Str+5
                  | SH+5}.
 47951 | Vaults:5 | 47951 ||| UPGRADING to +2 pair of boots "Joblekop" {-Tele
                  | Rampage rC- Will+++}.
 47956 | Vaults:5 | 47956 ||| UPGRADING to amulet of Doatz {Reflect rC++ rN+
                  | Dex-3 SH+5}.
 47966 | Vaults:5 | 47966 ||| REMOVING +2 pair of boots "Joblekop" {-Tele
                  | Rampage rC- Will+++}.
 47971 | Vaults:5 | 47971 ||| UPGRADING to amulet "Sijomof" {Reflect Str+5
                  | SH+5}.
 47981 | Vaults:5 | 47981 ||| UPGRADING to +2 pair of boots "Joblekop" {-Tele
                  | Rampage rC- Will+++}.
 47986 | Vaults:5 | 47986 ||| UPGRADING to amulet of Doatz {Reflect rC++ rN+
                  | Dex-3 SH+5}.
 47996 | Vaults:5 | 47996 ||| REMOVING +2 pair of boots "Joblekop" {-Tele
                  | Rampage rC- Will+++}.
 48001 | Vaults:5 | 48001 ||| UPGRADING to amulet "Sijomof" {Reflect Str+5
                  | SH+5}.
 48011 | Vaults:5 | 48011 ||| UPGRADING to +2 pair of boots "Joblekop" {-Tele
                  | Rampage rC- Will+++}.
 48016 | Vaults:5 | 48016 ||| UPGRADING to amulet of Doatz {Reflect rC++ rN+
                  | Dex-3 SH+5}.
 48026 | Vaults:5 | 48026 ||| REMOVING +2 pair of boots "Joblekop" {-Tele
                  | Rampage rC- Will+++}.
 48031 | Vaults:5 | 48031 ||| UPGRADING to amulet "Sijomof" {Reflect Str+5
                  | SH+5}.
 48041 | Vaults:5 | 48041 ||| UPGRADING to +2 pair of boots "Joblekop" {-Tele
                  | Rampage rC- Will+++}.
 48046 | Vaults:5 | 48046 ||| UPGRADING to amulet of Doatz {Reflect rC++ rN+
                  | Dex-3 SH+5}.
 48056 | Vaults:5 | 48056 ||| REMOVING +2 pair of boots "Joblekop" {-Tele
                  | Rampage rC- Will+++}.
 48061 | Vaults:5 | 48061 ||| UPGRADING to amulet "Sijomof" {Reflect Str+5
                  | SH+5}.
 48071 | Vaults:5 | 48071 ||| UPGRADING to +2 pair of boots "Joblekop" {-Tele
                  | Rampage rC- Will+++}.
 48076 | Vaults:5 | 48076 ||| UPGRADING to amulet of Doatz {Reflect rC++ rN+
                  | Dex-3 SH+5}.
 48086 | Vaults:5 | 48086 ||| REMOVING +2 pair of boots "Joblekop" {-Tele
                  | Rampage rC- Will+++}.
 48091 | Vaults:5 | 48091 ||| UPGRADING to amulet "Sijomof" {Reflect Str+5
                  | SH+5}.
 48101 | Vaults:5 | 48101 ||| UPGRADING to +2 pair of boots "Joblekop" {-Tele
                  | Rampage rC- Will+++}.
 48106 | Vaults:5 | 48106 ||| UPGRADING to amulet of Doatz {Reflect rC++ rN+
                  | Dex-3 SH+5}.
 48116 | Vaults:5 | 48116 ||| REMOVING +2 pair of boots "Joblekop" {-Tele
                  | Rampage rC- Will+++}.
 48121 | Vaults:5 | 48121 ||| UPGRADING to amulet "Sijomof" {Reflect Str+5
                  | SH+5}.
 48131 | Vaults:5 | 48131 ||| UPGRADING to +2 pair of boots "Joblekop" {-Tele
                  | Rampage rC- Will+++}.
 48136 | Vaults:5 | 48136 ||| UPGRADING to amulet of Doatz {Reflect rC++ rN+
                  | Dex-3 SH+5}.
 48146 | Vaults:5 | 48146 ||| REMOVING +2 pair of boots "Joblekop" {-Tele
                  | Rampage rC- Will+++}.
 48151 | Vaults:5 | 48151 ||| UPGRADING to amulet "Sijomof" {Reflect Str+5
                  | SH+5}.
 48161 | Vaults:5 | 48161 ||| UPGRADING to +2 pair of boots "Joblekop" {-Tele
                  | Rampage rC- Will+++}.
 48166 | Vaults:5 | 48166 ||| UPGRADING to amulet of Doatz {Reflect rC++ rN+
                  | Dex-3 SH+5}.
 48176 | Vaults:5 | 48176 ||| REMOVING +2 pair of boots "Joblekop" {-Tele
                  | Rampage rC- Will+++}.
 48181 | Vaults:5 | 48181 ||| UPGRADING to amulet "Sijomof" {Reflect Str+5
                  | SH+5}.
 48191 | Vaults:5 | 48191 ||| UPGRADING to +2 pair of boots "Joblekop" {-Tele
                  | Rampage rC- Will+++}.
 48196 | Vaults:5 | 48196 ||| UPGRADING to amulet of Doatz {Reflect rC++ rN+
                  | Dex-3 SH+5}.
 48206 | Vaults:5 | 48206 ||| REMOVING +2 pair of boots "Joblekop" {-Tele
                  | Rampage rC- Will+++}.
 48211 | Vaults:5 | 48211 ||| UPGRADING to amulet "Sijomof" {Reflect Str+5
                  | SH+5}.
 48221 | Vaults:5 | 48221 ||| UPGRADING to +2 pair of boots "Joblekop" {-Tele
                  | Rampage rC- Will+++}.
 48226 | Vaults:5 | 48226 ||| UPGRADING to amulet of Doatz {Reflect rC++ rN+
                  | Dex-3 SH+5}.
 48236 | Vaults:5 | 48236 ||| REMOVING +2 pair of boots "Joblekop" {-Tele
                  | Rampage rC- Will+++}.
 48241 | Vaults:5 | 48241 ||| UPGRADING to amulet "Sijomof" {Reflect Str+5
                  | SH+5}.
 48251 | Vaults:5 | 48251 ||| UPGRADING to +2 pair of boots "Joblekop" {-Tele
                  | Rampage rC- Will+++}.
 48256 | Vaults:5 | 48256 ||| UPGRADING to amulet of Doatz {Reflect rC++ rN+
                  | Dex-3 SH+5}.
 48266 | Vaults:5 | 48266 ||| REMOVING +2 pair of boots "Joblekop" {-Tele
                  | Rampage rC- Will+++}.
 48271 | Vaults:5 | 48271 ||| UPGRADING to amulet "Sijomof" {Reflect Str+5
                  | SH+5}.
 48281 | Vaults:5 | 48281 ||| UPGRADING to +2 pair of boots "Joblekop" {-Tele
                  | Rampage rC- Will+++}.
 48286 | Vaults:5 | 48286 ||| UPGRADING to amulet of Doatz {Reflect rC++ rN+
                  | Dex-3 SH+5}.
 48296 | Vaults:5 | 48296 ||| REMOVING +2 pair of boots "Joblekop" {-Tele
                  | Rampage rC- Will+++}.
 48301 | Vaults:5 | 48301 ||| UPGRADING to amulet "Sijomof" {Reflect Str+5
                  | SH+5}.
 48311 | Vaults:5 | 48311 ||| UPGRADING to +2 pair of boots "Joblekop" {-Tele
                  | Rampage rC- Will+++}.
 48316 | Vaults:5 | 48316 ||| UPGRADING to amulet of Doatz {Reflect rC++ rN+
                  | Dex-3 SH+5}.
 48326 | Vaults:5 | 48326 ||| REMOVING +2 pair of boots "Joblekop" {-Tele
                  | Rampage rC- Will+++}.
 48331 | Vaults:5 | 48331 ||| UPGRADING to amulet "Sijomof" {Reflect Str+5
                  | SH+5}.
 48341 | Vaults:5 | 48341 ||| UPGRADING to +2 pair of boots "Joblekop" {-Tele
                  | Rampage rC- Will+++}.
 48346 | Vaults:5 | 48346 ||| UPGRADING to amulet of Doatz {Reflect rC++ rN+
                  | Dex-3 SH+5}.
 48356 | Vaults:5 | 48356 ||| REMOVING +2 pair of boots "Joblekop" {-Tele
                  | Rampage rC- Will+++}.
 48361 | Vaults:5 | 48361 ||| UPGRADING to amulet "Sijomof" {Reflect Str+5
                  | SH+5}.
 48371 | Vaults:5 | 48371 ||| UPGRADING to +2 pair of boots "Joblekop" {-Tele
                  | Rampage rC- Will+++}.
 48376 | Vaults:5 | 48376 ||| UPGRADING to amulet of Doatz {Reflect rC++ rN+
                  | Dex-3 SH+5}.
 48386 | Vaults:5 | 48386 ||| REMOVING +2 pair of boots "Joblekop" {-Tele
                  | Rampage rC- Will+++}.
 48391 | Vaults:5 | 48391 ||| UPGRADING to amulet "Sijomof" {Reflect Str+5
                  | SH+5}.
 48401 | Vaults:5 | 48401 ||| UPGRADING to +2 pair of boots "Joblekop" {-Tele
                  | Rampage rC- Will+++}.
 48406 | Vaults:5 | 48406 ||| UPGRADING to amulet of Doatz {Reflect rC++ rN+
                  | Dex-3 SH+5}.
 48416 | Vaults:5 | 48416 ||| REMOVING +2 pair of boots "Joblekop" {-Tele
                  | Rampage rC- Will+++}.
 48421 | Vaults:5 | 48421 ||| UPGRADING to amulet "Sijomof" {Reflect Str+5
                  | SH+5}.
 48431 | Vaults:5 | 48431 ||| UPGRADING to +2 pair of boots "Joblekop" {-Tele
                  | Rampage rC- Will+++}.
 48436 | Vaults:5 | 48436 ||| UPGRADING to amulet of Doatz {Reflect rC++ rN+
                  | Dex-3 SH+5}.
 48446 | Vaults:5 | 48446 ||| REMOVING +2 pair of boots "Joblekop" {-Tele
                  | Rampage rC- Will+++}.
 48451 | Vaults:5 | 48451 ||| UPGRADING to amulet "Sijomof" {Reflect Str+5
                  | SH+5}.
 48461 | Vaults:5 | 48461 ||| UPGRADING to +2 pair of boots "Joblekop" {-Tele
                  | Rampage rC- Will+++}.
 48466 | Vaults:5 | 48466 ||| UPGRADING to amulet of Doatz {Reflect rC++ rN+
                  | Dex-3 SH+5}.
 48476 | Vaults:5 | 48476 ||| REMOVING +2 pair of boots "Joblekop" {-Tele
                  | Rampage rC- Will+++}.
 48481 | Vaults:5 | 48481 ||| UPGRADING to amulet "Sijomof" {Reflect Str+5
                  | SH+5}.
 48491 | Vaults:5 | 48491 ||| UPGRADING to +2 pair of boots "Joblekop" {-Tele
                  | Rampage rC- Will+++}.
 48496 | Vaults:5 | 48496 ||| UPGRADING to amulet of Doatz {Reflect rC++ rN+
                  | Dex-3 SH+5}.
 48506 | Vaults:5 | 48506 ||| REMOVING +2 pair of boots "Joblekop" {-Tele
                  | Rampage rC- Will+++}.
 48511 | Vaults:5 | 48511 ||| UPGRADING to amulet "Sijomof" {Reflect Str+5
                  | SH+5}.
 48521 | Vaults:5 | 48521 ||| UPGRADING to +2 pair of boots "Joblekop" {-Tele
                  | Rampage rC- Will+++}.
 48526 | Vaults:5 | 48526 ||| UPGRADING to amulet of Doatz {Reflect rC++ rN+
                  | Dex-3 SH+5}.
 48536 | Vaults:5 | 48536 ||| REMOVING +2 pair of boots "Joblekop" {-Tele
                  | Rampage rC- Will+++}.
 48541 | Vaults:5 | 48541 ||| UPGRADING to amulet "Sijomof" {Reflect Str+5
                  | SH+5}.
 48551 | Vaults:5 | 48551 ||| UPGRADING to +2 pair of boots "Joblekop" {-Tele
                  | Rampage rC- Will+++}.
 48556 | Vaults:5 | 48556 ||| UPGRADING to amulet of Doatz {Reflect rC++ rN+
                  | Dex-3 SH+5}.
 48566 | Vaults:5 | 48566 ||| REMOVING +2 pair of boots "Joblekop" {-Tele
                  | Rampage rC- Will+++}.
 48571 | Vaults:5 | 48571 ||| UPGRADING to amulet "Sijomof" {Reflect Str+5
                  | SH+5}.
 48581 | Vaults:5 | 48581 ||| UPGRADING to +2 pair of boots "Joblekop" {-Tele
                  | Rampage rC- Will+++}.
 48586 | Vaults:5 | 48586 ||| UPGRADING to amulet of Doatz {Reflect rC++ rN+
                  | Dex-3 SH+5}.
 48596 | Vaults:5 | 48596 ||| REMOVING +2 pair of boots "Joblekop" {-Tele
                  | Rampage rC- Will+++}.
 48601 | Vaults:5 | 48601 ||| UPGRADING to amulet "Sijomof" {Reflect Str+5
                  | SH+5}.
 48611 | Vaults:5 | 48611 ||| UPGRADING to +2 pair of boots "Joblekop" {-Tele
                  | Rampage rC- Will+++}.
 48616 | Vaults:5 | 48616 ||| UPGRADING to amulet of Doatz {Reflect rC++ rN+
                  | Dex-3 SH+5}.
 48626 | Vaults:5 | 48626 ||| REMOVING +2 pair of boots "Joblekop" {-Tele
                  | Rampage rC- Will+++}.
 48631 | Vaults:5 | 48631 ||| UPGRADING to amulet "Sijomof" {Reflect Str+5
                  | SH+5}.
 48641 | Vaults:5 | 48641 ||| UPGRADING to +2 pair of boots "Joblekop" {-Tele
                  | Rampage rC- Will+++}.
 48646 | Vaults:5 | 48646 ||| UPGRADING to amulet of Doatz {Reflect rC++ rN+
                  | Dex-3 SH+5}.
 48656 | Vaults:5 | 48656 ||| REMOVING +2 pair of boots "Joblekop" {-Tele
                  | Rampage rC- Will+++}.
 48661 | Vaults:5 | 48661 ||| UPGRADING to amulet "Sijomof" {Reflect Str+5
                  | SH+5}.
 48671 | Vaults:5 | 48671 ||| UPGRADING to +2 pair of boots "Joblekop" {-Tele
                  | Rampage rC- Will+++}.
 48676 | Vaults:5 | 48676 ||| UPGRADING to amulet of Doatz {Reflect rC++ rN+
                  | Dex-3 SH+5}.
 48686 | Vaults:5 | 48686 ||| REMOVING +2 pair of boots "Joblekop" {-Tele
                  | Rampage rC- Will+++}.
 48691 | Vaults:5 | 48691 ||| UPGRADING to amulet "Sijomof" {Reflect Str+5
                  | SH+5}.
 48701 | Vaults:5 | 48701 ||| UPGRADING to +2 pair of boots "Joblekop" {-Tele
                  | Rampage rC- Will+++}.
 48706 | Vaults:5 | 48706 ||| UPGRADING to amulet of Doatz {Reflect rC++ rN+
                  | Dex-3 SH+5}.
 48716 | Vaults:5 | 48716 ||| REMOVING +2 pair of boots "Joblekop" {-Tele
                  | Rampage rC- Will+++}.
 48721 | Vaults:5 | 48721 ||| UPGRADING to amulet "Sijomof" {Reflect Str+5
                  | SH+5}.
 48731 | Vaults:5 | 48731 ||| UPGRADING to +2 pair of boots "Joblekop" {-Tele
                  | Rampage rC- Will+++}.
 48736 | Vaults:5 | 48736 ||| UPGRADING to amulet of Doatz {Reflect rC++ rN+
                  | Dex-3 SH+5}.
 48746 | Vaults:5 | 48746 ||| REMOVING +2 pair of boots "Joblekop" {-Tele
                  | Rampage rC- Will+++}.
 48751 | Vaults:5 | 48751 ||| UPGRADING to amulet "Sijomof" {Reflect Str+5
                  | SH+5}.
 48761 | Vaults:5 | 48761 ||| UPGRADING to +2 pair of boots "Joblekop" {-Tele
                  | Rampage rC- Will+++}.
 48766 | Vaults:5 | 48766 ||| UPGRADING to amulet of Doatz {Reflect rC++ rN+
                  | Dex-3 SH+5}.
 48776 | Vaults:5 | 48776 ||| REMOVING +2 pair of boots "Joblekop" {-Tele
                  | Rampage rC- Will+++}.
 48781 | Vaults:5 | 48781 ||| UPGRADING to amulet "Sijomof" {Reflect Str+5
                  | SH+5}.
 48791 | Vaults:5 | 48791 ||| UPGRADING to +2 pair of boots "Joblekop" {-Tele
                  | Rampage rC- Will+++}.
 48796 | Vaults:5 | 48796 ||| UPGRADING to amulet of Doatz {Reflect rC++ rN+
                  | Dex-3 SH+5}.
 48806 | Vaults:5 | 48806 ||| REMOVING +2 pair of boots "Joblekop" {-Tele
                  | Rampage rC- Will+++}.
 48811 | Vaults:5 | 48811 ||| UPGRADING to amulet "Sijomof" {Reflect Str+5
                  | SH+5}.
 48821 | Vaults:5 | 48821 ||| UPGRADING to +2 pair of boots "Joblekop" {-Tele
                  | Rampage rC- Will+++}.
 48826 | Vaults:5 | 48826 ||| UPGRADING to amulet of Doatz {Reflect rC++ rN+
                  | Dex-3 SH+5}.
 48836 | Vaults:5 | 48836 ||| REMOVING +2 pair of boots "Joblekop" {-Tele
                  | Rampage rC- Will+++}.
 48841 | Vaults:5 | 48841 ||| UPGRADING to amulet "Sijomof" {Reflect Str+5
                  | SH+5}.
 48851 | Vaults:5 | 48851 ||| UPGRADING to +2 pair of boots "Joblekop" {-Tele
                  | Rampage rC- Will+++}.
 48856 | Vaults:5 | 48856 ||| UPGRADING to amulet of Doatz {Reflect rC++ rN+
                  | Dex-3 SH+5}.
 48866 | Vaults:5 | 48866 ||| REMOVING +2 pair of boots "Joblekop" {-Tele
                  | Rampage rC- Will+++}.
 48871 | Vaults:5 | 48871 ||| UPGRADING to amulet "Sijomof" {Reflect Str+5
                  | SH+5}.
 48881 | Vaults:5 | 48881 ||| UPGRADING to +2 pair of boots "Joblekop" {-Tele
                  | Rampage rC- Will+++}.
 48886 | Vaults:5 | 48886 ||| UPGRADING to amulet of Doatz {Reflect rC++ rN+
                  | Dex-3 SH+5}.
 48896 | Vaults:5 | 48896 ||| REMOVING +2 pair of boots "Joblekop" {-Tele
                  | Rampage rC- Will+++}.
 48901 | Vaults:5 | 48901 ||| UPGRADING to amulet "Sijomof" {Reflect Str+5
                  | SH+5}.
 48911 | Vaults:5 | 48911 ||| UPGRADING to +2 pair of boots "Joblekop" {-Tele
                  | Rampage rC- Will+++}.
 48916 | Vaults:5 | 48916 ||| UPGRADING to amulet of Doatz {Reflect rC++ rN+
                  | Dex-3 SH+5}.
 48926 | Vaults:5 | 48926 ||| REMOVING +2 pair of boots "Joblekop" {-Tele
                  | Rampage rC- Will+++}.
 48931 | Vaults:5 | 48931 ||| UPGRADING to amulet "Sijomof" {Reflect Str+5
                  | SH+5}.
 48941 | Vaults:5 | 48941 ||| UPGRADING to +2 pair of boots "Joblekop" {-Tele
                  | Rampage rC- Will+++}.
 48946 | Vaults:5 | 48946 ||| UPGRADING to amulet of Doatz {Reflect rC++ rN+
                  | Dex-3 SH+5}.
 48956 | Vaults:5 | 48956 ||| REMOVING +2 pair of boots "Joblekop" {-Tele
                  | Rampage rC- Will+++}.
 48961 | Vaults:5 | 48961 ||| UPGRADING to amulet "Sijomof" {Reflect Str+5
                  | SH+5}.
 48971 | Vaults:5 | 48971 ||| UPGRADING to +2 pair of boots "Joblekop" {-Tele
                  | Rampage rC- Will+++}.
 48976 | Vaults:5 | 48976 ||| UPGRADING to amulet of Doatz {Reflect rC++ rN+
                  | Dex-3 SH+5}.
 48986 | Vaults:5 | 48986 ||| REMOVING +2 pair of boots "Joblekop" {-Tele
                  | Rampage rC- Will+++}.
 48991 | Vaults:5 | 48991 ||| UPGRADING to amulet "Sijomof" {Reflect Str+5
                  | SH+5}.
 49001 | Vaults:5 | 49001 ||| UPGRADING to +2 pair of boots "Joblekop" {-Tele
                  | Rampage rC- Will+++}.
 49006 | Vaults:5 | 49006 ||| UPGRADING to amulet of Doatz {Reflect rC++ rN+
                  | Dex-3 SH+5}.
 49016 | Vaults:5 | 49016 ||| REMOVING +2 pair of boots "Joblekop" {-Tele
                  | Rampage rC- Will+++}.
 49021 | Vaults:5 | 49021 ||| UPGRADING to amulet "Sijomof" {Reflect Str+5
                  | SH+5}.
 49031 | Vaults:5 | 49031 ||| UPGRADING to +2 pair of boots "Joblekop" {-Tele
                  | Rampage rC- Will+++}.
 49036 | Vaults:5 | 49036 ||| UPGRADING to amulet of Doatz {Reflect rC++ rN+
                  | Dex-3 SH+5}.
 49046 | Vaults:5 | 49046 ||| REMOVING +2 pair of boots "Joblekop" {-Tele
                  | Rampage rC- Will+++}.
 49051 | Vaults:5 | 49051 ||| UPGRADING to amulet "Sijomof" {Reflect Str+5
                  | SH+5}.
 49061 | Vaults:5 | 49061 ||| UPGRADING to +2 pair of boots "Joblekop" {-Tele
                  | Rampage rC- Will+++}.
 49066 | Vaults:5 | 49066 ||| UPGRADING to amulet of Doatz {Reflect rC++ rN+
                  | Dex-3 SH+5}.
 49076 | Vaults:5 | 49076 ||| REMOVING +2 pair of boots "Joblekop" {-Tele
                  | Rampage rC- Will+++}.
 49081 | Vaults:5 | 49081 ||| UPGRADING to amulet "Sijomof" {Reflect Str+5
                  | SH+5}.
 49091 | Vaults:5 | 49091 ||| UPGRADING to +2 pair of boots "Joblekop" {-Tele
                  | Rampage rC- Will+++}.
 49096 | Vaults:5 | 49096 ||| UPGRADING to amulet of Doatz {Reflect rC++ rN+
                  | Dex-3 SH+5}.
 49106 | Vaults:5 | 49106 ||| REMOVING +2 pair of boots "Joblekop" {-Tele
                  | Rampage rC- Will+++}.
 49111 | Vaults:5 | 49111 ||| UPGRADING to amulet "Sijomof" {Reflect Str+5
                  | SH+5}.
 49121 | Vaults:5 | 49121 ||| UPGRADING to +2 pair of boots "Joblekop" {-Tele
                  | Rampage rC- Will+++}.
 49126 | Vaults:5 | 49126 ||| UPGRADING to amulet of Doatz {Reflect rC++ rN+
                  | Dex-3 SH+5}.
 49136 | Vaults:5 | 49136 ||| REMOVING +2 pair of boots "Joblekop" {-Tele
                  | Rampage rC- Will+++}.
 49141 | Vaults:5 | 49141 ||| UPGRADING to amulet "Sijomof" {Reflect Str+5
                  | SH+5}.
 49151 | Vaults:5 | 49151 ||| UPGRADING to +2 pair of boots "Joblekop" {-Tele
                  | Rampage rC- Will+++}.
 49156 | Vaults:5 | 49156 ||| UPGRADING to amulet of Doatz {Reflect rC++ rN+
                  | Dex-3 SH+5}.
 49166 | Vaults:5 | 49166 ||| REMOVING +2 pair of boots "Joblekop" {-Tele
                  | Rampage rC- Will+++}.
 49171 | Vaults:5 | 49171 ||| UPGRADING to amulet "Sijomof" {Reflect Str+5
                  | SH+5}.
 49181 | Vaults:5 | 49181 ||| UPGRADING to +2 pair of boots "Joblekop" {-Tele
                  | Rampage rC- Will+++}.
 49186 | Vaults:5 | 49186 ||| UPGRADING to amulet of Doatz {Reflect rC++ rN+
                  | Dex-3 SH+5}.
 49196 | Vaults:5 | 49196 ||| REMOVING +2 pair of boots "Joblekop" {-Tele
                  | Rampage rC- Will+++}.
 49201 | Vaults:5 | 49201 ||| UPGRADING to amulet "Sijomof" {Reflect Str+5
                  | SH+5}.
 49211 | Vaults:5 | 49211 ||| UPGRADING to +2 pair of boots "Joblekop" {-Tele
                  | Rampage rC- Will+++}.
 49216 | Vaults:5 | 49216 ||| UPGRADING to amulet of Doatz {Reflect rC++ rN+
                  | Dex-3 SH+5}.
 49226 | Vaults:5 | 49226 ||| REMOVING +2 pair of boots "Joblekop" {-Tele
                  | Rampage rC- Will+++}.
 49231 | Vaults:5 | 49231 ||| UPGRADING to amulet "Sijomof" {Reflect Str+5
                  | SH+5}.
 49241 | Vaults:5 | 49241 ||| UPGRADING to +2 pair of boots "Joblekop" {-Tele
                  | Rampage rC- Will+++}.
 49246 | Vaults:5 | 49246 ||| UPGRADING to amulet of Doatz {Reflect rC++ rN+
                  | Dex-3 SH+5}.
 49256 | Vaults:5 | 49256 ||| REMOVING +2 pair of boots "Joblekop" {-Tele
                  | Rampage rC- Will+++}.
 49261 | Vaults:5 | 49261 ||| UPGRADING to amulet "Sijomof" {Reflect Str+5
                  | SH+5}.
 49271 | Vaults:5 | 49271 ||| UPGRADING to +2 pair of boots "Joblekop" {-Tele
                  | Rampage rC- Will+++}.
 49276 | Vaults:5 | 49276 ||| UPGRADING to amulet of Doatz {Reflect rC++ rN+
                  | Dex-3 SH+5}.
 49286 | Vaults:5 | 49286 ||| REMOVING +2 pair of boots "Joblekop" {-Tele
                  | Rampage rC- Will+++}.
 49291 | Vaults:5 | 49291 ||| UPGRADING to amulet "Sijomof" {Reflect Str+5
                  | SH+5}.
 49301 | Vaults:5 | 49301 ||| UPGRADING to +2 pair of boots "Joblekop" {-Tele
                  | Rampage rC- Will+++}.
 49306 | Vaults:5 | 49306 ||| UPGRADING to amulet of Doatz {Reflect rC++ rN+
                  | Dex-3 SH+5}.
 49316 | Vaults:5 | 49316 ||| REMOVING +2 pair of boots "Joblekop" {-Tele
                  | Rampage rC- Will+++}.
 49321 | Vaults:5 | 49321 ||| UPGRADING to amulet "Sijomof" {Reflect Str+5
                  | SH+5}.
 49331 | Vaults:5 | 49331 ||| UPGRADING to +2 pair of boots "Joblekop" {-Tele
                  | Rampage rC- Will+++}.
 49336 | Vaults:5 | 49336 ||| UPGRADING to amulet of Doatz {Reflect rC++ rN+
                  | Dex-3 SH+5}.
 49346 | Vaults:5 | 49346 ||| REMOVING +2 pair of boots "Joblekop" {-Tele
                  | Rampage rC- Will+++}.
 49351 | Vaults:5 | 49351 ||| UPGRADING to amulet "Sijomof" {Reflect Str+5
                  | SH+5}.
 49361 | Vaults:5 | 49361 ||| UPGRADING to +2 pair of boots "Joblekop" {-Tele
                  | Rampage rC- Will+++}.
 49366 | Vaults:5 | 49366 ||| UPGRADING to amulet of Doatz {Reflect rC++ rN+
                  | Dex-3 SH+5}.
 49376 | Vaults:5 | 49376 ||| REMOVING +2 pair of boots "Joblekop" {-Tele
                  | Rampage rC- Will+++}.
 49381 | Vaults:5 | 49381 ||| UPGRADING to amulet "Sijomof" {Reflect Str+5
                  | SH+5}.
 49391 | Vaults:5 | 49391 ||| UPGRADING to +2 pair of boots "Joblekop" {-Tele
                  | Rampage rC- Will+++}.
 49396 | Vaults:5 | 49396 ||| UPGRADING to amulet of Doatz {Reflect rC++ rN+
                  | Dex-3 SH+5}.
 49406 | Vaults:5 | 49406 ||| REMOVING +2 pair of boots "Joblekop" {-Tele
                  | Rampage rC- Will+++}.
 49411 | Vaults:5 | 49411 ||| UPGRADING to amulet "Sijomof" {Reflect Str+5
                  | SH+5}.
 49421 | Vaults:5 | 49421 ||| UPGRADING to +2 pair of boots "Joblekop" {-Tele
                  | Rampage rC- Will+++}.
 49426 | Vaults:5 | 49426 ||| UPGRADING to amulet of Doatz {Reflect rC++ rN+
                  | Dex-3 SH+5}.
 49436 | Vaults:5 | 49436 ||| REMOVING +2 pair of boots "Joblekop" {-Tele
                  | Rampage rC- Will+++}.
 49441 | Vaults:5 | 49441 ||| UPGRADING to amulet "Sijomof" {Reflect Str+5
                  | SH+5}.
 49451 | Vaults:5 | 49451 ||| UPGRADING to +2 pair of boots "Joblekop" {-Tele
                  | Rampage rC- Will+++}.
 49456 | Vaults:5 | 49456 ||| UPGRADING to amulet of Doatz {Reflect rC++ rN+
                  | Dex-3 SH+5}.
 49466 | Vaults:5 | 49466 ||| REMOVING +2 pair of boots "Joblekop" {-Tele
                  | Rampage rC- Will+++}.
 49471 | Vaults:5 | 49471 ||| UPGRADING to amulet "Sijomof" {Reflect Str+5
                  | SH+5}.
 49481 | Vaults:5 | 49481 ||| UPGRADING to +2 pair of boots "Joblekop" {-Tele
                  | Rampage rC- Will+++}.
 49486 | Vaults:5 | 49486 ||| UPGRADING to amulet of Doatz {Reflect rC++ rN+
                  | Dex-3 SH+5}.
 49496 | Vaults:5 | 49496 ||| REMOVING +2 pair of boots "Joblekop" {-Tele
                  | Rampage rC- Will+++}.
 49501 | Vaults:5 | 49501 ||| UPGRADING to amulet "Sijomof" {Reflect Str+5
                  | SH+5}.
 49511 | Vaults:5 | 49511 ||| UPGRADING to +2 pair of boots "Joblekop" {-Tele
                  | Rampage rC- Will+++}.
 49516 | Vaults:5 | 49516 ||| UPGRADING to amulet of Doatz {Reflect rC++ rN+
                  | Dex-3 SH+5}.
 49526 | Vaults:5 | 49526 ||| REMOVING +2 pair of boots "Joblekop" {-Tele
                  | Rampage rC- Will+++}.
 49531 | Vaults:5 | 49531 ||| UPGRADING to amulet "Sijomof" {Reflect Str+5
                  | SH+5}.
 49541 | Vaults:5 | 49541 ||| UPGRADING to +2 pair of boots "Joblekop" {-Tele
                  | Rampage rC- Will+++}.
 49546 | Vaults:5 | 49546 ||| UPGRADING to amulet of Doatz {Reflect rC++ rN+
                  | Dex-3 SH+5}.
 49556 | Vaults:5 | 49556 ||| REMOVING +2 pair of boots "Joblekop" {-Tele
                  | Rampage rC- Will+++}.
 49561 | Vaults:5 | 49561 ||| UPGRADING to amulet "Sijomof" {Reflect Str+5
                  | SH+5}.
 49571 | Vaults:5 | 49571 ||| UPGRADING to +2 pair of boots "Joblekop" {-Tele
                  | Rampage rC- Will+++}.
 49576 | Vaults:5 | 49576 ||| UPGRADING to amulet of Doatz {Reflect rC++ rN+
                  | Dex-3 SH+5}.
 49586 | Vaults:5 | 49586 ||| REMOVING +2 pair of boots "Joblekop" {-Tele
                  | Rampage rC- Will+++}.
 49591 | Vaults:5 | 49591 ||| UPGRADING to amulet "Sijomof" {Reflect Str+5
                  | SH+5}.
 49601 | Vaults:5 | 49601 ||| UPGRADING to +2 pair of boots "Joblekop" {-Tele
                  | Rampage rC- Will+++}.
 49606 | Vaults:5 | 49606 ||| UPGRADING to amulet of Doatz {Reflect rC++ rN+
                  | Dex-3 SH+5}.
 49616 | Vaults:5 | 49616 ||| REMOVING +2 pair of boots "Joblekop" {-Tele
                  | Rampage rC- Will+++}.
 49621 | Vaults:5 | 49621 ||| UPGRADING to amulet "Sijomof" {Reflect Str+5
                  | SH+5}.
 49631 | Vaults:5 | 49631 ||| UPGRADING to +2 pair of boots "Joblekop" {-Tele
                  | Rampage rC- Will+++}.
 49636 | Vaults:5 | 49636 ||| UPGRADING to amulet of Doatz {Reflect rC++ rN+
                  | Dex-3 SH+5}.
 49646 | Vaults:5 | 49646 ||| REMOVING +2 pair of boots "Joblekop" {-Tele
                  | Rampage rC- Will+++}.
 49651 | Vaults:5 | 49651 ||| UPGRADING to amulet "Sijomof" {Reflect Str+5
                  | SH+5}.
 49661 | Vaults:5 | 49661 ||| UPGRADING to +2 pair of boots "Joblekop" {-Tele
                  | Rampage rC- Will+++}.
 49666 | Vaults:5 | 49666 ||| UPGRADING to amulet of Doatz {Reflect rC++ rN+
                  | Dex-3 SH+5}.
 49676 | Vaults:5 | 49676 ||| REMOVING +2 pair of boots "Joblekop" {-Tele
                  | Rampage rC- Will+++}.
 49681 | Vaults:5 | 49681 ||| UPGRADING to amulet "Sijomof" {Reflect Str+5
                  | SH+5}.
 49691 | Vaults:5 | 49691 ||| UPGRADING to +2 pair of boots "Joblekop" {-Tele
                  | Rampage rC- Will+++}.
 49696 | Vaults:5 | 49696 ||| UPGRADING to amulet of Doatz {Reflect rC++ rN+
                  | Dex-3 SH+5}.
 49706 | Vaults:5 | 49706 ||| REMOVING +2 pair of boots "Joblekop" {-Tele
                  | Rampage rC- Will+++}.
 49711 | Vaults:5 | 49711 ||| UPGRADING to amulet "Sijomof" {Reflect Str+5
                  | SH+5}.
 49721 | Vaults:5 | 49721 ||| UPGRADING to +2 pair of boots "Joblekop" {-Tele
                  | Rampage rC- Will+++}.
 49726 | Vaults:5 | 49726 ||| UPGRADING to amulet of Doatz {Reflect rC++ rN+
                  | Dex-3 SH+5}.
 49736 | Vaults:5 | 49736 ||| REMOVING +2 pair of boots "Joblekop" {-Tele
                  | Rampage rC- Will+++}.
 49741 | Vaults:5 | 49741 ||| UPGRADING to amulet "Sijomof" {Reflect Str+5
                  | SH+5}.
 49751 | Vaults:5 | 49751 ||| UPGRADING to +2 pair of boots "Joblekop" {-Tele
                  | Rampage rC- Will+++}.
 49756 | Vaults:5 | 49756 ||| UPGRADING to amulet of Doatz {Reflect rC++ rN+
                  | Dex-3 SH+5}.
 49766 | Vaults:5 | 49766 ||| REMOVING +2 pair of boots "Joblekop" {-Tele
                  | Rampage rC- Will+++}.
 49771 | Vaults:5 | 49771 ||| UPGRADING to amulet "Sijomof" {Reflect Str+5
                  | SH+5}.
 49781 | Vaults:5 | 49781 ||| UPGRADING to +2 pair of boots "Joblekop" {-Tele
                  | Rampage rC- Will+++}.
 49786 | Vaults:5 | 49786 ||| UPGRADING to amulet of Doatz {Reflect rC++ rN+
                  | Dex-3 SH+5}.
 49796 | Vaults:5 | 49796 ||| REMOVING +2 pair of boots "Joblekop" {-Tele
                  | Rampage rC- Will+++}.
 49801 | Vaults:5 | 49801 ||| UPGRADING to amulet "Sijomof" {Reflect Str+5
                  | SH+5}.
 49811 | Vaults:5 | 49811 ||| UPGRADING to +2 pair of boots "Joblekop" {-Tele
                  | Rampage rC- Will+++}.
 49816 | Vaults:5 | 49816 ||| UPGRADING to amulet of Doatz {Reflect rC++ rN+
                  | Dex-3 SH+5}.
 49826 | Vaults:5 | 49826 ||| REMOVING +2 pair of boots "Joblekop" {-Tele
                  | Rampage rC- Will+++}.
 49831 | Vaults:5 | 49831 ||| UPGRADING to amulet "Sijomof" {Reflect Str+5
                  | SH+5}.
 49841 | Vaults:5 | 49841 ||| UPGRADING to +2 pair of boots "Joblekop" {-Tele
                  | Rampage rC- Will+++}.
 49846 | Vaults:5 | 49846 ||| UPGRADING to amulet of Doatz {Reflect rC++ rN+
                  | Dex-3 SH+5}.
 49856 | Vaults:5 | 49856 ||| REMOVING +2 pair of boots "Joblekop" {-Tele
                  | Rampage rC- Will+++}.
 49861 | Vaults:5 | 49861 ||| UPGRADING to amulet "Sijomof" {Reflect Str+5
                  | SH+5}.
 49871 | Vaults:5 | 49871 ||| UPGRADING to +2 pair of boots "Joblekop" {-Tele
                  | Rampage rC- Will+++}.
 49876 | Vaults:5 | 49876 ||| UPGRADING to amulet of Doatz {Reflect rC++ rN+
                  | Dex-3 SH+5}.
 49886 | Vaults:5 | 49886 ||| REMOVING +2 pair of boots "Joblekop" {-Tele
                  | Rampage rC- Will+++}.
 49891 | Vaults:5 | 49891 ||| UPGRADING to amulet "Sijomof" {Reflect Str+5
                  | SH+5}.
 49901 | Vaults:5 | 49901 ||| UPGRADING to +2 pair of boots "Joblekop" {-Tele
                  | Rampage rC- Will+++}.
 49906 | Vaults:5 | 49906 ||| UPGRADING to amulet of Doatz {Reflect rC++ rN+
                  | Dex-3 SH+5}.
 49916 | Vaults:5 | 49916 ||| REMOVING +2 pair of boots "Joblekop" {-Tele
                  | Rampage rC- Will+++}.
 49921 | Vaults:5 | 49921 ||| UPGRADING to amulet "Sijomof" {Reflect Str+5
                  | SH+5}.
 49931 | Vaults:5 | 49931 ||| UPGRADING to +2 pair of boots "Joblekop" {-Tele
                  | Rampage rC- Will+++}.
 49936 | Vaults:5 | 49936 ||| UPGRADING to amulet of Doatz {Reflect rC++ rN+
                  | Dex-3 SH+5}.
 49946 | Vaults:5 | 49946 ||| REMOVING +2 pair of boots "Joblekop" {-Tele
                  | Rampage rC- Will+++}.
 49951 | Vaults:5 | 49951 ||| UPGRADING to amulet "Sijomof" {Reflect Str+5
                  | SH+5}.
 49961 | Vaults:5 | 49961 ||| UPGRADING to +2 pair of boots "Joblekop" {-Tele
                  | Rampage rC- Will+++}.
 49966 | Vaults:5 | 49966 ||| UPGRADING to amulet of Doatz {Reflect rC++ rN+
                  | Dex-3 SH+5}.
 49976 | Vaults:5 | 49976 ||| REMOVING +2 pair of boots "Joblekop" {-Tele
                  | Rampage rC- Will+++}.
 49981 | Vaults:5 | 49981 ||| UPGRADING to amulet "Sijomof" {Reflect Str+5
                  | SH+5}.
 49991 | Vaults:5 | 49991 ||| UPGRADING to +2 pair of boots "Joblekop" {-Tele
                  | Rampage rC- Will+++}.
 49996 | Vaults:5 | 49996 ||| UPGRADING to amulet of Doatz {Reflect rC++ rN+
                  | Dex-3 SH+5}.
 50006 | Vaults:5 | 50006 ||| REMOVING +2 pair of boots "Joblekop" {-Tele
                  | Rampage rC- Will+++}.
 50011 | Vaults:5 | 50011 ||| UPGRADING to amulet "Sijomof" {Reflect Str+5
                  | SH+5}.
 50021 | Vaults:5 | 50021 ||| UPGRADING to +2 pair of boots "Joblekop" {-Tele
                  | Rampage rC- Will+++}.
 50026 | Vaults:5 | 50026 ||| UPGRADING to amulet of Doatz {Reflect rC++ rN+
                  | Dex-3 SH+5}.
 50036 | Vaults:5 | 50036 ||| REMOVING +2 pair of boots "Joblekop" {-Tele
                  | Rampage rC- Will+++}.
 50041 | Vaults:5 | 50041 ||| UPGRADING to amulet "Sijomof" {Reflect Str+5
                  | SH+5}.
 50051 | Vaults:5 | 50051 ||| UPGRADING to +2 pair of boots "Joblekop" {-Tele
                  | Rampage rC- Will+++}.
 50056 | Vaults:5 | 50056 ||| UPGRADING to amulet of Doatz {Reflect rC++ rN+
                  | Dex-3 SH+5}.
 50066 | Vaults:5 | 50066 ||| REMOVING +2 pair of boots "Joblekop" {-Tele
                  | Rampage rC- Will+++}.
 50071 | Vaults:5 | 50071 ||| UPGRADING to amulet "Sijomof" {Reflect Str+5
                  | SH+5}.
 50081 | Vaults:5 | 50081 ||| UPGRADING to +2 pair of boots "Joblekop" {-Tele
                  | Rampage rC- Will+++}.
 50086 | Vaults:5 | 50086 ||| UPGRADING to amulet of Doatz {Reflect rC++ rN+
                  | Dex-3 SH+5}.
 50096 | Vaults:5 | 50096 ||| REMOVING +2 pair of boots "Joblekop" {-Tele
                  | Rampage rC- Will+++}.
 50101 | Vaults:5 | 50101 ||| UPGRADING to amulet "Sijomof" {Reflect Str+5
                  | SH+5}.
 50111 | Vaults:5 | 50111 ||| UPGRADING to +2 pair of boots "Joblekop" {-Tele
                  | Rampage rC- Will+++}.
 50116 | Vaults:5 | 50116 ||| UPGRADING to amulet of Doatz {Reflect rC++ rN+
                  | Dex-3 SH+5}.
 50126 | Vaults:5 | 50126 ||| REMOVING +2 pair of boots "Joblekop" {-Tele
                  | Rampage rC- Will+++}.
 50131 | Vaults:5 | 50131 ||| UPGRADING to amulet "Sijomof" {Reflect Str+5
                  | SH+5}.
 50141 | Vaults:5 | 50141 ||| UPGRADING to +2 pair of boots "Joblekop" {-Tele
                  | Rampage rC- Will+++}.
 50146 | Vaults:5 | 50146 ||| UPGRADING to amulet of Doatz {Reflect rC++ rN+
                  | Dex-3 SH+5}.
 50156 | Vaults:5 | 50156 ||| REMOVING +2 pair of boots "Joblekop" {-Tele
                  | Rampage rC- Will+++}.
 50161 | Vaults:5 | 50161 ||| UPGRADING to amulet "Sijomof" {Reflect Str+5
                  | SH+5}.
 50171 | Vaults:5 | 50171 ||| UPGRADING to +2 pair of boots "Joblekop" {-Tele
                  | Rampage rC- Will+++}.
 50176 | Vaults:5 | 50176 ||| UPGRADING to amulet of Doatz {Reflect rC++ rN+
                  | Dex-3 SH+5}.
 50186 | Vaults:5 | 50186 ||| REMOVING +2 pair of boots "Joblekop" {-Tele
                  | Rampage rC- Will+++}.
 50191 | Vaults:5 | 50191 ||| UPGRADING to amulet "Sijomof" {Reflect Str+5
                  | SH+5}.
 50201 | Vaults:5 | 50201 ||| UPGRADING to +2 pair of boots "Joblekop" {-Tele
                  | Rampage rC- Will+++}.
 50206 | Vaults:5 | 50206 ||| UPGRADING to amulet of Doatz {Reflect rC++ rN+
                  | Dex-3 SH+5}.
 50216 | Vaults:5 | 50216 ||| REMOVING +2 pair of boots "Joblekop" {-Tele
                  | Rampage rC- Will+++}.
 50221 | Vaults:5 | 50221 ||| UPGRADING to amulet "Sijomof" {Reflect Str+5
                  | SH+5}.
 50231 | Vaults:5 | 50231 ||| UPGRADING to +2 pair of boots "Joblekop" {-Tele
                  | Rampage rC- Will+++}.
 50236 | Vaults:5 | 50236 ||| UPGRADING to amulet of Doatz {Reflect rC++ rN+
                  | Dex-3 SH+5}.
 50246 | Vaults:5 | 50246 ||| REMOVING +2 pair of boots "Joblekop" {-Tele
                  | Rampage rC- Will+++}.
 50251 | Vaults:5 | 50251 ||| UPGRADING to amulet "Sijomof" {Reflect Str+5
                  | SH+5}.
 50261 | Vaults:5 | 50261 ||| UPGRADING to +2 pair of boots "Joblekop" {-Tele
                  | Rampage rC- Will+++}.
 50266 | Vaults:5 | 50266 ||| UPGRADING to amulet of Doatz {Reflect rC++ rN+
                  | Dex-3 SH+5}.
 50276 | Vaults:5 | 50276 ||| REMOVING +2 pair of boots "Joblekop" {-Tele
                  | Rampage rC- Will+++}.
 50281 | Vaults:5 | 50281 ||| UPGRADING to amulet "Sijomof" {Reflect Str+5
                  | SH+5}.
 50291 | Vaults:5 | 50291 ||| UPGRADING to +2 pair of boots "Joblekop" {-Tele
                  | Rampage rC- Will+++}.
 50296 | Vaults:5 | 50296 ||| UPGRADING to amulet of Doatz {Reflect rC++ rN+
                  | Dex-3 SH+5}.
 50306 | Vaults:5 | 50306 ||| REMOVING +2 pair of boots "Joblekop" {-Tele
                  | Rampage rC- Will+++}.
 50311 | Vaults:5 | 50311 ||| UPGRADING to amulet "Sijomof" {Reflect Str+5
                  | SH+5}.
 50321 | Vaults:5 | 50321 ||| UPGRADING to +2 pair of boots "Joblekop" {-Tele
                  | Rampage rC- Will+++}.
 50326 | Vaults:5 | 50326 ||| UPGRADING to amulet of Doatz {Reflect rC++ rN+
                  | Dex-3 SH+5}.
 50336 | Vaults:5 | 50336 ||| REMOVING +2 pair of boots "Joblekop" {-Tele
                  | Rampage rC- Will+++}.
 50341 | Vaults:5 | 50341 ||| UPGRADING to amulet "Sijomof" {Reflect Str+5
                  | SH+5}.
 50351 | Vaults:5 | 50351 ||| UPGRADING to +2 pair of boots "Joblekop" {-Tele
                  | Rampage rC- Will+++}.
 50356 | Vaults:5 | 50356 ||| UPGRADING to amulet of Doatz {Reflect rC++ rN+
                  | Dex-3 SH+5}.
 50366 | Vaults:5 | 50366 ||| REMOVING +2 pair of boots "Joblekop" {-Tele
                  | Rampage rC- Will+++}.
 50371 | Vaults:5 | 50371 ||| UPGRADING to amulet "Sijomof" {Reflect Str+5
                  | SH+5}.
 50381 | Vaults:5 | 50381 ||| UPGRADING to +2 pair of boots "Joblekop" {-Tele
                  | Rampage rC- Will+++}.
 50386 | Vaults:5 | 50386 ||| UPGRADING to amulet of Doatz {Reflect rC++ rN+
                  | Dex-3 SH+5}.
 50396 | Vaults:5 | 50396 ||| REMOVING +2 pair of boots "Joblekop" {-Tele
                  | Rampage rC- Will+++}.
 50401 | Vaults:5 | 50401 ||| UPGRADING to amulet "Sijomof" {Reflect Str+5
                  | SH+5}.
 50411 | Vaults:5 | 50411 ||| UPGRADING to +2 pair of boots "Joblekop" {-Tele
                  | Rampage rC- Will+++}.
 50416 | Vaults:5 | 50416 ||| UPGRADING to amulet of Doatz {Reflect rC++ rN+
                  | Dex-3 SH+5}.
 50426 | Vaults:5 | 50426 ||| REMOVING +2 pair of boots "Joblekop" {-Tele
                  | Rampage rC- Will+++}.
 50431 | Vaults:5 | 50431 ||| UPGRADING to amulet "Sijomof" {Reflect Str+5
                  | SH+5}.
 50441 | Vaults:5 | 50441 ||| UPGRADING to +2 pair of boots "Joblekop" {-Tele
                  | Rampage rC- Will+++}.
 50446 | Vaults:5 | 50446 ||| UPGRADING to amulet of Doatz {Reflect rC++ rN+
                  | Dex-3 SH+5}.
 50456 | Vaults:5 | 50456 ||| REMOVING +2 pair of boots "Joblekop" {-Tele
                  | Rampage rC- Will+++}.
 50461 | Vaults:5 | 50461 ||| UPGRADING to amulet "Sijomof" {Reflect Str+5
                  | SH+5}.
 50471 | Vaults:5 | 50471 ||| UPGRADING to +2 pair of boots "Joblekop" {-Tele
                  | Rampage rC- Will+++}.
 50476 | Vaults:5 | 50476 ||| UPGRADING to amulet of Doatz {Reflect rC++ rN+
                  | Dex-3 SH+5}.
 50486 | Vaults:5 | 50486 ||| REMOVING +2 pair of boots "Joblekop" {-Tele
                  | Rampage rC- Will+++}.
 50491 | Vaults:5 | 50491 ||| UPGRADING to amulet "Sijomof" {Reflect Str+5
                  | SH+5}.
 50501 | Vaults:5 | 50501 ||| UPGRADING to +2 pair of boots "Joblekop" {-Tele
                  | Rampage rC- Will+++}.
 50506 | Vaults:5 | 50506 ||| UPGRADING to amulet of Doatz {Reflect rC++ rN+
                  | Dex-3 SH+5}.
 50516 | Vaults:5 | 50516 ||| REMOVING +2 pair of boots "Joblekop" {-Tele
                  | Rampage rC- Will+++}.
 50521 | Vaults:5 | 50521 ||| UPGRADING to amulet "Sijomof" {Reflect Str+5
                  | SH+5}.
 50531 | Vaults:5 | 50531 ||| UPGRADING to +2 pair of boots "Joblekop" {-Tele
                  | Rampage rC- Will+++}.
 50536 | Vaults:5 | 50536 ||| UPGRADING to amulet of Doatz {Reflect rC++ rN+
                  | Dex-3 SH+5}.
 50546 | Vaults:5 | 50546 ||| REMOVING +2 pair of boots "Joblekop" {-Tele
                  | Rampage rC- Will+++}.
 50551 | Vaults:5 | 50551 ||| UPGRADING to amulet "Sijomof" {Reflect Str+5
                  | SH+5}.
 50561 | Vaults:5 | 50561 ||| UPGRADING to +2 pair of boots "Joblekop" {-Tele
                  | Rampage rC- Will+++}.
 50566 | Vaults:5 | 50566 ||| UPGRADING to amulet of Doatz {Reflect rC++ rN+
                  | Dex-3 SH+5}.
 50576 | Vaults:5 | 50576 ||| REMOVING +2 pair of boots "Joblekop" {-Tele
                  | Rampage rC- Will+++}.
 50581 | Vaults:5 | 50581 ||| UPGRADING to amulet "Sijomof" {Reflect Str+5
                  | SH+5}.
 50591 | Vaults:5 | 50591 ||| UPGRADING to +2 pair of boots "Joblekop" {-Tele
                  | Rampage rC- Will+++}.
 50596 | Vaults:5 | 50596 ||| UPGRADING to amulet of Doatz {Reflect rC++ rN+
                  | Dex-3 SH+5}.
 50606 | Vaults:5 | 50606 ||| REMOVING +2 pair of boots "Joblekop" {-Tele
                  | Rampage rC- Will+++}.
 50611 | Vaults:5 | 50611 ||| UPGRADING to amulet "Sijomof" {Reflect Str+5
                  | SH+5}.
 50621 | Vaults:5 | 50621 ||| UPGRADING to +2 pair of boots "Joblekop" {-Tele
                  | Rampage rC- Will+++}.
 50626 | Vaults:5 | 50626 ||| UPGRADING to amulet of Doatz {Reflect rC++ rN+
                  | Dex-3 SH+5}.
 50636 | Vaults:5 | 50636 ||| REMOVING +2 pair of boots "Joblekop" {-Tele
                  | Rampage rC- Will+++}.
 50641 | Vaults:5 | 50641 ||| UPGRADING to amulet "Sijomof" {Reflect Str+5
                  | SH+5}.
 50651 | Vaults:5 | 50651 ||| UPGRADING to +2 pair of boots "Joblekop" {-Tele
                  | Rampage rC- Will+++}.
 50656 | Vaults:5 | 50656 ||| UPGRADING to amulet of Doatz {Reflect rC++ rN+
                  | Dex-3 SH+5}.
 50666 | Vaults:5 | 50666 ||| REMOVING +2 pair of boots "Joblekop" {-Tele
                  | Rampage rC- Will+++}.
 50671 | Vaults:5 | 50671 ||| UPGRADING to amulet "Sijomof" {Reflect Str+5
                  | SH+5}.
 50681 | Vaults:5 | 50681 ||| UPGRADING to +2 pair of boots "Joblekop" {-Tele
                  | Rampage rC- Will+++}.
 50686 | Vaults:5 | 50686 ||| UPGRADING to amulet of Doatz {Reflect rC++ rN+
                  | Dex-3 SH+5}.
 50696 | Vaults:5 | 50696 ||| REMOVING +2 pair of boots "Joblekop" {-Tele
                  | Rampage rC- Will+++}.
 50701 | Vaults:5 | 50701 ||| UPGRADING to amulet "Sijomof" {Reflect Str+5
                  | SH+5}.
 50711 | Vaults:5 | 50711 ||| UPGRADING to +2 pair of boots "Joblekop" {-Tele
                  | Rampage rC- Will+++}.
 50716 | Vaults:5 | 50716 ||| UPGRADING to amulet of Doatz {Reflect rC++ rN+
                  | Dex-3 SH+5}.
 50726 | Vaults:5 | 50726 ||| REMOVING +2 pair of boots "Joblekop" {-Tele
                  | Rampage rC- Will+++}.
 50731 | Vaults:5 | 50731 ||| UPGRADING to amulet "Sijomof" {Reflect Str+5
                  | SH+5}.
 50741 | Vaults:5 | 50741 ||| UPGRADING to +2 pair of boots "Joblekop" {-Tele
                  | Rampage rC- Will+++}.
 50746 | Vaults:5 | 50746 ||| UPGRADING to amulet of Doatz {Reflect rC++ rN+
                  | Dex-3 SH+5}.
 50756 | Vaults:5 | 50756 ||| REMOVING +2 pair of boots "Joblekop" {-Tele
                  | Rampage rC- Will+++}.
 50761 | Vaults:5 | 50761 ||| UPGRADING to amulet "Sijomof" {Reflect Str+5
                  | SH+5}.
 50771 | Vaults:5 | 50771 ||| UPGRADING to +2 pair of boots "Joblekop" {-Tele
                  | Rampage rC- Will+++}.
 50776 | Vaults:5 | 50776 ||| UPGRADING to amulet of Doatz {Reflect rC++ rN+
                  | Dex-3 SH+5}.
 50786 | Vaults:5 | 50786 ||| REMOVING +2 pair of boots "Joblekop" {-Tele
                  | Rampage rC- Will+++}.
 50791 | Vaults:5 | 50791 ||| UPGRADING to amulet "Sijomof" {Reflect Str+5
                  | SH+5}.
 50801 | Vaults:5 | 50801 ||| UPGRADING to +2 pair of boots "Joblekop" {-Tele
                  | Rampage rC- Will+++}.
 50806 | Vaults:5 | 50806 ||| UPGRADING to amulet of Doatz {Reflect rC++ rN+
                  | Dex-3 SH+5}.
 50816 | Vaults:5 | 50816 ||| REMOVING +2 pair of boots "Joblekop" {-Tele
                  | Rampage rC- Will+++}.
 50821 | Vaults:5 | 50821 ||| UPGRADING to amulet "Sijomof" {Reflect Str+5
                  | SH+5}.
 50831 | Vaults:5 | 50831 ||| UPGRADING to +2 pair of boots "Joblekop" {-Tele
                  | Rampage rC- Will+++}.
 50836 | Vaults:5 | 50836 ||| UPGRADING to amulet of Doatz {Reflect rC++ rN+
                  | Dex-3 SH+5}.
 50846 | Vaults:5 | 50846 ||| REMOVING +2 pair of boots "Joblekop" {-Tele
                  | Rampage rC- Will+++}.
 50851 | Vaults:5 | 50851 ||| UPGRADING to amulet "Sijomof" {Reflect Str+5
                  | SH+5}.
 50861 | Vaults:5 | 50861 ||| UPGRADING to +2 pair of boots "Joblekop" {-Tele
                  | Rampage rC- Will+++}.
 50866 | Vaults:5 | 50866 ||| UPGRADING to amulet of Doatz {Reflect rC++ rN+
                  | Dex-3 SH+5}.
 50876 | Vaults:5 | 50876 ||| REMOVING +2 pair of boots "Joblekop" {-Tele
                  | Rampage rC- Will+++}.
 50881 | Vaults:5 | 50881 ||| UPGRADING to amulet "Sijomof" {Reflect Str+5
                  | SH+5}.
 50891 | Vaults:5 | 50891 ||| UPGRADING to +2 pair of boots "Joblekop" {-Tele
                  | Rampage rC- Will+++}.
 50896 | Vaults:5 | 50896 ||| UPGRADING to amulet of Doatz {Reflect rC++ rN+
                  | Dex-3 SH+5}.
 50906 | Vaults:5 | 50906 ||| REMOVING +2 pair of boots "Joblekop" {-Tele
                  | Rampage rC- Will+++}.
 50911 | Vaults:5 | 50911 ||| UPGRADING to amulet "Sijomof" {Reflect Str+5
                  | SH+5}.
 50921 | Vaults:5 | 50921 ||| UPGRADING to +2 pair of boots "Joblekop" {-Tele
                  | Rampage rC- Will+++}.
 50926 | Vaults:5 | 50926 ||| UPGRADING to amulet of Doatz {Reflect rC++ rN+
                  | Dex-3 SH+5}.
 50936 | Vaults:5 | 50936 ||| REMOVING +2 pair of boots "Joblekop" {-Tele
                  | Rampage rC- Will+++}.
 50941 | Vaults:5 | 50941 ||| UPGRADING to amulet "Sijomof" {Reflect Str+5
                  | SH+5}.
 50951 | Vaults:5 | 50951 ||| UPGRADING to +2 pair of boots "Joblekop" {-Tele
                  | Rampage rC- Will+++}.
 50956 | Vaults:5 | 50956 ||| UPGRADING to amulet of Doatz {Reflect rC++ rN+
                  | Dex-3 SH+5}.
 50966 | Vaults:5 | 50966 ||| REMOVING +2 pair of boots "Joblekop" {-Tele
                  | Rampage rC- Will+++}.
 50971 | Vaults:5 | 50971 ||| UPGRADING to amulet "Sijomof" {Reflect Str+5
                  | SH+5}.
 50981 | Vaults:5 | 50981 ||| UPGRADING to +2 pair of boots "Joblekop" {-Tele
                  | Rampage rC- Will+++}.
 50986 | Vaults:5 | 50986 ||| UPGRADING to amulet of Doatz {Reflect rC++ rN+
                  | Dex-3 SH+5}.
 50996 | Vaults:5 | 50996 ||| REMOVING +2 pair of boots "Joblekop" {-Tele
                  | Rampage rC- Will+++}.
 51001 | Vaults:5 | 51001 ||| UPGRADING to amulet "Sijomof" {Reflect Str+5
                  | SH+5}.
 51011 | Vaults:5 | 51011 ||| UPGRADING to +2 pair of boots "Joblekop" {-Tele
                  | Rampage rC- Will+++}.
 51016 | Vaults:5 | 51016 ||| UPGRADING to amulet of Doatz {Reflect rC++ rN+
                  | Dex-3 SH+5}.
 51026 | Vaults:5 | 51026 ||| REMOVING +2 pair of boots "Joblekop" {-Tele
                  | Rampage rC- Will+++}.
 51031 | Vaults:5 | 51031 ||| UPGRADING to amulet "Sijomof" {Reflect Str+5
                  | SH+5}.
 51041 | Vaults:5 | 51041 ||| UPGRADING to +2 pair of boots "Joblekop" {-Tele
                  | Rampage rC- Will+++}.
 51046 | Vaults:5 | 51046 ||| UPGRADING to amulet of Doatz {Reflect rC++ rN+
                  | Dex-3 SH+5}.
 51056 | Vaults:5 | 51056 ||| REMOVING +2 pair of boots "Joblekop" {-Tele
                  | Rampage rC- Will+++}.
 51061 | Vaults:5 | 51061 ||| UPGRADING to amulet "Sijomof" {Reflect Str+5
                  | SH+5}.
 51071 | Vaults:5 | 51071 ||| UPGRADING to +2 pair of boots "Joblekop" {-Tele
                  | Rampage rC- Will+++}.
 51076 | Vaults:5 | 51076 ||| UPGRADING to amulet of Doatz {Reflect rC++ rN+
                  | Dex-3 SH+5}.
 51086 | Vaults:5 | 51086 ||| REMOVING +2 pair of boots "Joblekop" {-Tele
                  | Rampage rC- Will+++}.
 51091 | Vaults:5 | 51091 ||| UPGRADING to amulet "Sijomof" {Reflect Str+5
                  | SH+5}.
 51101 | Vaults:5 | 51101 ||| UPGRADING to +2 pair of boots "Joblekop" {-Tele
                  | Rampage rC- Will+++}.
 51106 | Vaults:5 | 51106 ||| UPGRADING to amulet of Doatz {Reflect rC++ rN+
                  | Dex-3 SH+5}.
 51116 | Vaults:5 | 51116 ||| REMOVING +2 pair of boots "Joblekop" {-Tele
                  | Rampage rC- Will+++}.
 51121 | Vaults:5 | 51121 ||| UPGRADING to amulet "Sijomof" {Reflect Str+5
                  | SH+5}.
 51131 | Vaults:5 | 51131 ||| UPGRADING to +2 pair of boots "Joblekop" {-Tele
                  | Rampage rC- Will+++}.
 51136 | Vaults:5 | 51136 ||| UPGRADING to amulet of Doatz {Reflect rC++ rN+
                  | Dex-3 SH+5}.
 51146 | Vaults:5 | 51146 ||| REMOVING +2 pair of boots "Joblekop" {-Tele
                  | Rampage rC- Will+++}.
 51151 | Vaults:5 | 51151 ||| UPGRADING to amulet "Sijomof" {Reflect Str+5
                  | SH+5}.
 51161 | Vaults:5 | 51161 ||| UPGRADING to +2 pair of boots "Joblekop" {-Tele
                  | Rampage rC- Will+++}.
 51166 | Vaults:5 | 51166 ||| UPGRADING to amulet of Doatz {Reflect rC++ rN+
                  | Dex-3 SH+5}.
 51176 | Vaults:5 | 51176 ||| REMOVING +2 pair of boots "Joblekop" {-Tele
                  | Rampage rC- Will+++}.
 51181 | Vaults:5 | 51181 ||| UPGRADING to amulet "Sijomof" {Reflect Str+5
                  | SH+5}.
 51191 | Vaults:5 | 51191 ||| UPGRADING to +2 pair of boots "Joblekop" {-Tele
                  | Rampage rC- Will+++}.
 51196 | Vaults:5 | 51196 ||| UPGRADING to amulet of Doatz {Reflect rC++ rN+
                  | Dex-3 SH+5}.
 51206 | Vaults:5 | 51206 ||| REMOVING +2 pair of boots "Joblekop" {-Tele
                  | Rampage rC- Will+++}.
 51211 | Vaults:5 | 51211 ||| UPGRADING to amulet "Sijomof" {Reflect Str+5
                  | SH+5}.
 51221 | Vaults:5 | 51221 ||| UPGRADING to +2 pair of boots "Joblekop" {-Tele
                  | Rampage rC- Will+++}.
 51226 | Vaults:5 | 51226 ||| UPGRADING to amulet of Doatz {Reflect rC++ rN+
                  | Dex-3 SH+5}.
 51236 | Vaults:5 | 51236 ||| REMOVING +2 pair of boots "Joblekop" {-Tele
                  | Rampage rC- Will+++}.
 51241 | Vaults:5 | 51241 ||| UPGRADING to amulet "Sijomof" {Reflect Str+5
                  | SH+5}.
 51251 | Vaults:5 | 51251 ||| UPGRADING to +2 pair of boots "Joblekop" {-Tele
                  | Rampage rC- Will+++}.
 51256 | Vaults:5 | 51256 ||| UPGRADING to amulet of Doatz {Reflect rC++ rN+
                  | Dex-3 SH+5}.
 51266 | Vaults:5 | 51266 ||| REMOVING +2 pair of boots "Joblekop" {-Tele
                  | Rampage rC- Will+++}.
 51271 | Vaults:5 | 51271 ||| UPGRADING to amulet "Sijomof" {Reflect Str+5
                  | SH+5}.
 51281 | Vaults:5 | 51281 ||| UPGRADING to +2 pair of boots "Joblekop" {-Tele
                  | Rampage rC- Will+++}.
 51286 | Vaults:5 | 51286 ||| UPGRADING to amulet of Doatz {Reflect rC++ rN+
                  | Dex-3 SH+5}.
 51296 | Vaults:5 | 51296 ||| REMOVING +2 pair of boots "Joblekop" {-Tele
                  | Rampage rC- Will+++}.
 51301 | Vaults:5 | 51301 ||| UPGRADING to amulet "Sijomof" {Reflect Str+5
                  | SH+5}.
 51311 | Vaults:5 | 51311 ||| UPGRADING to +2 pair of boots "Joblekop" {-Tele
                  | Rampage rC- Will+++}.
 51316 | Vaults:5 | 51316 ||| UPGRADING to amulet of Doatz {Reflect rC++ rN+
                  | Dex-3 SH+5}.
 51326 | Vaults:5 | 51326 ||| REMOVING +2 pair of boots "Joblekop" {-Tele
                  | Rampage rC- Will+++}.
 51331 | Vaults:5 | 51331 ||| UPGRADING to amulet "Sijomof" {Reflect Str+5
                  | SH+5}.
 51341 | Vaults:5 | 51341 ||| UPGRADING to +2 pair of boots "Joblekop" {-Tele
                  | Rampage rC- Will+++}.
 51346 | Vaults:5 | 51346 ||| UPGRADING to amulet of Doatz {Reflect rC++ rN+
                  | Dex-3 SH+5}.
 51356 | Vaults:5 | 51356 ||| REMOVING +2 pair of boots "Joblekop" {-Tele
                  | Rampage rC- Will+++}.
 51361 | Vaults:5 | 51361 ||| UPGRADING to amulet "Sijomof" {Reflect Str+5
                  | SH+5}.
 51371 | Vaults:5 | 51371 ||| UPGRADING to +2 pair of boots "Joblekop" {-Tele
                  | Rampage rC- Will+++}.
 51376 | Vaults:5 | 51376 ||| UPGRADING to amulet of Doatz {Reflect rC++ rN+
                  | Dex-3 SH+5}.
 51386 | Vaults:5 | 51386 ||| REMOVING +2 pair of boots "Joblekop" {-Tele
                  | Rampage rC- Will+++}.
 51391 | Vaults:5 | 51391 ||| UPGRADING to amulet "Sijomof" {Reflect Str+5
                  | SH+5}.
 51401 | Vaults:5 | 51401 ||| UPGRADING to +2 pair of boots "Joblekop" {-Tele
                  | Rampage rC- Will+++}.
 51406 | Vaults:5 | 51406 ||| UPGRADING to amulet of Doatz {Reflect rC++ rN+
                  | Dex-3 SH+5}.
 51416 | Vaults:5 | 51416 ||| REMOVING +2 pair of boots "Joblekop" {-Tele
                  | Rampage rC- Will+++}.
 51421 | Vaults:5 | 51421 ||| UPGRADING to amulet "Sijomof" {Reflect Str+5
                  | SH+5}.
 51431 | Vaults:5 | 51431 ||| UPGRADING to +2 pair of boots "Joblekop" {-Tele
                  | Rampage rC- Will+++}.
 51436 | Vaults:5 | 51436 ||| UPGRADING to amulet of Doatz {Reflect rC++ rN+
                  | Dex-3 SH+5}.
 51446 | Vaults:5 | 51446 ||| REMOVING +2 pair of boots "Joblekop" {-Tele
                  | Rampage rC- Will+++}.
 51451 | Vaults:5 | 51451 ||| UPGRADING to amulet "Sijomof" {Reflect Str+5
                  | SH+5}.
 51461 | Vaults:5 | 51461 ||| UPGRADING to +2 pair of boots "Joblekop" {-Tele
                  | Rampage rC- Will+++}.
 51466 | Vaults:5 | 51466 ||| UPGRADING to amulet of Doatz {Reflect rC++ rN+
                  | Dex-3 SH+5}.
 51476 | Vaults:5 | 51476 ||| REMOVING +2 pair of boots "Joblekop" {-Tele
                  | Rampage rC- Will+++}.
 51481 | Vaults:5 | 51481 ||| UPGRADING to amulet "Sijomof" {Reflect Str+5
                  | SH+5}.
 51491 | Vaults:5 | 51491 ||| UPGRADING to +2 pair of boots "Joblekop" {-Tele
                  | Rampage rC- Will+++}.
 51496 | Vaults:5 | 51496 ||| UPGRADING to amulet of Doatz {Reflect rC++ rN+
                  | Dex-3 SH+5}.
 51506 | Vaults:5 | 51506 ||| REMOVING +2 pair of boots "Joblekop" {-Tele
                  | Rampage rC- Will+++}.
 51511 | Vaults:5 | 51511 ||| UPGRADING to amulet "Sijomof" {Reflect Str+5
                  | SH+5}.
 51521 | Vaults:5 | 51521 ||| UPGRADING to +2 pair of boots "Joblekop" {-Tele
                  | Rampage rC- Will+++}.
 51526 | Vaults:5 | 51526 ||| UPGRADING to amulet of Doatz {Reflect rC++ rN+
                  | Dex-3 SH+5}.
 51536 | Vaults:5 | 51536 ||| REMOVING +2 pair of boots "Joblekop" {-Tele
                  | Rampage rC- Will+++}.
 51541 | Vaults:5 | 51541 ||| UPGRADING to amulet "Sijomof" {Reflect Str+5
                  | SH+5}.
 51551 | Vaults:5 | 51551 ||| UPGRADING to +2 pair of boots "Joblekop" {-Tele
                  | Rampage rC- Will+++}.
 51556 | Vaults:5 | 51556 ||| UPGRADING to amulet of Doatz {Reflect rC++ rN+
                  | Dex-3 SH+5}.
 51566 | Vaults:5 | 51566 ||| REMOVING +2 pair of boots "Joblekop" {-Tele
                  | Rampage rC- Will+++}.
 51571 | Vaults:5 | 51571 ||| UPGRADING to amulet "Sijomof" {Reflect Str+5
                  | SH+5}.
 51581 | Vaults:5 | 51581 ||| UPGRADING to +2 pair of boots "Joblekop" {-Tele
                  | Rampage rC- Will+++}.
 51586 | Vaults:5 | 51586 ||| UPGRADING to amulet of Doatz {Reflect rC++ rN+
                  | Dex-3 SH+5}.
 51596 | Vaults:5 | 51596 ||| REMOVING +2 pair of boots "Joblekop" {-Tele
                  | Rampage rC- Will+++}.
 51601 | Vaults:5 | 51601 ||| UPGRADING to amulet "Sijomof" {Reflect Str+5
                  | SH+5}.
 51611 | Vaults:5 | 51611 ||| UPGRADING to +2 pair of boots "Joblekop" {-Tele
                  | Rampage rC- Will+++}.
 51616 | Vaults:5 | 51616 ||| UPGRADING to amulet of Doatz {Reflect rC++ rN+
                  | Dex-3 SH+5}.
 51626 | Vaults:5 | 51626 ||| REMOVING +2 pair of boots "Joblekop" {-Tele
                  | Rampage rC- Will+++}.
 51631 | Vaults:5 | 51631 ||| UPGRADING to amulet "Sijomof" {Reflect Str+5
                  | SH+5}.
 51641 | Vaults:5 | 51641 ||| UPGRADING to +2 pair of boots "Joblekop" {-Tele
                  | Rampage rC- Will+++}.
 51646 | Vaults:5 | 51646 ||| UPGRADING to amulet of Doatz {Reflect rC++ rN+
                  | Dex-3 SH+5}.
 51656 | Vaults:5 | 51656 ||| REMOVING +2 pair of boots "Joblekop" {-Tele
                  | Rampage rC- Will+++}.
 51661 | Vaults:5 | 51661 ||| UPGRADING to amulet "Sijomof" {Reflect Str+5
                  | SH+5}.
 51671 | Vaults:5 | 51671 ||| UPGRADING to +2 pair of boots "Joblekop" {-Tele
                  | Rampage rC- Will+++}.
 51676 | Vaults:5 | 51676 ||| UPGRADING to amulet of Doatz {Reflect rC++ rN+
                  | Dex-3 SH+5}.
 51686 | Vaults:5 | 51686 ||| REMOVING +2 pair of boots "Joblekop" {-Tele
                  | Rampage rC- Will+++}.
 51691 | Vaults:5 | 51691 ||| UPGRADING to amulet "Sijomof" {Reflect Str+5
                  | SH+5}.
 51701 | Vaults:5 | 51701 ||| UPGRADING to +2 pair of boots "Joblekop" {-Tele
                  | Rampage rC- Will+++}.
 51706 | Vaults:5 | 51706 ||| UPGRADING to amulet of Doatz {Reflect rC++ rN+
                  | Dex-3 SH+5}.
 51716 | Vaults:5 | 51716 ||| REMOVING +2 pair of boots "Joblekop" {-Tele
                  | Rampage rC- Will+++}.
 51721 | Vaults:5 | 51721 ||| UPGRADING to amulet "Sijomof" {Reflect Str+5
                  | SH+5}.
 51731 | Vaults:5 | 51731 ||| UPGRADING to +2 pair of boots "Joblekop" {-Tele
                  | Rampage rC- Will+++}.
 51736 | Vaults:5 | 51736 ||| UPGRADING to amulet of Doatz {Reflect rC++ rN+
                  | Dex-3 SH+5}.
 51746 | Vaults:5 | 51746 ||| REMOVING +2 pair of boots "Joblekop" {-Tele
                  | Rampage rC- Will+++}.
 51751 | Vaults:5 | 51751 ||| UPGRADING to amulet "Sijomof" {Reflect Str+5
                  | SH+5}.
 51761 | Vaults:5 | 51761 ||| UPGRADING to +2 pair of boots "Joblekop" {-Tele
                  | Rampage rC- Will+++}.
 51766 | Vaults:5 | 51766 ||| UPGRADING to amulet of Doatz {Reflect rC++ rN+
                  | Dex-3 SH+5}.
 51776 | Vaults:5 | 51776 ||| REMOVING +2 pair of boots "Joblekop" {-Tele
                  | Rampage rC- Will+++}.
 51781 | Vaults:5 | 51781 ||| UPGRADING to amulet "Sijomof" {Reflect Str+5
                  | SH+5}.
 51791 | Vaults:5 | 51791 ||| UPGRADING to +2 pair of boots "Joblekop" {-Tele
                  | Rampage rC- Will+++}.
 51796 | Vaults:5 | 51796 ||| UPGRADING to amulet of Doatz {Reflect rC++ rN+
                  | Dex-3 SH+5}.
 51806 | Vaults:5 | 51806 ||| REMOVING +2 pair of boots "Joblekop" {-Tele
                  | Rampage rC- Will+++}.
 51811 | Vaults:5 | 51811 ||| UPGRADING to amulet "Sijomof" {Reflect Str+5
                  | SH+5}.
 51821 | Vaults:5 | 51821 ||| UPGRADING to +2 pair of boots "Joblekop" {-Tele
                  | Rampage rC- Will+++}.
 51826 | Vaults:5 | 51826 ||| UPGRADING to amulet of Doatz {Reflect rC++ rN+
                  | Dex-3 SH+5}.
 51836 | Vaults:5 | 51836 ||| REMOVING +2 pair of boots "Joblekop" {-Tele
                  | Rampage rC- Will+++}.
 51841 | Vaults:5 | 51841 ||| UPGRADING to amulet "Sijomof" {Reflect Str+5
                  | SH+5}.
 51851 | Vaults:5 | 51851 ||| UPGRADING to +2 pair of boots "Joblekop" {-Tele
                  | Rampage rC- Will+++}.
 51856 | Vaults:5 | 51856 ||| UPGRADING to amulet of Doatz {Reflect rC++ rN+
                  | Dex-3 SH+5}.
 51866 | Vaults:5 | 51866 ||| REMOVING +2 pair of boots "Joblekop" {-Tele
                  | Rampage rC- Will+++}.
 51871 | Vaults:5 | 51871 ||| UPGRADING to amulet "Sijomof" {Reflect Str+5
                  | SH+5}.
 51881 | Vaults:5 | 51881 ||| UPGRADING to +2 pair of boots "Joblekop" {-Tele
                  | Rampage rC- Will+++}.
 51886 | Vaults:5 | 51886 ||| UPGRADING to amulet of Doatz {Reflect rC++ rN+
                  | Dex-3 SH+5}.
 51896 | Vaults:5 | 51896 ||| REMOVING +2 pair of boots "Joblekop" {-Tele
                  | Rampage rC- Will+++}.
 51901 | Vaults:5 | 51901 ||| UPGRADING to amulet "Sijomof" {Reflect Str+5
                  | SH+5}.
 51911 | Vaults:5 | 51911 ||| UPGRADING to +2 pair of boots "Joblekop" {-Tele
                  | Rampage rC- Will+++}.
 51916 | Vaults:5 | 51916 ||| UPGRADING to amulet of Doatz {Reflect rC++ rN+
                  | Dex-3 SH+5}.
 51926 | Vaults:5 | 51926 ||| REMOVING +2 pair of boots "Joblekop" {-Tele
                  | Rampage rC- Will+++}.
 51931 | Vaults:5 | 51931 ||| UPGRADING to amulet "Sijomof" {Reflect Str+5
                  | SH+5}.
 51941 | Vaults:5 | 51941 ||| UPGRADING to +2 pair of boots "Joblekop" {-Tele
                  | Rampage rC- Will+++}.
 51946 | Vaults:5 | 51946 ||| UPGRADING to amulet of Doatz {Reflect rC++ rN+
                  | Dex-3 SH+5}.
 51956 | Vaults:5 | 51956 ||| REMOVING +2 pair of boots "Joblekop" {-Tele
                  | Rampage rC- Will+++}.
 51961 | Vaults:5 | 51961 ||| UPGRADING to amulet "Sijomof" {Reflect Str+5
                  | SH+5}.
 51971 | Vaults:5 | 51971 ||| UPGRADING to +2 pair of boots "Joblekop" {-Tele
                  | Rampage rC- Will+++}.
 51976 | Vaults:5 | 51976 ||| UPGRADING to amulet of Doatz {Reflect rC++ rN+
                  | Dex-3 SH+5}.
 51986 | Vaults:5 | 51986 ||| REMOVING +2 pair of boots "Joblekop" {-Tele
                  | Rampage rC- Will+++}.
 51991 | Vaults:5 | 51991 ||| UPGRADING to amulet "Sijomof" {Reflect Str+5
                  | SH+5}.
 52001 | Vaults:5 | 52001 ||| UPGRADING to +2 pair of boots "Joblekop" {-Tele
                  | Rampage rC- Will+++}.
 52006 | Vaults:5 | 52006 ||| UPGRADING to amulet of Doatz {Reflect rC++ rN+
                  | Dex-3 SH+5}.
 52016 | Vaults:5 | 52016 ||| REMOVING +2 pair of boots "Joblekop" {-Tele
                  | Rampage rC- Will+++}.
 52021 | Vaults:5 | 52021 ||| UPGRADING to amulet "Sijomof" {Reflect Str+5
                  | SH+5}.
 52031 | Vaults:5 | 52031 ||| UPGRADING to +2 pair of boots "Joblekop" {-Tele
                  | Rampage rC- Will+++}.
 52036 | Vaults:5 | 52036 ||| UPGRADING to amulet of Doatz {Reflect rC++ rN+
                  | Dex-3 SH+5}.
 52046 | Vaults:5 | 52046 ||| REMOVING +2 pair of boots "Joblekop" {-Tele
                  | Rampage rC- Will+++}.
 52051 | Vaults:5 | 52051 ||| UPGRADING to amulet "Sijomof" {Reflect Str+5
                  | SH+5}.
 52061 | Vaults:5 | 52061 ||| UPGRADING to +2 pair of boots "Joblekop" {-Tele
                  | Rampage rC- Will+++}.
 52066 | Vaults:5 | 52066 ||| UPGRADING to amulet of Doatz {Reflect rC++ rN+
                  | Dex-3 SH+5}.
 52076 | Vaults:5 | 52076 ||| REMOVING +2 pair of boots "Joblekop" {-Tele
                  | Rampage rC- Will+++}.
 52081 | Vaults:5 | 52081 ||| UPGRADING to amulet "Sijomof" {Reflect Str+5
                  | SH+5}.
 52091 | Vaults:5 | 52091 ||| UPGRADING to +2 pair of boots "Joblekop" {-Tele
                  | Rampage rC- Will+++}.
 52096 | Vaults:5 | 52096 ||| UPGRADING to amulet of Doatz {Reflect rC++ rN+
                  | Dex-3 SH+5}.
 52106 | Vaults:5 | 52106 ||| REMOVING +2 pair of boots "Joblekop" {-Tele
                  | Rampage rC- Will+++}.
 52111 | Vaults:5 | 52111 ||| UPGRADING to amulet "Sijomof" {Reflect Str+5
                  | SH+5}.
 52121 | Vaults:5 | 52121 ||| UPGRADING to +2 pair of boots "Joblekop" {-Tele
                  | Rampage rC- Will+++}.
 52126 | Vaults:5 | 52126 ||| UPGRADING to amulet of Doatz {Reflect rC++ rN+
                  | Dex-3 SH+5}.
 52136 | Vaults:5 | 52136 ||| REMOVING +2 pair of boots "Joblekop" {-Tele
                  | Rampage rC- Will+++}.
 52141 | Vaults:5 | 52141 ||| UPGRADING to amulet "Sijomof" {Reflect Str+5
                  | SH+5}.
 52151 | Vaults:5 | 52151 ||| UPGRADING to +2 pair of boots "Joblekop" {-Tele
                  | Rampage rC- Will+++}.
 52156 | Vaults:5 | 52156 ||| UPGRADING to amulet of Doatz {Reflect rC++ rN+
                  | Dex-3 SH+5}.
 52166 | Vaults:5 | 52166 ||| REMOVING +2 pair of boots "Joblekop" {-Tele
                  | Rampage rC- Will+++}.
 52171 | Vaults:5 | 52171 ||| UPGRADING to amulet "Sijomof" {Reflect Str+5
                  | SH+5}.
 52181 | Vaults:5 | 52181 ||| UPGRADING to +2 pair of boots "Joblekop" {-Tele
                  | Rampage rC- Will+++}.
 52186 | Vaults:5 | 52186 ||| UPGRADING to amulet of Doatz {Reflect rC++ rN+
                  | Dex-3 SH+5}.
 52196 | Vaults:5 | 52196 ||| REMOVING +2 pair of boots "Joblekop" {-Tele
                  | Rampage rC- Will+++}.
 52201 | Vaults:5 | 52201 ||| UPGRADING to amulet "Sijomof" {Reflect Str+5
                  | SH+5}.
 52211 | Vaults:5 | 52211 ||| UPGRADING to +2 pair of boots "Joblekop" {-Tele
                  | Rampage rC- Will+++}.
 52216 | Vaults:5 | 52216 ||| UPGRADING to amulet of Doatz {Reflect rC++ rN+
                  | Dex-3 SH+5}.
 52226 | Vaults:5 | 52226 ||| REMOVING +2 pair of boots "Joblekop" {-Tele
                  | Rampage rC- Will+++}.
 52231 | Vaults:5 | 52231 ||| UPGRADING to amulet "Sijomof" {Reflect Str+5
                  | SH+5}.
 52241 | Vaults:5 | 52241 ||| UPGRADING to +2 pair of boots "Joblekop" {-Tele
                  | Rampage rC- Will+++}.
 52246 | Vaults:5 | 52246 ||| UPGRADING to amulet of Doatz {Reflect rC++ rN+
                  | Dex-3 SH+5}.
 52256 | Vaults:5 | 52256 ||| REMOVING +2 pair of boots "Joblekop" {-Tele
                  | Rampage rC- Will+++}.
 52261 | Vaults:5 | 52261 ||| UPGRADING to amulet "Sijomof" {Reflect Str+5
                  | SH+5}.
 52271 | Vaults:5 | 52271 ||| UPGRADING to +2 pair of boots "Joblekop" {-Tele
                  | Rampage rC- Will+++}.
 52276 | Vaults:5 | 52276 ||| UPGRADING to amulet of Doatz {Reflect rC++ rN+
                  | Dex-3 SH+5}.
 52286 | Vaults:5 | 52286 ||| REMOVING +2 pair of boots "Joblekop" {-Tele
                  | Rampage rC- Will+++}.
 52291 | Vaults:5 | 52291 ||| UPGRADING to amulet "Sijomof" {Reflect Str+5
                  | SH+5}.
 52301 | Vaults:5 | 52301 ||| UPGRADING to +2 pair of boots "Joblekop" {-Tele
                  | Rampage rC- Will+++}.
 52306 | Vaults:5 | 52306 ||| UPGRADING to amulet of Doatz {Reflect rC++ rN+
                  | Dex-3 SH+5}.
 52316 | Vaults:5 | 52316 ||| REMOVING +2 pair of boots "Joblekop" {-Tele
                  | Rampage rC- Will+++}.
 52321 | Vaults:5 | 52321 ||| UPGRADING to amulet "Sijomof" {Reflect Str+5
                  | SH+5}.
 52331 | Vaults:5 | 52331 ||| UPGRADING to +2 pair of boots "Joblekop" {-Tele
                  | Rampage rC- Will+++}.
 52336 | Vaults:5 | 52336 ||| UPGRADING to amulet of Doatz {Reflect rC++ rN+
                  | Dex-3 SH+5}.
 52346 | Vaults:5 | 52346 ||| REMOVING +2 pair of boots "Joblekop" {-Tele
                  | Rampage rC- Will+++}.
 52351 | Vaults:5 | 52351 ||| UPGRADING to amulet "Sijomof" {Reflect Str+5
                  | SH+5}.
 52361 | Vaults:5 | 52361 ||| UPGRADING to +2 pair of boots "Joblekop" {-Tele
                  | Rampage rC- Will+++}.
 52366 | Vaults:5 | 52366 ||| UPGRADING to amulet of Doatz {Reflect rC++ rN+
                  | Dex-3 SH+5}.
 52376 | Vaults:5 | 52376 ||| REMOVING +2 pair of boots "Joblekop" {-Tele
                  | Rampage rC- Will+++}.
 52381 | Vaults:5 | 52381 ||| UPGRADING to amulet "Sijomof" {Reflect Str+5
                  | SH+5}.
 52391 | Vaults:5 | 52391 ||| UPGRADING to +2 pair of boots "Joblekop" {-Tele
                  | Rampage rC- Will+++}.
 52396 | Vaults:5 | 52396 ||| UPGRADING to amulet of Doatz {Reflect rC++ rN+
                  | Dex-3 SH+5}.
 52406 | Vaults:5 | 52406 ||| REMOVING +2 pair of boots "Joblekop" {-Tele
                  | Rampage rC- Will+++}.
 52411 | Vaults:5 | 52411 ||| UPGRADING to amulet "Sijomof" {Reflect Str+5
                  | SH+5}.
 52421 | Vaults:5 | 52421 ||| UPGRADING to +2 pair of boots "Joblekop" {-Tele
                  | Rampage rC- Will+++}.
 52426 | Vaults:5 | 52426 ||| UPGRADING to amulet of Doatz {Reflect rC++ rN+
                  | Dex-3 SH+5}.
 52436 | Vaults:5 | 52436 ||| REMOVING +2 pair of boots "Joblekop" {-Tele
                  | Rampage rC- Will+++}.
 52441 | Vaults:5 | 52441 ||| UPGRADING to amulet "Sijomof" {Reflect Str+5
                  | SH+5}.
 52451 | Vaults:5 | 52451 ||| UPGRADING to +2 pair of boots "Joblekop" {-Tele
                  | Rampage rC- Will+++}.
 52456 | Vaults:5 | 52456 ||| UPGRADING to amulet of Doatz {Reflect rC++ rN+
                  | Dex-3 SH+5}.
 52466 | Vaults:5 | 52466 ||| REMOVING +2 pair of boots "Joblekop" {-Tele
                  | Rampage rC- Will+++}.
 52471 | Vaults:5 | 52471 ||| UPGRADING to amulet "Sijomof" {Reflect Str+5
                  | SH+5}.
 52481 | Vaults:5 | 52481 ||| UPGRADING to +2 pair of boots "Joblekop" {-Tele
                  | Rampage rC- Will+++}.
 52486 | Vaults:5 | 52486 ||| UPGRADING to amulet of Doatz {Reflect rC++ rN+
                  | Dex-3 SH+5}.
 52496 | Vaults:5 | 52496 ||| REMOVING +2 pair of boots "Joblekop" {-Tele
                  | Rampage rC- Will+++}.
 52501 | Vaults:5 | 52501 ||| UPGRADING to amulet "Sijomof" {Reflect Str+5
                  | SH+5}.
 52511 | Vaults:5 | 52511 ||| UPGRADING to +2 pair of boots "Joblekop" {-Tele
                  | Rampage rC- Will+++}.
 52516 | Vaults:5 | 52516 ||| UPGRADING to amulet of Doatz {Reflect rC++ rN+
                  | Dex-3 SH+5}.
 52526 | Vaults:5 | 52526 ||| REMOVING +2 pair of boots "Joblekop" {-Tele
                  | Rampage rC- Will+++}.
 52531 | Vaults:5 | 52531 ||| UPGRADING to amulet "Sijomof" {Reflect Str+5
                  | SH+5}.
 52541 | Vaults:5 | 52541 ||| UPGRADING to +2 pair of boots "Joblekop" {-Tele
                  | Rampage rC- Will+++}.
 52546 | Vaults:5 | 52546 ||| UPGRADING to amulet of Doatz {Reflect rC++ rN+
                  | Dex-3 SH+5}.
 52556 | Vaults:5 | 52556 ||| REMOVING +2 pair of boots "Joblekop" {-Tele
                  | Rampage rC- Will+++}.
 52561 | Vaults:5 | 52561 ||| UPGRADING to amulet "Sijomof" {Reflect Str+5
                  | SH+5}.
 52571 | Vaults:5 | 52571 ||| UPGRADING to +2 pair of boots "Joblekop" {-Tele
                  | Rampage rC- Will+++}.
 52576 | Vaults:5 | 52576 ||| UPGRADING to amulet of Doatz {Reflect rC++ rN+
                  | Dex-3 SH+5}.
 52586 | Vaults:5 | 52586 ||| REMOVING +2 pair of boots "Joblekop" {-Tele
                  | Rampage rC- Will+++}.
 52591 | Vaults:5 | 52591 ||| UPGRADING to amulet "Sijomof" {Reflect Str+5
                  | SH+5}.
 52601 | Vaults:5 | 52601 ||| UPGRADING to +2 pair of boots "Joblekop" {-Tele
                  | Rampage rC- Will+++}.
 52606 | Vaults:5 | 52606 ||| UPGRADING to amulet of Doatz {Reflect rC++ rN+
                  | Dex-3 SH+5}.
 52616 | Vaults:5 | 52616 ||| REMOVING +2 pair of boots "Joblekop" {-Tele
                  | Rampage rC- Will+++}.
 52621 | Vaults:5 | 52621 ||| UPGRADING to amulet "Sijomof" {Reflect Str+5
                  | SH+5}.
 52631 | Vaults:5 | 52631 ||| UPGRADING to +2 pair of boots "Joblekop" {-Tele
                  | Rampage rC- Will+++}.
 52636 | Vaults:5 | 52636 ||| UPGRADING to amulet of Doatz {Reflect rC++ rN+
                  | Dex-3 SH+5}.
 52646 | Vaults:5 | 52646 ||| REMOVING +2 pair of boots "Joblekop" {-Tele
                  | Rampage rC- Will+++}.
 52651 | Vaults:5 | 52651 ||| UPGRADING to amulet "Sijomof" {Reflect Str+5
                  | SH+5}.
 52661 | Vaults:5 | 52661 ||| UPGRADING to +2 pair of boots "Joblekop" {-Tele
                  | Rampage rC- Will+++}.
 52666 | Vaults:5 | 52666 ||| UPGRADING to amulet of Doatz {Reflect rC++ rN+
                  | Dex-3 SH+5}.
 52676 | Vaults:5 | 52676 ||| REMOVING +2 pair of boots "Joblekop" {-Tele
                  | Rampage rC- Will+++}.
 52681 | Vaults:5 | 52681 ||| UPGRADING to amulet "Sijomof" {Reflect Str+5
                  | SH+5}.
 52691 | Vaults:5 | 52691 ||| UPGRADING to +2 pair of boots "Joblekop" {-Tele
                  | Rampage rC- Will+++}.
 52696 | Vaults:5 | 52696 ||| UPGRADING to amulet of Doatz {Reflect rC++ rN+
                  | Dex-3 SH+5}.
 52706 | Vaults:5 | 52706 ||| REMOVING +2 pair of boots "Joblekop" {-Tele
                  | Rampage rC- Will+++}.
 52711 | Vaults:5 | 52711 ||| UPGRADING to amulet "Sijomof" {Reflect Str+5
                  | SH+5}.
 52721 | Vaults:5 | 52721 ||| UPGRADING to +2 pair of boots "Joblekop" {-Tele
                  | Rampage rC- Will+++}.
 52726 | Vaults:5 | 52726 ||| UPGRADING to amulet of Doatz {Reflect rC++ rN+
                  | Dex-3 SH+5}.
 52736 | Vaults:5 | 52736 ||| REMOVING +2 pair of boots "Joblekop" {-Tele
                  | Rampage rC- Will+++}.
 52741 | Vaults:5 | 52741 ||| UPGRADING to amulet "Sijomof" {Reflect Str+5
                  | SH+5}.
 52751 | Vaults:5 | 52751 ||| UPGRADING to +2 pair of boots "Joblekop" {-Tele
                  | Rampage rC- Will+++}.
 52756 | Vaults:5 | 52756 ||| UPGRADING to amulet of Doatz {Reflect rC++ rN+
                  | Dex-3 SH+5}.
 52766 | Vaults:5 | 52766 ||| REMOVING +2 pair of boots "Joblekop" {-Tele
                  | Rampage rC- Will+++}.
 52771 | Vaults:5 | 52771 ||| UPGRADING to amulet "Sijomof" {Reflect Str+5
                  | SH+5}.
 52781 | Vaults:5 | 52781 ||| UPGRADING to +2 pair of boots "Joblekop" {-Tele
                  | Rampage rC- Will+++}.
 52786 | Vaults:5 | 52786 ||| UPGRADING to amulet of Doatz {Reflect rC++ rN+
                  | Dex-3 SH+5}.
 52796 | Vaults:5 | 52796 ||| REMOVING +2 pair of boots "Joblekop" {-Tele
                  | Rampage rC- Will+++}.
 52801 | Vaults:5 | 52801 ||| UPGRADING to amulet "Sijomof" {Reflect Str+5
                  | SH+5}.
 52811 | Vaults:5 | 52811 ||| UPGRADING to +2 pair of boots "Joblekop" {-Tele
                  | Rampage rC- Will+++}.
 52816 | Vaults:5 | 52816 ||| UPGRADING to amulet of Doatz {Reflect rC++ rN+
                  | Dex-3 SH+5}.
 52826 | Vaults:5 | 52826 ||| REMOVING +2 pair of boots "Joblekop" {-Tele
                  | Rampage rC- Will+++}.
 52831 | Vaults:5 | 52831 ||| UPGRADING to amulet "Sijomof" {Reflect Str+5
                  | SH+5}.
 52841 | Vaults:5 | 52841 ||| UPGRADING to +2 pair of boots "Joblekop" {-Tele
                  | Rampage rC- Will+++}.
 52846 | Vaults:5 | 52846 ||| UPGRADING to amulet of Doatz {Reflect rC++ rN+
                  | Dex-3 SH+5}.
 52856 | Vaults:5 | 52856 ||| REMOVING +2 pair of boots "Joblekop" {-Tele
                  | Rampage rC- Will+++}.
 52861 | Vaults:5 | 52861 ||| UPGRADING to amulet "Sijomof" {Reflect Str+5
                  | SH+5}.
 52871 | Vaults:5 | 52871 ||| UPGRADING to +2 pair of boots "Joblekop" {-Tele
                  | Rampage rC- Will+++}.
 52876 | Vaults:5 | 52876 ||| UPGRADING to amulet of Doatz {Reflect rC++ rN+
                  | Dex-3 SH+5}.
 52886 | Vaults:5 | 52886 ||| REMOVING +2 pair of boots "Joblekop" {-Tele
                  | Rampage rC- Will+++}.
 52891 | Vaults:5 | 52891 ||| UPGRADING to amulet "Sijomof" {Reflect Str+5
                  | SH+5}.
 52901 | Vaults:5 | 52901 ||| UPGRADING to +2 pair of boots "Joblekop" {-Tele
                  | Rampage rC- Will+++}.
 52906 | Vaults:5 | 52906 ||| UPGRADING to amulet of Doatz {Reflect rC++ rN+
                  | Dex-3 SH+5}.
 52916 | Vaults:5 | 52916 ||| REMOVING +2 pair of boots "Joblekop" {-Tele
                  | Rampage rC- Will+++}.
 52921 | Vaults:5 | 52921 ||| UPGRADING to amulet "Sijomof" {Reflect Str+5
                  | SH+5}.
 52931 | Vaults:5 | 52931 ||| UPGRADING to +2 pair of boots "Joblekop" {-Tele
                  | Rampage rC- Will+++}.
 52936 | Vaults:5 | 52936 ||| UPGRADING to amulet of Doatz {Reflect rC++ rN+
                  | Dex-3 SH+5}.
 52946 | Vaults:5 | 52946 ||| REMOVING +2 pair of boots "Joblekop" {-Tele
                  | Rampage rC- Will+++}.
 52951 | Vaults:5 | 52951 ||| UPGRADING to amulet "Sijomof" {Reflect Str+5
                  | SH+5}.
 52961 | Vaults:5 | 52961 ||| UPGRADING to +2 pair of boots "Joblekop" {-Tele
                  | Rampage rC- Will+++}.
 52966 | Vaults:5 | 52966 ||| UPGRADING to amulet of Doatz {Reflect rC++ rN+
                  | Dex-3 SH+5}.
 52976 | Vaults:5 | 52976 ||| REMOVING +2 pair of boots "Joblekop" {-Tele
                  | Rampage rC- Will+++}.
 52981 | Vaults:5 | 52981 ||| UPGRADING to amulet "Sijomof" {Reflect Str+5
                  | SH+5}.
 52991 | Vaults:5 | 52991 ||| UPGRADING to +2 pair of boots "Joblekop" {-Tele
                  | Rampage rC- Will+++}.
 52996 | Vaults:5 | 52996 ||| UPGRADING to amulet of Doatz {Reflect rC++ rN+
                  | Dex-3 SH+5}.
 53006 | Vaults:5 | 53006 ||| REMOVING +2 pair of boots "Joblekop" {-Tele
                  | Rampage rC- Will+++}.
 53011 | Vaults:5 | 53011 ||| UPGRADING to amulet "Sijomof" {Reflect Str+5
                  | SH+5}.
 53021 | Vaults:5 | 53021 ||| UPGRADING to +2 pair of boots "Joblekop" {-Tele
                  | Rampage rC- Will+++}.
 53026 | Vaults:5 | 53026 ||| UPGRADING to amulet of Doatz {Reflect rC++ rN+
                  | Dex-3 SH+5}.
 53036 | Vaults:5 | 53036 ||| REMOVING +2 pair of boots "Joblekop" {-Tele
                  | Rampage rC- Will+++}.
 53041 | Vaults:5 | 53041 ||| UPGRADING to amulet "Sijomof" {Reflect Str+5
                  | SH+5}.
 53051 | Vaults:5 | 53051 ||| UPGRADING to +2 pair of boots "Joblekop" {-Tele
                  | Rampage rC- Will+++}.
 53056 | Vaults:5 | 53056 ||| UPGRADING to amulet of Doatz {Reflect rC++ rN+
                  | Dex-3 SH+5}.
 53066 | Vaults:5 | 53066 ||| REMOVING +2 pair of boots "Joblekop" {-Tele
                  | Rampage rC- Will+++}.
 53071 | Vaults:5 | 53071 ||| UPGRADING to amulet "Sijomof" {Reflect Str+5
                  | SH+5}.
 53081 | Vaults:5 | 53081 ||| UPGRADING to +2 pair of boots "Joblekop" {-Tele
                  | Rampage rC- Will+++}.
 53086 | Vaults:5 | 53086 ||| UPGRADING to amulet of Doatz {Reflect rC++ rN+
                  | Dex-3 SH+5}.
 53096 | Vaults:5 | 53096 ||| REMOVING +2 pair of boots "Joblekop" {-Tele
                  | Rampage rC- Will+++}.
 53101 | Vaults:5 | 53101 ||| UPGRADING to amulet "Sijomof" {Reflect Str+5
                  | SH+5}.
 53111 | Vaults:5 | 53111 ||| UPGRADING to +2 pair of boots "Joblekop" {-Tele
                  | Rampage rC- Will+++}.
 53116 | Vaults:5 | 53116 ||| UPGRADING to amulet of Doatz {Reflect rC++ rN+
                  | Dex-3 SH+5}.
 53126 | Vaults:5 | 53126 ||| REMOVING +2 pair of boots "Joblekop" {-Tele
                  | Rampage rC- Will+++}.
 53131 | Vaults:5 | 53131 ||| UPGRADING to amulet "Sijomof" {Reflect Str+5
                  | SH+5}.
 53141 | Vaults:5 | 53141 ||| UPGRADING to +2 pair of boots "Joblekop" {-Tele
                  | Rampage rC- Will+++}.
 53146 | Vaults:5 | 53146 ||| UPGRADING to amulet of Doatz {Reflect rC++ rN+
                  | Dex-3 SH+5}.
 53156 | Vaults:5 | 53156 ||| REMOVING +2 pair of boots "Joblekop" {-Tele
                  | Rampage rC- Will+++}.
 53161 | Vaults:5 | 53161 ||| UPGRADING to amulet "Sijomof" {Reflect Str+5
                  | SH+5}.
 53171 | Vaults:5 | 53171 ||| UPGRADING to +2 pair of boots "Joblekop" {-Tele
                  | Rampage rC- Will+++}.
 53176 | Vaults:5 | 53176 ||| UPGRADING to amulet of Doatz {Reflect rC++ rN+
                  | Dex-3 SH+5}.
 53186 | Vaults:5 | 53186 ||| REMOVING +2 pair of boots "Joblekop" {-Tele
                  | Rampage rC- Will+++}.
 53191 | Vaults:5 | 53191 ||| UPGRADING to amulet "Sijomof" {Reflect Str+5
                  | SH+5}.
 53201 | Vaults:5 | 53201 ||| UPGRADING to +2 pair of boots "Joblekop" {-Tele
                  | Rampage rC- Will+++}.
 53206 | Vaults:5 | 53206 ||| UPGRADING to amulet of Doatz {Reflect rC++ rN+
                  | Dex-3 SH+5}.
 53216 | Vaults:5 | 53216 ||| REMOVING +2 pair of boots "Joblekop" {-Tele
                  | Rampage rC- Will+++}.
 53221 | Vaults:5 | 53221 ||| UPGRADING to amulet "Sijomof" {Reflect Str+5
                  | SH+5}.
 53231 | Vaults:5 | 53231 ||| UPGRADING to +2 pair of boots "Joblekop" {-Tele
                  | Rampage rC- Will+++}.
 53236 | Vaults:5 | 53236 ||| UPGRADING to amulet of Doatz {Reflect rC++ rN+
                  | Dex-3 SH+5}.
 53246 | Vaults:5 | 53246 ||| REMOVING +2 pair of boots "Joblekop" {-Tele
                  | Rampage rC- Will+++}.
 53251 | Vaults:5 | 53251 ||| UPGRADING to amulet "Sijomof" {Reflect Str+5
                  | SH+5}.
 53261 | Vaults:5 | 53261 ||| UPGRADING to +2 pair of boots "Joblekop" {-Tele
                  | Rampage rC- Will+++}.
 53266 | Vaults:5 | 53266 ||| UPGRADING to amulet of Doatz {Reflect rC++ rN+
                  | Dex-3 SH+5}.
 53276 | Vaults:5 | 53276 ||| REMOVING +2 pair of boots "Joblekop" {-Tele
                  | Rampage rC- Will+++}.
 53281 | Vaults:5 | 53281 ||| UPGRADING to amulet "Sijomof" {Reflect Str+5
                  | SH+5}.
 53291 | Vaults:5 | 53291 ||| UPGRADING to +2 pair of boots "Joblekop" {-Tele
                  | Rampage rC- Will+++}.
 53296 | Vaults:5 | 53296 ||| UPGRADING to amulet of Doatz {Reflect rC++ rN+
                  | Dex-3 SH+5}.
 53306 | Vaults:5 | 53306 ||| REMOVING +2 pair of boots "Joblekop" {-Tele
                  | Rampage rC- Will+++}.
 53311 | Vaults:5 | 53311 ||| UPGRADING to amulet "Sijomof" {Reflect Str+5
                  | SH+5}.
 53321 | Vaults:5 | 53321 ||| UPGRADING to +2 pair of boots "Joblekop" {-Tele
                  | Rampage rC- Will+++}.
 53326 | Vaults:5 | 53326 ||| UPGRADING to amulet of Doatz {Reflect rC++ rN+
                  | Dex-3 SH+5}.
 53336 | Vaults:5 | 53336 ||| REMOVING +2 pair of boots "Joblekop" {-Tele
                  | Rampage rC- Will+++}.
 53341 | Vaults:5 | 53341 ||| UPGRADING to amulet "Sijomof" {Reflect Str+5
                  | SH+5}.
 53351 | Vaults:5 | 53351 ||| UPGRADING to +2 pair of boots "Joblekop" {-Tele
                  | Rampage rC- Will+++}.
 53356 | Vaults:5 | 53356 ||| UPGRADING to amulet of Doatz {Reflect rC++ rN+
                  | Dex-3 SH+5}.
 53366 | Vaults:5 | 53366 ||| REMOVING +2 pair of boots "Joblekop" {-Tele
                  | Rampage rC- Will+++}.
 53371 | Vaults:5 | 53371 ||| UPGRADING to amulet "Sijomof" {Reflect Str+5
                  | SH+5}.
 53381 | Vaults:5 | 53381 ||| UPGRADING to +2 pair of boots "Joblekop" {-Tele
                  | Rampage rC- Will+++}.
 53386 | Vaults:5 | 53386 ||| UPGRADING to amulet of Doatz {Reflect rC++ rN+
                  | Dex-3 SH+5}.
 53396 | Vaults:5 | 53396 ||| REMOVING +2 pair of boots "Joblekop" {-Tele
                  | Rampage rC- Will+++}.
 53401 | Vaults:5 | 53401 ||| UPGRADING to amulet "Sijomof" {Reflect Str+5
                  | SH+5}.
 53411 | Vaults:5 | 53411 ||| UPGRADING to +2 pair of boots "Joblekop" {-Tele
                  | Rampage rC- Will+++}.
 53416 | Vaults:5 | 53416 ||| UPGRADING to amulet of Doatz {Reflect rC++ rN+
                  | Dex-3 SH+5}.
 53426 | Vaults:5 | 53426 ||| REMOVING +2 pair of boots "Joblekop" {-Tele
                  | Rampage rC- Will+++}.
 53431 | Vaults:5 | 53431 ||| UPGRADING to amulet "Sijomof" {Reflect Str+5
                  | SH+5}.
 53441 | Vaults:5 | 53441 ||| UPGRADING to +2 pair of boots "Joblekop" {-Tele
                  | Rampage rC- Will+++}.
 53446 | Vaults:5 | 53446 ||| UPGRADING to amulet of Doatz {Reflect rC++ rN+
                  | Dex-3 SH+5}.
 53456 | Vaults:5 | 53456 ||| REMOVING +2 pair of boots "Joblekop" {-Tele
                  | Rampage rC- Will+++}.
 53461 | Vaults:5 | 53461 ||| UPGRADING to amulet "Sijomof" {Reflect Str+5
                  | SH+5}.
 53471 | Vaults:5 | 53471 ||| UPGRADING to +2 pair of boots "Joblekop" {-Tele
                  | Rampage rC- Will+++}.
 53476 | Vaults:5 | 53476 ||| UPGRADING to amulet of Doatz {Reflect rC++ rN+
                  | Dex-3 SH+5}.
 53486 | Vaults:5 | 53486 ||| REMOVING +2 pair of boots "Joblekop" {-Tele
                  | Rampage rC- Will+++}.
 53491 | Vaults:5 | 53491 ||| UPGRADING to amulet "Sijomof" {Reflect Str+5
                  | SH+5}.
 53501 | Vaults:5 | 53501 ||| UPGRADING to +2 pair of boots "Joblekop" {-Tele
                  | Rampage rC- Will+++}.
 53506 | Vaults:5 | 53506 ||| UPGRADING to amulet of Doatz {Reflect rC++ rN+
                  | Dex-3 SH+5}.
 53516 | Vaults:5 | 53516 ||| REMOVING +2 pair of boots "Joblekop" {-Tele
                  | Rampage rC- Will+++}.
 53521 | Vaults:5 | 53521 ||| UPGRADING to amulet "Sijomof" {Reflect Str+5
                  | SH+5}.
 53531 | Vaults:5 | 53531 ||| UPGRADING to +2 pair of boots "Joblekop" {-Tele
                  | Rampage rC- Will+++}.
 53536 | Vaults:5 | 53536 ||| UPGRADING to amulet of Doatz {Reflect rC++ rN+
                  | Dex-3 SH+5}.
 53546 | Vaults:5 | 53546 ||| REMOVING +2 pair of boots "Joblekop" {-Tele
                  | Rampage rC- Will+++}.
 53551 | Vaults:5 | 53551 ||| UPGRADING to amulet "Sijomof" {Reflect Str+5
                  | SH+5}.
 53561 | Vaults:5 | 53561 ||| UPGRADING to +2 pair of boots "Joblekop" {-Tele
                  | Rampage rC- Will+++}.
 53566 | Vaults:5 | 53566 ||| UPGRADING to amulet of Doatz {Reflect rC++ rN+
                  | Dex-3 SH+5}.
 53576 | Vaults:5 | 53576 ||| REMOVING +2 pair of boots "Joblekop" {-Tele
                  | Rampage rC- Will+++}.
 53581 | Vaults:5 | 53581 ||| UPGRADING to amulet "Sijomof" {Reflect Str+5
                  | SH+5}.
 53591 | Vaults:5 | 53591 ||| UPGRADING to +2 pair of boots "Joblekop" {-Tele
                  | Rampage rC- Will+++}.
 53596 | Vaults:5 | 53596 ||| UPGRADING to amulet of Doatz {Reflect rC++ rN+
                  | Dex-3 SH+5}.
 53606 | Vaults:5 | 53606 ||| REMOVING +2 pair of boots "Joblekop" {-Tele
                  | Rampage rC- Will+++}.
 53611 | Vaults:5 | 53611 ||| UPGRADING to amulet "Sijomof" {Reflect Str+5
                  | SH+5}.
 53621 | Vaults:5 | 53621 ||| UPGRADING to +2 pair of boots "Joblekop" {-Tele
                  | Rampage rC- Will+++}.
 53626 | Vaults:5 | 53626 ||| UPGRADING to amulet of Doatz {Reflect rC++ rN+
                  | Dex-3 SH+5}.
 53636 | Vaults:5 | 53636 ||| REMOVING +2 pair of boots "Joblekop" {-Tele
                  | Rampage rC- Will+++}.
 53641 | Vaults:5 | 53641 ||| UPGRADING to amulet "Sijomof" {Reflect Str+5
                  | SH+5}.
 53651 | Vaults:5 | 53651 ||| UPGRADING to +2 pair of boots "Joblekop" {-Tele
                  | Rampage rC- Will+++}.
 53656 | Vaults:5 | 53656 ||| UPGRADING to amulet of Doatz {Reflect rC++ rN+
                  | Dex-3 SH+5}.
 53666 | Vaults:5 | 53666 ||| REMOVING +2 pair of boots "Joblekop" {-Tele
                  | Rampage rC- Will+++}.
 53671 | Vaults:5 | 53671 ||| UPGRADING to amulet "Sijomof" {Reflect Str+5
                  | SH+5}.
 53681 | Vaults:5 | 53681 ||| UPGRADING to +2 pair of boots "Joblekop" {-Tele
                  | Rampage rC- Will+++}.
 53686 | Vaults:5 | 53686 ||| UPGRADING to amulet of Doatz {Reflect rC++ rN+
                  | Dex-3 SH+5}.
 53696 | Vaults:5 | 53696 ||| REMOVING +2 pair of boots "Joblekop" {-Tele
                  | Rampage rC- Will+++}.
 53701 | Vaults:5 | 53701 ||| UPGRADING to amulet "Sijomof" {Reflect Str+5
                  | SH+5}.
 53711 | Vaults:5 | 53711 ||| UPGRADING to +2 pair of boots "Joblekop" {-Tele
                  | Rampage rC- Will+++}.
 53716 | Vaults:5 | 53716 ||| UPGRADING to amulet of Doatz {Reflect rC++ rN+
                  | Dex-3 SH+5}.
 53726 | Vaults:5 | 53726 ||| REMOVING +2 pair of boots "Joblekop" {-Tele
                  | Rampage rC- Will+++}.
 53731 | Vaults:5 | 53731 ||| UPGRADING to amulet "Sijomof" {Reflect Str+5
                  | SH+5}.
 53741 | Vaults:5 | 53741 ||| UPGRADING to +2 pair of boots "Joblekop" {-Tele
                  | Rampage rC- Will+++}.
 53746 | Vaults:5 | 53746 ||| UPGRADING to amulet of Doatz {Reflect rC++ rN+
                  | Dex-3 SH+5}.
 53756 | Vaults:5 | 53756 ||| REMOVING +2 pair of boots "Joblekop" {-Tele
                  | Rampage rC- Will+++}.
 53761 | Vaults:5 | 53761 ||| UPGRADING to amulet "Sijomof" {Reflect Str+5
                  | SH+5}.
 53771 | Vaults:5 | 53771 ||| UPGRADING to +2 pair of boots "Joblekop" {-Tele
                  | Rampage rC- Will+++}.
 53776 | Vaults:5 | 53776 ||| UPGRADING to amulet of Doatz {Reflect rC++ rN+
                  | Dex-3 SH+5}.
 53786 | Vaults:5 | 53786 ||| REMOVING +2 pair of boots "Joblekop" {-Tele
                  | Rampage rC- Will+++}.
 53791 | Vaults:5 | 53791 ||| UPGRADING to amulet "Sijomof" {Reflect Str+5
                  | SH+5}.
 53801 | Vaults:5 | 53801 ||| UPGRADING to +2 pair of boots "Joblekop" {-Tele
                  | Rampage rC- Will+++}.
 53806 | Vaults:5 | 53806 ||| UPGRADING to amulet of Doatz {Reflect rC++ rN+
                  | Dex-3 SH+5}.
 53816 | Vaults:5 | 53816 ||| REMOVING +2 pair of boots "Joblekop" {-Tele
                  | Rampage rC- Will+++}.
 53821 | Vaults:5 | 53821 ||| UPGRADING to amulet "Sijomof" {Reflect Str+5
                  | SH+5}.
 53831 | Vaults:5 | 53831 ||| UPGRADING to +2 pair of boots "Joblekop" {-Tele
                  | Rampage rC- Will+++}.
 53836 | Vaults:5 | 53836 ||| UPGRADING to amulet of Doatz {Reflect rC++ rN+
                  | Dex-3 SH+5}.
 53846 | Vaults:5 | 53846 ||| REMOVING +2 pair of boots "Joblekop" {-Tele
                  | Rampage rC- Will+++}.
 53851 | Vaults:5 | 53851 ||| UPGRADING to amulet "Sijomof" {Reflect Str+5
                  | SH+5}.
 53861 | Vaults:5 | 53861 ||| UPGRADING to +2 pair of boots "Joblekop" {-Tele
                  | Rampage rC- Will+++}.
 53866 | Vaults:5 | 53866 ||| UPGRADING to amulet of Doatz {Reflect rC++ rN+
                  | Dex-3 SH+5}.
 53876 | Vaults:5 | 53876 ||| REMOVING +2 pair of boots "Joblekop" {-Tele
                  | Rampage rC- Will+++}.
 53881 | Vaults:5 | 53881 ||| UPGRADING to amulet "Sijomof" {Reflect Str+5
                  | SH+5}.
 53891 | Vaults:5 | 53891 ||| UPGRADING to +2 pair of boots "Joblekop" {-Tele
                  | Rampage rC- Will+++}.
 53896 | Vaults:5 | 53896 ||| UPGRADING to amulet of Doatz {Reflect rC++ rN+
                  | Dex-3 SH+5}.
 53906 | Vaults:5 | 53906 ||| REMOVING +2 pair of boots "Joblekop" {-Tele
                  | Rampage rC- Will+++}.
 53911 | Vaults:5 | 53911 ||| UPGRADING to amulet "Sijomof" {Reflect Str+5
                  | SH+5}.
 53921 | Vaults:5 | 53921 ||| UPGRADING to +2 pair of boots "Joblekop" {-Tele
                  | Rampage rC- Will+++}.
 53926 | Vaults:5 | 53926 ||| UPGRADING to amulet of Doatz {Reflect rC++ rN+
                  | Dex-3 SH+5}.
 53936 | Vaults:5 | 53936 ||| REMOVING +2 pair of boots "Joblekop" {-Tele
                  | Rampage rC- Will+++}.
 53941 | Vaults:5 | 53941 ||| UPGRADING to amulet "Sijomof" {Reflect Str+5
                  | SH+5}.
 53951 | Vaults:5 | 53951 ||| UPGRADING to +2 pair of boots "Joblekop" {-Tele
                  | Rampage rC- Will+++}.
 53956 | Vaults:5 | 53956 ||| UPGRADING to amulet of Doatz {Reflect rC++ rN+
                  | Dex-3 SH+5}.
 53966 | Vaults:5 | 53966 ||| REMOVING +2 pair of boots "Joblekop" {-Tele
                  | Rampage rC- Will+++}.
 53971 | Vaults:5 | 53971 ||| UPGRADING to amulet "Sijomof" {Reflect Str+5
                  | SH+5}.
 53981 | Vaults:5 | 53981 ||| UPGRADING to +2 pair of boots "Joblekop" {-Tele
                  | Rampage rC- Will+++}.
 53986 | Vaults:5 | 53986 ||| UPGRADING to amulet of Doatz {Reflect rC++ rN+
                  | Dex-3 SH+5}.
 53996 | Vaults:5 | 53996 ||| REMOVING +2 pair of boots "Joblekop" {-Tele
                  | Rampage rC- Will+++}.
 54001 | Vaults:5 | 54001 ||| UPGRADING to amulet "Sijomof" {Reflect Str+5
                  | SH+5}.
 54011 | Vaults:5 | 54011 ||| UPGRADING to +2 pair of boots "Joblekop" {-Tele
                  | Rampage rC- Will+++}.
 54016 | Vaults:5 | 54016 ||| UPGRADING to amulet of Doatz {Reflect rC++ rN+
                  | Dex-3 SH+5}.
 54026 | Vaults:5 | 54026 ||| REMOVING +2 pair of boots "Joblekop" {-Tele
                  | Rampage rC- Will+++}.
 54031 | Vaults:5 | 54031 ||| UPGRADING to amulet "Sijomof" {Reflect Str+5
                  | SH+5}.
 54041 | Vaults:5 | 54041 ||| UPGRADING to +2 pair of boots "Joblekop" {-Tele
                  | Rampage rC- Will+++}.
 54046 | Vaults:5 | 54046 ||| UPGRADING to amulet of Doatz {Reflect rC++ rN+
                  | Dex-3 SH+5}.
 54056 | Vaults:5 | 54056 ||| REMOVING +2 pair of boots "Joblekop" {-Tele
                  | Rampage rC- Will+++}.
 54061 | Vaults:5 | 54061 ||| UPGRADING to amulet "Sijomof" {Reflect Str+5
                  | SH+5}.
 54071 | Vaults:5 | 54071 ||| UPGRADING to +2 pair of boots "Joblekop" {-Tele
                  | Rampage rC- Will+++}.
 54076 | Vaults:5 | 54076 ||| UPGRADING to amulet of Doatz {Reflect rC++ rN+
                  | Dex-3 SH+5}.
 54086 | Vaults:5 | 54086 ||| REMOVING +2 pair of boots "Joblekop" {-Tele
                  | Rampage rC- Will+++}.
 54091 | Vaults:5 | 54091 ||| UPGRADING to amulet "Sijomof" {Reflect Str+5
                  | SH+5}.
 54101 | Vaults:5 | 54101 ||| UPGRADING to +2 pair of boots "Joblekop" {-Tele
                  | Rampage rC- Will+++}.
 54106 | Vaults:5 | 54106 ||| UPGRADING to amulet of Doatz {Reflect rC++ rN+
                  | Dex-3 SH+5}.
 54116 | Vaults:5 | 54116 ||| REMOVING +2 pair of boots "Joblekop" {-Tele
                  | Rampage rC- Will+++}.
 54121 | Vaults:5 | 54121 ||| UPGRADING to amulet "Sijomof" {Reflect Str+5
                  | SH+5}.
 54131 | Vaults:5 | 54131 ||| UPGRADING to +2 pair of boots "Joblekop" {-Tele
                  | Rampage rC- Will+++}.
 54136 | Vaults:5 | 54136 ||| UPGRADING to amulet of Doatz {Reflect rC++ rN+
                  | Dex-3 SH+5}.
 54146 | Vaults:5 | 54146 ||| REMOVING +2 pair of boots "Joblekop" {-Tele
                  | Rampage rC- Will+++}.
 54151 | Vaults:5 | 54151 ||| UPGRADING to amulet "Sijomof" {Reflect Str+5
                  | SH+5}.
 54161 | Vaults:5 | 54161 ||| UPGRADING to +2 pair of boots "Joblekop" {-Tele
                  | Rampage rC- Will+++}.
 54166 | Vaults:5 | 54166 ||| UPGRADING to amulet of Doatz {Reflect rC++ rN+
                  | Dex-3 SH+5}.
 54176 | Vaults:5 | 54176 ||| REMOVING +2 pair of boots "Joblekop" {-Tele
                  | Rampage rC- Will+++}.
 54181 | Vaults:5 | 54181 ||| UPGRADING to amulet "Sijomof" {Reflect Str+5
                  | SH+5}.
 54191 | Vaults:5 | 54191 ||| UPGRADING to +2 pair of boots "Joblekop" {-Tele
                  | Rampage rC- Will+++}.
 54196 | Vaults:5 | 54196 ||| UPGRADING to amulet of Doatz {Reflect rC++ rN+
                  | Dex-3 SH+5}.
 54206 | Vaults:5 | 54206 ||| REMOVING +2 pair of boots "Joblekop" {-Tele
                  | Rampage rC- Will+++}.
 54211 | Vaults:5 | 54211 ||| UPGRADING to amulet "Sijomof" {Reflect Str+5
                  | SH+5}.
 54221 | Vaults:5 | 54221 ||| UPGRADING to +2 pair of boots "Joblekop" {-Tele
                  | Rampage rC- Will+++}.
 54226 | Vaults:5 | 54226 ||| UPGRADING to amulet of Doatz {Reflect rC++ rN+
                  | Dex-3 SH+5}.
 54236 | Vaults:5 | 54236 ||| REMOVING +2 pair of boots "Joblekop" {-Tele
                  | Rampage rC- Will+++}.
 54241 | Vaults:5 | 54241 ||| UPGRADING to amulet "Sijomof" {Reflect Str+5
                  | SH+5}.
 54251 | Vaults:5 | 54251 ||| UPGRADING to +2 pair of boots "Joblekop" {-Tele
                  | Rampage rC- Will+++}.
 54256 | Vaults:5 | 54256 ||| UPGRADING to amulet of Doatz {Reflect rC++ rN+
                  | Dex-3 SH+5}.
 54266 | Vaults:5 | 54266 ||| REMOVING +2 pair of boots "Joblekop" {-Tele
                  | Rampage rC- Will+++}.
 54271 | Vaults:5 | 54271 ||| UPGRADING to amulet "Sijomof" {Reflect Str+5
                  | SH+5}.
 54281 | Vaults:5 | 54281 ||| UPGRADING to +2 pair of boots "Joblekop" {-Tele
                  | Rampage rC- Will+++}.
 54286 | Vaults:5 | 54286 ||| UPGRADING to amulet of Doatz {Reflect rC++ rN+
                  | Dex-3 SH+5}.
 54296 | Vaults:5 | 54296 ||| REMOVING +2 pair of boots "Joblekop" {-Tele
                  | Rampage rC- Will+++}.
 54301 | Vaults:5 | 54301 ||| UPGRADING to amulet "Sijomof" {Reflect Str+5
                  | SH+5}.
 54311 | Vaults:5 | 54311 ||| UPGRADING to +2 pair of boots "Joblekop" {-Tele
                  | Rampage rC- Will+++}.
 54316 | Vaults:5 | 54316 ||| UPGRADING to amulet of Doatz {Reflect rC++ rN+
                  | Dex-3 SH+5}.
 54326 | Vaults:5 | 54326 ||| REMOVING +2 pair of boots "Joblekop" {-Tele
                  | Rampage rC- Will+++}.
 54331 | Vaults:5 | 54331 ||| UPGRADING to amulet "Sijomof" {Reflect Str+5
                  | SH+5}.
 54341 | Vaults:5 | 54341 ||| UPGRADING to +2 pair of boots "Joblekop" {-Tele
                  | Rampage rC- Will+++}.
 54346 | Vaults:5 | 54346 ||| UPGRADING to amulet of Doatz {Reflect rC++ rN+
                  | Dex-3 SH+5}.
 54356 | Vaults:5 | 54356 ||| REMOVING +2 pair of boots "Joblekop" {-Tele
                  | Rampage rC- Will+++}.
 54361 | Vaults:5 | 54361 ||| UPGRADING to amulet "Sijomof" {Reflect Str+5
                  | SH+5}.
 54371 | Vaults:5 | 54371 ||| UPGRADING to +2 pair of boots "Joblekop" {-Tele
                  | Rampage rC- Will+++}.
 54376 | Vaults:5 | 54376 ||| UPGRADING to amulet of Doatz {Reflect rC++ rN+
                  | Dex-3 SH+5}.
 54386 | Vaults:5 | 54386 ||| REMOVING +2 pair of boots "Joblekop" {-Tele
                  | Rampage rC- Will+++}.
 54391 | Vaults:5 | 54391 ||| UPGRADING to amulet "Sijomof" {Reflect Str+5
                  | SH+5}.
 54401 | Vaults:5 | 54401 ||| UPGRADING to +2 pair of boots "Joblekop" {-Tele
                  | Rampage rC- Will+++}.
 54406 | Vaults:5 | 54406 ||| UPGRADING to amulet of Doatz {Reflect rC++ rN+
                  | Dex-3 SH+5}.
 54416 | Vaults:5 | 54416 ||| REMOVING +2 pair of boots "Joblekop" {-Tele
                  | Rampage rC- Will+++}.
 54421 | Vaults:5 | 54421 ||| UPGRADING to amulet "Sijomof" {Reflect Str+5
                  | SH+5}.
 54431 | Vaults:5 | 54431 ||| UPGRADING to +2 pair of boots "Joblekop" {-Tele
                  | Rampage rC- Will+++}.
 54436 | Vaults:5 | 54436 ||| UPGRADING to amulet of Doatz {Reflect rC++ rN+
                  | Dex-3 SH+5}.
 54446 | Vaults:5 | 54446 ||| REMOVING +2 pair of boots "Joblekop" {-Tele
                  | Rampage rC- Will+++}.
 54451 | Vaults:5 | 54451 ||| UPGRADING to amulet "Sijomof" {Reflect Str+5
                  | SH+5}.
 54461 | Vaults:5 | 54461 ||| UPGRADING to +2 pair of boots "Joblekop" {-Tele
                  | Rampage rC- Will+++}.
 54466 | Vaults:5 | 54466 ||| UPGRADING to amulet of Doatz {Reflect rC++ rN+
                  | Dex-3 SH+5}.
 54476 | Vaults:5 | 54476 ||| REMOVING +2 pair of boots "Joblekop" {-Tele
                  | Rampage rC- Will+++}.
 54481 | Vaults:5 | 54481 ||| UPGRADING to amulet "Sijomof" {Reflect Str+5
                  | SH+5}.
 54491 | Vaults:5 | 54491 ||| UPGRADING to +2 pair of boots "Joblekop" {-Tele
                  | Rampage rC- Will+++}.
 54496 | Vaults:5 | 54496 ||| UPGRADING to amulet of Doatz {Reflect rC++ rN+
                  | Dex-3 SH+5}.
 54506 | Vaults:5 | 54506 ||| REMOVING +2 pair of boots "Joblekop" {-Tele
                  | Rampage rC- Will+++}.
 54511 | Vaults:5 | 54511 ||| UPGRADING to amulet "Sijomof" {Reflect Str+5
                  | SH+5}.
 54521 | Vaults:5 | 54521 ||| UPGRADING to +2 pair of boots "Joblekop" {-Tele
                  | Rampage rC- Will+++}.
 54526 | Vaults:5 | 54526 ||| UPGRADING to amulet of Doatz {Reflect rC++ rN+
                  | Dex-3 SH+5}.
 54536 | Vaults:5 | 54536 ||| REMOVING +2 pair of boots "Joblekop" {-Tele
                  | Rampage rC- Will+++}.
 54541 | Vaults:5 | 54541 ||| UPGRADING to amulet "Sijomof" {Reflect Str+5
                  | SH+5}.
 54551 | Vaults:5 | 54551 ||| UPGRADING to +2 pair of boots "Joblekop" {-Tele
                  | Rampage rC- Will+++}.
 54556 | Vaults:5 | 54556 ||| UPGRADING to amulet of Doatz {Reflect rC++ rN+
                  | Dex-3 SH+5}.
 54566 | Vaults:5 | 54566 ||| REMOVING +2 pair of boots "Joblekop" {-Tele
                  | Rampage rC- Will+++}.
 54571 | Vaults:5 | 54571 ||| UPGRADING to amulet "Sijomof" {Reflect Str+5
                  | SH+5}.
 54581 | Vaults:5 | 54581 ||| UPGRADING to +2 pair of boots "Joblekop" {-Tele
                  | Rampage rC- Will+++}.
 54586 | Vaults:5 | 54586 ||| UPGRADING to amulet of Doatz {Reflect rC++ rN+
                  | Dex-3 SH+5}.
 54596 | Vaults:5 | 54596 ||| REMOVING +2 pair of boots "Joblekop" {-Tele
                  | Rampage rC- Will+++}.
 54601 | Vaults:5 | 54601 ||| UPGRADING to amulet "Sijomof" {Reflect Str+5
                  | SH+5}.
 54611 | Vaults:5 | 54611 ||| UPGRADING to +2 pair of boots "Joblekop" {-Tele
                  | Rampage rC- Will+++}.
 54616 | Vaults:5 | 54616 ||| UPGRADING to amulet of Doatz {Reflect rC++ rN+
                  | Dex-3 SH+5}.
 54626 | Vaults:5 | 54626 ||| REMOVING +2 pair of boots "Joblekop" {-Tele
                  | Rampage rC- Will+++}.
 54631 | Vaults:5 | 54631 ||| UPGRADING to amulet "Sijomof" {Reflect Str+5
                  | SH+5}.
 54641 | Vaults:5 | 54641 ||| UPGRADING to +2 pair of boots "Joblekop" {-Tele
                  | Rampage rC- Will+++}.
 54646 | Vaults:5 | 54646 ||| UPGRADING to amulet of Doatz {Reflect rC++ rN+
                  | Dex-3 SH+5}.
 54656 | Vaults:5 | 54656 ||| REMOVING +2 pair of boots "Joblekop" {-Tele
                  | Rampage rC- Will+++}.
 54661 | Vaults:5 | 54661 ||| UPGRADING to amulet "Sijomof" {Reflect Str+5
                  | SH+5}.
 54671 | Vaults:5 | 54671 ||| UPGRADING to +2 pair of boots "Joblekop" {-Tele
                  | Rampage rC- Will+++}.
 54676 | Vaults:5 | 54676 ||| UPGRADING to amulet of Doatz {Reflect rC++ rN+
                  | Dex-3 SH+5}.
 54686 | Vaults:5 | 54686 ||| REMOVING +2 pair of boots "Joblekop" {-Tele
                  | Rampage rC- Will+++}.
 54691 | Vaults:5 | 54691 ||| UPGRADING to amulet "Sijomof" {Reflect Str+5
                  | SH+5}.
 54701 | Vaults:5 | 54701 ||| UPGRADING to +2 pair of boots "Joblekop" {-Tele
                  | Rampage rC- Will+++}.
 54706 | Vaults:5 | 54706 ||| UPGRADING to amulet of Doatz {Reflect rC++ rN+
                  | Dex-3 SH+5}.
 54716 | Vaults:5 | 54716 ||| REMOVING +2 pair of boots "Joblekop" {-Tele
                  | Rampage rC- Will+++}.
 54721 | Vaults:5 | 54721 ||| UPGRADING to amulet "Sijomof" {Reflect Str+5
                  | SH+5}.
 54731 | Vaults:5 | 54731 ||| UPGRADING to +2 pair of boots "Joblekop" {-Tele
                  | Rampage rC- Will+++}.
 54736 | Vaults:5 | 54736 ||| UPGRADING to amulet of Doatz {Reflect rC++ rN+
                  | Dex-3 SH+5}.
 54746 | Vaults:5 | 54746 ||| REMOVING +2 pair of boots "Joblekop" {-Tele
                  | Rampage rC- Will+++}.
 54751 | Vaults:5 | 54751 ||| UPGRADING to amulet "Sijomof" {Reflect Str+5
                  | SH+5}.
 54761 | Vaults:5 | 54761 ||| UPGRADING to +2 pair of boots "Joblekop" {-Tele
                  | Rampage rC- Will+++}.
 54766 | Vaults:5 | 54766 ||| UPGRADING to amulet of Doatz {Reflect rC++ rN+
                  | Dex-3 SH+5}.
 54776 | Vaults:5 | 54776 ||| REMOVING +2 pair of boots "Joblekop" {-Tele
                  | Rampage rC- Will+++}.
 54781 | Vaults:5 | 54781 ||| UPGRADING to amulet "Sijomof" {Reflect Str+5
                  | SH+5}.
 54791 | Vaults:5 | 54791 ||| UPGRADING to +2 pair of boots "Joblekop" {-Tele
                  | Rampage rC- Will+++}.
 54796 | Vaults:5 | 54796 ||| UPGRADING to amulet of Doatz {Reflect rC++ rN+
                  | Dex-3 SH+5}.
 54806 | Vaults:5 | 54806 ||| REMOVING +2 pair of boots "Joblekop" {-Tele
                  | Rampage rC- Will+++}.
 54811 | Vaults:5 | 54811 ||| UPGRADING to amulet "Sijomof" {Reflect Str+5
                  | SH+5}.
 54821 | Vaults:5 | 54821 ||| UPGRADING to +2 pair of boots "Joblekop" {-Tele
                  | Rampage rC- Will+++}.
 54826 | Vaults:5 | 54826 ||| UPGRADING to amulet of Doatz {Reflect rC++ rN+
                  | Dex-3 SH+5}.
 54836 | Vaults:5 | 54836 ||| REMOVING +2 pair of boots "Joblekop" {-Tele
                  | Rampage rC- Will+++}.
 54841 | Vaults:5 | 54841 ||| UPGRADING to amulet "Sijomof" {Reflect Str+5
                  | SH+5}.
 54851 | Vaults:5 | 54851 ||| UPGRADING to +2 pair of boots "Joblekop" {-Tele
                  | Rampage rC- Will+++}.
 54856 | Vaults:5 | 54856 ||| UPGRADING to amulet of Doatz {Reflect rC++ rN+
                  | Dex-3 SH+5}.
 54866 | Vaults:5 | 54866 ||| REMOVING +2 pair of boots "Joblekop" {-Tele
                  | Rampage rC- Will+++}.
 54871 | Vaults:5 | 54871 ||| UPGRADING to amulet "Sijomof" {Reflect Str+5
                  | SH+5}.
 54881 | Vaults:5 | 54881 ||| UPGRADING to +2 pair of boots "Joblekop" {-Tele
                  | Rampage rC- Will+++}.
 54886 | Vaults:5 | 54886 ||| UPGRADING to amulet of Doatz {Reflect rC++ rN+
                  | Dex-3 SH+5}.
 54896 | Vaults:5 | 54896 ||| REMOVING +2 pair of boots "Joblekop" {-Tele
                  | Rampage rC- Will+++}.
 54901 | Vaults:5 | 54901 ||| UPGRADING to amulet "Sijomof" {Reflect Str+5
                  | SH+5}.
 54911 | Vaults:5 | 54911 ||| UPGRADING to +2 pair of boots "Joblekop" {-Tele
                  | Rampage rC- Will+++}.
 54916 | Vaults:5 | 54916 ||| UPGRADING to amulet of Doatz {Reflect rC++ rN+
                  | Dex-3 SH+5}.
 54926 | Vaults:5 | 54926 ||| REMOVING +2 pair of boots "Joblekop" {-Tele
                  | Rampage rC- Will+++}.
 54931 | Vaults:5 | 54931 ||| UPGRADING to amulet "Sijomof" {Reflect Str+5
                  | SH+5}.
 54941 | Vaults:5 | 54941 ||| UPGRADING to +2 pair of boots "Joblekop" {-Tele
                  | Rampage rC- Will+++}.
 54946 | Vaults:5 | 54946 ||| UPGRADING to amulet of Doatz {Reflect rC++ rN+
                  | Dex-3 SH+5}.
 54956 | Vaults:5 | 54956 ||| REMOVING +2 pair of boots "Joblekop" {-Tele
                  | Rampage rC- Will+++}.
 54961 | Vaults:5 | 54961 ||| UPGRADING to amulet "Sijomof" {Reflect Str+5
                  | SH+5}.
 54971 | Vaults:5 | 54971 ||| UPGRADING to +2 pair of boots "Joblekop" {-Tele
                  | Rampage rC- Will+++}.
 54976 | Vaults:5 | 54976 ||| UPGRADING to amulet of Doatz {Reflect rC++ rN+
                  | Dex-3 SH+5}.
 54986 | Vaults:5 | 54986 ||| REMOVING +2 pair of boots "Joblekop" {-Tele
                  | Rampage rC- Will+++}.
 54991 | Vaults:5 | 54991 ||| UPGRADING to amulet "Sijomof" {Reflect Str+5
                  | SH+5}.
 55001 | Vaults:5 | 55001 ||| UPGRADING to +2 pair of boots "Joblekop" {-Tele
                  | Rampage rC- Will+++}.
 55006 | Vaults:5 | 55006 ||| UPGRADING to amulet of Doatz {Reflect rC++ rN+
                  | Dex-3 SH+5}.
 55016 | Vaults:5 | 55016 ||| REMOVING +2 pair of boots "Joblekop" {-Tele
                  | Rampage rC- Will+++}.
 55021 | Vaults:5 | 55021 ||| UPGRADING to amulet "Sijomof" {Reflect Str+5
                  | SH+5}.
 55031 | Vaults:5 | 55031 ||| UPGRADING to +2 pair of boots "Joblekop" {-Tele
                  | Rampage rC- Will+++}.
 55036 | Vaults:5 | 55036 ||| UPGRADING to amulet of Doatz {Reflect rC++ rN+
                  | Dex-3 SH+5}.
 55046 | Vaults:5 | 55046 ||| REMOVING +2 pair of boots "Joblekop" {-Tele
                  | Rampage rC- Will+++}.
 55051 | Vaults:5 | 55051 ||| UPGRADING to amulet "Sijomof" {Reflect Str+5
                  | SH+5}.
 55061 | Vaults:5 | 55061 ||| UPGRADING to +2 pair of boots "Joblekop" {-Tele
                  | Rampage rC- Will+++}.
 55066 | Vaults:5 | 55066 ||| UPGRADING to amulet of Doatz {Reflect rC++ rN+
                  | Dex-3 SH+5}.
 55076 | Vaults:5 | 55076 ||| REMOVING +2 pair of boots "Joblekop" {-Tele
                  | Rampage rC- Will+++}.
 55081 | Vaults:5 | 55081 ||| UPGRADING to amulet "Sijomof" {Reflect Str+5
                  | SH+5}.
 55091 | Vaults:5 | 55091 ||| UPGRADING to +2 pair of boots "Joblekop" {-Tele
                  | Rampage rC- Will+++}.
 55096 | Vaults:5 | 55096 ||| UPGRADING to amulet of Doatz {Reflect rC++ rN+
                  | Dex-3 SH+5}.
 55106 | Vaults:5 | 55106 ||| REMOVING +2 pair of boots "Joblekop" {-Tele
                  | Rampage rC- Will+++}.
 55111 | Vaults:5 | 55111 ||| UPGRADING to amulet "Sijomof" {Reflect Str+5
                  | SH+5}.
 55121 | Vaults:5 | 55121 ||| UPGRADING to +2 pair of boots "Joblekop" {-Tele
                  | Rampage rC- Will+++}.
 55126 | Vaults:5 | 55126 ||| UPGRADING to amulet of Doatz {Reflect rC++ rN+
                  | Dex-3 SH+5}.
 55136 | Vaults:5 | 55136 ||| REMOVING +2 pair of boots "Joblekop" {-Tele
                  | Rampage rC- Will+++}.
 55141 | Vaults:5 | 55141 ||| UPGRADING to amulet "Sijomof" {Reflect Str+5
                  | SH+5}.
 55151 | Vaults:5 | 55151 ||| UPGRADING to +2 pair of boots "Joblekop" {-Tele
                  | Rampage rC- Will+++}.
 55156 | Vaults:5 | 55156 ||| UPGRADING to amulet of Doatz {Reflect rC++ rN+
                  | Dex-3 SH+5}.
 55166 | Vaults:5 | 55166 ||| REMOVING +2 pair of boots "Joblekop" {-Tele
                  | Rampage rC- Will+++}.
 55171 | Vaults:5 | 55171 ||| UPGRADING to amulet "Sijomof" {Reflect Str+5
                  | SH+5}.
 55181 | Vaults:5 | 55181 ||| UPGRADING to +2 pair of boots "Joblekop" {-Tele
                  | Rampage rC- Will+++}.
 55186 | Vaults:5 | 55186 ||| UPGRADING to amulet of Doatz {Reflect rC++ rN+
                  | Dex-3 SH+5}.
 55196 | Vaults:5 | 55196 ||| REMOVING +2 pair of boots "Joblekop" {-Tele
                  | Rampage rC- Will+++}.
 55201 | Vaults:5 | 55201 ||| UPGRADING to amulet "Sijomof" {Reflect Str+5
                  | SH+5}.
 55211 | Vaults:5 | 55211 ||| UPGRADING to +2 pair of boots "Joblekop" {-Tele
                  | Rampage rC- Will+++}.
 55216 | Vaults:5 | 55216 ||| UPGRADING to amulet of Doatz {Reflect rC++ rN+
                  | Dex-3 SH+5}.
 55226 | Vaults:5 | 55226 ||| REMOVING +2 pair of boots "Joblekop" {-Tele
                  | Rampage rC- Will+++}.
 55231 | Vaults:5 | 55231 ||| UPGRADING to amulet "Sijomof" {Reflect Str+5
                  | SH+5}.
 55241 | Vaults:5 | 55241 ||| UPGRADING to +2 pair of boots "Joblekop" {-Tele
                  | Rampage rC- Will+++}.
 55246 | Vaults:5 | 55246 ||| UPGRADING to amulet of Doatz {Reflect rC++ rN+
                  | Dex-3 SH+5}.
 55256 | Vaults:5 | 55256 ||| REMOVING +2 pair of boots "Joblekop" {-Tele
                  | Rampage rC- Will+++}.
 55261 | Vaults:5 | 55261 ||| UPGRADING to amulet "Sijomof" {Reflect Str+5
                  | SH+5}.
 55271 | Vaults:5 | 55271 ||| UPGRADING to +2 pair of boots "Joblekop" {-Tele
                  | Rampage rC- Will+++}.
 55276 | Vaults:5 | 55276 ||| UPGRADING to amulet of Doatz {Reflect rC++ rN+
                  | Dex-3 SH+5}.
 55286 | Vaults:5 | 55286 ||| REMOVING +2 pair of boots "Joblekop" {-Tele
                  | Rampage rC- Will+++}.
 55291 | Vaults:5 | 55291 ||| UPGRADING to amulet "Sijomof" {Reflect Str+5
                  | SH+5}.
 55301 | Vaults:5 | 55301 ||| UPGRADING to +2 pair of boots "Joblekop" {-Tele
                  | Rampage rC- Will+++}.
 55306 | Vaults:5 | 55306 ||| UPGRADING to amulet of Doatz {Reflect rC++ rN+
                  | Dex-3 SH+5}.
 55316 | Vaults:5 | 55316 ||| REMOVING +2 pair of boots "Joblekop" {-Tele
                  | Rampage rC- Will+++}.
 55321 | Vaults:5 | 55321 ||| UPGRADING to amulet "Sijomof" {Reflect Str+5
                  | SH+5}.
 55331 | Vaults:5 | 55331 ||| UPGRADING to +2 pair of boots "Joblekop" {-Tele
                  | Rampage rC- Will+++}.
 55336 | Vaults:5 | 55336 ||| UPGRADING to amulet of Doatz {Reflect rC++ rN+
                  | Dex-3 SH+5}.
 55346 | Vaults:5 | 55346 ||| REMOVING +2 pair of boots "Joblekop" {-Tele
                  | Rampage rC- Will+++}.
 55351 | Vaults:5 | 55351 ||| UPGRADING to amulet "Sijomof" {Reflect Str+5
                  | SH+5}.
 55361 | Vaults:5 | 55361 ||| UPGRADING to +2 pair of boots "Joblekop" {-Tele
                  | Rampage rC- Will+++}.
 55366 | Vaults:5 | 55366 ||| UPGRADING to amulet of Doatz {Reflect rC++ rN+
                  | Dex-3 SH+5}.
 55376 | Vaults:5 | 55376 ||| REMOVING +2 pair of boots "Joblekop" {-Tele
                  | Rampage rC- Will+++}.
 55381 | Vaults:5 | 55381 ||| UPGRADING to amulet "Sijomof" {Reflect Str+5
                  | SH+5}.
 55391 | Vaults:5 | 55391 ||| UPGRADING to +2 pair of boots "Joblekop" {-Tele
                  | Rampage rC- Will+++}.
 55396 | Vaults:5 | 55396 ||| UPGRADING to amulet of Doatz {Reflect rC++ rN+
                  | Dex-3 SH+5}.
 55406 | Vaults:5 | 55406 ||| REMOVING +2 pair of boots "Joblekop" {-Tele
                  | Rampage rC- Will+++}.
 55411 | Vaults:5 | 55411 ||| UPGRADING to amulet "Sijomof" {Reflect Str+5
                  | SH+5}.
 55421 | Vaults:5 | 55421 ||| UPGRADING to +2 pair of boots "Joblekop" {-Tele
                  | Rampage rC- Will+++}.
 55426 | Vaults:5 | 55426 ||| UPGRADING to amulet of Doatz {Reflect rC++ rN+
                  | Dex-3 SH+5}.
 55436 | Vaults:5 | 55436 ||| REMOVING +2 pair of boots "Joblekop" {-Tele
                  | Rampage rC- Will+++}.
 55441 | Vaults:5 | 55441 ||| UPGRADING to amulet "Sijomof" {Reflect Str+5
                  | SH+5}.
 55451 | Vaults:5 | 55451 ||| UPGRADING to +2 pair of boots "Joblekop" {-Tele
                  | Rampage rC- Will+++}.
 55456 | Vaults:5 | 55456 ||| UPGRADING to amulet of Doatz {Reflect rC++ rN+
                  | Dex-3 SH+5}.
 55466 | Vaults:5 | 55466 ||| REMOVING +2 pair of boots "Joblekop" {-Tele
                  | Rampage rC- Will+++}.
 55471 | Vaults:5 | 55471 ||| UPGRADING to amulet "Sijomof" {Reflect Str+5
                  | SH+5}.
 55481 | Vaults:5 | 55481 ||| UPGRADING to +2 pair of boots "Joblekop" {-Tele
                  | Rampage rC- Will+++}.
 55486 | Vaults:5 | 55486 ||| UPGRADING to amulet of Doatz {Reflect rC++ rN+
                  | Dex-3 SH+5}.
 55496 | Vaults:5 | 55496 ||| REMOVING +2 pair of boots "Joblekop" {-Tele
                  | Rampage rC- Will+++}.
 55501 | Vaults:5 | 55501 ||| UPGRADING to amulet "Sijomof" {Reflect Str+5
                  | SH+5}.
 55511 | Vaults:5 | 55511 ||| UPGRADING to +2 pair of boots "Joblekop" {-Tele
                  | Rampage rC- Will+++}.
 55516 | Vaults:5 | 55516 ||| UPGRADING to amulet of Doatz {Reflect rC++ rN+
                  | Dex-3 SH+5}.
 55526 | Vaults:5 | 55526 ||| REMOVING +2 pair of boots "Joblekop" {-Tele
                  | Rampage rC- Will+++}.
 55531 | Vaults:5 | 55531 ||| UPGRADING to amulet "Sijomof" {Reflect Str+5
                  | SH+5}.
 55541 | Vaults:5 | 55541 ||| UPGRADING to +2 pair of boots "Joblekop" {-Tele
                  | Rampage rC- Will+++}.
 55546 | Vaults:5 | 55546 ||| UPGRADING to amulet of Doatz {Reflect rC++ rN+
                  | Dex-3 SH+5}.
 55556 | Vaults:5 | 55556 ||| REMOVING +2 pair of boots "Joblekop" {-Tele
                  | Rampage rC- Will+++}.
 55561 | Vaults:5 | 55561 ||| UPGRADING to amulet "Sijomof" {Reflect Str+5
                  | SH+5}.
 55571 | Vaults:5 | 55571 ||| UPGRADING to +2 pair of boots "Joblekop" {-Tele
                  | Rampage rC- Will+++}.
 55576 | Vaults:5 | 55576 ||| UPGRADING to amulet of Doatz {Reflect rC++ rN+
                  | Dex-3 SH+5}.
 55586 | Vaults:5 | 55586 ||| REMOVING +2 pair of boots "Joblekop" {-Tele
                  | Rampage rC- Will+++}.
 55591 | Vaults:5 | 55591 ||| UPGRADING to amulet "Sijomof" {Reflect Str+5
                  | SH+5}.
 55601 | Vaults:5 | 55601 ||| UPGRADING to +2 pair of boots "Joblekop" {-Tele
                  | Rampage rC- Will+++}.
 55606 | Vaults:5 | 55606 ||| UPGRADING to amulet of Doatz {Reflect rC++ rN+
                  | Dex-3 SH+5}.
 55616 | Vaults:5 | 55616 ||| REMOVING +2 pair of boots "Joblekop" {-Tele
                  | Rampage rC- Will+++}.
 55621 | Vaults:5 | 55621 ||| UPGRADING to amulet "Sijomof" {Reflect Str+5
                  | SH+5}.
 55631 | Vaults:5 | 55631 ||| UPGRADING to +2 pair of boots "Joblekop" {-Tele
                  | Rampage rC- Will+++}.
 55636 | Vaults:5 | 55636 ||| UPGRADING to amulet of Doatz {Reflect rC++ rN+
                  | Dex-3 SH+5}.
 55646 | Vaults:5 | 55646 ||| REMOVING +2 pair of boots "Joblekop" {-Tele
                  | Rampage rC- Will+++}.
 55651 | Vaults:5 | 55651 ||| UPGRADING to amulet "Sijomof" {Reflect Str+5
                  | SH+5}.
 55661 | Vaults:5 | 55661 ||| UPGRADING to +2 pair of boots "Joblekop" {-Tele
                  | Rampage rC- Will+++}.
 55666 | Vaults:5 | 55666 ||| UPGRADING to amulet of Doatz {Reflect rC++ rN+
                  | Dex-3 SH+5}.
 55676 | Vaults:5 | 55676 ||| REMOVING +2 pair of boots "Joblekop" {-Tele
                  | Rampage rC- Will+++}.
 55681 | Vaults:5 | 55681 ||| UPGRADING to amulet "Sijomof" {Reflect Str+5
                  | SH+5}.
 55691 | Vaults:5 | 55691 ||| UPGRADING to +2 pair of boots "Joblekop" {-Tele
                  | Rampage rC- Will+++}.
 55696 | Vaults:5 | 55696 ||| UPGRADING to amulet of Doatz {Reflect rC++ rN+
                  | Dex-3 SH+5}.
 55706 | Vaults:5 | 55706 ||| REMOVING +2 pair of boots "Joblekop" {-Tele
                  | Rampage rC- Will+++}.
 55711 | Vaults:5 | 55711 ||| UPGRADING to amulet "Sijomof" {Reflect Str+5
                  | SH+5}.
 55721 | Vaults:5 | 55721 ||| UPGRADING to +2 pair of boots "Joblekop" {-Tele
                  | Rampage rC- Will+++}.
 55726 | Vaults:5 | 55726 ||| UPGRADING to amulet of Doatz {Reflect rC++ rN+
                  | Dex-3 SH+5}.
 55736 | Vaults:5 | 55736 ||| REMOVING +2 pair of boots "Joblekop" {-Tele
                  | Rampage rC- Will+++}.
 55741 | Vaults:5 | 55741 ||| UPGRADING to amulet "Sijomof" {Reflect Str+5
                  | SH+5}.
 55751 | Vaults:5 | 55751 ||| UPGRADING to +2 pair of boots "Joblekop" {-Tele
                  | Rampage rC- Will+++}.
 55756 | Vaults:5 | 55756 ||| UPGRADING to amulet of Doatz {Reflect rC++ rN+
                  | Dex-3 SH+5}.
 55766 | Vaults:5 | 55766 ||| REMOVING +2 pair of boots "Joblekop" {-Tele
                  | Rampage rC- Will+++}.
 55771 | Vaults:5 | 55771 ||| UPGRADING to amulet "Sijomof" {Reflect Str+5
                  | SH+5}.
 55781 | Vaults:5 | 55781 ||| UPGRADING to +2 pair of boots "Joblekop" {-Tele
                  | Rampage rC- Will+++}.
 55786 | Vaults:5 | 55786 ||| UPGRADING to amulet of Doatz {Reflect rC++ rN+
                  | Dex-3 SH+5}.
 55796 | Vaults:5 | 55796 ||| REMOVING +2 pair of boots "Joblekop" {-Tele
                  | Rampage rC- Will+++}.
 55801 | Vaults:5 | 55801 ||| UPGRADING to amulet "Sijomof" {Reflect Str+5
                  | SH+5}.
 55811 | Vaults:5 | 55811 ||| UPGRADING to +2 pair of boots "Joblekop" {-Tele
                  | Rampage rC- Will+++}.
 55816 | Vaults:5 | 55816 ||| UPGRADING to amulet of Doatz {Reflect rC++ rN+
                  | Dex-3 SH+5}.
 55826 | Vaults:5 | 55826 ||| REMOVING +2 pair of boots "Joblekop" {-Tele
                  | Rampage rC- Will+++}.
 55831 | Vaults:5 | 55831 ||| UPGRADING to amulet "Sijomof" {Reflect Str+5
                  | SH+5}.
 55841 | Vaults:5 | 55841 ||| UPGRADING to +2 pair of boots "Joblekop" {-Tele
                  | Rampage rC- Will+++}.
 55846 | Vaults:5 | 55846 ||| UPGRADING to amulet of Doatz {Reflect rC++ rN+
                  | Dex-3 SH+5}.
 55856 | Vaults:5 | 55856 ||| REMOVING +2 pair of boots "Joblekop" {-Tele
                  | Rampage rC- Will+++}.
 55861 | Vaults:5 | 55861 ||| UPGRADING to amulet "Sijomof" {Reflect Str+5
                  | SH+5}.
 55871 | Vaults:5 | 55871 ||| UPGRADING to +2 pair of boots "Joblekop" {-Tele
                  | Rampage rC- Will+++}.
 55876 | Vaults:5 | 55876 ||| UPGRADING to amulet of Doatz {Reflect rC++ rN+
                  | Dex-3 SH+5}.
 55886 | Vaults:5 | 55886 ||| REMOVING +2 pair of boots "Joblekop" {-Tele
                  | Rampage rC- Will+++}.
 55891 | Vaults:5 | 55891 ||| UPGRADING to amulet "Sijomof" {Reflect Str+5
                  | SH+5}.
 55901 | Vaults:5 | 55901 ||| UPGRADING to +2 pair of boots "Joblekop" {-Tele
                  | Rampage rC- Will+++}.
 55906 | Vaults:5 | 55906 ||| UPGRADING to amulet of Doatz {Reflect rC++ rN+
                  | Dex-3 SH+5}.
 55916 | Vaults:5 | 55916 ||| REMOVING +2 pair of boots "Joblekop" {-Tele
                  | Rampage rC- Will+++}.
 55921 | Vaults:5 | 55921 ||| UPGRADING to amulet "Sijomof" {Reflect Str+5
                  | SH+5}.
 55931 | Vaults:5 | 55931 ||| UPGRADING to +2 pair of boots "Joblekop" {-Tele
                  | Rampage rC- Will+++}.
 55936 | Vaults:5 | 55936 ||| UPGRADING to amulet of Doatz {Reflect rC++ rN+
                  | Dex-3 SH+5}.
 55946 | Vaults:5 | 55946 ||| REMOVING +2 pair of boots "Joblekop" {-Tele
                  | Rampage rC- Will+++}.
 55951 | Vaults:5 | 55951 ||| UPGRADING to amulet "Sijomof" {Reflect Str+5
                  | SH+5}.
 55961 | Vaults:5 | 55961 ||| UPGRADING to +2 pair of boots "Joblekop" {-Tele
                  | Rampage rC- Will+++}.
 55966 | Vaults:5 | 55966 ||| UPGRADING to amulet of Doatz {Reflect rC++ rN+
                  | Dex-3 SH+5}.
 55976 | Vaults:5 | 55976 ||| REMOVING +2 pair of boots "Joblekop" {-Tele
                  | Rampage rC- Will+++}.
 55981 | Vaults:5 | 55981 ||| UPGRADING to amulet "Sijomof" {Reflect Str+5
                  | SH+5}.
 55991 | Vaults:5 | 55991 ||| UPGRADING to +2 pair of boots "Joblekop" {-Tele
                  | Rampage rC- Will+++}.
 55996 | Vaults:5 | 55996 ||| UPGRADING to amulet of Doatz {Reflect rC++ rN+
                  | Dex-3 SH+5}.
 56006 | Vaults:5 | 56006 ||| REMOVING +2 pair of boots "Joblekop" {-Tele
                  | Rampage rC- Will+++}.
 56011 | Vaults:5 | 56011 ||| UPGRADING to amulet "Sijomof" {Reflect Str+5
                  | SH+5}.
 56021 | Vaults:5 | 56021 ||| UPGRADING to +2 pair of boots "Joblekop" {-Tele
                  | Rampage rC- Will+++}.
 56026 | Vaults:5 | 56026 ||| UPGRADING to amulet of Doatz {Reflect rC++ rN+
                  | Dex-3 SH+5}.
 56036 | Vaults:5 | 56036 ||| REMOVING +2 pair of boots "Joblekop" {-Tele
                  | Rampage rC- Will+++}.
 56041 | Vaults:5 | 56041 ||| UPGRADING to amulet "Sijomof" {Reflect Str+5
                  | SH+5}.
 56051 | Vaults:5 | 56051 ||| UPGRADING to +2 pair of boots "Joblekop" {-Tele
                  | Rampage rC- Will+++}.
 56056 | Vaults:5 | 56056 ||| UPGRADING to amulet of Doatz {Reflect rC++ rN+
                  | Dex-3 SH+5}.
 56066 | Vaults:5 | 56066 ||| REMOVING +2 pair of boots "Joblekop" {-Tele
                  | Rampage rC- Will+++}.
 56071 | Vaults:5 | 56071 ||| UPGRADING to amulet "Sijomof" {Reflect Str+5
                  | SH+5}.
 56081 | Vaults:5 | 56081 ||| UPGRADING to +2 pair of boots "Joblekop" {-Tele
                  | Rampage rC- Will+++}.
 56086 | Vaults:5 | 56086 ||| UPGRADING to amulet of Doatz {Reflect rC++ rN+
                  | Dex-3 SH+5}.
 56096 | Vaults:5 | 56096 ||| REMOVING +2 pair of boots "Joblekop" {-Tele
                  | Rampage rC- Will+++}.
 56101 | Vaults:5 | 56101 ||| UPGRADING to amulet "Sijomof" {Reflect Str+5
                  | SH+5}.
 56111 | Vaults:5 | 56111 ||| UPGRADING to +2 pair of boots "Joblekop" {-Tele
                  | Rampage rC- Will+++}.
 56116 | Vaults:5 | 56116 ||| UPGRADING to amulet of Doatz {Reflect rC++ rN+
                  | Dex-3 SH+5}.
 56126 | Vaults:5 | 56126 ||| REMOVING +2 pair of boots "Joblekop" {-Tele
                  | Rampage rC- Will+++}.
 56131 | Vaults:5 | 56131 ||| UPGRADING to amulet "Sijomof" {Reflect Str+5
                  | SH+5}.
 56141 | Vaults:5 | 56141 ||| UPGRADING to +2 pair of boots "Joblekop" {-Tele
                  | Rampage rC- Will+++}.
 56146 | Vaults:5 | 56146 ||| UPGRADING to amulet of Doatz {Reflect rC++ rN+
                  | Dex-3 SH+5}.
 56156 | Vaults:5 | 56156 ||| REMOVING +2 pair of boots "Joblekop" {-Tele
                  | Rampage rC- Will+++}.
 56161 | Vaults:5 | 56161 ||| UPGRADING to amulet "Sijomof" {Reflect Str+5
                  | SH+5}.
 56171 | Vaults:5 | 56171 ||| UPGRADING to +2 pair of boots "Joblekop" {-Tele
                  | Rampage rC- Will+++}.
 56176 | Vaults:5 | 56176 ||| UPGRADING to amulet of Doatz {Reflect rC++ rN+
                  | Dex-3 SH+5}.
 56186 | Vaults:5 | 56186 ||| REMOVING +2 pair of boots "Joblekop" {-Tele
                  | Rampage rC- Will+++}.
 56191 | Vaults:5 | 56191 ||| UPGRADING to amulet "Sijomof" {Reflect Str+5
                  | SH+5}.
 56201 | Vaults:5 | 56201 ||| UPGRADING to +2 pair of boots "Joblekop" {-Tele
                  | Rampage rC- Will+++}.
 56206 | Vaults:5 | 56206 ||| UPGRADING to amulet of Doatz {Reflect rC++ rN+
                  | Dex-3 SH+5}.
 56216 | Vaults:5 | 56216 ||| REMOVING +2 pair of boots "Joblekop" {-Tele
                  | Rampage rC- Will+++}.
 56221 | Vaults:5 | 56221 ||| UPGRADING to amulet "Sijomof" {Reflect Str+5
                  | SH+5}.
 56231 | Vaults:5 | 56231 ||| UPGRADING to +2 pair of boots "Joblekop" {-Tele
                  | Rampage rC- Will+++}.
 56236 | Vaults:5 | 56236 ||| UPGRADING to amulet of Doatz {Reflect rC++ rN+
                  | Dex-3 SH+5}.
 56246 | Vaults:5 | 56246 ||| REMOVING +2 pair of boots "Joblekop" {-Tele
                  | Rampage rC- Will+++}.
 56251 | Vaults:5 | 56251 ||| UPGRADING to amulet "Sijomof" {Reflect Str+5
                  | SH+5}.
 56261 | Vaults:5 | 56261 ||| UPGRADING to +2 pair of boots "Joblekop" {-Tele
                  | Rampage rC- Will+++}.
 56266 | Vaults:5 | 56266 ||| UPGRADING to amulet of Doatz {Reflect rC++ rN+
                  | Dex-3 SH+5}.
 56276 | Vaults:5 | 56276 ||| REMOVING +2 pair of boots "Joblekop" {-Tele
                  | Rampage rC- Will+++}.
 56281 | Vaults:5 | 56281 ||| UPGRADING to amulet "Sijomof" {Reflect Str+5
                  | SH+5}.
 56291 | Vaults:5 | 56291 ||| UPGRADING to +2 pair of boots "Joblekop" {-Tele
                  | Rampage rC- Will+++}.
 56296 | Vaults:5 | 56296 ||| UPGRADING to amulet of Doatz {Reflect rC++ rN+
                  | Dex-3 SH+5}.
 56306 | Vaults:5 | 56306 ||| REMOVING +2 pair of boots "Joblekop" {-Tele
                  | Rampage rC- Will+++}.
 56311 | Vaults:5 | 56311 ||| UPGRADING to amulet "Sijomof" {Reflect Str+5
                  | SH+5}.
 56321 | Vaults:5 | 56321 ||| UPGRADING to +2 pair of boots "Joblekop" {-Tele
                  | Rampage rC- Will+++}.
 56326 | Vaults:5 | 56326 ||| UPGRADING to amulet of Doatz {Reflect rC++ rN+
                  | Dex-3 SH+5}.
 56336 | Vaults:5 | 56336 ||| REMOVING +2 pair of boots "Joblekop" {-Tele
                  | Rampage rC- Will+++}.
 56341 | Vaults:5 | 56341 ||| UPGRADING to amulet "Sijomof" {Reflect Str+5
                  | SH+5}.
 56351 | Vaults:5 | 56351 ||| UPGRADING to +2 pair of boots "Joblekop" {-Tele
                  | Rampage rC- Will+++}.
 56356 | Vaults:5 | 56356 ||| UPGRADING to amulet of Doatz {Reflect rC++ rN+
                  | Dex-3 SH+5}.
 56366 | Vaults:5 | 56366 ||| REMOVING +2 pair of boots "Joblekop" {-Tele
                  | Rampage rC- Will+++}.
 56371 | Vaults:5 | 56371 ||| UPGRADING to amulet "Sijomof" {Reflect Str+5
                  | SH+5}.
 56381 | Vaults:5 | 56381 ||| UPGRADING to +2 pair of boots "Joblekop" {-Tele
                  | Rampage rC- Will+++}.
 56386 | Vaults:5 | 56386 ||| UPGRADING to amulet of Doatz {Reflect rC++ rN+
                  | Dex-3 SH+5}.
 56396 | Vaults:5 | 56396 ||| REMOVING +2 pair of boots "Joblekop" {-Tele
                  | Rampage rC- Will+++}.
 56401 | Vaults:5 | 56401 ||| UPGRADING to amulet "Sijomof" {Reflect Str+5
                  | SH+5}.
 56411 | Vaults:5 | 56411 ||| UPGRADING to +2 pair of boots "Joblekop" {-Tele
                  | Rampage rC- Will+++}.
 56416 | Vaults:5 | 56416 ||| UPGRADING to amulet of Doatz {Reflect rC++ rN+
                  | Dex-3 SH+5}.
 56426 | Vaults:5 | 56426 ||| REMOVING +2 pair of boots "Joblekop" {-Tele
                  | Rampage rC- Will+++}.
 56431 | Vaults:5 | 56431 ||| UPGRADING to amulet "Sijomof" {Reflect Str+5
                  | SH+5}.
 56441 | Vaults:5 | 56441 ||| UPGRADING to +2 pair of boots "Joblekop" {-Tele
                  | Rampage rC- Will+++}.
 56446 | Vaults:5 | 56446 ||| UPGRADING to amulet of Doatz {Reflect rC++ rN+
                  | Dex-3 SH+5}.
 56456 | Vaults:5 | 56456 ||| REMOVING +2 pair of boots "Joblekop" {-Tele
                  | Rampage rC- Will+++}.
 56461 | Vaults:5 | 56461 ||| UPGRADING to amulet "Sijomof" {Reflect Str+5
                  | SH+5}.
 56471 | Vaults:5 | 56471 ||| UPGRADING to +2 pair of boots "Joblekop" {-Tele
                  | Rampage rC- Will+++}.
 56476 | Vaults:5 | 56476 ||| UPGRADING to amulet of Doatz {Reflect rC++ rN+
                  | Dex-3 SH+5}.
 56486 | Vaults:5 | 56486 ||| REMOVING +2 pair of boots "Joblekop" {-Tele
                  | Rampage rC- Will+++}.
 56491 | Vaults:5 | 56491 ||| UPGRADING to amulet "Sijomof" {Reflect Str+5
                  | SH+5}.
 56501 | Vaults:5 | 56501 ||| UPGRADING to +2 pair of boots "Joblekop" {-Tele
                  | Rampage rC- Will+++}.
 56506 | Vaults:5 | 56506 ||| UPGRADING to amulet of Doatz {Reflect rC++ rN+
                  | Dex-3 SH+5}.
 56516 | Vaults:5 | 56516 ||| REMOVING +2 pair of boots "Joblekop" {-Tele
                  | Rampage rC- Will+++}.
 56521 | Vaults:5 | 56521 ||| UPGRADING to amulet "Sijomof" {Reflect Str+5
                  | SH+5}.
 56531 | Vaults:5 | 56531 ||| UPGRADING to +2 pair of boots "Joblekop" {-Tele
                  | Rampage rC- Will+++}.
 56536 | Vaults:5 | 56536 ||| UPGRADING to amulet of Doatz {Reflect rC++ rN+
                  | Dex-3 SH+5}.
 56546 | Vaults:5 | 56546 ||| REMOVING +2 pair of boots "Joblekop" {-Tele
                  | Rampage rC- Will+++}.
 56551 | Vaults:5 | 56551 ||| UPGRADING to amulet "Sijomof" {Reflect Str+5
                  | SH+5}.
 56561 | Vaults:5 | 56561 ||| UPGRADING to +2 pair of boots "Joblekop" {-Tele
                  | Rampage rC- Will+++}.
 56566 | Vaults:5 | 56566 ||| UPGRADING to amulet of Doatz {Reflect rC++ rN+
                  | Dex-3 SH+5}.
 56576 | Vaults:5 | 56576 ||| REMOVING +2 pair of boots "Joblekop" {-Tele
                  | Rampage rC- Will+++}.
 56581 | Vaults:5 | 56581 ||| UPGRADING to amulet "Sijomof" {Reflect Str+5
                  | SH+5}.
 56591 | Vaults:5 | 56591 ||| UPGRADING to +2 pair of boots "Joblekop" {-Tele
                  | Rampage rC- Will+++}.
 56596 | Vaults:5 | 56596 ||| UPGRADING to amulet of Doatz {Reflect rC++ rN+
                  | Dex-3 SH+5}.
 56606 | Vaults:5 | 56606 ||| REMOVING +2 pair of boots "Joblekop" {-Tele
                  | Rampage rC- Will+++}.
 56611 | Vaults:5 | 56611 ||| UPGRADING to amulet "Sijomof" {Reflect Str+5
                  | SH+5}.
 56621 | Vaults:5 | 56621 ||| UPGRADING to +2 pair of boots "Joblekop" {-Tele
                  | Rampage rC- Will+++}.
 56626 | Vaults:5 | 56626 ||| UPGRADING to amulet of Doatz {Reflect rC++ rN+
                  | Dex-3 SH+5}.
 56636 | Vaults:5 | 56636 ||| REMOVING +2 pair of boots "Joblekop" {-Tele
                  | Rampage rC- Will+++}.
 56641 | Vaults:5 | 56641 ||| UPGRADING to amulet "Sijomof" {Reflect Str+5
                  | SH+5}.
 56651 | Vaults:5 | 56651 ||| UPGRADING to +2 pair of boots "Joblekop" {-Tele
                  | Rampage rC- Will+++}.
 56656 | Vaults:5 | 56656 ||| UPGRADING to amulet of Doatz {Reflect rC++ rN+
                  | Dex-3 SH+5}.
 56666 | Vaults:5 | 56666 ||| REMOVING +2 pair of boots "Joblekop" {-Tele
                  | Rampage rC- Will+++}.
 56671 | Vaults:5 | 56671 ||| UPGRADING to amulet "Sijomof" {Reflect Str+5
                  | SH+5}.
 56681 | Vaults:5 | 56681 ||| UPGRADING to +2 pair of boots "Joblekop" {-Tele
                  | Rampage rC- Will+++}.
 56686 | Vaults:5 | 56686 ||| UPGRADING to amulet of Doatz {Reflect rC++ rN+
                  | Dex-3 SH+5}.
 56696 | Vaults:5 | 56696 ||| REMOVING +2 pair of boots "Joblekop" {-Tele
                  | Rampage rC- Will+++}.
 56701 | Vaults:5 | 56701 ||| UPGRADING to amulet "Sijomof" {Reflect Str+5
                  | SH+5}.
 56711 | Vaults:5 | 56711 ||| UPGRADING to +2 pair of boots "Joblekop" {-Tele
                  | Rampage rC- Will+++}.
 56716 | Vaults:5 | 56716 ||| UPGRADING to amulet of Doatz {Reflect rC++ rN+
                  | Dex-3 SH+5}.
 56726 | Vaults:5 | 56726 ||| REMOVING +2 pair of boots "Joblekop" {-Tele
                  | Rampage rC- Will+++}.
 56731 | Vaults:5 | 56731 ||| UPGRADING to amulet "Sijomof" {Reflect Str+5
                  | SH+5}.
 56741 | Vaults:5 | 56741 ||| UPGRADING to +2 pair of boots "Joblekop" {-Tele
                  | Rampage rC- Will+++}.
 56746 | Vaults:5 | 56746 ||| UPGRADING to amulet of Doatz {Reflect rC++ rN+
                  | Dex-3 SH+5}.
 56756 | Vaults:5 | 56756 ||| REMOVING +2 pair of boots "Joblekop" {-Tele
                  | Rampage rC- Will+++}.
 56761 | Vaults:5 | 56761 ||| UPGRADING to amulet "Sijomof" {Reflect Str+5
                  | SH+5}.
 56771 | Vaults:5 | 56771 ||| UPGRADING to +2 pair of boots "Joblekop" {-Tele
                  | Rampage rC- Will+++}.
 56776 | Vaults:5 | 56776 ||| UPGRADING to amulet of Doatz {Reflect rC++ rN+
                  | Dex-3 SH+5}.
 56786 | Vaults:5 | 56786 ||| REMOVING +2 pair of boots "Joblekop" {-Tele
                  | Rampage rC- Will+++}.
 56791 | Vaults:5 | 56791 ||| UPGRADING to amulet "Sijomof" {Reflect Str+5
                  | SH+5}.
 56801 | Vaults:5 | 56801 ||| UPGRADING to +2 pair of boots "Joblekop" {-Tele
                  | Rampage rC- Will+++}.
 56806 | Vaults:5 | 56806 ||| UPGRADING to amulet of Doatz {Reflect rC++ rN+
                  | Dex-3 SH+5}.
 56816 | Vaults:5 | 56816 ||| REMOVING +2 pair of boots "Joblekop" {-Tele
                  | Rampage rC- Will+++}.
 56821 | Vaults:5 | 56821 ||| UPGRADING to amulet "Sijomof" {Reflect Str+5
                  | SH+5}.
 56831 | Vaults:5 | 56831 ||| UPGRADING to +2 pair of boots "Joblekop" {-Tele
                  | Rampage rC- Will+++}.
 56836 | Vaults:5 | 56836 ||| UPGRADING to amulet of Doatz {Reflect rC++ rN+
                  | Dex-3 SH+5}.
 56846 | Vaults:5 | 56846 ||| REMOVING +2 pair of boots "Joblekop" {-Tele
                  | Rampage rC- Will+++}.
 56851 | Vaults:5 | 56851 ||| UPGRADING to amulet "Sijomof" {Reflect Str+5
                  | SH+5}.
 56861 | Vaults:5 | 56861 ||| UPGRADING to +2 pair of boots "Joblekop" {-Tele
                  | Rampage rC- Will+++}.
 56866 | Vaults:5 | 56866 ||| UPGRADING to amulet of Doatz {Reflect rC++ rN+
                  | Dex-3 SH+5}.
 56876 | Vaults:5 | 56876 ||| REMOVING +2 pair of boots "Joblekop" {-Tele
                  | Rampage rC- Will+++}.
 56881 | Vaults:5 | 56881 ||| UPGRADING to amulet "Sijomof" {Reflect Str+5
                  | SH+5}.
 56891 | Vaults:5 | 56891 ||| UPGRADING to +2 pair of boots "Joblekop" {-Tele
                  | Rampage rC- Will+++}.
 56896 | Vaults:5 | 56896 ||| UPGRADING to amulet of Doatz {Reflect rC++ rN+
                  | Dex-3 SH+5}.
 56906 | Vaults:5 | 56906 ||| REMOVING +2 pair of boots "Joblekop" {-Tele
                  | Rampage rC- Will+++}.
 56911 | Vaults:5 | 56911 ||| UPGRADING to amulet "Sijomof" {Reflect Str+5
                  | SH+5}.
 56921 | Vaults:5 | 56921 ||| UPGRADING to +2 pair of boots "Joblekop" {-Tele
                  | Rampage rC- Will+++}.
 56926 | Vaults:5 | 56926 ||| UPGRADING to amulet of Doatz {Reflect rC++ rN+
                  | Dex-3 SH+5}.
 56936 | Vaults:5 | 56936 ||| REMOVING +2 pair of boots "Joblekop" {-Tele
                  | Rampage rC- Will+++}.
 56941 | Vaults:5 | 56941 ||| UPGRADING to amulet "Sijomof" {Reflect Str+5
                  | SH+5}.
 56951 | Vaults:5 | 56951 ||| UPGRADING to +2 pair of boots "Joblekop" {-Tele
                  | Rampage rC- Will+++}.
 56956 | Vaults:5 | 56956 ||| UPGRADING to amulet of Doatz {Reflect rC++ rN+
                  | Dex-3 SH+5}.
 56966 | Vaults:5 | 56966 ||| REMOVING +2 pair of boots "Joblekop" {-Tele
                  | Rampage rC- Will+++}.
 56971 | Vaults:5 | 56971 ||| UPGRADING to amulet "Sijomof" {Reflect Str+5
                  | SH+5}.
 56981 | Vaults:5 | 56981 ||| UPGRADING to +2 pair of boots "Joblekop" {-Tele
                  | Rampage rC- Will+++}.
 56986 | Vaults:5 | 56986 ||| UPGRADING to amulet of Doatz {Reflect rC++ rN+
                  | Dex-3 SH+5}.
 56996 | Vaults:5 | 56996 ||| REMOVING +2 pair of boots "Joblekop" {-Tele
                  | Rampage rC- Will+++}.
 57001 | Vaults:5 | 57001 ||| UPGRADING to amulet "Sijomof" {Reflect Str+5
                  | SH+5}.
 57011 | Vaults:5 | 57011 ||| UPGRADING to +2 pair of boots "Joblekop" {-Tele
                  | Rampage rC- Will+++}.
 57016 | Vaults:5 | 57016 ||| UPGRADING to amulet of Doatz {Reflect rC++ rN+
                  | Dex-3 SH+5}.
 57026 | Vaults:5 | 57026 ||| REMOVING +2 pair of boots "Joblekop" {-Tele
                  | Rampage rC- Will+++}.
 57031 | Vaults:5 | 57031 ||| UPGRADING to amulet "Sijomof" {Reflect Str+5
                  | SH+5}.
 57041 | Vaults:5 | 57041 ||| UPGRADING to +2 pair of boots "Joblekop" {-Tele
                  | Rampage rC- Will+++}.
 57046 | Vaults:5 | 57046 ||| UPGRADING to amulet of Doatz {Reflect rC++ rN+
                  | Dex-3 SH+5}.
 57056 | Vaults:5 | 57056 ||| REMOVING +2 pair of boots "Joblekop" {-Tele
                  | Rampage rC- Will+++}.
 57061 | Vaults:5 | 57061 ||| UPGRADING to amulet "Sijomof" {Reflect Str+5
                  | SH+5}.
 57071 | Vaults:5 | 57071 ||| UPGRADING to +2 pair of boots "Joblekop" {-Tele
                  | Rampage rC- Will+++}.
 57076 | Vaults:5 | 57076 ||| UPGRADING to amulet of Doatz {Reflect rC++ rN+
                  | Dex-3 SH+5}.
 57086 | Vaults:5 | 57086 ||| REMOVING +2 pair of boots "Joblekop" {-Tele
                  | Rampage rC- Will+++}.
 57091 | Vaults:5 | 57091 ||| UPGRADING to amulet "Sijomof" {Reflect Str+5
                  | SH+5}.
 57101 | Vaults:5 | 57101 ||| UPGRADING to +2 pair of boots "Joblekop" {-Tele
                  | Rampage rC- Will+++}.
 57106 | Vaults:5 | 57106 ||| UPGRADING to amulet of Doatz {Reflect rC++ rN+
                  | Dex-3 SH+5}.
 57116 | Vaults:5 | 57116 ||| REMOVING +2 pair of boots "Joblekop" {-Tele
                  | Rampage rC- Will+++}.
 57121 | Vaults:5 | 57121 ||| UPGRADING to amulet "Sijomof" {Reflect Str+5
                  | SH+5}.
 57131 | Vaults:5 | 57131 ||| UPGRADING to +2 pair of boots "Joblekop" {-Tele
                  | Rampage rC- Will+++}.
 57136 | Vaults:5 | 57136 ||| UPGRADING to amulet of Doatz {Reflect rC++ rN+
                  | Dex-3 SH+5}.
 57146 | Vaults:5 | 57146 ||| REMOVING +2 pair of boots "Joblekop" {-Tele
                  | Rampage rC- Will+++}.
 57151 | Vaults:5 | 57151 ||| UPGRADING to amulet "Sijomof" {Reflect Str+5
                  | SH+5}.
 57161 | Vaults:5 | 57161 ||| UPGRADING to +2 pair of boots "Joblekop" {-Tele
                  | Rampage rC- Will+++}.
 57166 | Vaults:5 | 57166 ||| UPGRADING to amulet of Doatz {Reflect rC++ rN+
                  | Dex-3 SH+5}.
 57176 | Vaults:5 | 57176 ||| REMOVING +2 pair of boots "Joblekop" {-Tele
                  | Rampage rC- Will+++}.
 57181 | Vaults:5 | 57181 ||| UPGRADING to amulet "Sijomof" {Reflect Str+5
                  | SH+5}.
 57191 | Vaults:5 | 57191 ||| UPGRADING to +2 pair of boots "Joblekop" {-Tele
                  | Rampage rC- Will+++}.
 57196 | Vaults:5 | 57196 ||| UPGRADING to amulet of Doatz {Reflect rC++ rN+
                  | Dex-3 SH+5}.
 57206 | Vaults:5 | 57206 ||| REMOVING +2 pair of boots "Joblekop" {-Tele
                  | Rampage rC- Will+++}.
 57211 | Vaults:5 | 57211 ||| UPGRADING to amulet "Sijomof" {Reflect Str+5
                  | SH+5}.
 57221 | Vaults:5 | 57221 ||| UPGRADING to +2 pair of boots "Joblekop" {-Tele
                  | Rampage rC- Will+++}.
 57226 | Vaults:5 | 57226 ||| UPGRADING to amulet of Doatz {Reflect rC++ rN+
                  | Dex-3 SH+5}.
 57236 | Vaults:5 | 57236 ||| REMOVING +2 pair of boots "Joblekop" {-Tele
                  | Rampage rC- Will+++}.
 57241 | Vaults:5 | 57241 ||| UPGRADING to amulet "Sijomof" {Reflect Str+5
                  | SH+5}.
 57251 | Vaults:5 | 57251 ||| UPGRADING to +2 pair of boots "Joblekop" {-Tele
                  | Rampage rC- Will+++}.
 57256 | Vaults:5 | 57256 ||| UPGRADING to amulet of Doatz {Reflect rC++ rN+
                  | Dex-3 SH+5}.
 57266 | Vaults:5 | 57266 ||| REMOVING +2 pair of boots "Joblekop" {-Tele
                  | Rampage rC- Will+++}.
 57271 | Vaults:5 | 57271 ||| UPGRADING to amulet "Sijomof" {Reflect Str+5
                  | SH+5}.
 57281 | Vaults:5 | 57281 ||| UPGRADING to +2 pair of boots "Joblekop" {-Tele
                  | Rampage rC- Will+++}.
 57286 | Vaults:5 | 57286 ||| UPGRADING to amulet of Doatz {Reflect rC++ rN+
                  | Dex-3 SH+5}.
 57296 | Vaults:5 | 57296 ||| REMOVING +2 pair of boots "Joblekop" {-Tele
                  | Rampage rC- Will+++}.
 57301 | Vaults:5 | 57301 ||| UPGRADING to amulet "Sijomof" {Reflect Str+5
                  | SH+5}.
 57311 | Vaults:5 | 57311 ||| UPGRADING to +2 pair of boots "Joblekop" {-Tele
                  | Rampage rC- Will+++}.
 57316 | Vaults:5 | 57316 ||| UPGRADING to amulet of Doatz {Reflect rC++ rN+
                  | Dex-3 SH+5}.
 57326 | Vaults:5 | 57326 ||| REMOVING +2 pair of boots "Joblekop" {-Tele
                  | Rampage rC- Will+++}.
 57331 | Vaults:5 | 57331 ||| UPGRADING to amulet "Sijomof" {Reflect Str+5
                  | SH+5}.
 57341 | Vaults:5 | 57341 ||| UPGRADING to +2 pair of boots "Joblekop" {-Tele
                  | Rampage rC- Will+++}.
 57346 | Vaults:5 | 57346 ||| UPGRADING to amulet of Doatz {Reflect rC++ rN+
                  | Dex-3 SH+5}.
 57356 | Vaults:5 | 57356 ||| REMOVING +2 pair of boots "Joblekop" {-Tele
                  | Rampage rC- Will+++}.
 57361 | Vaults:5 | 57361 ||| UPGRADING to amulet "Sijomof" {Reflect Str+5
                  | SH+5}.
 57371 | Vaults:5 | 57371 ||| UPGRADING to +2 pair of boots "Joblekop" {-Tele
                  | Rampage rC- Will+++}.
 57376 | Vaults:5 | 57376 ||| UPGRADING to amulet of Doatz {Reflect rC++ rN+
                  | Dex-3 SH+5}.
 57386 | Vaults:5 | 57386 ||| REMOVING +2 pair of boots "Joblekop" {-Tele
                  | Rampage rC- Will+++}.
 57391 | Vaults:5 | 57391 ||| UPGRADING to amulet "Sijomof" {Reflect Str+5
                  | SH+5}.
 57401 | Vaults:5 | 57401 ||| UPGRADING to +2 pair of boots "Joblekop" {-Tele
                  | Rampage rC- Will+++}.
 57406 | Vaults:5 | 57406 ||| UPGRADING to amulet of Doatz {Reflect rC++ rN+
                  | Dex-3 SH+5}.
 57416 | Vaults:5 | 57416 ||| REMOVING +2 pair of boots "Joblekop" {-Tele
                  | Rampage rC- Will+++}.
 57421 | Vaults:5 | 57421 ||| UPGRADING to amulet "Sijomof" {Reflect Str+5
                  | SH+5}.
 57431 | Vaults:5 | 57431 ||| UPGRADING to +2 pair of boots "Joblekop" {-Tele
                  | Rampage rC- Will+++}.
 57436 | Vaults:5 | 57436 ||| UPGRADING to amulet of Doatz {Reflect rC++ rN+
                  | Dex-3 SH+5}.
 57446 | Vaults:5 | 57446 ||| REMOVING +2 pair of boots "Joblekop" {-Tele
                  | Rampage rC- Will+++}.
 57451 | Vaults:5 | 57451 ||| UPGRADING to amulet "Sijomof" {Reflect Str+5
                  | SH+5}.
 57461 | Vaults:5 | 57461 ||| UPGRADING to +2 pair of boots "Joblekop" {-Tele
                  | Rampage rC- Will+++}.
 57466 | Vaults:5 | 57466 ||| UPGRADING to amulet of Doatz {Reflect rC++ rN+
                  | Dex-3 SH+5}.
 57476 | Vaults:5 | 57476 ||| REMOVING +2 pair of boots "Joblekop" {-Tele
                  | Rampage rC- Will+++}.
 57481 | Vaults:5 | 57481 ||| UPGRADING to amulet "Sijomof" {Reflect Str+5
                  | SH+5}.
 57491 | Vaults:5 | 57491 ||| UPGRADING to +2 pair of boots "Joblekop" {-Tele
                  | Rampage rC- Will+++}.
 57496 | Vaults:5 | 57496 ||| UPGRADING to amulet of Doatz {Reflect rC++ rN+
                  | Dex-3 SH+5}.
 57506 | Vaults:5 | 57506 ||| REMOVING +2 pair of boots "Joblekop" {-Tele
                  | Rampage rC- Will+++}.
 57511 | Vaults:5 | 57511 ||| UPGRADING to amulet "Sijomof" {Reflect Str+5
                  | SH+5}.
 57521 | Vaults:5 | 57521 ||| UPGRADING to +2 pair of boots "Joblekop" {-Tele
                  | Rampage rC- Will+++}.
 57526 | Vaults:5 | 57526 ||| UPGRADING to amulet of Doatz {Reflect rC++ rN+
                  | Dex-3 SH+5}.
 57536 | Vaults:5 | 57536 ||| REMOVING +2 pair of boots "Joblekop" {-Tele
                  | Rampage rC- Will+++}.
 57541 | Vaults:5 | 57541 ||| UPGRADING to amulet "Sijomof" {Reflect Str+5
                  | SH+5}.
 57551 | Vaults:5 | 57551 ||| UPGRADING to +2 pair of boots "Joblekop" {-Tele
                  | Rampage rC- Will+++}.
 57556 | Vaults:5 | 57556 ||| UPGRADING to amulet of Doatz {Reflect rC++ rN+
                  | Dex-3 SH+5}.
 57566 | Vaults:5 | 57566 ||| REMOVING +2 pair of boots "Joblekop" {-Tele
                  | Rampage rC- Will+++}.
 57571 | Vaults:5 | 57571 ||| UPGRADING to amulet "Sijomof" {Reflect Str+5
                  | SH+5}.
 57581 | Vaults:5 | 57581 ||| UPGRADING to +2 pair of boots "Joblekop" {-Tele
                  | Rampage rC- Will+++}.
 57586 | Vaults:5 | 57586 ||| UPGRADING to amulet of Doatz {Reflect rC++ rN+
                  | Dex-3 SH+5}.
 57596 | Vaults:5 | 57596 ||| REMOVING +2 pair of boots "Joblekop" {-Tele
                  | Rampage rC- Will+++}.
 57601 | Vaults:5 | 57601 ||| UPGRADING to amulet "Sijomof" {Reflect Str+5
                  | SH+5}.
 57611 | Vaults:5 | 57611 ||| UPGRADING to +2 pair of boots "Joblekop" {-Tele
                  | Rampage rC- Will+++}.
 57616 | Vaults:5 | 57616 ||| UPGRADING to amulet of Doatz {Reflect rC++ rN+
                  | Dex-3 SH+5}.
 57626 | Vaults:5 | 57626 ||| REMOVING +2 pair of boots "Joblekop" {-Tele
                  | Rampage rC- Will+++}.
 57631 | Vaults:5 | 57631 ||| UPGRADING to amulet "Sijomof" {Reflect Str+5
                  | SH+5}.
 57641 | Vaults:5 | 57641 ||| UPGRADING to +2 pair of boots "Joblekop" {-Tele
                  | Rampage rC- Will+++}.
 57646 | Vaults:5 | 57646 ||| UPGRADING to amulet of Doatz {Reflect rC++ rN+
                  | Dex-3 SH+5}.
 57656 | Vaults:5 | 57656 ||| REMOVING +2 pair of boots "Joblekop" {-Tele
                  | Rampage rC- Will+++}.
 57661 | Vaults:5 | 57661 ||| UPGRADING to amulet "Sijomof" {Reflect Str+5
                  | SH+5}.
 57671 | Vaults:5 | 57671 ||| UPGRADING to +2 pair of boots "Joblekop" {-Tele
                  | Rampage rC- Will+++}.
 57676 | Vaults:5 | 57676 ||| UPGRADING to amulet of Doatz {Reflect rC++ rN+
                  | Dex-3 SH+5}.
 57686 | Vaults:5 | 57686 ||| REMOVING +2 pair of boots "Joblekop" {-Tele
                  | Rampage rC- Will+++}.
 57691 | Vaults:5 | 57691 ||| UPGRADING to amulet "Sijomof" {Reflect Str+5
                  | SH+5}.
 57701 | Vaults:5 | 57701 ||| UPGRADING to +2 pair of boots "Joblekop" {-Tele
                  | Rampage rC- Will+++}.
 57706 | Vaults:5 | 57706 ||| UPGRADING to amulet of Doatz {Reflect rC++ rN+
                  | Dex-3 SH+5}.
 57716 | Vaults:5 | 57716 ||| REMOVING +2 pair of boots "Joblekop" {-Tele
                  | Rampage rC- Will+++}.
 57721 | Vaults:5 | 57721 ||| UPGRADING to amulet "Sijomof" {Reflect Str+5
                  | SH+5}.
 57731 | Vaults:5 | 57731 ||| UPGRADING to +2 pair of boots "Joblekop" {-Tele
                  | Rampage rC- Will+++}.
 57736 | Vaults:5 | 57736 ||| UPGRADING to amulet of Doatz {Reflect rC++ rN+
                  | Dex-3 SH+5}.
 57746 | Vaults:5 | 57746 ||| REMOVING +2 pair of boots "Joblekop" {-Tele
                  | Rampage rC- Will+++}.
 57751 | Vaults:5 | 57751 ||| UPGRADING to amulet "Sijomof" {Reflect Str+5
                  | SH+5}.
 57761 | Vaults:5 | 57761 ||| UPGRADING to +2 pair of boots "Joblekop" {-Tele
                  | Rampage rC- Will+++}.
 57766 | Vaults:5 | 57766 ||| UPGRADING to amulet of Doatz {Reflect rC++ rN+
                  | Dex-3 SH+5}.
 57776 | Vaults:5 | 57776 ||| REMOVING +2 pair of boots "Joblekop" {-Tele
                  | Rampage rC- Will+++}.
 57781 | Vaults:5 | 57781 ||| UPGRADING to amulet "Sijomof" {Reflect Str+5
                  | SH+5}.
 57791 | Vaults:5 | 57791 ||| UPGRADING to +2 pair of boots "Joblekop" {-Tele
                  | Rampage rC- Will+++}.
 57796 | Vaults:5 | 57796 ||| UPGRADING to amulet of Doatz {Reflect rC++ rN+
                  | Dex-3 SH+5}.
 57806 | Vaults:5 | 57806 ||| REMOVING +2 pair of boots "Joblekop" {-Tele
                  | Rampage rC- Will+++}.
 57811 | Vaults:5 | 57811 ||| UPGRADING to amulet "Sijomof" {Reflect Str+5
                  | SH+5}.
 57821 | Vaults:5 | 57821 ||| UPGRADING to +2 pair of boots "Joblekop" {-Tele
                  | Rampage rC- Will+++}.
 57826 | Vaults:5 | 57826 ||| UPGRADING to amulet of Doatz {Reflect rC++ rN+
                  | Dex-3 SH+5}.
 57836 | Vaults:5 | 57836 ||| REMOVING +2 pair of boots "Joblekop" {-Tele
                  | Rampage rC- Will+++}.
 57841 | Vaults:5 | 57841 ||| UPGRADING to amulet "Sijomof" {Reflect Str+5
                  | SH+5}.
 57851 | Vaults:5 | 57851 ||| UPGRADING to +2 pair of boots "Joblekop" {-Tele
                  | Rampage rC- Will+++}.
 57856 | Vaults:5 | 57856 ||| UPGRADING to amulet of Doatz {Reflect rC++ rN+
                  | Dex-3 SH+5}.
 57866 | Vaults:5 | 57866 ||| REMOVING +2 pair of boots "Joblekop" {-Tele
                  | Rampage rC- Will+++}.
 57871 | Vaults:5 | 57871 ||| UPGRADING to amulet "Sijomof" {Reflect Str+5
                  | SH+5}.
 57881 | Vaults:5 | 57881 ||| UPGRADING to +2 pair of boots "Joblekop" {-Tele
                  | Rampage rC- Will+++}.
 57886 | Vaults:5 | 57886 ||| UPGRADING to amulet of Doatz {Reflect rC++ rN+
                  | Dex-3 SH+5}.
 57896 | Vaults:5 | 57896 ||| REMOVING +2 pair of boots "Joblekop" {-Tele
                  | Rampage rC- Will+++}.
 57901 | Vaults:5 | 57901 ||| UPGRADING to amulet "Sijomof" {Reflect Str+5
                  | SH+5}.
 57911 | Vaults:5 | 57911 ||| UPGRADING to +2 pair of boots "Joblekop" {-Tele
                  | Rampage rC- Will+++}.
 57916 | Vaults:5 | 57916 ||| UPGRADING to amulet of Doatz {Reflect rC++ rN+
                  | Dex-3 SH+5}.
 57926 | Vaults:5 | 57926 ||| REMOVING +2 pair of boots "Joblekop" {-Tele
                  | Rampage rC- Will+++}.
 57931 | Vaults:5 | 57931 ||| UPGRADING to amulet "Sijomof" {Reflect Str+5
                  | SH+5}.
 57941 | Vaults:5 | 57941 ||| UPGRADING to +2 pair of boots "Joblekop" {-Tele
                  | Rampage rC- Will+++}.
 57946 | Vaults:5 | 57946 ||| UPGRADING to amulet of Doatz {Reflect rC++ rN+
                  | Dex-3 SH+5}.
 57956 | Vaults:5 | 57956 ||| REMOVING +2 pair of boots "Joblekop" {-Tele
                  | Rampage rC- Will+++}.
 57961 | Vaults:5 | 57961 ||| UPGRADING to amulet "Sijomof" {Reflect Str+5
                  | SH+5}.
 57971 | Vaults:5 | 57971 ||| UPGRADING to +2 pair of boots "Joblekop" {-Tele
                  | Rampage rC- Will+++}.
 57976 | Vaults:5 | 57976 ||| UPGRADING to amulet of Doatz {Reflect rC++ rN+
                  | Dex-3 SH+5}.
 57986 | Vaults:5 | 57986 ||| REMOVING +2 pair of boots "Joblekop" {-Tele
                  | Rampage rC- Will+++}.
 57991 | Vaults:5 | 57991 ||| UPGRADING to amulet "Sijomof" {Reflect Str+5
                  | SH+5}.
 58001 | Vaults:5 | 58001 ||| UPGRADING to +2 pair of boots "Joblekop" {-Tele
                  | Rampage rC- Will+++}.
 58006 | Vaults:5 | 58006 ||| UPGRADING to amulet of Doatz {Reflect rC++ rN+
                  | Dex-3 SH+5}.
 58016 | Vaults:5 | 58016 ||| REMOVING +2 pair of boots "Joblekop" {-Tele
                  | Rampage rC- Will+++}.
 58021 | Vaults:5 | 58021 ||| UPGRADING to amulet "Sijomof" {Reflect Str+5
                  | SH+5}.
 58031 | Vaults:5 | 58031 ||| UPGRADING to +2 pair of boots "Joblekop" {-Tele
                  | Rampage rC- Will+++}.
 58036 | Vaults:5 | 58036 ||| UPGRADING to amulet of Doatz {Reflect rC++ rN+
                  | Dex-3 SH+5}.
 58046 | Vaults:5 | 58046 ||| REMOVING +2 pair of boots "Joblekop" {-Tele
                  | Rampage rC- Will+++}.
 58051 | Vaults:5 | 58051 ||| UPGRADING to amulet "Sijomof" {Reflect Str+5
                  | SH+5}.
 58061 | Vaults:5 | 58061 ||| UPGRADING to +2 pair of boots "Joblekop" {-Tele
                  | Rampage rC- Will+++}.
 58066 | Vaults:5 | 58066 ||| UPGRADING to amulet of Doatz {Reflect rC++ rN+
                  | Dex-3 SH+5}.
 58076 | Vaults:5 | 58076 ||| REMOVING +2 pair of boots "Joblekop" {-Tele
                  | Rampage rC- Will+++}.
 58081 | Vaults:5 | 58081 ||| UPGRADING to amulet "Sijomof" {Reflect Str+5
                  | SH+5}.
 58091 | Vaults:5 | 58091 ||| UPGRADING to +2 pair of boots "Joblekop" {-Tele
                  | Rampage rC- Will+++}.
 58096 | Vaults:5 | 58096 ||| UPGRADING to amulet of Doatz {Reflect rC++ rN+
                  | Dex-3 SH+5}.
 58106 | Vaults:5 | 58106 ||| REMOVING +2 pair of boots "Joblekop" {-Tele
                  | Rampage rC- Will+++}.
 58111 | Vaults:5 | 58111 ||| UPGRADING to amulet "Sijomof" {Reflect Str+5
                  | SH+5}.
 58121 | Vaults:5 | 58121 ||| UPGRADING to +2 pair of boots "Joblekop" {-Tele
                  | Rampage rC- Will+++}.
 58126 | Vaults:5 | 58126 ||| UPGRADING to amulet of Doatz {Reflect rC++ rN+
                  | Dex-3 SH+5}.
 58136 | Vaults:5 | 58136 ||| REMOVING +2 pair of boots "Joblekop" {-Tele
                  | Rampage rC- Will+++}.
 58141 | Vaults:5 | 58141 ||| UPGRADING to amulet "Sijomof" {Reflect Str+5
                  | SH+5}.
 58151 | Vaults:5 | 58151 ||| UPGRADING to +2 pair of boots "Joblekop" {-Tele
                  | Rampage rC- Will+++}.
 58156 | Vaults:5 | 58156 ||| UPGRADING to amulet of Doatz {Reflect rC++ rN+
                  | Dex-3 SH+5}.
 58166 | Vaults:5 | 58166 ||| REMOVING +2 pair of boots "Joblekop" {-Tele
                  | Rampage rC- Will+++}.
 58171 | Vaults:5 | 58171 ||| UPGRADING to amulet "Sijomof" {Reflect Str+5
                  | SH+5}.
 58181 | Vaults:5 | 58181 ||| UPGRADING to +2 pair of boots "Joblekop" {-Tele
                  | Rampage rC- Will+++}.
 58186 | Vaults:5 | 58186 ||| UPGRADING to amulet of Doatz {Reflect rC++ rN+
                  | Dex-3 SH+5}.
 58196 | Vaults:5 | 58196 ||| REMOVING +2 pair of boots "Joblekop" {-Tele
                  | Rampage rC- Will+++}.
 58201 | Vaults:5 | 58201 ||| UPGRADING to amulet "Sijomof" {Reflect Str+5
                  | SH+5}.
 58211 | Vaults:5 | 58211 ||| UPGRADING to +2 pair of boots "Joblekop" {-Tele
                  | Rampage rC- Will+++}.
 58216 | Vaults:5 | 58216 ||| UPGRADING to amulet of Doatz {Reflect rC++ rN+
                  | Dex-3 SH+5}.
 58226 | Vaults:5 | 58226 ||| REMOVING +2 pair of boots "Joblekop" {-Tele
                  | Rampage rC- Will+++}.
 58231 | Vaults:5 | 58231 ||| UPGRADING to amulet "Sijomof" {Reflect Str+5
                  | SH+5}.
 58241 | Vaults:5 | 58241 ||| UPGRADING to +2 pair of boots "Joblekop" {-Tele
                  | Rampage rC- Will+++}.
 58246 | Vaults:5 | 58246 ||| UPGRADING to amulet of Doatz {Reflect rC++ rN+
                  | Dex-3 SH+5}.
 58256 | Vaults:5 | 58256 ||| REMOVING +2 pair of boots "Joblekop" {-Tele
                  | Rampage rC- Will+++}.
 58261 | Vaults:5 | 58261 ||| UPGRADING to amulet "Sijomof" {Reflect Str+5
                  | SH+5}.
 58271 | Vaults:5 | 58271 ||| UPGRADING to +2 pair of boots "Joblekop" {-Tele
                  | Rampage rC- Will+++}.
 58276 | Vaults:5 | 58276 ||| UPGRADING to amulet of Doatz {Reflect rC++ rN+
                  | Dex-3 SH+5}.
 58286 | Vaults:5 | 58286 ||| REMOVING +2 pair of boots "Joblekop" {-Tele
                  | Rampage rC- Will+++}.
 58291 | Vaults:5 | 58291 ||| UPGRADING to amulet "Sijomof" {Reflect Str+5
                  | SH+5}.
 58301 | Vaults:5 | 58301 ||| UPGRADING to +2 pair of boots "Joblekop" {-Tele
                  | Rampage rC- Will+++}.
 58306 | Vaults:5 | 58306 ||| UPGRADING to amulet of Doatz {Reflect rC++ rN+
                  | Dex-3 SH+5}.
 58316 | Vaults:5 | 58316 ||| REMOVING +2 pair of boots "Joblekop" {-Tele
                  | Rampage rC- Will+++}.
 58321 | Vaults:5 | 58321 ||| UPGRADING to amulet "Sijomof" {Reflect Str+5
                  | SH+5}.
 58331 | Vaults:5 | 58331 ||| UPGRADING to +2 pair of boots "Joblekop" {-Tele
                  | Rampage rC- Will+++}.
 58336 | Vaults:5 | 58336 ||| UPGRADING to amulet of Doatz {Reflect rC++ rN+
                  | Dex-3 SH+5}.
 58346 | Vaults:5 | 58346 ||| REMOVING +2 pair of boots "Joblekop" {-Tele
                  | Rampage rC- Will+++}.
 58351 | Vaults:5 | 58351 ||| UPGRADING to amulet "Sijomof" {Reflect Str+5
                  | SH+5}.
 58361 | Vaults:5 | 58361 ||| UPGRADING to +2 pair of boots "Joblekop" {-Tele
                  | Rampage rC- Will+++}.
 58366 | Vaults:5 | 58366 ||| UPGRADING to amulet of Doatz {Reflect rC++ rN+
                  | Dex-3 SH+5}.
 58376 | Vaults:5 | 58376 ||| REMOVING +2 pair of boots "Joblekop" {-Tele
                  | Rampage rC- Will+++}.
 58381 | Vaults:5 | 58381 ||| UPGRADING to amulet "Sijomof" {Reflect Str+5
                  | SH+5}.
 58391 | Vaults:5 | 58391 ||| UPGRADING to +2 pair of boots "Joblekop" {-Tele
                  | Rampage rC- Will+++}.
 58396 | Vaults:5 | 58396 ||| UPGRADING to amulet of Doatz {Reflect rC++ rN+
                  | Dex-3 SH+5}.
 58406 | Vaults:5 | 58406 ||| REMOVING +2 pair of boots "Joblekop" {-Tele
                  | Rampage rC- Will+++}.
 58411 | Vaults:5 | 58411 ||| UPGRADING to amulet "Sijomof" {Reflect Str+5
                  | SH+5}.
 58421 | Vaults:5 | 58421 ||| UPGRADING to +2 pair of boots "Joblekop" {-Tele
                  | Rampage rC- Will+++}.
 58426 | Vaults:5 | 58426 ||| UPGRADING to amulet of Doatz {Reflect rC++ rN+
                  | Dex-3 SH+5}.
 58436 | Vaults:5 | 58436 ||| REMOVING +2 pair of boots "Joblekop" {-Tele
                  | Rampage rC- Will+++}.
 58441 | Vaults:5 | 58441 ||| UPGRADING to amulet "Sijomof" {Reflect Str+5
                  | SH+5}.
 58451 | Vaults:5 | 58451 ||| UPGRADING to +2 pair of boots "Joblekop" {-Tele
                  | Rampage rC- Will+++}.
 58456 | Vaults:5 | 58456 ||| UPGRADING to amulet of Doatz {Reflect rC++ rN+
                  | Dex-3 SH+5}.
 58466 | Vaults:5 | 58466 ||| REMOVING +2 pair of boots "Joblekop" {-Tele
                  | Rampage rC- Will+++}.
 58471 | Vaults:5 | 58471 ||| UPGRADING to amulet "Sijomof" {Reflect Str+5
                  | SH+5}.
 58481 | Vaults:5 | 58481 ||| UPGRADING to +2 pair of boots "Joblekop" {-Tele
                  | Rampage rC- Will+++}.
 58486 | Vaults:5 | 58486 ||| UPGRADING to amulet of Doatz {Reflect rC++ rN+
                  | Dex-3 SH+5}.
 58496 | Vaults:5 | 58496 ||| REMOVING +2 pair of boots "Joblekop" {-Tele
                  | Rampage rC- Will+++}.
 58501 | Vaults:5 | 58501 ||| UPGRADING to amulet "Sijomof" {Reflect Str+5
                  | SH+5}.
 58511 | Vaults:5 | 58511 ||| UPGRADING to +2 pair of boots "Joblekop" {-Tele
                  | Rampage rC- Will+++}.
 58516 | Vaults:5 | 58516 ||| UPGRADING to amulet of Doatz {Reflect rC++ rN+
                  | Dex-3 SH+5}.
 58526 | Vaults:5 | 58526 ||| REMOVING +2 pair of boots "Joblekop" {-Tele
                  | Rampage rC- Will+++}.
 58531 | Vaults:5 | 58531 ||| UPGRADING to amulet "Sijomof" {Reflect Str+5
                  | SH+5}.
 58541 | Vaults:5 | 58541 ||| UPGRADING to +2 pair of boots "Joblekop" {-Tele
                  | Rampage rC- Will+++}.
 58546 | Vaults:5 | 58546 ||| UPGRADING to amulet of Doatz {Reflect rC++ rN+
                  | Dex-3 SH+5}.
 58556 | Vaults:5 | 58556 ||| REMOVING +2 pair of boots "Joblekop" {-Tele
                  | Rampage rC- Will+++}.
 58561 | Vaults:5 | 58561 ||| UPGRADING to amulet "Sijomof" {Reflect Str+5
                  | SH+5}.
 58571 | Vaults:5 | 58571 ||| UPGRADING to +2 pair of boots "Joblekop" {-Tele
                  | Rampage rC- Will+++}.
 58576 | Vaults:5 | 58576 ||| UPGRADING to amulet of Doatz {Reflect rC++ rN+
                  | Dex-3 SH+5}.
 58586 | Vaults:5 | 58586 ||| REMOVING +2 pair of boots "Joblekop" {-Tele
                  | Rampage rC- Will+++}.
 58591 | Vaults:5 | 58591 ||| UPGRADING to amulet "Sijomof" {Reflect Str+5
                  | SH+5}.
 58601 | Vaults:5 | 58601 ||| UPGRADING to +2 pair of boots "Joblekop" {-Tele
                  | Rampage rC- Will+++}.
 58606 | Vaults:5 | 58606 ||| UPGRADING to amulet of Doatz {Reflect rC++ rN+
                  | Dex-3 SH+5}.
 58616 | Vaults:5 | 58616 ||| REMOVING +2 pair of boots "Joblekop" {-Tele
                  | Rampage rC- Will+++}.
 58621 | Vaults:5 | 58621 ||| UPGRADING to amulet "Sijomof" {Reflect Str+5
                  | SH+5}.
 58631 | Vaults:5 | 58631 ||| UPGRADING to +2 pair of boots "Joblekop" {-Tele
                  | Rampage rC- Will+++}.
 58636 | Vaults:5 | 58636 ||| UPGRADING to amulet of Doatz {Reflect rC++ rN+
                  | Dex-3 SH+5}.
 58646 | Vaults:5 | 58646 ||| REMOVING +2 pair of boots "Joblekop" {-Tele
                  | Rampage rC- Will+++}.
 58651 | Vaults:5 | 58651 ||| UPGRADING to amulet "Sijomof" {Reflect Str+5
                  | SH+5}.
 58661 | Vaults:5 | 58661 ||| UPGRADING to +2 pair of boots "Joblekop" {-Tele
                  | Rampage rC- Will+++}.
 58666 | Vaults:5 | 58666 ||| UPGRADING to amulet of Doatz {Reflect rC++ rN+
                  | Dex-3 SH+5}.
 58676 | Vaults:5 | 58676 ||| REMOVING +2 pair of boots "Joblekop" {-Tele
                  | Rampage rC- Will+++}.
 58681 | Vaults:5 | 58681 ||| UPGRADING to amulet "Sijomof" {Reflect Str+5
                  | SH+5}.
 58691 | Vaults:5 | 58691 ||| UPGRADING to +2 pair of boots "Joblekop" {-Tele
                  | Rampage rC- Will+++}.
 58696 | Vaults:5 | 58696 ||| UPGRADING to amulet of Doatz {Reflect rC++ rN+
                  | Dex-3 SH+5}.
 58706 | Vaults:5 | 58706 ||| REMOVING +2 pair of boots "Joblekop" {-Tele
                  | Rampage rC- Will+++}.
 58711 | Vaults:5 | 58711 ||| UPGRADING to amulet "Sijomof" {Reflect Str+5
                  | SH+5}.
 58721 | Vaults:5 | 58721 ||| UPGRADING to +2 pair of boots "Joblekop" {-Tele
                  | Rampage rC- Will+++}.
 58726 | Vaults:5 | 58726 ||| UPGRADING to amulet of Doatz {Reflect rC++ rN+
                  | Dex-3 SH+5}.
 58736 | Vaults:5 | 58736 ||| REMOVING +2 pair of boots "Joblekop" {-Tele
                  | Rampage rC- Will+++}.
 58741 | Vaults:5 | 58741 ||| UPGRADING to amulet "Sijomof" {Reflect Str+5
                  | SH+5}.
 58751 | Vaults:5 | 58751 ||| UPGRADING to +2 pair of boots "Joblekop" {-Tele
                  | Rampage rC- Will+++}.
 58756 | Vaults:5 | 58756 ||| UPGRADING to amulet of Doatz {Reflect rC++ rN+
                  | Dex-3 SH+5}.
 58766 | Vaults:5 | 58766 ||| REMOVING +2 pair of boots "Joblekop" {-Tele
                  | Rampage rC- Will+++}.
 58771 | Vaults:5 | 58771 ||| UPGRADING to amulet "Sijomof" {Reflect Str+5
                  | SH+5}.
 58781 | Vaults:5 | 58781 ||| UPGRADING to +2 pair of boots "Joblekop" {-Tele
                  | Rampage rC- Will+++}.
 58786 | Vaults:5 | 58786 ||| UPGRADING to amulet of Doatz {Reflect rC++ rN+
                  | Dex-3 SH+5}.
 58796 | Vaults:5 | 58796 ||| REMOVING +2 pair of boots "Joblekop" {-Tele
                  | Rampage rC- Will+++}.
 58801 | Vaults:5 | 58801 ||| UPGRADING to amulet "Sijomof" {Reflect Str+5
                  | SH+5}.
 58811 | Vaults:5 | 58811 ||| UPGRADING to +2 pair of boots "Joblekop" {-Tele
                  | Rampage rC- Will+++}.
 58816 | Vaults:5 | 58816 ||| UPGRADING to amulet of Doatz {Reflect rC++ rN+
                  | Dex-3 SH+5}.
 58826 | Vaults:5 | 58826 ||| REMOVING +2 pair of boots "Joblekop" {-Tele
                  | Rampage rC- Will+++}.
 58831 | Vaults:5 | 58831 ||| UPGRADING to amulet "Sijomof" {Reflect Str+5
                  | SH+5}.
 58841 | Vaults:5 | 58841 ||| UPGRADING to +2 pair of boots "Joblekop" {-Tele
                  | Rampage rC- Will+++}.
 58846 | Vaults:5 | 58846 ||| UPGRADING to amulet of Doatz {Reflect rC++ rN+
                  | Dex-3 SH+5}.
 58856 | Vaults:5 | 58856 ||| REMOVING +2 pair of boots "Joblekop" {-Tele
                  | Rampage rC- Will+++}.
 58861 | Vaults:5 | 58861 ||| UPGRADING to amulet "Sijomof" {Reflect Str+5
                  | SH+5}.
 58871 | Vaults:5 | 58871 ||| UPGRADING to +2 pair of boots "Joblekop" {-Tele
                  | Rampage rC- Will+++}.
 58876 | Vaults:5 | 58876 ||| UPGRADING to amulet of Doatz {Reflect rC++ rN+
                  | Dex-3 SH+5}.
 58886 | Vaults:5 | 58886 ||| REMOVING +2 pair of boots "Joblekop" {-Tele
                  | Rampage rC- Will+++}.
 58891 | Vaults:5 | 58891 ||| UPGRADING to amulet "Sijomof" {Reflect Str+5
                  | SH+5}.
 58901 | Vaults:5 | 58901 ||| UPGRADING to +2 pair of boots "Joblekop" {-Tele
                  | Rampage rC- Will+++}.
 58906 | Vaults:5 | 58906 ||| UPGRADING to amulet of Doatz {Reflect rC++ rN+
                  | Dex-3 SH+5}.
 58916 | Vaults:5 | 58916 ||| REMOVING +2 pair of boots "Joblekop" {-Tele
                  | Rampage rC- Will+++}.
 58921 | Vaults:5 | 58921 ||| UPGRADING to amulet "Sijomof" {Reflect Str+5
                  | SH+5}.
 58931 | Vaults:5 | 58931 ||| UPGRADING to +2 pair of boots "Joblekop" {-Tele
                  | Rampage rC- Will+++}.
 58936 | Vaults:5 | 58936 ||| UPGRADING to amulet of Doatz {Reflect rC++ rN+
                  | Dex-3 SH+5}.
 58946 | Vaults:5 | 58946 ||| REMOVING +2 pair of boots "Joblekop" {-Tele
                  | Rampage rC- Will+++}.
 58951 | Vaults:5 | 58951 ||| UPGRADING to amulet "Sijomof" {Reflect Str+5
                  | SH+5}.
 58961 | Vaults:5 | 58961 ||| UPGRADING to +2 pair of boots "Joblekop" {-Tele
                  | Rampage rC- Will+++}.
 58966 | Vaults:5 | 58966 ||| UPGRADING to amulet of Doatz {Reflect rC++ rN+
                  | Dex-3 SH+5}.
 58976 | Vaults:5 | 58976 ||| REMOVING +2 pair of boots "Joblekop" {-Tele
                  | Rampage rC- Will+++}.
 58981 | Vaults:5 | 58981 ||| UPGRADING to amulet "Sijomof" {Reflect Str+5
                  | SH+5}.
 58991 | Vaults:5 | 58991 ||| UPGRADING to +2 pair of boots "Joblekop" {-Tele
                  | Rampage rC- Will+++}.
 58996 | Vaults:5 | 58996 ||| UPGRADING to amulet of Doatz {Reflect rC++ rN+
                  | Dex-3 SH+5}.
 59006 | Vaults:5 | 59006 ||| REMOVING +2 pair of boots "Joblekop" {-Tele
                  | Rampage rC- Will+++}.
 59011 | Vaults:5 | 59011 ||| UPGRADING to amulet "Sijomof" {Reflect Str+5
                  | SH+5}.
 59021 | Vaults:5 | 59021 ||| UPGRADING to +2 pair of boots "Joblekop" {-Tele
                  | Rampage rC- Will+++}.
 59026 | Vaults:5 | 59026 ||| UPGRADING to amulet of Doatz {Reflect rC++ rN+
                  | Dex-3 SH+5}.
 59036 | Vaults:5 | 59036 ||| REMOVING +2 pair of boots "Joblekop" {-Tele
                  | Rampage rC- Will+++}.
 59041 | Vaults:5 | 59041 ||| UPGRADING to amulet "Sijomof" {Reflect Str+5
                  | SH+5}.
 59051 | Vaults:5 | 59051 ||| UPGRADING to +2 pair of boots "Joblekop" {-Tele
                  | Rampage rC- Will+++}.
 59056 | Vaults:5 | 59056 ||| UPGRADING to amulet of Doatz {Reflect rC++ rN+
                  | Dex-3 SH+5}.
 59066 | Vaults:5 | 59066 ||| REMOVING +2 pair of boots "Joblekop" {-Tele
                  | Rampage rC- Will+++}.
 59071 | Vaults:5 | 59071 ||| UPGRADING to amulet "Sijomof" {Reflect Str+5
                  | SH+5}.
 59081 | Vaults:5 | 59081 ||| UPGRADING to +2 pair of boots "Joblekop" {-Tele
                  | Rampage rC- Will+++}.
 59086 | Vaults:5 | 59086 ||| UPGRADING to amulet of Doatz {Reflect rC++ rN+
                  | Dex-3 SH+5}.
 59096 | Vaults:5 | 59096 ||| REMOVING +2 pair of boots "Joblekop" {-Tele
                  | Rampage rC- Will+++}.
 59101 | Vaults:5 | 59101 ||| UPGRADING to amulet "Sijomof" {Reflect Str+5
                  | SH+5}.
 59111 | Vaults:5 | 59111 ||| UPGRADING to +2 pair of boots "Joblekop" {-Tele
                  | Rampage rC- Will+++}.
 59116 | Vaults:5 | 59116 ||| UPGRADING to amulet of Doatz {Reflect rC++ rN+
                  | Dex-3 SH+5}.
 59126 | Vaults:5 | 59126 ||| REMOVING +2 pair of boots "Joblekop" {-Tele
                  | Rampage rC- Will+++}.
 59131 | Vaults:5 | 59131 ||| UPGRADING to amulet "Sijomof" {Reflect Str+5
                  | SH+5}.
 59141 | Vaults:5 | 59141 ||| UPGRADING to +2 pair of boots "Joblekop" {-Tele
                  | Rampage rC- Will+++}.
 59146 | Vaults:5 | 59146 ||| UPGRADING to amulet of Doatz {Reflect rC++ rN+
                  | Dex-3 SH+5}.
 59156 | Vaults:5 | 59156 ||| REMOVING +2 pair of boots "Joblekop" {-Tele
                  | Rampage rC- Will+++}.
 59161 | Vaults:5 | 59161 ||| UPGRADING to amulet "Sijomof" {Reflect Str+5
                  | SH+5}.
 59171 | Vaults:5 | 59171 ||| UPGRADING to +2 pair of boots "Joblekop" {-Tele
                  | Rampage rC- Will+++}.
 59176 | Vaults:5 | 59176 ||| UPGRADING to amulet of Doatz {Reflect rC++ rN+
                  | Dex-3 SH+5}.
 59186 | Vaults:5 | 59186 ||| REMOVING +2 pair of boots "Joblekop" {-Tele
                  | Rampage rC- Will+++}.
 59191 | Vaults:5 | 59191 ||| UPGRADING to amulet "Sijomof" {Reflect Str+5
                  | SH+5}.
 59201 | Vaults:5 | 59201 ||| UPGRADING to +2 pair of boots "Joblekop" {-Tele
                  | Rampage rC- Will+++}.
 59206 | Vaults:5 | 59206 ||| UPGRADING to amulet of Doatz {Reflect rC++ rN+
                  | Dex-3 SH+5}.
 59216 | Vaults:5 | 59216 ||| REMOVING +2 pair of boots "Joblekop" {-Tele
                  | Rampage rC- Will+++}.
 59221 | Vaults:5 | 59221 ||| UPGRADING to amulet "Sijomof" {Reflect Str+5
                  | SH+5}.
 59231 | Vaults:5 | 59231 ||| UPGRADING to +2 pair of boots "Joblekop" {-Tele
                  | Rampage rC- Will+++}.
 59236 | Vaults:5 | 59236 ||| UPGRADING to amulet of Doatz {Reflect rC++ rN+
                  | Dex-3 SH+5}.
 59246 | Vaults:5 | 59246 ||| REMOVING +2 pair of boots "Joblekop" {-Tele
                  | Rampage rC- Will+++}.
 59251 | Vaults:5 | 59251 ||| UPGRADING to amulet "Sijomof" {Reflect Str+5
                  | SH+5}.
 59261 | Vaults:5 | 59261 ||| UPGRADING to +2 pair of boots "Joblekop" {-Tele
                  | Rampage rC- Will+++}.
 59266 | Vaults:5 | 59266 ||| UPGRADING to amulet of Doatz {Reflect rC++ rN+
                  | Dex-3 SH+5}.
 59276 | Vaults:5 | 59276 ||| REMOVING +2 pair of boots "Joblekop" {-Tele
                  | Rampage rC- Will+++}.
 59281 | Vaults:5 | 59281 ||| UPGRADING to amulet "Sijomof" {Reflect Str+5
                  | SH+5}.
 59291 | Vaults:5 | 59291 ||| UPGRADING to +2 pair of boots "Joblekop" {-Tele
                  | Rampage rC- Will+++}.
 59296 | Vaults:5 | 59296 ||| UPGRADING to amulet of Doatz {Reflect rC++ rN+
                  | Dex-3 SH+5}.
 59306 | Vaults:5 | 59306 ||| REMOVING +2 pair of boots "Joblekop" {-Tele
                  | Rampage rC- Will+++}.
 59311 | Vaults:5 | 59311 ||| UPGRADING to amulet "Sijomof" {Reflect Str+5
                  | SH+5}.
 59321 | Vaults:5 | 59321 ||| UPGRADING to +2 pair of boots "Joblekop" {-Tele
                  | Rampage rC- Will+++}.
 59326 | Vaults:5 | 59326 ||| UPGRADING to amulet of Doatz {Reflect rC++ rN+
                  | Dex-3 SH+5}.
 59336 | Vaults:5 | 59336 ||| REMOVING +2 pair of boots "Joblekop" {-Tele
                  | Rampage rC- Will+++}.
 59341 | Vaults:5 | 59341 ||| UPGRADING to amulet "Sijomof" {Reflect Str+5
                  | SH+5}.
 59351 | Vaults:5 | 59351 ||| UPGRADING to +2 pair of boots "Joblekop" {-Tele
                  | Rampage rC- Will+++}.
 59356 | Vaults:5 | 59356 ||| UPGRADING to amulet of Doatz {Reflect rC++ rN+
                  | Dex-3 SH+5}.
 59366 | Vaults:5 | 59366 ||| REMOVING +2 pair of boots "Joblekop" {-Tele
                  | Rampage rC- Will+++}.
 59371 | Vaults:5 | 59371 ||| UPGRADING to amulet "Sijomof" {Reflect Str+5
                  | SH+5}.
 59381 | Vaults:5 | 59381 ||| UPGRADING to +2 pair of boots "Joblekop" {-Tele
                  | Rampage rC- Will+++}.
 59386 | Vaults:5 | 59386 ||| UPGRADING to amulet of Doatz {Reflect rC++ rN+
                  | Dex-3 SH+5}.
 59396 | Vaults:5 | 59396 ||| REMOVING +2 pair of boots "Joblekop" {-Tele
                  | Rampage rC- Will+++}.
 59401 | Vaults:5 | 59401 ||| UPGRADING to amulet "Sijomof" {Reflect Str+5
                  | SH+5}.
 59411 | Vaults:5 | 59411 ||| UPGRADING to +2 pair of boots "Joblekop" {-Tele
                  | Rampage rC- Will+++}.
 59416 | Vaults:5 | 59416 ||| UPGRADING to amulet of Doatz {Reflect rC++ rN+
                  | Dex-3 SH+5}.
 59426 | Vaults:5 | 59426 ||| REMOVING +2 pair of boots "Joblekop" {-Tele
                  | Rampage rC- Will+++}.
 59431 | Vaults:5 | 59431 ||| UPGRADING to amulet "Sijomof" {Reflect Str+5
                  | SH+5}.
 59441 | Vaults:5 | 59441 ||| UPGRADING to +2 pair of boots "Joblekop" {-Tele
                  | Rampage rC- Will+++}.
 59446 | Vaults:5 | 59446 ||| UPGRADING to amulet of Doatz {Reflect rC++ rN+
                  | Dex-3 SH+5}.
 59456 | Vaults:5 | 59456 ||| REMOVING +2 pair of boots "Joblekop" {-Tele
                  | Rampage rC- Will+++}.
 59461 | Vaults:5 | 59461 ||| UPGRADING to amulet "Sijomof" {Reflect Str+5
                  | SH+5}.
 59471 | Vaults:5 | 59471 ||| UPGRADING to +2 pair of boots "Joblekop" {-Tele
                  | Rampage rC- Will+++}.
 59476 | Vaults:5 | 59476 ||| UPGRADING to amulet of Doatz {Reflect rC++ rN+
                  | Dex-3 SH+5}.
 59486 | Vaults:5 | 59486 ||| REMOVING +2 pair of boots "Joblekop" {-Tele
                  | Rampage rC- Will+++}.
 59491 | Vaults:5 | 59491 ||| UPGRADING to amulet "Sijomof" {Reflect Str+5
                  | SH+5}.
 59501 | Vaults:5 | 59501 ||| UPGRADING to +2 pair of boots "Joblekop" {-Tele
                  | Rampage rC- Will+++}.
 59506 | Vaults:5 | 59506 ||| UPGRADING to amulet of Doatz {Reflect rC++ rN+
                  | Dex-3 SH+5}.
 59516 | Vaults:5 | 59516 ||| REMOVING +2 pair of boots "Joblekop" {-Tele
                  | Rampage rC- Will+++}.
 59521 | Vaults:5 | 59521 ||| UPGRADING to amulet "Sijomof" {Reflect Str+5
                  | SH+5}.
 59531 | Vaults:5 | 59531 ||| UPGRADING to +2 pair of boots "Joblekop" {-Tele
                  | Rampage rC- Will+++}.
 59536 | Vaults:5 | 59536 ||| UPGRADING to amulet of Doatz {Reflect rC++ rN+
                  | Dex-3 SH+5}.
 59546 | Vaults:5 | 59546 ||| REMOVING +2 pair of boots "Joblekop" {-Tele
                  | Rampage rC- Will+++}.
 59551 | Vaults:5 | 59551 ||| UPGRADING to amulet "Sijomof" {Reflect Str+5
                  | SH+5}.
 59561 | Vaults:5 | 59561 ||| UPGRADING to +2 pair of boots "Joblekop" {-Tele
                  | Rampage rC- Will+++}.
 59566 | Vaults:5 | 59566 ||| UPGRADING to amulet of Doatz {Reflect rC++ rN+
                  | Dex-3 SH+5}.
 59576 | Vaults:5 | 59576 ||| REMOVING +2 pair of boots "Joblekop" {-Tele
                  | Rampage rC- Will+++}.
 59581 | Vaults:5 | 59581 ||| UPGRADING to amulet "Sijomof" {Reflect Str+5
                  | SH+5}.
 59591 | Vaults:5 | 59591 ||| UPGRADING to +2 pair of boots "Joblekop" {-Tele
                  | Rampage rC- Will+++}.
 59596 | Vaults:5 | 59596 ||| UPGRADING to amulet of Doatz {Reflect rC++ rN+
                  | Dex-3 SH+5}.
 59606 | Vaults:5 | 59606 ||| REMOVING +2 pair of boots "Joblekop" {-Tele
                  | Rampage rC- Will+++}.
 59611 | Vaults:5 | 59611 ||| UPGRADING to amulet "Sijomof" {Reflect Str+5
                  | SH+5}.
 59621 | Vaults:5 | 59621 ||| UPGRADING to +2 pair of boots "Joblekop" {-Tele
                  | Rampage rC- Will+++}.
 59626 | Vaults:5 | 59626 ||| UPGRADING to amulet of Doatz {Reflect rC++ rN+
                  | Dex-3 SH+5}.
 59636 | Vaults:5 | 59636 ||| REMOVING +2 pair of boots "Joblekop" {-Tele
                  | Rampage rC- Will+++}.
 59641 | Vaults:5 | 59641 ||| UPGRADING to amulet "Sijomof" {Reflect Str+5
                  | SH+5}.
 59651 | Vaults:5 | 59651 ||| UPGRADING to +2 pair of boots "Joblekop" {-Tele
                  | Rampage rC- Will+++}.
 59656 | Vaults:5 | 59656 ||| UPGRADING to amulet of Doatz {Reflect rC++ rN+
                  | Dex-3 SH+5}.
 59666 | Vaults:5 | 59666 ||| REMOVING +2 pair of boots "Joblekop" {-Tele
                  | Rampage rC- Will+++}.
 59671 | Vaults:5 | 59671 ||| UPGRADING to amulet "Sijomof" {Reflect Str+5
                  | SH+5}.
 59681 | Vaults:5 | 59681 ||| UPGRADING to +2 pair of boots "Joblekop" {-Tele
                  | Rampage rC- Will+++}.
 59686 | Vaults:5 | 59686 ||| UPGRADING to amulet of Doatz {Reflect rC++ rN+
                  | Dex-3 SH+5}.
 59696 | Vaults:5 | 59696 ||| REMOVING +2 pair of boots "Joblekop" {-Tele
                  | Rampage rC- Will+++}.
 59701 | Vaults:5 | 59701 ||| UPGRADING to amulet "Sijomof" {Reflect Str+5
                  | SH+5}.
 59711 | Vaults:5 | 59711 ||| UPGRADING to +2 pair of boots "Joblekop" {-Tele
                  | Rampage rC- Will+++}.
 59716 | Vaults:5 | 59716 ||| UPGRADING to amulet of Doatz {Reflect rC++ rN+
                  | Dex-3 SH+5}.
 59726 | Vaults:5 | 59726 ||| REMOVING +2 pair of boots "Joblekop" {-Tele
                  | Rampage rC- Will+++}.
 59731 | Vaults:5 | 59731 ||| UPGRADING to amulet "Sijomof" {Reflect Str+5
                  | SH+5}.
 59741 | Vaults:5 | 59741 ||| UPGRADING to +2 pair of boots "Joblekop" {-Tele
                  | Rampage rC- Will+++}.
 59746 | Vaults:5 | 59746 ||| UPGRADING to amulet of Doatz {Reflect rC++ rN+
                  | Dex-3 SH+5}.
 59756 | Vaults:5 | 59756 ||| REMOVING +2 pair of boots "Joblekop" {-Tele
                  | Rampage rC- Will+++}.
 59761 | Vaults:5 | 59761 ||| UPGRADING to amulet "Sijomof" {Reflect Str+5
                  | SH+5}.
 59771 | Vaults:5 | 59771 ||| UPGRADING to +2 pair of boots "Joblekop" {-Tele
                  | Rampage rC- Will+++}.
 59776 | Vaults:5 | 59776 ||| UPGRADING to amulet of Doatz {Reflect rC++ rN+
                  | Dex-3 SH+5}.
 59786 | Vaults:5 | 59786 ||| REMOVING +2 pair of boots "Joblekop" {-Tele
                  | Rampage rC- Will+++}.
 59791 | Vaults:5 | 59791 ||| UPGRADING to amulet "Sijomof" {Reflect Str+5
                  | SH+5}.
 59801 | Vaults:5 | 59801 ||| UPGRADING to +2 pair of boots "Joblekop" {-Tele
                  | Rampage rC- Will+++}.
 59806 | Vaults:5 | 59806 ||| UPGRADING to amulet of Doatz {Reflect rC++ rN+
                  | Dex-3 SH+5}.
 59816 | Vaults:5 | 59816 ||| REMOVING +2 pair of boots "Joblekop" {-Tele
                  | Rampage rC- Will+++}.
 59821 | Vaults:5 | 59821 ||| UPGRADING to amulet "Sijomof" {Reflect Str+5
                  | SH+5}.
 59831 | Vaults:5 | 59831 ||| UPGRADING to +2 pair of boots "Joblekop" {-Tele
                  | Rampage rC- Will+++}.
 59836 | Vaults:5 | 59836 ||| UPGRADING to amulet of Doatz {Reflect rC++ rN+
                  | Dex-3 SH+5}.
 59846 | Vaults:5 | 59846 ||| REMOVING +2 pair of boots "Joblekop" {-Tele
                  | Rampage rC- Will+++}.
 59851 | Vaults:5 | 59851 ||| UPGRADING to amulet "Sijomof" {Reflect Str+5
                  | SH+5}.
 59861 | Vaults:5 | 59861 ||| UPGRADING to +2 pair of boots "Joblekop" {-Tele
                  | Rampage rC- Will+++}.
 59866 | Vaults:5 | 59866 ||| UPGRADING to amulet of Doatz {Reflect rC++ rN+
                  | Dex-3 SH+5}.
 59876 | Vaults:5 | 59876 ||| REMOVING +2 pair of boots "Joblekop" {-Tele
                  | Rampage rC- Will+++}.
 59881 | Vaults:5 | 59881 ||| UPGRADING to amulet "Sijomof" {Reflect Str+5
                  | SH+5}.
 59891 | Vaults:5 | 59891 ||| UPGRADING to +2 pair of boots "Joblekop" {-Tele
                  | Rampage rC- Will+++}.
 59896 | Vaults:5 | 59896 ||| UPGRADING to amulet of Doatz {Reflect rC++ rN+
                  | Dex-3 SH+5}.
 59906 | Vaults:5 | 59906 ||| REMOVING +2 pair of boots "Joblekop" {-Tele
                  | Rampage rC- Will+++}.
 59911 | Vaults:5 | 59911 ||| UPGRADING to amulet "Sijomof" {Reflect Str+5
                  | SH+5}.
 59921 | Vaults:5 | 59921 ||| UPGRADING to +2 pair of boots "Joblekop" {-Tele
                  | Rampage rC- Will+++}.
 59926 | Vaults:5 | 59926 ||| UPGRADING to amulet of Doatz {Reflect rC++ rN+
                  | Dex-3 SH+5}.
 59936 | Vaults:5 | 59936 ||| REMOVING +2 pair of boots "Joblekop" {-Tele
                  | Rampage rC- Will+++}.
 59941 | Vaults:5 | 59941 ||| UPGRADING to amulet "Sijomof" {Reflect Str+5
                  | SH+5}.
 59951 | Vaults:5 | 59951 ||| UPGRADING to +2 pair of boots "Joblekop" {-Tele
                  | Rampage rC- Will+++}.
 59956 | Vaults:5 | 59956 ||| UPGRADING to amulet of Doatz {Reflect rC++ rN+
                  | Dex-3 SH+5}.
 59966 | Vaults:5 | 59966 ||| REMOVING +2 pair of boots "Joblekop" {-Tele
                  | Rampage rC- Will+++}.
 59971 | Vaults:5 | 59971 ||| UPGRADING to amulet "Sijomof" {Reflect Str+5
                  | SH+5}.
 59981 | Vaults:5 | 59981 ||| UPGRADING to +2 pair of boots "Joblekop" {-Tele
                  | Rampage rC- Will+++}.
 59986 | Vaults:5 | 59986 ||| UPGRADING to amulet of Doatz {Reflect rC++ rN+
                  | Dex-3 SH+5}.
 59996 | Vaults:5 | 59996 ||| REMOVING +2 pair of boots "Joblekop" {-Tele
                  | Rampage rC- Will+++}.
 60001 | Vaults:5 | 60001 ||| UPGRADING to amulet "Sijomof" {Reflect Str+5
                  | SH+5}.
 60011 | Vaults:5 | 60011 ||| UPGRADING to +2 pair of boots "Joblekop" {-Tele
                  | Rampage rC- Will+++}.
 60016 | Vaults:5 | 60016 ||| UPGRADING to amulet of Doatz {Reflect rC++ rN+
                  | Dex-3 SH+5}.
 60026 | Vaults:5 | 60026 ||| REMOVING +2 pair of boots "Joblekop" {-Tele
                  | Rampage rC- Will+++}.
 60031 | Vaults:5 | 60031 ||| UPGRADING to amulet "Sijomof" {Reflect Str+5
                  | SH+5}.
 60041 | Vaults:5 | 60041 ||| UPGRADING to +2 pair of boots "Joblekop" {-Tele
                  | Rampage rC- Will+++}.
 60046 | Vaults:5 | 60046 ||| UPGRADING to amulet of Doatz {Reflect rC++ rN+
                  | Dex-3 SH+5}.
 60056 | Vaults:5 | 60056 ||| REMOVING +2 pair of boots "Joblekop" {-Tele
                  | Rampage rC- Will+++}.
 60061 | Vaults:5 | 60061 ||| UPGRADING to amulet "Sijomof" {Reflect Str+5
                  | SH+5}.
 60071 | Vaults:5 | 60071 ||| UPGRADING to +2 pair of boots "Joblekop" {-Tele
                  | Rampage rC- Will+++}.
 60076 | Vaults:5 | 60076 ||| UPGRADING to amulet of Doatz {Reflect rC++ rN+
                  | Dex-3 SH+5}.
 60086 | Vaults:5 | 60086 ||| REMOVING +2 pair of boots "Joblekop" {-Tele
                  | Rampage rC- Will+++}.
 60091 | Vaults:5 | 60091 ||| UPGRADING to amulet "Sijomof" {Reflect Str+5
                  | SH+5}.
 60101 | Vaults:5 | 60101 ||| UPGRADING to +2 pair of boots "Joblekop" {-Tele
                  | Rampage rC- Will+++}.
 60106 | Vaults:5 | 60106 ||| UPGRADING to amulet of Doatz {Reflect rC++ rN+
                  | Dex-3 SH+5}.
 60116 | Vaults:5 | 60116 ||| REMOVING +2 pair of boots "Joblekop" {-Tele
                  | Rampage rC- Will+++}.
 60121 | Vaults:5 | 60121 ||| UPGRADING to amulet "Sijomof" {Reflect Str+5
                  | SH+5}.
 60131 | Vaults:5 | 60131 ||| UPGRADING to +2 pair of boots "Joblekop" {-Tele
                  | Rampage rC- Will+++}.
 60136 | Vaults:5 | 60136 ||| UPGRADING to amulet of Doatz {Reflect rC++ rN+
                  | Dex-3 SH+5}.
 60146 | Vaults:5 | 60146 ||| REMOVING +2 pair of boots "Joblekop" {-Tele
                  | Rampage rC- Will+++}.
 60151 | Vaults:5 | 60151 ||| UPGRADING to amulet "Sijomof" {Reflect Str+5
                  | SH+5}.
 60161 | Vaults:5 | 60161 ||| UPGRADING to +2 pair of boots "Joblekop" {-Tele
                  | Rampage rC- Will+++}.
 60166 | Vaults:5 | 60166 ||| UPGRADING to amulet of Doatz {Reflect rC++ rN+
                  | Dex-3 SH+5}.
 60176 | Vaults:5 | 60176 ||| REMOVING +2 pair of boots "Joblekop" {-Tele
                  | Rampage rC- Will+++}.
 60181 | Vaults:5 | 60181 ||| UPGRADING to amulet "Sijomof" {Reflect Str+5
                  | SH+5}.
 60191 | Vaults:5 | 60191 ||| UPGRADING to +2 pair of boots "Joblekop" {-Tele
                  | Rampage rC- Will+++}.
 60196 | Vaults:5 | 60196 ||| UPGRADING to amulet of Doatz {Reflect rC++ rN+
                  | Dex-3 SH+5}.
 60206 | Vaults:5 | 60206 ||| REMOVING +2 pair of boots "Joblekop" {-Tele
                  | Rampage rC- Will+++}.
 60211 | Vaults:5 | 60211 ||| UPGRADING to amulet "Sijomof" {Reflect Str+5
                  | SH+5}.
 60221 | Vaults:5 | 60221 ||| UPGRADING to +2 pair of boots "Joblekop" {-Tele
                  | Rampage rC- Will+++}.
 60226 | Vaults:5 | 60226 ||| UPGRADING to amulet of Doatz {Reflect rC++ rN+
                  | Dex-3 SH+5}.
 60236 | Vaults:5 | 60236 ||| REMOVING +2 pair of boots "Joblekop" {-Tele
                  | Rampage rC- Will+++}.
 60241 | Vaults:5 | 60241 ||| UPGRADING to amulet "Sijomof" {Reflect Str+5
                  | SH+5}.
 60251 | Vaults:5 | 60251 ||| UPGRADING to +2 pair of boots "Joblekop" {-Tele
                  | Rampage rC- Will+++}.
 60256 | Vaults:5 | 60256 ||| UPGRADING to amulet of Doatz {Reflect rC++ rN+
                  | Dex-3 SH+5}.
 60266 | Vaults:5 | 60266 ||| REMOVING +2 pair of boots "Joblekop" {-Tele
                  | Rampage rC- Will+++}.
 60271 | Vaults:5 | 60271 ||| UPGRADING to amulet "Sijomof" {Reflect Str+5
                  | SH+5}.
 60281 | Vaults:5 | 60281 ||| UPGRADING to +2 pair of boots "Joblekop" {-Tele
                  | Rampage rC- Will+++}.
 60286 | Vaults:5 | 60286 ||| UPGRADING to amulet of Doatz {Reflect rC++ rN+
                  | Dex-3 SH+5}.
 60296 | Vaults:5 | 60296 ||| REMOVING +2 pair of boots "Joblekop" {-Tele
                  | Rampage rC- Will+++}.
 60301 | Vaults:5 | 60301 ||| UPGRADING to amulet "Sijomof" {Reflect Str+5
                  | SH+5}.
 60311 | Vaults:5 | 60311 ||| UPGRADING to +2 pair of boots "Joblekop" {-Tele
                  | Rampage rC- Will+++}.
 60316 | Vaults:5 | 60316 ||| UPGRADING to amulet of Doatz {Reflect rC++ rN+
                  | Dex-3 SH+5}.
 60326 | Vaults:5 | 60326 ||| REMOVING +2 pair of boots "Joblekop" {-Tele
                  | Rampage rC- Will+++}.
 60331 | Vaults:5 | 60331 ||| UPGRADING to amulet "Sijomof" {Reflect Str+5
                  | SH+5}.
 60341 | Vaults:5 | 60341 ||| UPGRADING to +2 pair of boots "Joblekop" {-Tele
                  | Rampage rC- Will+++}.
 60346 | Vaults:5 | 60346 ||| UPGRADING to amulet of Doatz {Reflect rC++ rN+
                  | Dex-3 SH+5}.
 60356 | Vaults:5 | 60356 ||| REMOVING +2 pair of boots "Joblekop" {-Tele
                  | Rampage rC- Will+++}.
 60361 | Vaults:5 | 60361 ||| UPGRADING to amulet "Sijomof" {Reflect Str+5
                  | SH+5}.
 60371 | Vaults:5 | 60371 ||| UPGRADING to +2 pair of boots "Joblekop" {-Tele
                  | Rampage rC- Will+++}.
 60376 | Vaults:5 | 60376 ||| UPGRADING to amulet of Doatz {Reflect rC++ rN+
                  | Dex-3 SH+5}.
 60386 | Vaults:5 | 60386 ||| REMOVING +2 pair of boots "Joblekop" {-Tele
                  | Rampage rC- Will+++}.
 60391 | Vaults:5 | 60391 ||| UPGRADING to amulet "Sijomof" {Reflect Str+5
                  | SH+5}.
 60401 | Vaults:5 | 60401 ||| UPGRADING to +2 pair of boots "Joblekop" {-Tele
                  | Rampage rC- Will+++}.
 60406 | Vaults:5 | 60406 ||| UPGRADING to amulet of Doatz {Reflect rC++ rN+
                  | Dex-3 SH+5}.
 60416 | Vaults:5 | 60416 ||| REMOVING +2 pair of boots "Joblekop" {-Tele
                  | Rampage rC- Will+++}.
 60421 | Vaults:5 | 60421 ||| UPGRADING to amulet "Sijomof" {Reflect Str+5
                  | SH+5}.
 60431 | Vaults:5 | 60431 ||| UPGRADING to +2 pair of boots "Joblekop" {-Tele
                  | Rampage rC- Will+++}.
 60436 | Vaults:5 | 60436 ||| UPGRADING to amulet of Doatz {Reflect rC++ rN+
                  | Dex-3 SH+5}.
 60446 | Vaults:5 | 60446 ||| REMOVING +2 pair of boots "Joblekop" {-Tele
                  | Rampage rC- Will+++}.
 60451 | Vaults:5 | 60451 ||| UPGRADING to amulet "Sijomof" {Reflect Str+5
                  | SH+5}.
 60461 | Vaults:5 | 60461 ||| UPGRADING to +2 pair of boots "Joblekop" {-Tele
                  | Rampage rC- Will+++}.
 60466 | Vaults:5 | 60466 ||| UPGRADING to amulet of Doatz {Reflect rC++ rN+
                  | Dex-3 SH+5}.
 60476 | Vaults:5 | 60476 ||| REMOVING +2 pair of boots "Joblekop" {-Tele
                  | Rampage rC- Will+++}.
 60481 | Vaults:5 | 60481 ||| UPGRADING to amulet "Sijomof" {Reflect Str+5
                  | SH+5}.
 60491 | Vaults:5 | 60491 ||| UPGRADING to +2 pair of boots "Joblekop" {-Tele
                  | Rampage rC- Will+++}.
 60496 | Vaults:5 | 60496 ||| UPGRADING to amulet of Doatz {Reflect rC++ rN+
                  | Dex-3 SH+5}.
 60506 | Vaults:5 | 60506 ||| REMOVING +2 pair of boots "Joblekop" {-Tele
                  | Rampage rC- Will+++}.
 60511 | Vaults:5 | 60511 ||| UPGRADING to amulet "Sijomof" {Reflect Str+5
                  | SH+5}.
 60521 | Vaults:5 | 60521 ||| UPGRADING to +2 pair of boots "Joblekop" {-Tele
                  | Rampage rC- Will+++}.
 60526 | Vaults:5 | 60526 ||| UPGRADING to amulet of Doatz {Reflect rC++ rN+
                  | Dex-3 SH+5}.
 60536 | Vaults:5 | 60536 ||| REMOVING +2 pair of boots "Joblekop" {-Tele
                  | Rampage rC- Will+++}.
 60541 | Vaults:5 | 60541 ||| UPGRADING to amulet "Sijomof" {Reflect Str+5
                  | SH+5}.
 60551 | Vaults:5 | 60551 ||| UPGRADING to +2 pair of boots "Joblekop" {-Tele
                  | Rampage rC- Will+++}.
 60556 | Vaults:5 | 60556 ||| UPGRADING to amulet of Doatz {Reflect rC++ rN+
                  | Dex-3 SH+5}.
 60566 | Vaults:5 | 60566 ||| REMOVING +2 pair of boots "Joblekop" {-Tele
                  | Rampage rC- Will+++}.
 60571 | Vaults:5 | 60571 ||| UPGRADING to amulet "Sijomof" {Reflect Str+5
                  | SH+5}.
 60581 | Vaults:5 | 60581 ||| UPGRADING to +2 pair of boots "Joblekop" {-Tele
                  | Rampage rC- Will+++}.
 60586 | Vaults:5 | 60586 ||| UPGRADING to amulet of Doatz {Reflect rC++ rN+
                  | Dex-3 SH+5}.
 60596 | Vaults:5 | 60596 ||| REMOVING +2 pair of boots "Joblekop" {-Tele
                  | Rampage rC- Will+++}.
 60601 | Vaults:5 | 60601 ||| UPGRADING to amulet "Sijomof" {Reflect Str+5
                  | SH+5}.
 60611 | Vaults:5 | 60611 ||| UPGRADING to +2 pair of boots "Joblekop" {-Tele
                  | Rampage rC- Will+++}.
 60616 | Vaults:5 | 60616 ||| UPGRADING to amulet of Doatz {Reflect rC++ rN+
                  | Dex-3 SH+5}.
 60626 | Vaults:5 | 60626 ||| REMOVING +2 pair of boots "Joblekop" {-Tele
                  | Rampage rC- Will+++}.
 60631 | Vaults:5 | 60631 ||| UPGRADING to amulet "Sijomof" {Reflect Str+5
                  | SH+5}.
 60641 | Vaults:5 | 60641 ||| UPGRADING to +2 pair of boots "Joblekop" {-Tele
                  | Rampage rC- Will+++}.
 60646 | Vaults:5 | 60646 ||| UPGRADING to amulet of Doatz {Reflect rC++ rN+
                  | Dex-3 SH+5}.
 60656 | Vaults:5 | 60656 ||| REMOVING +2 pair of boots "Joblekop" {-Tele
                  | Rampage rC- Will+++}.
 60661 | Vaults:5 | 60661 ||| UPGRADING to amulet "Sijomof" {Reflect Str+5
                  | SH+5}.
 60671 | Vaults:5 | 60671 ||| UPGRADING to +2 pair of boots "Joblekop" {-Tele
                  | Rampage rC- Will+++}.
 60676 | Vaults:5 | 60676 ||| UPGRADING to amulet of Doatz {Reflect rC++ rN+
                  | Dex-3 SH+5}.
 60686 | Vaults:5 | 60686 ||| REMOVING +2 pair of boots "Joblekop" {-Tele
                  | Rampage rC- Will+++}.
 60691 | Vaults:5 | 60691 ||| UPGRADING to amulet "Sijomof" {Reflect Str+5
                  | SH+5}.
 60701 | Vaults:5 | 60701 ||| UPGRADING to +2 pair of boots "Joblekop" {-Tele
                  | Rampage rC- Will+++}.
 60706 | Vaults:5 | 60706 ||| UPGRADING to amulet of Doatz {Reflect rC++ rN+
                  | Dex-3 SH+5}.
 60716 | Vaults:5 | 60716 ||| REMOVING +2 pair of boots "Joblekop" {-Tele
                  | Rampage rC- Will+++}.
 60721 | Vaults:5 | 60721 ||| UPGRADING to amulet "Sijomof" {Reflect Str+5
                  | SH+5}.
 60731 | Vaults:5 | 60731 ||| UPGRADING to +2 pair of boots "Joblekop" {-Tele
                  | Rampage rC- Will+++}.
 60736 | Vaults:5 | 60736 ||| UPGRADING to amulet of Doatz {Reflect rC++ rN+
                  | Dex-3 SH+5}.
 60746 | Vaults:5 | 60746 ||| REMOVING +2 pair of boots "Joblekop" {-Tele
                  | Rampage rC- Will+++}.
 60751 | Vaults:5 | 60751 ||| UPGRADING to amulet "Sijomof" {Reflect Str+5
                  | SH+5}.
 60761 | Vaults:5 | 60761 ||| UPGRADING to +2 pair of boots "Joblekop" {-Tele
                  | Rampage rC- Will+++}.
 60766 | Vaults:5 | 60766 ||| UPGRADING to amulet of Doatz {Reflect rC++ rN+
                  | Dex-3 SH+5}.
 60776 | Vaults:5 | 60776 ||| REMOVING +2 pair of boots "Joblekop" {-Tele
                  | Rampage rC- Will+++}.
 60781 | Vaults:5 | 60781 ||| UPGRADING to amulet "Sijomof" {Reflect Str+5
                  | SH+5}.
 60791 | Vaults:5 | 60791 ||| UPGRADING to +2 pair of boots "Joblekop" {-Tele
                  | Rampage rC- Will+++}.
 60796 | Vaults:5 | 60796 ||| UPGRADING to amulet of Doatz {Reflect rC++ rN+
                  | Dex-3 SH+5}.
 60806 | Vaults:5 | 60806 ||| REMOVING +2 pair of boots "Joblekop" {-Tele
                  | Rampage rC- Will+++}.
 60811 | Vaults:5 | 60811 ||| UPGRADING to amulet "Sijomof" {Reflect Str+5
                  | SH+5}.
 60821 | Vaults:5 | 60821 ||| UPGRADING to +2 pair of boots "Joblekop" {-Tele
                  | Rampage rC- Will+++}.
 60826 | Vaults:5 | 60826 ||| UPGRADING to amulet of Doatz {Reflect rC++ rN+
                  | Dex-3 SH+5}.
 60836 | Vaults:5 | 60836 ||| REMOVING +2 pair of boots "Joblekop" {-Tele
                  | Rampage rC- Will+++}.
 60841 | Vaults:5 | 60841 ||| UPGRADING to amulet "Sijomof" {Reflect Str+5
                  | SH+5}.
 60851 | Vaults:5 | 60851 ||| UPGRADING to +2 pair of boots "Joblekop" {-Tele
                  | Rampage rC- Will+++}.
 60856 | Vaults:5 | 60856 ||| UPGRADING to amulet of Doatz {Reflect rC++ rN+
                  | Dex-3 SH+5}.
 60866 | Vaults:5 | 60866 ||| REMOVING +2 pair of boots "Joblekop" {-Tele
                  | Rampage rC- Will+++}.
 60871 | Vaults:5 | 60871 ||| UPGRADING to amulet "Sijomof" {Reflect Str+5
                  | SH+5}.
 60881 | Vaults:5 | 60881 ||| UPGRADING to +2 pair of boots "Joblekop" {-Tele
                  | Rampage rC- Will+++}.
 60886 | Vaults:5 | 60886 ||| UPGRADING to amulet of Doatz {Reflect rC++ rN+
                  | Dex-3 SH+5}.
 60896 | Vaults:5 | 60896 ||| REMOVING +2 pair of boots "Joblekop" {-Tele
                  | Rampage rC- Will+++}.
 60901 | Vaults:5 | 60901 ||| UPGRADING to amulet "Sijomof" {Reflect Str+5
                  | SH+5}.
 60911 | Vaults:5 | 60911 ||| UPGRADING to +2 pair of boots "Joblekop" {-Tele
                  | Rampage rC- Will+++}.
 60916 | Vaults:5 | 60916 ||| UPGRADING to amulet of Doatz {Reflect rC++ rN+
                  | Dex-3 SH+5}.
 60926 | Vaults:5 | 60926 ||| REMOVING +2 pair of boots "Joblekop" {-Tele
                  | Rampage rC- Will+++}.
 60931 | Vaults:5 | 60931 ||| UPGRADING to amulet "Sijomof" {Reflect Str+5
                  | SH+5}.
 60941 | Vaults:5 | 60941 ||| UPGRADING to +2 pair of boots "Joblekop" {-Tele
                  | Rampage rC- Will+++}.
 60946 | Vaults:5 | 60946 ||| UPGRADING to amulet of Doatz {Reflect rC++ rN+
                  | Dex-3 SH+5}.
 60956 | Vaults:5 | 60956 ||| REMOVING +2 pair of boots "Joblekop" {-Tele
                  | Rampage rC- Will+++}.
 60961 | Vaults:5 | 60961 ||| UPGRADING to amulet "Sijomof" {Reflect Str+5
                  | SH+5}.
 60971 | Vaults:5 | 60971 ||| UPGRADING to +2 pair of boots "Joblekop" {-Tele
                  | Rampage rC- Will+++}.
 60976 | Vaults:5 | 60976 ||| UPGRADING to amulet of Doatz {Reflect rC++ rN+
                  | Dex-3 SH+5}.
 60986 | Vaults:5 | 60986 ||| REMOVING +2 pair of boots "Joblekop" {-Tele
                  | Rampage rC- Will+++}.
 60991 | Vaults:5 | 60991 ||| UPGRADING to amulet "Sijomof" {Reflect Str+5
                  | SH+5}.
 61001 | Vaults:5 | 61001 ||| UPGRADING to +2 pair of boots "Joblekop" {-Tele
                  | Rampage rC- Will+++}.
 61006 | Vaults:5 | 61006 ||| UPGRADING to amulet of Doatz {Reflect rC++ rN+
                  | Dex-3 SH+5}.
 61016 | Vaults:5 | 61016 ||| REMOVING +2 pair of boots "Joblekop" {-Tele
                  | Rampage rC- Will+++}.
 61021 | Vaults:5 | 61021 ||| UPGRADING to amulet "Sijomof" {Reflect Str+5
                  | SH+5}.
 61031 | Vaults:5 | 61031 ||| UPGRADING to +2 pair of boots "Joblekop" {-Tele
                  | Rampage rC- Will+++}.
 61036 | Vaults:5 | 61036 ||| UPGRADING to amulet of Doatz {Reflect rC++ rN+
                  | Dex-3 SH+5}.
 61046 | Vaults:5 | 61046 ||| REMOVING +2 pair of boots "Joblekop" {-Tele
                  | Rampage rC- Will+++}.
 61051 | Vaults:5 | 61051 ||| UPGRADING to amulet "Sijomof" {Reflect Str+5
                  | SH+5}.
 61061 | Vaults:5 | 61061 ||| UPGRADING to +2 pair of boots "Joblekop" {-Tele
                  | Rampage rC- Will+++}.
 61066 | Vaults:5 | 61066 ||| UPGRADING to amulet of Doatz {Reflect rC++ rN+
                  | Dex-3 SH+5}.
 61076 | Vaults:5 | 61076 ||| REMOVING +2 pair of boots "Joblekop" {-Tele
                  | Rampage rC- Will+++}.
 61081 | Vaults:5 | 61081 ||| UPGRADING to amulet "Sijomof" {Reflect Str+5
                  | SH+5}.
 61091 | Vaults:5 | 61091 ||| UPGRADING to +2 pair of boots "Joblekop" {-Tele
                  | Rampage rC- Will+++}.
 61096 | Vaults:5 | 61096 ||| UPGRADING to amulet of Doatz {Reflect rC++ rN+
                  | Dex-3 SH+5}.
 61106 | Vaults:5 | 61106 ||| REMOVING +2 pair of boots "Joblekop" {-Tele
                  | Rampage rC- Will+++}.
 61111 | Vaults:5 | 61111 ||| UPGRADING to amulet "Sijomof" {Reflect Str+5
                  | SH+5}.
 61121 | Vaults:5 | 61121 ||| UPGRADING to +2 pair of boots "Joblekop" {-Tele
                  | Rampage rC- Will+++}.
 61126 | Vaults:5 | 61126 ||| UPGRADING to amulet of Doatz {Reflect rC++ rN+
                  | Dex-3 SH+5}.
 61136 | Vaults:5 | 61136 ||| REMOVING +2 pair of boots "Joblekop" {-Tele
                  | Rampage rC- Will+++}.
 61141 | Vaults:5 | 61141 ||| UPGRADING to amulet "Sijomof" {Reflect Str+5
                  | SH+5}.
 61151 | Vaults:5 | 61151 ||| UPGRADING to +2 pair of boots "Joblekop" {-Tele
                  | Rampage rC- Will+++}.
 61156 | Vaults:5 | 61156 ||| UPGRADING to amulet of Doatz {Reflect rC++ rN+
                  | Dex-3 SH+5}.
 61166 | Vaults:5 | 61166 ||| REMOVING +2 pair of boots "Joblekop" {-Tele
                  | Rampage rC- Will+++}.
 61171 | Vaults:5 | 61171 ||| UPGRADING to amulet "Sijomof" {Reflect Str+5
                  | SH+5}.
 61181 | Vaults:5 | 61181 ||| UPGRADING to +2 pair of boots "Joblekop" {-Tele
                  | Rampage rC- Will+++}.
 61186 | Vaults:5 | 61186 ||| UPGRADING to amulet of Doatz {Reflect rC++ rN+
                  | Dex-3 SH+5}.
 61196 | Vaults:5 | 61196 ||| REMOVING +2 pair of boots "Joblekop" {-Tele
                  | Rampage rC- Will+++}.
 61201 | Vaults:5 | 61201 ||| UPGRADING to amulet "Sijomof" {Reflect Str+5
                  | SH+5}.
 61211 | Vaults:5 | 61211 ||| UPGRADING to +2 pair of boots "Joblekop" {-Tele
                  | Rampage rC- Will+++}.
 61216 | Vaults:5 | 61216 ||| UPGRADING to amulet of Doatz {Reflect rC++ rN+
                  | Dex-3 SH+5}.
 61226 | Vaults:5 | 61226 ||| REMOVING +2 pair of boots "Joblekop" {-Tele
                  | Rampage rC- Will+++}.
 61231 | Vaults:5 | 61231 ||| UPGRADING to amulet "Sijomof" {Reflect Str+5
                  | SH+5}.
 61241 | Vaults:5 | 61241 ||| UPGRADING to +2 pair of boots "Joblekop" {-Tele
                  | Rampage rC- Will+++}.
 61246 | Vaults:5 | 61246 ||| UPGRADING to amulet of Doatz {Reflect rC++ rN+
                  | Dex-3 SH+5}.
 61256 | Vaults:5 | 61256 ||| REMOVING +2 pair of boots "Joblekop" {-Tele
                  | Rampage rC- Will+++}.
 61261 | Vaults:5 | 61261 ||| UPGRADING to amulet "Sijomof" {Reflect Str+5
                  | SH+5}.
 61271 | Vaults:5 | 61271 ||| UPGRADING to +2 pair of boots "Joblekop" {-Tele
                  | Rampage rC- Will+++}.
 61276 | Vaults:5 | 61276 ||| UPGRADING to amulet of Doatz {Reflect rC++ rN+
                  | Dex-3 SH+5}.
 61286 | Vaults:5 | 61286 ||| REMOVING +2 pair of boots "Joblekop" {-Tele
                  | Rampage rC- Will+++}.
 61291 | Vaults:5 | 61291 ||| UPGRADING to amulet "Sijomof" {Reflect Str+5
                  | SH+5}.
 61301 | Vaults:5 | 61301 ||| UPGRADING to +2 pair of boots "Joblekop" {-Tele
                  | Rampage rC- Will+++}.
 61306 | Vaults:5 | 61306 ||| UPGRADING to amulet of Doatz {Reflect rC++ rN+
                  | Dex-3 SH+5}.
 61316 | Vaults:5 | 61316 ||| REMOVING +2 pair of boots "Joblekop" {-Tele
                  | Rampage rC- Will+++}.
 61321 | Vaults:5 | 61321 ||| UPGRADING to amulet "Sijomof" {Reflect Str+5
                  | SH+5}.
 61331 | Vaults:5 | 61331 ||| UPGRADING to +2 pair of boots "Joblekop" {-Tele
                  | Rampage rC- Will+++}.
 61336 | Vaults:5 | 61336 ||| UPGRADING to amulet of Doatz {Reflect rC++ rN+
                  | Dex-3 SH+5}.
 61346 | Vaults:5 | 61346 ||| REMOVING +2 pair of boots "Joblekop" {-Tele
                  | Rampage rC- Will+++}.
 61351 | Vaults:5 | 61351 ||| UPGRADING to amulet "Sijomof" {Reflect Str+5
                  | SH+5}.
 61361 | Vaults:5 | 61361 ||| UPGRADING to +2 pair of boots "Joblekop" {-Tele
                  | Rampage rC- Will+++}.
 61366 | Vaults:5 | 61366 ||| UPGRADING to amulet of Doatz {Reflect rC++ rN+
                  | Dex-3 SH+5}.
 61376 | Vaults:5 | 61376 ||| REMOVING +2 pair of boots "Joblekop" {-Tele
                  | Rampage rC- Will+++}.
 61381 | Vaults:5 | 61381 ||| UPGRADING to amulet "Sijomof" {Reflect Str+5
                  | SH+5}.
 61391 | Vaults:5 | 61391 ||| UPGRADING to +2 pair of boots "Joblekop" {-Tele
                  | Rampage rC- Will+++}.
 61396 | Vaults:5 | 61396 ||| UPGRADING to amulet of Doatz {Reflect rC++ rN+
                  | Dex-3 SH+5}.
 61406 | Vaults:5 | 61406 ||| REMOVING +2 pair of boots "Joblekop" {-Tele
                  | Rampage rC- Will+++}.
 61411 | Vaults:5 | 61411 ||| UPGRADING to amulet "Sijomof" {Reflect Str+5
                  | SH+5}.
 61421 | Vaults:5 | 61421 ||| UPGRADING to +2 pair of boots "Joblekop" {-Tele
                  | Rampage rC- Will+++}.
 61426 | Vaults:5 | 61426 ||| UPGRADING to amulet of Doatz {Reflect rC++ rN+
                  | Dex-3 SH+5}.
 61436 | Vaults:5 | 61436 ||| REMOVING +2 pair of boots "Joblekop" {-Tele
                  | Rampage rC- Will+++}.
 61441 | Vaults:5 | 61441 ||| UPGRADING to amulet "Sijomof" {Reflect Str+5
                  | SH+5}.
 61451 | Vaults:5 | 61451 ||| UPGRADING to +2 pair of boots "Joblekop" {-Tele
                  | Rampage rC- Will+++}.
 61456 | Vaults:5 | 61456 ||| UPGRADING to amulet of Doatz {Reflect rC++ rN+
                  | Dex-3 SH+5}.
 61466 | Vaults:5 | 61466 ||| REMOVING +2 pair of boots "Joblekop" {-Tele
                  | Rampage rC- Will+++}.
 61471 | Vaults:5 | 61471 ||| UPGRADING to amulet "Sijomof" {Reflect Str+5
                  | SH+5}.
 61481 | Vaults:5 | 61481 ||| UPGRADING to +2 pair of boots "Joblekop" {-Tele
                  | Rampage rC- Will+++}.
 61486 | Vaults:5 | 61486 ||| UPGRADING to amulet of Doatz {Reflect rC++ rN+
                  | Dex-3 SH+5}.
 61496 | Vaults:5 | 61496 ||| REMOVING +2 pair of boots "Joblekop" {-Tele
                  | Rampage rC- Will+++}.
 61501 | Vaults:5 | 61501 ||| UPGRADING to amulet "Sijomof" {Reflect Str+5
                  | SH+5}.
 61511 | Vaults:5 | 61511 ||| UPGRADING to +2 pair of boots "Joblekop" {-Tele
                  | Rampage rC- Will+++}.
 61516 | Vaults:5 | 61516 ||| UPGRADING to amulet of Doatz {Reflect rC++ rN+
                  | Dex-3 SH+5}.
 61526 | Vaults:5 | 61526 ||| REMOVING +2 pair of boots "Joblekop" {-Tele
                  | Rampage rC- Will+++}.
 61531 | Vaults:5 | 61531 ||| UPGRADING to amulet "Sijomof" {Reflect Str+5
                  | SH+5}.
 61541 | Vaults:5 | 61541 ||| UPGRADING to +2 pair of boots "Joblekop" {-Tele
                  | Rampage rC- Will+++}.
 61546 | Vaults:5 | 61546 ||| UPGRADING to amulet of Doatz {Reflect rC++ rN+
                  | Dex-3 SH+5}.
 61556 | Vaults:5 | 61556 ||| REMOVING +2 pair of boots "Joblekop" {-Tele
                  | Rampage rC- Will+++}.
 61561 | Vaults:5 | 61561 ||| UPGRADING to amulet "Sijomof" {Reflect Str+5
                  | SH+5}.
 61571 | Vaults:5 | 61571 ||| UPGRADING to +2 pair of boots "Joblekop" {-Tele
                  | Rampage rC- Will+++}.
 61576 | Vaults:5 | 61576 ||| UPGRADING to amulet of Doatz {Reflect rC++ rN+
                  | Dex-3 SH+5}.
 61586 | Vaults:5 | 61586 ||| REMOVING +2 pair of boots "Joblekop" {-Tele
                  | Rampage rC- Will+++}.
 61591 | Vaults:5 | 61591 ||| UPGRADING to amulet "Sijomof" {Reflect Str+5
                  | SH+5}.
 61601 | Vaults:5 | 61601 ||| UPGRADING to +2 pair of boots "Joblekop" {-Tele
                  | Rampage rC- Will+++}.
 61606 | Vaults:5 | 61606 ||| UPGRADING to amulet of Doatz {Reflect rC++ rN+
                  | Dex-3 SH+5}.
 61616 | Vaults:5 | 61616 ||| REMOVING +2 pair of boots "Joblekop" {-Tele
                  | Rampage rC- Will+++}.
 61621 | Vaults:5 | 61621 ||| UPGRADING to amulet "Sijomof" {Reflect Str+5
                  | SH+5}.
 61631 | Vaults:5 | 61631 ||| UPGRADING to +2 pair of boots "Joblekop" {-Tele
                  | Rampage rC- Will+++}.
 61636 | Vaults:5 | 61636 ||| UPGRADING to amulet of Doatz {Reflect rC++ rN+
                  | Dex-3 SH+5}.
 61646 | Vaults:5 | 61646 ||| REMOVING +2 pair of boots "Joblekop" {-Tele
                  | Rampage rC- Will+++}.
 61651 | Vaults:5 | 61651 ||| UPGRADING to amulet "Sijomof" {Reflect Str+5
                  | SH+5}.
 61661 | Vaults:5 | 61661 ||| UPGRADING to +2 pair of boots "Joblekop" {-Tele
                  | Rampage rC- Will+++}.
 61666 | Vaults:5 | 61666 ||| UPGRADING to amulet of Doatz {Reflect rC++ rN+
                  | Dex-3 SH+5}.
 61676 | Vaults:5 | 61676 ||| REMOVING +2 pair of boots "Joblekop" {-Tele
                  | Rampage rC- Will+++}.
 61681 | Vaults:5 | 61681 ||| UPGRADING to amulet "Sijomof" {Reflect Str+5
                  | SH+5}.
 61691 | Vaults:5 | 61691 ||| UPGRADING to +2 pair of boots "Joblekop" {-Tele
                  | Rampage rC- Will+++}.
 61696 | Vaults:5 | 61696 ||| UPGRADING to amulet of Doatz {Reflect rC++ rN+
                  | Dex-3 SH+5}.
 61706 | Vaults:5 | 61706 ||| REMOVING +2 pair of boots "Joblekop" {-Tele
                  | Rampage rC- Will+++}.
 61711 | Vaults:5 | 61711 ||| UPGRADING to amulet "Sijomof" {Reflect Str+5
                  | SH+5}.
 61721 | Vaults:5 | 61721 ||| UPGRADING to +2 pair of boots "Joblekop" {-Tele
                  | Rampage rC- Will+++}.
 61726 | Vaults:5 | 61726 ||| UPGRADING to amulet of Doatz {Reflect rC++ rN+
                  | Dex-3 SH+5}.
 61736 | Vaults:5 | 61736 ||| REMOVING +2 pair of boots "Joblekop" {-Tele
                  | Rampage rC- Will+++}.
 61741 | Vaults:5 | 61741 ||| UPGRADING to amulet "Sijomof" {Reflect Str+5
                  | SH+5}.
 61751 | Vaults:5 | 61751 ||| UPGRADING to +2 pair of boots "Joblekop" {-Tele
                  | Rampage rC- Will+++}.
 61756 | Vaults:5 | 61756 ||| UPGRADING to amulet of Doatz {Reflect rC++ rN+
                  | Dex-3 SH+5}.
 61766 | Vaults:5 | 61766 ||| REMOVING +2 pair of boots "Joblekop" {-Tele
                  | Rampage rC- Will+++}.
 61771 | Vaults:5 | 61771 ||| UPGRADING to amulet "Sijomof" {Reflect Str+5
                  | SH+5}.
 61781 | Vaults:5 | 61781 ||| UPGRADING to +2 pair of boots "Joblekop" {-Tele
                  | Rampage rC- Will+++}.
 61786 | Vaults:5 | 61786 ||| UPGRADING to amulet of Doatz {Reflect rC++ rN+
                  | Dex-3 SH+5}.
 61796 | Vaults:5 | 61796 ||| REMOVING +2 pair of boots "Joblekop" {-Tele
                  | Rampage rC- Will+++}.
 61801 | Vaults:5 | 61801 ||| UPGRADING to amulet "Sijomof" {Reflect Str+5
                  | SH+5}.
 61811 | Vaults:5 | 61811 ||| UPGRADING to +2 pair of boots "Joblekop" {-Tele
                  | Rampage rC- Will+++}.
 61816 | Vaults:5 | 61816 ||| UPGRADING to amulet of Doatz {Reflect rC++ rN+
                  | Dex-3 SH+5}.
 61826 | Vaults:5 | 61826 ||| REMOVING +2 pair of boots "Joblekop" {-Tele
                  | Rampage rC- Will+++}.
 61831 | Vaults:5 | 61831 ||| UPGRADING to amulet "Sijomof" {Reflect Str+5
                  | SH+5}.
 61841 | Vaults:5 | 61841 ||| UPGRADING to +2 pair of boots "Joblekop" {-Tele
                  | Rampage rC- Will+++}.
 61846 | Vaults:5 | 61846 ||| UPGRADING to amulet of Doatz {Reflect rC++ rN+
                  | Dex-3 SH+5}.
 61856 | Vaults:5 | 61856 ||| REMOVING +2 pair of boots "Joblekop" {-Tele
                  | Rampage rC- Will+++}.
 61861 | Vaults:5 | 61861 ||| UPGRADING to amulet "Sijomof" {Reflect Str+5
                  | SH+5}.
 61871 | Vaults:5 | 61871 ||| UPGRADING to +2 pair of boots "Joblekop" {-Tele
                  | Rampage rC- Will+++}.
 61876 | Vaults:5 | 61876 ||| UPGRADING to amulet of Doatz {Reflect rC++ rN+
                  | Dex-3 SH+5}.
 61886 | Vaults:5 | 61886 ||| REMOVING +2 pair of boots "Joblekop" {-Tele
                  | Rampage rC- Will+++}.
 61891 | Vaults:5 | 61891 ||| UPGRADING to amulet "Sijomof" {Reflect Str+5
                  | SH+5}.
 61901 | Vaults:5 | 61901 ||| UPGRADING to +2 pair of boots "Joblekop" {-Tele
                  | Rampage rC- Will+++}.
 61906 | Vaults:5 | 61906 ||| UPGRADING to amulet of Doatz {Reflect rC++ rN+
                  | Dex-3 SH+5}.
 61916 | Vaults:5 | 61916 ||| REMOVING +2 pair of boots "Joblekop" {-Tele
                  | Rampage rC- Will+++}.
 61921 | Vaults:5 | 61921 ||| UPGRADING to amulet "Sijomof" {Reflect Str+5
                  | SH+5}.
 61931 | Vaults:5 | 61931 ||| UPGRADING to +2 pair of boots "Joblekop" {-Tele
                  | Rampage rC- Will+++}.
 61936 | Vaults:5 | 61936 ||| UPGRADING to amulet of Doatz {Reflect rC++ rN+
                  | Dex-3 SH+5}.
 61946 | Vaults:5 | 61946 ||| REMOVING +2 pair of boots "Joblekop" {-Tele
                  | Rampage rC- Will+++}.
 61951 | Vaults:5 | 61951 ||| UPGRADING to amulet "Sijomof" {Reflect Str+5
                  | SH+5}.
 61961 | Vaults:5 | 61961 ||| UPGRADING to +2 pair of boots "Joblekop" {-Tele
                  | Rampage rC- Will+++}.
 61966 | Vaults:5 | 61966 ||| UPGRADING to amulet of Doatz {Reflect rC++ rN+
                  | Dex-3 SH+5}.
 61976 | Vaults:5 | 61976 ||| REMOVING +2 pair of boots "Joblekop" {-Tele
                  | Rampage rC- Will+++}.
 61981 | Vaults:5 | 61981 ||| UPGRADING to amulet "Sijomof" {Reflect Str+5
                  | SH+5}.
 61991 | Vaults:5 | 61991 ||| UPGRADING to +2 pair of boots "Joblekop" {-Tele
                  | Rampage rC- Will+++}.
 61996 | Vaults:5 | 61996 ||| UPGRADING to amulet of Doatz {Reflect rC++ rN+
                  | Dex-3 SH+5}.
 62006 | Vaults:5 | 62006 ||| REMOVING +2 pair of boots "Joblekop" {-Tele
                  | Rampage rC- Will+++}.
 62011 | Vaults:5 | 62011 ||| UPGRADING to amulet "Sijomof" {Reflect Str+5
                  | SH+5}.
 62021 | Vaults:5 | 62021 ||| UPGRADING to +2 pair of boots "Joblekop" {-Tele
                  | Rampage rC- Will+++}.
 62026 | Vaults:5 | 62026 ||| UPGRADING to amulet of Doatz {Reflect rC++ rN+
                  | Dex-3 SH+5}.
 62036 | Vaults:5 | 62036 ||| REMOVING +2 pair of boots "Joblekop" {-Tele
                  | Rampage rC- Will+++}.
 62041 | Vaults:5 | 62041 ||| UPGRADING to amulet "Sijomof" {Reflect Str+5
                  | SH+5}.
 62051 | Vaults:5 | 62051 ||| UPGRADING to +2 pair of boots "Joblekop" {-Tele
                  | Rampage rC- Will+++}.
 62056 | Vaults:5 | 62056 ||| UPGRADING to amulet of Doatz {Reflect rC++ rN+
                  | Dex-3 SH+5}.
 62066 | Vaults:5 | 62066 ||| REMOVING +2 pair of boots "Joblekop" {-Tele
                  | Rampage rC- Will+++}.
 62071 | Vaults:5 | 62071 ||| UPGRADING to amulet "Sijomof" {Reflect Str+5
                  | SH+5}.
 62081 | Vaults:5 | 62081 ||| UPGRADING to +2 pair of boots "Joblekop" {-Tele
                  | Rampage rC- Will+++}.
 62086 | Vaults:5 | 62086 ||| UPGRADING to amulet of Doatz {Reflect rC++ rN+
                  | Dex-3 SH+5}.
 62096 | Vaults:5 | 62096 ||| REMOVING +2 pair of boots "Joblekop" {-Tele
                  | Rampage rC- Will+++}.
 62101 | Vaults:5 | 62101 ||| UPGRADING to amulet "Sijomof" {Reflect Str+5
                  | SH+5}.
 62111 | Vaults:5 | 62111 ||| UPGRADING to +2 pair of boots "Joblekop" {-Tele
                  | Rampage rC- Will+++}.
 62116 | Vaults:5 | 62116 ||| UPGRADING to amulet of Doatz {Reflect rC++ rN+
                  | Dex-3 SH+5}.
 62126 | Vaults:5 | 62126 ||| REMOVING +2 pair of boots "Joblekop" {-Tele
                  | Rampage rC- Will+++}.
 62131 | Vaults:5 | 62131 ||| UPGRADING to amulet "Sijomof" {Reflect Str+5
                  | SH+5}.
 62141 | Vaults:5 | 62141 ||| UPGRADING to +2 pair of boots "Joblekop" {-Tele
                  | Rampage rC- Will+++}.
 62146 | Vaults:5 | 62146 ||| UPGRADING to amulet of Doatz {Reflect rC++ rN+
                  | Dex-3 SH+5}.
 62156 | Vaults:5 | 62156 ||| REMOVING +2 pair of boots "Joblekop" {-Tele
                  | Rampage rC- Will+++}.
 62161 | Vaults:5 | 62161 ||| UPGRADING to amulet "Sijomof" {Reflect Str+5
                  | SH+5}.
 62171 | Vaults:5 | 62171 ||| UPGRADING to +2 pair of boots "Joblekop" {-Tele
                  | Rampage rC- Will+++}.
 62176 | Vaults:5 | 62176 ||| UPGRADING to amulet of Doatz {Reflect rC++ rN+
                  | Dex-3 SH+5}.
 62186 | Vaults:5 | 62186 ||| REMOVING +2 pair of boots "Joblekop" {-Tele
                  | Rampage rC- Will+++}.
 62191 | Vaults:5 | 62191 ||| UPGRADING to amulet "Sijomof" {Reflect Str+5
                  | SH+5}.
 62201 | Vaults:5 | 62201 ||| UPGRADING to +2 pair of boots "Joblekop" {-Tele
                  | Rampage rC- Will+++}.
 62206 | Vaults:5 | 62206 ||| UPGRADING to amulet of Doatz {Reflect rC++ rN+
                  | Dex-3 SH+5}.
 62216 | Vaults:5 | 62216 ||| REMOVING +2 pair of boots "Joblekop" {-Tele
                  | Rampage rC- Will+++}.
 62221 | Vaults:5 | 62221 ||| UPGRADING to amulet "Sijomof" {Reflect Str+5
                  | SH+5}.
 62231 | Vaults:5 | 62231 ||| UPGRADING to +2 pair of boots "Joblekop" {-Tele
                  | Rampage rC- Will+++}.
 62236 | Vaults:5 | 62236 ||| UPGRADING to amulet of Doatz {Reflect rC++ rN+
                  | Dex-3 SH+5}.
 62246 | Vaults:5 | 62246 ||| REMOVING +2 pair of boots "Joblekop" {-Tele
                  | Rampage rC- Will+++}.
 62251 | Vaults:5 | 62251 ||| UPGRADING to amulet "Sijomof" {Reflect Str+5
                  | SH+5}.
 62261 | Vaults:5 | 62261 ||| UPGRADING to +2 pair of boots "Joblekop" {-Tele
                  | Rampage rC- Will+++}.
 62266 | Vaults:5 | 62266 ||| UPGRADING to amulet of Doatz {Reflect rC++ rN+
                  | Dex-3 SH+5}.
 62276 | Vaults:5 | 62276 ||| REMOVING +2 pair of boots "Joblekop" {-Tele
                  | Rampage rC- Will+++}.
 62281 | Vaults:5 | 62281 ||| UPGRADING to amulet "Sijomof" {Reflect Str+5
                  | SH+5}.
 62291 | Vaults:5 | 62291 ||| UPGRADING to +2 pair of boots "Joblekop" {-Tele
                  | Rampage rC- Will+++}.
 62296 | Vaults:5 | 62296 ||| UPGRADING to amulet of Doatz {Reflect rC++ rN+
                  | Dex-3 SH+5}.
 62306 | Vaults:5 | 62306 ||| REMOVING +2 pair of boots "Joblekop" {-Tele
                  | Rampage rC- Will+++}.
 62311 | Vaults:5 | 62311 ||| UPGRADING to amulet "Sijomof" {Reflect Str+5
                  | SH+5}.
 62321 | Vaults:5 | 62321 ||| UPGRADING to +2 pair of boots "Joblekop" {-Tele
                  | Rampage rC- Will+++}.
 62326 | Vaults:5 | 62326 ||| UPGRADING to amulet of Doatz {Reflect rC++ rN+
                  | Dex-3 SH+5}.
 62336 | Vaults:5 | 62336 ||| REMOVING +2 pair of boots "Joblekop" {-Tele
                  | Rampage rC- Will+++}.
 62341 | Vaults:5 | 62341 ||| UPGRADING to amulet "Sijomof" {Reflect Str+5
                  | SH+5}.
 62351 | Vaults:5 | 62351 ||| UPGRADING to +2 pair of boots "Joblekop" {-Tele
                  | Rampage rC- Will+++}.
 62356 | Vaults:5 | 62356 ||| UPGRADING to amulet of Doatz {Reflect rC++ rN+
                  | Dex-3 SH+5}.
 62366 | Vaults:5 | 62366 ||| REMOVING +2 pair of boots "Joblekop" {-Tele
                  | Rampage rC- Will+++}.
 62371 | Vaults:5 | 62371 ||| UPGRADING to amulet "Sijomof" {Reflect Str+5
                  | SH+5}.
 62381 | Vaults:5 | 62381 ||| UPGRADING to +2 pair of boots "Joblekop" {-Tele
                  | Rampage rC- Will+++}.
 62386 | Vaults:5 | 62386 ||| UPGRADING to amulet of Doatz {Reflect rC++ rN+
                  | Dex-3 SH+5}.
 62396 | Vaults:5 | 62396 ||| REMOVING +2 pair of boots "Joblekop" {-Tele
                  | Rampage rC- Will+++}.
 62401 | Vaults:5 | 62401 ||| UPGRADING to amulet "Sijomof" {Reflect Str+5
                  | SH+5}.
 62411 | Vaults:5 | 62411 ||| UPGRADING to +2 pair of boots "Joblekop" {-Tele
                  | Rampage rC- Will+++}.
 62416 | Vaults:5 | 62416 ||| UPGRADING to amulet of Doatz {Reflect rC++ rN+
                  | Dex-3 SH+5}.
 62426 | Vaults:5 | 62426 ||| REMOVING +2 pair of boots "Joblekop" {-Tele
                  | Rampage rC- Will+++}.
 62431 | Vaults:5 | 62431 ||| UPGRADING to amulet "Sijomof" {Reflect Str+5
                  | SH+5}.
 62441 | Vaults:5 | 62441 ||| UPGRADING to +2 pair of boots "Joblekop" {-Tele
                  | Rampage rC- Will+++}.
 62446 | Vaults:5 | 62446 ||| UPGRADING to amulet of Doatz {Reflect rC++ rN+
                  | Dex-3 SH+5}.
 62456 | Vaults:5 | 62456 ||| REMOVING +2 pair of boots "Joblekop" {-Tele
                  | Rampage rC- Will+++}.
 62461 | Vaults:5 | 62461 ||| UPGRADING to amulet "Sijomof" {Reflect Str+5
                  | SH+5}.
 62471 | Vaults:5 | 62471 ||| UPGRADING to +2 pair of boots "Joblekop" {-Tele
                  | Rampage rC- Will+++}.
 62476 | Vaults:5 | 62476 ||| UPGRADING to amulet of Doatz {Reflect rC++ rN+
                  | Dex-3 SH+5}.
 62486 | Vaults:5 | 62486 ||| REMOVING +2 pair of boots "Joblekop" {-Tele
                  | Rampage rC- Will+++}.
 62491 | Vaults:5 | 62491 ||| UPGRADING to amulet "Sijomof" {Reflect Str+5
                  | SH+5}.
 62501 | Vaults:5 | 62501 ||| UPGRADING to +2 pair of boots "Joblekop" {-Tele
                  | Rampage rC- Will+++}.
 62506 | Vaults:5 | 62506 ||| UPGRADING to amulet of Doatz {Reflect rC++ rN+
                  | Dex-3 SH+5}.
 62516 | Vaults:5 | 62516 ||| REMOVING +2 pair of boots "Joblekop" {-Tele
                  | Rampage rC- Will+++}.
 62521 | Vaults:5 | 62521 ||| UPGRADING to amulet "Sijomof" {Reflect Str+5
                  | SH+5}.
 62531 | Vaults:5 | 62531 ||| UPGRADING to +2 pair of boots "Joblekop" {-Tele
                  | Rampage rC- Will+++}.
 62536 | Vaults:5 | 62536 ||| UPGRADING to amulet of Doatz {Reflect rC++ rN+
                  | Dex-3 SH+5}.
 62546 | Vaults:5 | 62546 ||| REMOVING +2 pair of boots "Joblekop" {-Tele
                  | Rampage rC- Will+++}.
 62551 | Vaults:5 | 62551 ||| UPGRADING to amulet "Sijomof" {Reflect Str+5
                  | SH+5}.
 62561 | Vaults:5 | 62561 ||| UPGRADING to +2 pair of boots "Joblekop" {-Tele
                  | Rampage rC- Will+++}.
 62566 | Vaults:5 | 62566 ||| UPGRADING to amulet of Doatz {Reflect rC++ rN+
                  | Dex-3 SH+5}.
 62576 | Vaults:5 | 62576 ||| REMOVING +2 pair of boots "Joblekop" {-Tele
                  | Rampage rC- Will+++}.
 62581 | Vaults:5 | 62581 ||| UPGRADING to amulet "Sijomof" {Reflect Str+5
                  | SH+5}.
 62591 | Vaults:5 | 62591 ||| UPGRADING to +2 pair of boots "Joblekop" {-Tele
                  | Rampage rC- Will+++}.
 62596 | Vaults:5 | 62596 ||| UPGRADING to amulet of Doatz {Reflect rC++ rN+
                  | Dex-3 SH+5}.
 62606 | Vaults:5 | 62606 ||| REMOVING +2 pair of boots "Joblekop" {-Tele
                  | Rampage rC- Will+++}.
 62611 | Vaults:5 | 62611 ||| UPGRADING to amulet "Sijomof" {Reflect Str+5
                  | SH+5}.
 62621 | Vaults:5 | 62621 ||| UPGRADING to +2 pair of boots "Joblekop" {-Tele
                  | Rampage rC- Will+++}.
 62626 | Vaults:5 | 62626 ||| UPGRADING to amulet of Doatz {Reflect rC++ rN+
                  | Dex-3 SH+5}.
 62636 | Vaults:5 | 62636 ||| REMOVING +2 pair of boots "Joblekop" {-Tele
                  | Rampage rC- Will+++}.
 62641 | Vaults:5 | 62641 ||| UPGRADING to amulet "Sijomof" {Reflect Str+5
                  | SH+5}.
 62651 | Vaults:5 | 62651 ||| UPGRADING to +2 pair of boots "Joblekop" {-Tele
                  | Rampage rC- Will+++}.
 62656 | Vaults:5 | 62656 ||| UPGRADING to amulet of Doatz {Reflect rC++ rN+
                  | Dex-3 SH+5}.
 62666 | Vaults:5 | 62666 ||| REMOVING +2 pair of boots "Joblekop" {-Tele
                  | Rampage rC- Will+++}.
 62671 | Vaults:5 | 62671 ||| UPGRADING to amulet "Sijomof" {Reflect Str+5
                  | SH+5}.
 62681 | Vaults:5 | 62681 ||| UPGRADING to +2 pair of boots "Joblekop" {-Tele
                  | Rampage rC- Will+++}.
 62686 | Vaults:5 | 62686 ||| UPGRADING to amulet of Doatz {Reflect rC++ rN+
                  | Dex-3 SH+5}.
 62696 | Vaults:5 | 62696 ||| REMOVING +2 pair of boots "Joblekop" {-Tele
                  | Rampage rC- Will+++}.
 62701 | Vaults:5 | 62701 ||| UPGRADING to amulet "Sijomof" {Reflect Str+5
                  | SH+5}.
 62711 | Vaults:5 | 62711 ||| UPGRADING to +2 pair of boots "Joblekop" {-Tele
                  | Rampage rC- Will+++}.
 62716 | Vaults:5 | 62716 ||| UPGRADING to amulet of Doatz {Reflect rC++ rN+
                  | Dex-3 SH+5}.
 62726 | Vaults:5 | 62726 ||| REMOVING +2 pair of boots "Joblekop" {-Tele
                  | Rampage rC- Will+++}.
 62731 | Vaults:5 | 62731 ||| UPGRADING to amulet "Sijomof" {Reflect Str+5
                  | SH+5}.
 62741 | Vaults:5 | 62741 ||| UPGRADING to +2 pair of boots "Joblekop" {-Tele
                  | Rampage rC- Will+++}.
 62746 | Vaults:5 | 62746 ||| UPGRADING to amulet of Doatz {Reflect rC++ rN+
                  | Dex-3 SH+5}.
 62756 | Vaults:5 | 62756 ||| REMOVING +2 pair of boots "Joblekop" {-Tele
                  | Rampage rC- Will+++}.
 62761 | Vaults:5 | 62761 ||| UPGRADING to amulet "Sijomof" {Reflect Str+5
                  | SH+5}.
 62771 | Vaults:5 | 62771 ||| UPGRADING to +2 pair of boots "Joblekop" {-Tele
                  | Rampage rC- Will+++}.
 62776 | Vaults:5 | 62776 ||| UPGRADING to amulet of Doatz {Reflect rC++ rN+
                  | Dex-3 SH+5}.
 62786 | Vaults:5 | 62786 ||| REMOVING +2 pair of boots "Joblekop" {-Tele
                  | Rampage rC- Will+++}.
 62791 | Vaults:5 | 62791 ||| UPGRADING to amulet "Sijomof" {Reflect Str+5
                  | SH+5}.
 62801 | Vaults:5 | 62801 ||| UPGRADING to +2 pair of boots "Joblekop" {-Tele
                  | Rampage rC- Will+++}.
 62806 | Vaults:5 | 62806 ||| UPGRADING to amulet of Doatz {Reflect rC++ rN+
                  | Dex-3 SH+5}.
 62816 | Vaults:5 | 62816 ||| REMOVING +2 pair of boots "Joblekop" {-Tele
                  | Rampage rC- Will+++}.
 62821 | Vaults:5 | 62821 ||| UPGRADING to amulet "Sijomof" {Reflect Str+5
                  | SH+5}.
 62831 | Vaults:5 | 62831 ||| UPGRADING to +2 pair of boots "Joblekop" {-Tele
                  | Rampage rC- Will+++}.
 62836 | Vaults:5 | 62836 ||| UPGRADING to amulet of Doatz {Reflect rC++ rN+
                  | Dex-3 SH+5}.
 62846 | Vaults:5 | 62846 ||| REMOVING +2 pair of boots "Joblekop" {-Tele
                  | Rampage rC- Will+++}.
 62851 | Vaults:5 | 62851 ||| UPGRADING to amulet "Sijomof" {Reflect Str+5
                  | SH+5}.
 62861 | Vaults:5 | 62861 ||| UPGRADING to +2 pair of boots "Joblekop" {-Tele
                  | Rampage rC- Will+++}.
 62866 | Vaults:5 | 62866 ||| UPGRADING to amulet of Doatz {Reflect rC++ rN+
                  | Dex-3 SH+5}.
 62876 | Vaults:5 | 62876 ||| REMOVING +2 pair of boots "Joblekop" {-Tele
                  | Rampage rC- Will+++}.
 62881 | Vaults:5 | 62881 ||| UPGRADING to amulet "Sijomof" {Reflect Str+5
                  | SH+5}.
 62891 | Vaults:5 | 62891 ||| UPGRADING to +2 pair of boots "Joblekop" {-Tele
                  | Rampage rC- Will+++}.
 62896 | Vaults:5 | 62896 ||| UPGRADING to amulet of Doatz {Reflect rC++ rN+
                  | Dex-3 SH+5}.
 62906 | Vaults:5 | 62906 ||| REMOVING +2 pair of boots "Joblekop" {-Tele
                  | Rampage rC- Will+++}.
 62911 | Vaults:5 | 62911 ||| UPGRADING to amulet "Sijomof" {Reflect Str+5
                  | SH+5}.
 62921 | Vaults:5 | 62921 ||| UPGRADING to +2 pair of boots "Joblekop" {-Tele
                  | Rampage rC- Will+++}.
 62926 | Vaults:5 | 62926 ||| UPGRADING to amulet of Doatz {Reflect rC++ rN+
                  | Dex-3 SH+5}.
 62936 | Vaults:5 | 62936 ||| REMOVING +2 pair of boots "Joblekop" {-Tele
                  | Rampage rC- Will+++}.
 62941 | Vaults:5 | 62941 ||| UPGRADING to amulet "Sijomof" {Reflect Str+5
                  | SH+5}.
 62951 | Vaults:5 | 62951 ||| UPGRADING to +2 pair of boots "Joblekop" {-Tele
                  | Rampage rC- Will+++}.
 62956 | Vaults:5 | 62956 ||| UPGRADING to amulet of Doatz {Reflect rC++ rN+
                  | Dex-3 SH+5}.
 62966 | Vaults:5 | 62966 ||| REMOVING +2 pair of boots "Joblekop" {-Tele
                  | Rampage rC- Will+++}.
 62971 | Vaults:5 | 62971 ||| UPGRADING to amulet "Sijomof" {Reflect Str+5
                  | SH+5}.
 62981 | Vaults:5 | 62981 ||| UPGRADING to +2 pair of boots "Joblekop" {-Tele
                  | Rampage rC- Will+++}.
 62986 | Vaults:5 | 62986 ||| UPGRADING to amulet of Doatz {Reflect rC++ rN+
                  | Dex-3 SH+5}.
 62996 | Vaults:5 | 62996 ||| REMOVING +2 pair of boots "Joblekop" {-Tele
                  | Rampage rC- Will+++}.
 63001 | Vaults:5 | 63001 ||| UPGRADING to amulet "Sijomof" {Reflect Str+5
                  | SH+5}.
 63011 | Vaults:5 | 63011 ||| UPGRADING to +2 pair of boots "Joblekop" {-Tele
                  | Rampage rC- Will+++}.
 63016 | Vaults:5 | 63016 ||| UPGRADING to amulet of Doatz {Reflect rC++ rN+
                  | Dex-3 SH+5}.
 63026 | Vaults:5 | 63026 ||| REMOVING +2 pair of boots "Joblekop" {-Tele
                  | Rampage rC- Will+++}.
 63031 | Vaults:5 | 63031 ||| UPGRADING to amulet "Sijomof" {Reflect Str+5
                  | SH+5}.
 63041 | Vaults:5 | 63041 ||| UPGRADING to +2 pair of boots "Joblekop" {-Tele
                  | Rampage rC- Will+++}.
 63046 | Vaults:5 | 63046 ||| UPGRADING to amulet of Doatz {Reflect rC++ rN+
                  | Dex-3 SH+5}.
 63056 | Vaults:5 | 63056 ||| REMOVING +2 pair of boots "Joblekop" {-Tele
                  | Rampage rC- Will+++}.
 63061 | Vaults:5 | 63061 ||| UPGRADING to amulet "Sijomof" {Reflect Str+5
                  | SH+5}.
 63071 | Vaults:5 | 63071 ||| UPGRADING to +2 pair of boots "Joblekop" {-Tele
                  | Rampage rC- Will+++}.
 63076 | Vaults:5 | 63076 ||| UPGRADING to amulet of Doatz {Reflect rC++ rN+
                  | Dex-3 SH+5}.
 63086 | Vaults:5 | 63086 ||| REMOVING +2 pair of boots "Joblekop" {-Tele
                  | Rampage rC- Will+++}.
 63091 | Vaults:5 | 63091 ||| UPGRADING to amulet "Sijomof" {Reflect Str+5
                  | SH+5}.
 63101 | Vaults:5 | 63101 ||| UPGRADING to +2 pair of boots "Joblekop" {-Tele
                  | Rampage rC- Will+++}.
 63106 | Vaults:5 | 63106 ||| UPGRADING to amulet of Doatz {Reflect rC++ rN+
                  | Dex-3 SH+5}.
 63116 | Vaults:5 | 63116 ||| REMOVING +2 pair of boots "Joblekop" {-Tele
                  | Rampage rC- Will+++}.
 63121 | Vaults:5 | 63121 ||| UPGRADING to amulet "Sijomof" {Reflect Str+5
                  | SH+5}.
 63131 | Vaults:5 | 63131 ||| UPGRADING to +2 pair of boots "Joblekop" {-Tele
                  | Rampage rC- Will+++}.
 63136 | Vaults:5 | 63136 ||| UPGRADING to amulet of Doatz {Reflect rC++ rN+
                  | Dex-3 SH+5}.
 63146 | Vaults:5 | 63146 ||| REMOVING +2 pair of boots "Joblekop" {-Tele
                  | Rampage rC- Will+++}.
 63151 | Vaults:5 | 63151 ||| UPGRADING to amulet "Sijomof" {Reflect Str+5
                  | SH+5}.
 63161 | Vaults:5 | 63161 ||| UPGRADING to +2 pair of boots "Joblekop" {-Tele
                  | Rampage rC- Will+++}.
 63166 | Vaults:5 | 63166 ||| UPGRADING to amulet of Doatz {Reflect rC++ rN+
                  | Dex-3 SH+5}.
 63176 | Vaults:5 | 63176 ||| REMOVING +2 pair of boots "Joblekop" {-Tele
                  | Rampage rC- Will+++}.
 63181 | Vaults:5 | 63181 ||| UPGRADING to amulet "Sijomof" {Reflect Str+5
                  | SH+5}.
 63191 | Vaults:5 | 63191 ||| UPGRADING to +2 pair of boots "Joblekop" {-Tele
                  | Rampage rC- Will+++}.
 63196 | Vaults:5 | 63196 ||| UPGRADING to amulet of Doatz {Reflect rC++ rN+
                  | Dex-3 SH+5}.
 63206 | Vaults:5 | 63206 ||| REMOVING +2 pair of boots "Joblekop" {-Tele
                  | Rampage rC- Will+++}.
 63211 | Vaults:5 | 63211 ||| UPGRADING to amulet "Sijomof" {Reflect Str+5
                  | SH+5}.
 63221 | Vaults:5 | 63221 ||| UPGRADING to +2 pair of boots "Joblekop" {-Tele
                  | Rampage rC- Will+++}.
 63226 | Vaults:5 | 63226 ||| UPGRADING to amulet of Doatz {Reflect rC++ rN+
                  | Dex-3 SH+5}.
 63236 | Vaults:5 | 63236 ||| REMOVING +2 pair of boots "Joblekop" {-Tele
                  | Rampage rC- Will+++}.
 63241 | Vaults:5 | 63241 ||| UPGRADING to amulet "Sijomof" {Reflect Str+5
                  | SH+5}.
 63251 | Vaults:5 | 63251 ||| UPGRADING to +2 pair of boots "Joblekop" {-Tele
                  | Rampage rC- Will+++}.
 63256 | Vaults:5 | 63256 ||| UPGRADING to amulet of Doatz {Reflect rC++ rN+
                  | Dex-3 SH+5}.
 63266 | Vaults:5 | 63266 ||| REMOVING +2 pair of boots "Joblekop" {-Tele
                  | Rampage rC- Will+++}.
 63271 | Vaults:5 | 63271 ||| UPGRADING to amulet "Sijomof" {Reflect Str+5
                  | SH+5}.
 63281 | Vaults:5 | 63281 ||| UPGRADING to +2 pair of boots "Joblekop" {-Tele
                  | Rampage rC- Will+++}.
 63286 | Vaults:5 | 63286 ||| UPGRADING to amulet of Doatz {Reflect rC++ rN+
                  | Dex-3 SH+5}.
 63296 | Vaults:5 | 63296 ||| REMOVING +2 pair of boots "Joblekop" {-Tele
                  | Rampage rC- Will+++}.
 63301 | Vaults:5 | 63301 ||| UPGRADING to amulet "Sijomof" {Reflect Str+5
                  | SH+5}.
 63311 | Vaults:5 | 63311 ||| UPGRADING to +2 pair of boots "Joblekop" {-Tele
                  | Rampage rC- Will+++}.
 63316 | Vaults:5 | 63316 ||| UPGRADING to amulet of Doatz {Reflect rC++ rN+
                  | Dex-3 SH+5}.
 63326 | Vaults:5 | 63326 ||| REMOVING +2 pair of boots "Joblekop" {-Tele
                  | Rampage rC- Will+++}.
 63331 | Vaults:5 | 63331 ||| UPGRADING to amulet "Sijomof" {Reflect Str+5
                  | SH+5}.
 63341 | Vaults:5 | 63341 ||| UPGRADING to +2 pair of boots "Joblekop" {-Tele
                  | Rampage rC- Will+++}.
 63346 | Vaults:5 | 63346 ||| UPGRADING to amulet of Doatz {Reflect rC++ rN+
                  | Dex-3 SH+5}.
 63356 | Vaults:5 | 63356 ||| REMOVING +2 pair of boots "Joblekop" {-Tele
                  | Rampage rC- Will+++}.
 63361 | Vaults:5 | 63361 ||| UPGRADING to amulet "Sijomof" {Reflect Str+5
                  | SH+5}.
 63371 | Vaults:5 | 63371 ||| UPGRADING to +2 pair of boots "Joblekop" {-Tele
                  | Rampage rC- Will+++}.
 63376 | Vaults:5 | 63376 ||| UPGRADING to amulet of Doatz {Reflect rC++ rN+
                  | Dex-3 SH+5}.
 63386 | Vaults:5 | 63386 ||| REMOVING +2 pair of boots "Joblekop" {-Tele
                  | Rampage rC- Will+++}.
 63391 | Vaults:5 | 63391 ||| UPGRADING to amulet "Sijomof" {Reflect Str+5
                  | SH+5}.
 63401 | Vaults:5 | 63401 ||| UPGRADING to +2 pair of boots "Joblekop" {-Tele
                  | Rampage rC- Will+++}.
 63415 | Vaults:5 | 63415 ||| UPGRADING to amulet of Doatz {Reflect rC++ rN+
                  | Dex-3 SH+5}.
 63425 | Vaults:5 | 63425 ||| REMOVING +2 pair of boots "Joblekop" {-Tele
                  | Rampage rC- Will+++}.
 63430 | Vaults:5 | 63430 ||| UPGRADING to amulet "Sijomof" {Reflect Str+5
                  | SH+5}.
 63440 | Vaults:5 | 63440 ||| UPGRADING to +2 pair of boots "Joblekop" {-Tele
                  | Rampage rC- Will+++}.
 63445 | Vaults:5 | 63445 ||| UPGRADING to amulet of Doatz {Reflect rC++ rN+
                  | Dex-3 SH+5}.
 63455 | Vaults:5 | 63455 ||| REMOVING +2 pair of boots "Joblekop" {-Tele
                  | Rampage rC- Will+++}.
 63460 | Vaults:5 | 63460 ||| UPGRADING to amulet "Sijomof" {Reflect Str+5
                  | SH+5}.
 63470 | Vaults:5 | 63470 ||| UPGRADING to +2 pair of boots "Joblekop" {-Tele
                  | Rampage rC- Will+++}.
 63475 | Vaults:5 | 63475 ||| UPGRADING to amulet of Doatz {Reflect rC++ rN+
                  | Dex-3 SH+5}.
 63485 | Vaults:5 | 63485 ||| REMOVING +2 pair of boots "Joblekop" {-Tele
                  | Rampage rC- Will+++}.
 63490 | Vaults:5 | 63490 ||| UPGRADING to amulet "Sijomof" {Reflect Str+5
                  | SH+5}.
 63500 | Vaults:5 | 63500 ||| UPGRADING to +2 pair of boots "Joblekop" {-Tele
                  | Rampage rC- Will+++}.
 63505 | Vaults:5 | 63505 ||| UPGRADING to amulet of Doatz {Reflect rC++ rN+
                  | Dex-3 SH+5}.
 63515 | Vaults:5 | 63515 ||| REMOVING +2 pair of boots "Joblekop" {-Tele
                  | Rampage rC- Will+++}.
 63520 | Vaults:5 | 63520 ||| UPGRADING to amulet "Sijomof" {Reflect Str+5
                  | SH+5}.
 63530 | Vaults:5 | 63530 ||| UPGRADING to +2 pair of boots "Joblekop" {-Tele
                  | Rampage rC- Will+++}.
 63535 | Vaults:5 | 63535 ||| UPGRADING to amulet of Doatz {Reflect rC++ rN+
                  | Dex-3 SH+5}.
 63545 | Vaults:5 | 63545 ||| REMOVING +2 pair of boots "Joblekop" {-Tele
                  | Rampage rC- Will+++}.
 63550 | Vaults:5 | 63550 ||| UPGRADING to amulet "Sijomof" {Reflect Str+5
                  | SH+5}.
 63560 | Vaults:5 | 63560 ||| UPGRADING to +2 pair of boots "Joblekop" {-Tele
                  | Rampage rC- Will+++}.
 63565 | Vaults:5 | 63565 ||| UPGRADING to amulet of Doatz {Reflect rC++ rN+
                  | Dex-3 SH+5}.
 63575 | Vaults:5 | 63575 ||| REMOVING +2 pair of boots "Joblekop" {-Tele
                  | Rampage rC- Will+++}.
 63580 | Vaults:5 | 63580 ||| UPGRADING to amulet "Sijomof" {Reflect Str+5
                  | SH+5}.
 63590 | Vaults:5 | 63590 ||| UPGRADING to +2 pair of boots "Joblekop" {-Tele
                  | Rampage rC- Will+++}.
 63595 | Vaults:5 | 63595 ||| UPGRADING to amulet of Doatz {Reflect rC++ rN+
                  | Dex-3 SH+5}.
 63605 | Vaults:5 | 63605 ||| REMOVING +2 pair of boots "Joblekop" {-Tele
                  | Rampage rC- Will+++}.
 63610 | Vaults:5 | 63610 ||| UPGRADING to amulet "Sijomof" {Reflect Str+5
                  | SH+5}.
 63620 | Vaults:5 | 63620 ||| UPGRADING to +2 pair of boots "Joblekop" {-Tele
                  | Rampage rC- Will+++}.
 63625 | Vaults:5 | 63625 ||| UPGRADING to amulet of Doatz {Reflect rC++ rN+
                  | Dex-3 SH+5}.
 63635 | Vaults:5 | 63635 ||| REMOVING +2 pair of boots "Joblekop" {-Tele
                  | Rampage rC- Will+++}.
 63640 | Vaults:5 | 63640 ||| UPGRADING to amulet "Sijomof" {Reflect Str+5
                  | SH+5}.
 63650 | Vaults:5 | 63650 ||| UPGRADING to +2 pair of boots "Joblekop" {-Tele
                  | Rampage rC- Will+++}.
 63655 | Vaults:5 | 63655 ||| UPGRADING to amulet of Doatz {Reflect rC++ rN+
                  | Dex-3 SH+5}.
 63665 | Vaults:5 | 63665 ||| REMOVING +2 pair of boots "Joblekop" {-Tele
                  | Rampage rC- Will+++}.
 63670 | Vaults:5 | 63670 ||| UPGRADING to amulet "Sijomof" {Reflect Str+5
                  | SH+5}.
 63680 | Vaults:5 | 63680 ||| UPGRADING to +2 pair of boots "Joblekop" {-Tele
                  | Rampage rC- Will+++}.
 63685 | Vaults:5 | 63685 ||| UPGRADING to amulet of Doatz {Reflect rC++ rN+
                  | Dex-3 SH+5}.
 63695 | Vaults:5 | 63695 ||| REMOVING +2 pair of boots "Joblekop" {-Tele
                  | Rampage rC- Will+++}.
 63700 | Vaults:5 | 63700 ||| UPGRADING to amulet "Sijomof" {Reflect Str+5
                  | SH+5}.
 63710 | Vaults:5 | 63710 ||| UPGRADING to +2 pair of boots "Joblekop" {-Tele
                  | Rampage rC- Will+++}.
 63715 | Vaults:5 | 63715 ||| UPGRADING to amulet of Doatz {Reflect rC++ rN+
                  | Dex-3 SH+5}.
 63725 | Vaults:5 | 63725 ||| REMOVING +2 pair of boots "Joblekop" {-Tele
                  | Rampage rC- Will+++}.
 63730 | Vaults:5 | 63730 ||| UPGRADING to amulet "Sijomof" {Reflect Str+5
                  | SH+5}.
 63740 | Vaults:5 | 63740 ||| UPGRADING to +2 pair of boots "Joblekop" {-Tele
                  | Rampage rC- Will+++}.
 63745 | Vaults:5 | 63745 ||| UPGRADING to amulet of Doatz {Reflect rC++ rN+
                  | Dex-3 SH+5}.
 63755 | Vaults:5 | 63755 ||| REMOVING +2 pair of boots "Joblekop" {-Tele
                  | Rampage rC- Will+++}.
 63760 | Vaults:5 | 63760 ||| UPGRADING to amulet "Sijomof" {Reflect Str+5
                  | SH+5}.
 63770 | Vaults:5 | 63770 ||| UPGRADING to +2 pair of boots "Joblekop" {-Tele
                  | Rampage rC- Will+++}.
 63775 | Vaults:5 | 63775 ||| UPGRADING to amulet of Doatz {Reflect rC++ rN+
                  | Dex-3 SH+5}.
 63785 | Vaults:5 | 63785 ||| REMOVING +2 pair of boots "Joblekop" {-Tele
                  | Rampage rC- Will+++}.
 63790 | Vaults:5 | 63790 ||| UPGRADING to amulet "Sijomof" {Reflect Str+5
                  | SH+5}.
 63800 | Vaults:5 | 63800 ||| UPGRADING to +2 pair of boots "Joblekop" {-Tele
                  | Rampage rC- Will+++}.
 63805 | Vaults:5 | 63805 ||| UPGRADING to amulet of Doatz {Reflect rC++ rN+
                  | Dex-3 SH+5}.
 63815 | Vaults:5 | 63815 ||| REMOVING +2 pair of boots "Joblekop" {-Tele
                  | Rampage rC- Will+++}.
 63820 | Vaults:5 | 63820 ||| UPGRADING to amulet "Sijomof" {Reflect Str+5
                  | SH+5}.
 63830 | Vaults:5 | 63830 ||| UPGRADING to +2 pair of boots "Joblekop" {-Tele
                  | Rampage rC- Will+++}.
 63835 | Vaults:5 | 63835 ||| UPGRADING to amulet of Doatz {Reflect rC++ rN+
                  | Dex-3 SH+5}.
 63845 | Vaults:5 | 63845 ||| REMOVING +2 pair of boots "Joblekop" {-Tele
                  | Rampage rC- Will+++}.
 63850 | Vaults:5 | 63850 ||| UPGRADING to amulet "Sijomof" {Reflect Str+5
                  | SH+5}.
 63860 | Vaults:5 | 63860 ||| UPGRADING to +2 pair of boots "Joblekop" {-Tele
                  | Rampage rC- Will+++}.
 63865 | Vaults:5 | 63865 ||| UPGRADING to amulet of Doatz {Reflect rC++ rN+
                  | Dex-3 SH+5}.
 63875 | Vaults:5 | 63875 ||| REMOVING +2 pair of boots "Joblekop" {-Tele
                  | Rampage rC- Will+++}.
 63880 | Vaults:5 | 63880 ||| UPGRADING to amulet "Sijomof" {Reflect Str+5
                  | SH+5}.
 63890 | Vaults:5 | 63890 ||| UPGRADING to +2 pair of boots "Joblekop" {-Tele
                  | Rampage rC- Will+++}.
 63895 | Vaults:5 | 63895 ||| UPGRADING to amulet of Doatz {Reflect rC++ rN+
                  | Dex-3 SH+5}.
 63905 | Vaults:5 | 63905 ||| REMOVING +2 pair of boots "Joblekop" {-Tele
                  | Rampage rC- Will+++}.
 63910 | Vaults:5 | 63910 ||| UPGRADING to amulet "Sijomof" {Reflect Str+5
                  | SH+5}.
 63920 | Vaults:5 | 63920 ||| UPGRADING to +2 pair of boots "Joblekop" {-Tele
                  | Rampage rC- Will+++}.
 63925 | Vaults:5 | 63925 ||| UPGRADING to amulet of Doatz {Reflect rC++ rN+
                  | Dex-3 SH+5}.
 63935 | Vaults:5 | 63935 ||| REMOVING +2 pair of boots "Joblekop" {-Tele
                  | Rampage rC- Will+++}.
 63940 | Vaults:5 | 63940 ||| UPGRADING to amulet "Sijomof" {Reflect Str+5
                  | SH+5}.
 63950 | Vaults:5 | 63950 ||| UPGRADING to +2 pair of boots "Joblekop" {-Tele
                  | Rampage rC- Will+++}.
 63955 | Vaults:5 | 63955 ||| UPGRADING to amulet of Doatz {Reflect rC++ rN+
                  | Dex-3 SH+5}.
 63965 | Vaults:5 | 63965 ||| REMOVING +2 pair of boots "Joblekop" {-Tele
                  | Rampage rC- Will+++}.
 63970 | Vaults:5 | 63970 ||| UPGRADING to amulet "Sijomof" {Reflect Str+5
                  | SH+5}.
 63980 | Vaults:5 | 63980 ||| UPGRADING to +2 pair of boots "Joblekop" {-Tele
                  | Rampage rC- Will+++}.
 63985 | Vaults:5 | 63985 ||| UPGRADING to amulet of Doatz {Reflect rC++ rN+
                  | Dex-3 SH+5}.
 63995 | Vaults:5 | 63995 ||| REMOVING +2 pair of boots "Joblekop" {-Tele
                  | Rampage rC- Will+++}.
 64000 | Vaults:5 | 64000 ||| UPGRADING to amulet "Sijomof" {Reflect Str+5
                  | SH+5}.
 64010 | Vaults:5 | 64010 ||| UPGRADING to +2 pair of boots "Joblekop" {-Tele
                  | Rampage rC- Will+++}.
 64015 | Vaults:5 | 64015 ||| UPGRADING to amulet of Doatz {Reflect rC++ rN+
                  | Dex-3 SH+5}.
 64025 | Vaults:5 | 64025 ||| REMOVING +2 pair of boots "Joblekop" {-Tele
                  | Rampage rC- Will+++}.
 64030 | Vaults:5 | 64030 ||| UPGRADING to amulet "Sijomof" {Reflect Str+5
                  | SH+5}.
 64040 | Vaults:5 | 64040 ||| UPGRADING to +2 pair of boots "Joblekop" {-Tele
                  | Rampage rC- Will+++}.
 64045 | Vaults:5 | 64045 ||| UPGRADING to amulet of Doatz {Reflect rC++ rN+
                  | Dex-3 SH+5}.
 64055 | Vaults:5 | 64055 ||| REMOVING +2 pair of boots "Joblekop" {-Tele
                  | Rampage rC- Will+++}.
 64060 | Vaults:5 | 64060 ||| UPGRADING to amulet "Sijomof" {Reflect Str+5
                  | SH+5}.
 64070 | Vaults:5 | 64070 ||| UPGRADING to +2 pair of boots "Joblekop" {-Tele
                  | Rampage rC- Will+++}.
 64075 | Vaults:5 | 64075 ||| UPGRADING to amulet of Doatz {Reflect rC++ rN+
                  | Dex-3 SH+5}.
 64085 | Vaults:5 | 64085 ||| REMOVING +2 pair of boots "Joblekop" {-Tele
                  | Rampage rC- Will+++}.
 64090 | Vaults:5 | 64090 ||| UPGRADING to amulet "Sijomof" {Reflect Str+5
                  | SH+5}.
 64100 | Vaults:5 | 64100 ||| UPGRADING to +2 pair of boots "Joblekop" {-Tele
                  | Rampage rC- Will+++}.
 64105 | Vaults:5 | 64105 ||| UPGRADING to amulet of Doatz {Reflect rC++ rN+
                  | Dex-3 SH+5}.
 64115 | Vaults:5 | 64115 ||| REMOVING +2 pair of boots "Joblekop" {-Tele
                  | Rampage rC- Will+++}.
 64120 | Vaults:5 | 64120 ||| UPGRADING to amulet "Sijomof" {Reflect Str+5
                  | SH+5}.
 64130 | Vaults:5 | 64130 ||| UPGRADING to +2 pair of boots "Joblekop" {-Tele
                  | Rampage rC- Will+++}.
 64135 | Vaults:5 | 64135 ||| UPGRADING to amulet of Doatz {Reflect rC++ rN+
                  | Dex-3 SH+5}.
 64145 | Vaults:5 | 64145 ||| REMOVING +2 pair of boots "Joblekop" {-Tele
                  | Rampage rC- Will+++}.
 64150 | Vaults:5 | 64150 ||| UPGRADING to amulet "Sijomof" {Reflect Str+5
                  | SH+5}.
 64160 | Vaults:5 | 64160 ||| UPGRADING to +2 pair of boots "Joblekop" {-Tele
                  | Rampage rC- Will+++}.
 64165 | Vaults:5 | 64165 ||| UPGRADING to amulet of Doatz {Reflect rC++ rN+
                  | Dex-3 SH+5}.
 64175 | Vaults:5 | 64175 ||| REMOVING +2 pair of boots "Joblekop" {-Tele
                  | Rampage rC- Will+++}.
 64180 | Vaults:5 | 64180 ||| UPGRADING to amulet "Sijomof" {Reflect Str+5
                  | SH+5}.
 64190 | Vaults:5 | 64190 ||| UPGRADING to +2 pair of boots "Joblekop" {-Tele
                  | Rampage rC- Will+++}.
 64195 | Vaults:5 | 64195 ||| UPGRADING to amulet of Doatz {Reflect rC++ rN+
                  | Dex-3 SH+5}.
 64205 | Vaults:5 | 64205 ||| REMOVING +2 pair of boots "Joblekop" {-Tele
                  | Rampage rC- Will+++}.
 64210 | Vaults:5 | 64210 ||| UPGRADING to amulet "Sijomof" {Reflect Str+5
                  | SH+5}.
 64220 | Vaults:5 | 64220 ||| UPGRADING to +2 pair of boots "Joblekop" {-Tele
                  | Rampage rC- Will+++}.
 64225 | Vaults:5 | 64225 ||| UPGRADING to amulet of Doatz {Reflect rC++ rN+
                  | Dex-3 SH+5}.
 64235 | Vaults:5 | 64235 ||| REMOVING +2 pair of boots "Joblekop" {-Tele
                  | Rampage rC- Will+++}.
 64240 | Vaults:5 | 64240 ||| UPGRADING to amulet "Sijomof" {Reflect Str+5
                  | SH+5}.
 64250 | Vaults:5 | 64250 ||| UPGRADING to +2 pair of boots "Joblekop" {-Tele
                  | Rampage rC- Will+++}.
 64255 | Vaults:5 | 64255 ||| UPGRADING to amulet of Doatz {Reflect rC++ rN+
                  | Dex-3 SH+5}.
 64265 | Vaults:5 | 64265 ||| REMOVING +2 pair of boots "Joblekop" {-Tele
                  | Rampage rC- Will+++}.
 64270 | Vaults:5 | 64270 ||| UPGRADING to amulet "Sijomof" {Reflect Str+5
                  | SH+5}.
 64280 | Vaults:5 | 64280 ||| UPGRADING to +2 pair of boots "Joblekop" {-Tele
                  | Rampage rC- Will+++}.
 64285 | Vaults:5 | 64285 ||| UPGRADING to amulet of Doatz {Reflect rC++ rN+
                  | Dex-3 SH+5}.
 64295 | Vaults:5 | 64295 ||| REMOVING +2 pair of boots "Joblekop" {-Tele
                  | Rampage rC- Will+++}.
 64300 | Vaults:5 | 64300 ||| UPGRADING to amulet "Sijomof" {Reflect Str+5
                  | SH+5}.
 64310 | Vaults:5 | 64310 ||| UPGRADING to +2 pair of boots "Joblekop" {-Tele
                  | Rampage rC- Will+++}.
 64315 | Vaults:5 | 64315 ||| UPGRADING to amulet of Doatz {Reflect rC++ rN+
                  | Dex-3 SH+5}.
 64325 | Vaults:5 | 64325 ||| REMOVING +2 pair of boots "Joblekop" {-Tele
                  | Rampage rC- Will+++}.
 64330 | Vaults:5 | 64330 ||| UPGRADING to amulet "Sijomof" {Reflect Str+5
                  | SH+5}.
 64340 | Vaults:5 | 64340 ||| UPGRADING to +2 pair of boots "Joblekop" {-Tele
                  | Rampage rC- Will+++}.
 64345 | Vaults:5 | 64345 ||| UPGRADING to amulet of Doatz {Reflect rC++ rN+
                  | Dex-3 SH+5}.
 64355 | Vaults:5 | 64355 ||| REMOVING +2 pair of boots "Joblekop" {-Tele
                  | Rampage rC- Will+++}.
 64360 | Vaults:5 | 64360 ||| UPGRADING to amulet "Sijomof" {Reflect Str+5
                  | SH+5}.
 64370 | Vaults:5 | 64370 ||| UPGRADING to +2 pair of boots "Joblekop" {-Tele
                  | Rampage rC- Will+++}.
 64375 | Vaults:5 | 64375 ||| UPGRADING to amulet of Doatz {Reflect rC++ rN+
                  | Dex-3 SH+5}.
 64385 | Vaults:5 | 64385 ||| REMOVING +2 pair of boots "Joblekop" {-Tele
                  | Rampage rC- Will+++}.
 64390 | Vaults:5 | 64390 ||| UPGRADING to amulet "Sijomof" {Reflect Str+5
                  | SH+5}.
 64400 | Vaults:5 | 64400 ||| UPGRADING to +2 pair of boots "Joblekop" {-Tele
                  | Rampage rC- Will+++}.
 64405 | Vaults:5 | 64405 ||| UPGRADING to amulet of Doatz {Reflect rC++ rN+
                  | Dex-3 SH+5}.
 64415 | Vaults:5 | 64415 ||| REMOVING +2 pair of boots "Joblekop" {-Tele
                  | Rampage rC- Will+++}.
 64420 | Vaults:5 | 64420 ||| UPGRADING to amulet "Sijomof" {Reflect Str+5
                  | SH+5}.
 64430 | Vaults:5 | 64430 ||| UPGRADING to +2 pair of boots "Joblekop" {-Tele
                  | Rampage rC- Will+++}.
 64435 | Vaults:5 | 64435 ||| UPGRADING to amulet of Doatz {Reflect rC++ rN+
                  | Dex-3 SH+5}.
 64445 | Vaults:5 | 64445 ||| REMOVING +2 pair of boots "Joblekop" {-Tele
                  | Rampage rC- Will+++}.
 64450 | Vaults:5 | 64450 ||| UPGRADING to amulet "Sijomof" {Reflect Str+5
                  | SH+5}.
 64460 | Vaults:5 | 64460 ||| UPGRADING to +2 pair of boots "Joblekop" {-Tele
                  | Rampage rC- Will+++}.
 64465 | Vaults:5 | 64465 ||| UPGRADING to amulet of Doatz {Reflect rC++ rN+
                  | Dex-3 SH+5}.
 64475 | Vaults:5 | 64475 ||| REMOVING +2 pair of boots "Joblekop" {-Tele
                  | Rampage rC- Will+++}.
 64480 | Vaults:5 | 64480 ||| UPGRADING to amulet "Sijomof" {Reflect Str+5
                  | SH+5}.
 64490 | Vaults:5 | 64490 ||| UPGRADING to +2 pair of boots "Joblekop" {-Tele
                  | Rampage rC- Will+++}.
 64495 | Vaults:5 | 64495 ||| UPGRADING to amulet of Doatz {Reflect rC++ rN+
                  | Dex-3 SH+5}.
 64505 | Vaults:5 | 64505 ||| REMOVING +2 pair of boots "Joblekop" {-Tele
                  | Rampage rC- Will+++}.
 64510 | Vaults:5 | 64510 ||| UPGRADING to amulet "Sijomof" {Reflect Str+5
                  | SH+5}.
 64520 | Vaults:5 | 64520 ||| UPGRADING to +2 pair of boots "Joblekop" {-Tele
                  | Rampage rC- Will+++}.
 64525 | Vaults:5 | 64525 ||| UPGRADING to amulet of Doatz {Reflect rC++ rN+
                  | Dex-3 SH+5}.
 64535 | Vaults:5 | 64535 ||| REMOVING +2 pair of boots "Joblekop" {-Tele
                  | Rampage rC- Will+++}.
 64540 | Vaults:5 | 64540 ||| UPGRADING to amulet "Sijomof" {Reflect Str+5
                  | SH+5}.
 64550 | Vaults:5 | 64550 ||| UPGRADING to +2 pair of boots "Joblekop" {-Tele
                  | Rampage rC- Will+++}.
 64555 | Vaults:5 | 64555 ||| UPGRADING to amulet of Doatz {Reflect rC++ rN+
                  | Dex-3 SH+5}.
 64565 | Vaults:5 | 64565 ||| REMOVING +2 pair of boots "Joblekop" {-Tele
                  | Rampage rC- Will+++}.
 64570 | Vaults:5 | 64570 ||| UPGRADING to amulet "Sijomof" {Reflect Str+5
                  | SH+5}.
 64580 | Vaults:5 | 64580 ||| UPGRADING to +2 pair of boots "Joblekop" {-Tele
                  | Rampage rC- Will+++}.
 64585 | Vaults:5 | 64585 ||| UPGRADING to amulet of Doatz {Reflect rC++ rN+
                  | Dex-3 SH+5}.
 64595 | Vaults:5 | 64595 ||| REMOVING +2 pair of boots "Joblekop" {-Tele
                  | Rampage rC- Will+++}.
 64600 | Vaults:5 | 64600 ||| UPGRADING to amulet "Sijomof" {Reflect Str+5
                  | SH+5}.
 64610 | Vaults:5 | 64610 ||| UPGRADING to +2 pair of boots "Joblekop" {-Tele
                  | Rampage rC- Will+++}.
 64615 | Vaults:5 | 64615 ||| UPGRADING to amulet of Doatz {Reflect rC++ rN+
                  | Dex-3 SH+5}.
 64625 | Vaults:5 | 64625 ||| REMOVING +2 pair of boots "Joblekop" {-Tele
                  | Rampage rC- Will+++}.
 64630 | Vaults:5 | 64630 ||| UPGRADING to amulet "Sijomof" {Reflect Str+5
                  | SH+5}.
 64640 | Vaults:5 | 64640 ||| UPGRADING to +2 pair of boots "Joblekop" {-Tele
                  | Rampage rC- Will+++}.
 64645 | Vaults:5 | 64645 ||| UPGRADING to amulet of Doatz {Reflect rC++ rN+
                  | Dex-3 SH+5}.
 64655 | Vaults:5 | 64655 ||| REMOVING +2 pair of boots "Joblekop" {-Tele
                  | Rampage rC- Will+++}.
 64660 | Vaults:5 | 64660 ||| UPGRADING to amulet "Sijomof" {Reflect Str+5
                  | SH+5}.
 64670 | Vaults:5 | 64670 ||| UPGRADING to +2 pair of boots "Joblekop" {-Tele
                  | Rampage rC- Will+++}.
 64675 | Vaults:5 | 64675 ||| UPGRADING to amulet of Doatz {Reflect rC++ rN+
                  | Dex-3 SH+5}.
 64685 | Vaults:5 | 64685 ||| REMOVING +2 pair of boots "Joblekop" {-Tele
                  | Rampage rC- Will+++}.
 64690 | Vaults:5 | 64690 ||| UPGRADING to amulet "Sijomof" {Reflect Str+5
                  | SH+5}.
 64700 | Vaults:5 | 64700 ||| UPGRADING to +2 pair of boots "Joblekop" {-Tele
                  | Rampage rC- Will+++}.
 64705 | Vaults:5 | 64705 ||| UPGRADING to amulet of Doatz {Reflect rC++ rN+
                  | Dex-3 SH+5}.
 64715 | Vaults:5 | 64715 ||| REMOVING +2 pair of boots "Joblekop" {-Tele
                  | Rampage rC- Will+++}.
 64720 | Vaults:5 | 64720 ||| UPGRADING to amulet "Sijomof" {Reflect Str+5
                  | SH+5}.
 64730 | Vaults:5 | 64730 ||| UPGRADING to +2 pair of boots "Joblekop" {-Tele
                  | Rampage rC- Will+++}.
 64735 | Vaults:5 | 64735 ||| UPGRADING to amulet of Doatz {Reflect rC++ rN+
                  | Dex-3 SH+5}.
 64745 | Vaults:5 | 64745 ||| REMOVING +2 pair of boots "Joblekop" {-Tele
                  | Rampage rC- Will+++}.
 64750 | Vaults:5 | 64750 ||| UPGRADING to amulet "Sijomof" {Reflect Str+5
                  | SH+5}.
 64760 | Vaults:5 | 64760 ||| UPGRADING to +2 pair of boots "Joblekop" {-Tele
                  | Rampage rC- Will+++}.
 64765 | Vaults:5 | 64765 ||| UPGRADING to amulet of Doatz {Reflect rC++ rN+
                  | Dex-3 SH+5}.
 64775 | Vaults:5 | 64775 ||| REMOVING +2 pair of boots "Joblekop" {-Tele
                  | Rampage rC- Will+++}.
 64780 | Vaults:5 | 64780 ||| UPGRADING to amulet "Sijomof" {Reflect Str+5
                  | SH+5}.
 64790 | Vaults:5 | 64790 ||| UPGRADING to +2 pair of boots "Joblekop" {-Tele
                  | Rampage rC- Will+++}.
 64795 | Vaults:5 | 64795 ||| UPGRADING to amulet of Doatz {Reflect rC++ rN+
                  | Dex-3 SH+5}.
 64805 | Vaults:5 | 64805 ||| REMOVING +2 pair of boots "Joblekop" {-Tele
                  | Rampage rC- Will+++}.
 64810 | Vaults:5 | 64810 ||| UPGRADING to amulet "Sijomof" {Reflect Str+5
                  | SH+5}.
 64820 | Vaults:5 | 64820 ||| UPGRADING to +2 pair of boots "Joblekop" {-Tele
                  | Rampage rC- Will+++}.
 64825 | Vaults:5 | 64825 ||| UPGRADING to amulet of Doatz {Reflect rC++ rN+
                  | Dex-3 SH+5}.
 64835 | Vaults:5 | 64835 ||| REMOVING +2 pair of boots "Joblekop" {-Tele
                  | Rampage rC- Will+++}.
 64840 | Vaults:5 | 64840 ||| UPGRADING to amulet "Sijomof" {Reflect Str+5
                  | SH+5}.
 64850 | Vaults:5 | 64850 ||| UPGRADING to +2 pair of boots "Joblekop" {-Tele
                  | Rampage rC- Will+++}.
 64855 | Vaults:5 | 64855 ||| UPGRADING to amulet of Doatz {Reflect rC++ rN+
                  | Dex-3 SH+5}.
 64865 | Vaults:5 | 64865 ||| REMOVING +2 pair of boots "Joblekop" {-Tele
                  | Rampage rC- Will+++}.
 64870 | Vaults:5 | 64870 ||| UPGRADING to amulet "Sijomof" {Reflect Str+5
                  | SH+5}.
 64880 | Vaults:5 | 64880 ||| UPGRADING to +2 pair of boots "Joblekop" {-Tele
                  | Rampage rC- Will+++}.
 64885 | Vaults:5 | 64885 ||| UPGRADING to amulet of Doatz {Reflect rC++ rN+
                  | Dex-3 SH+5}.
 64895 | Vaults:5 | 64895 ||| REMOVING +2 pair of boots "Joblekop" {-Tele
                  | Rampage rC- Will+++}.
 64900 | Vaults:5 | 64900 ||| UPGRADING to amulet "Sijomof" {Reflect Str+5
                  | SH+5}.
 64910 | Vaults:5 | 64910 ||| UPGRADING to +2 pair of boots "Joblekop" {-Tele
                  | Rampage rC- Will+++}.
 64915 | Vaults:5 | 64915 ||| UPGRADING to amulet of Doatz {Reflect rC++ rN+
                  | Dex-3 SH+5}.
 64925 | Vaults:5 | 64925 ||| REMOVING +2 pair of boots "Joblekop" {-Tele
                  | Rampage rC- Will+++}.
 64930 | Vaults:5 | 64930 ||| UPGRADING to amulet "Sijomof" {Reflect Str+5
                  | SH+5}.
 64940 | Vaults:5 | 64940 ||| UPGRADING to +2 pair of boots "Joblekop" {-Tele
                  | Rampage rC- Will+++}.
 64945 | Vaults:5 | 64945 ||| UPGRADING to amulet of Doatz {Reflect rC++ rN+
                  | Dex-3 SH+5}.
 64955 | Vaults:5 | 64955 ||| REMOVING +2 pair of boots "Joblekop" {-Tele
                  | Rampage rC- Will+++}.
 64960 | Vaults:5 | 64960 ||| UPGRADING to amulet "Sijomof" {Reflect Str+5
                  | SH+5}.
 64970 | Vaults:5 | 64970 ||| UPGRADING to +2 pair of boots "Joblekop" {-Tele
                  | Rampage rC- Will+++}.
 64975 | Vaults:5 | 64975 ||| UPGRADING to amulet of Doatz {Reflect rC++ rN+
                  | Dex-3 SH+5}.
 64985 | Vaults:5 | 64985 ||| REMOVING +2 pair of boots "Joblekop" {-Tele
                  | Rampage rC- Will+++}.
 64990 | Vaults:5 | 64990 ||| UPGRADING to amulet "Sijomof" {Reflect Str+5
                  | SH+5}.
 65000 | Vaults:5 | 65000 ||| UPGRADING to +2 pair of boots "Joblekop" {-Tele
                  | Rampage rC- Will+++}.
 65005 | Vaults:5 | 65005 ||| UPGRADING to amulet of Doatz {Reflect rC++ rN+
                  | Dex-3 SH+5}.
 65015 | Vaults:5 | 65015 ||| REMOVING +2 pair of boots "Joblekop" {-Tele
                  | Rampage rC- Will+++}.
 65020 | Vaults:5 | 65020 ||| UPGRADING to amulet "Sijomof" {Reflect Str+5
                  | SH+5}.
 65030 | Vaults:5 | 65030 ||| UPGRADING to +2 pair of boots "Joblekop" {-Tele
                  | Rampage rC- Will+++}.
 65035 | Vaults:5 | 65035 ||| UPGRADING to amulet of Doatz {Reflect rC++ rN+
                  | Dex-3 SH+5}.
 65045 | Vaults:5 | 65045 ||| REMOVING +2 pair of boots "Joblekop" {-Tele
                  | Rampage rC- Will+++}.
 65050 | Vaults:5 | 65050 ||| UPGRADING to amulet "Sijomof" {Reflect Str+5
                  | SH+5}.
 65060 | Vaults:5 | 65060 ||| UPGRADING to +2 pair of boots "Joblekop" {-Tele
                  | Rampage rC- Will+++}.
 65065 | Vaults:5 | 65065 ||| UPGRADING to amulet of Doatz {Reflect rC++ rN+
                  | Dex-3 SH+5}.
 65075 | Vaults:5 | 65075 ||| REMOVING +2 pair of boots "Joblekop" {-Tele
                  | Rampage rC- Will+++}.
 65080 | Vaults:5 | 65080 ||| UPGRADING to amulet "Sijomof" {Reflect Str+5
                  | SH+5}.
 65090 | Vaults:5 | 65090 ||| UPGRADING to +2 pair of boots "Joblekop" {-Tele
                  | Rampage rC- Will+++}.
 65095 | Vaults:5 | 65095 ||| UPGRADING to amulet of Doatz {Reflect rC++ rN+
                  | Dex-3 SH+5}.
 65105 | Vaults:5 | 65105 ||| REMOVING +2 pair of boots "Joblekop" {-Tele
                  | Rampage rC- Will+++}.
 65110 | Vaults:5 | 65110 ||| UPGRADING to amulet "Sijomof" {Reflect Str+5
                  | SH+5}.
 65120 | Vaults:5 | 65120 ||| UPGRADING to +2 pair of boots "Joblekop" {-Tele
                  | Rampage rC- Will+++}.
 65125 | Vaults:5 | 65125 ||| UPGRADING to amulet of Doatz {Reflect rC++ rN+
                  | Dex-3 SH+5}.
 65135 | Vaults:5 | 65135 ||| REMOVING +2 pair of boots "Joblekop" {-Tele
                  | Rampage rC- Will+++}.
 65140 | Vaults:5 | 65140 ||| UPGRADING to amulet "Sijomof" {Reflect Str+5
                  | SH+5}.
 65150 | Vaults:5 | 65150 ||| UPGRADING to +2 pair of boots "Joblekop" {-Tele
                  | Rampage rC- Will+++}.
 65155 | Vaults:5 | 65155 ||| UPGRADING to amulet of Doatz {Reflect rC++ rN+
                  | Dex-3 SH+5}.
 65165 | Vaults:5 | 65165 ||| REMOVING +2 pair of boots "Joblekop" {-Tele
                  | Rampage rC- Will+++}.
 65170 | Vaults:5 | 65170 ||| UPGRADING to amulet "Sijomof" {Reflect Str+5
                  | SH+5}.
 65180 | Vaults:5 | 65180 ||| UPGRADING to +2 pair of boots "Joblekop" {-Tele
                  | Rampage rC- Will+++}.
 65185 | Vaults:5 | 65185 ||| UPGRADING to amulet of Doatz {Reflect rC++ rN+
                  | Dex-3 SH+5}.
 65195 | Vaults:5 | 65195 ||| REMOVING +2 pair of boots "Joblekop" {-Tele
                  | Rampage rC- Will+++}.
 65200 | Vaults:5 | 65200 ||| UPGRADING to amulet "Sijomof" {Reflect Str+5
                  | SH+5}.
 65210 | Vaults:5 | 65210 ||| UPGRADING to +2 pair of boots "Joblekop" {-Tele
                  | Rampage rC- Will+++}.
 65215 | Vaults:5 | 65215 ||| UPGRADING to amulet of Doatz {Reflect rC++ rN+
                  | Dex-3 SH+5}.
 65225 | Vaults:5 | 65225 ||| REMOVING +2 pair of boots "Joblekop" {-Tele
                  | Rampage rC- Will+++}.
 65230 | Vaults:5 | 65230 ||| UPGRADING to amulet "Sijomof" {Reflect Str+5
                  | SH+5}.
 65240 | Vaults:5 | 65240 ||| UPGRADING to +2 pair of boots "Joblekop" {-Tele
                  | Rampage rC- Will+++}.
 65245 | Vaults:5 | 65245 ||| UPGRADING to amulet of Doatz {Reflect rC++ rN+
                  | Dex-3 SH+5}.
 65255 | Vaults:5 | 65255 ||| REMOVING +2 pair of boots "Joblekop" {-Tele
                  | Rampage rC- Will+++}.
 65260 | Vaults:5 | 65260 ||| UPGRADING to amulet "Sijomof" {Reflect Str+5
                  | SH+5}.
 65270 | Vaults:5 | 65270 ||| UPGRADING to +2 pair of boots "Joblekop" {-Tele
                  | Rampage rC- Will+++}.
 65275 | Vaults:5 | 65275 ||| UPGRADING to amulet of Doatz {Reflect rC++ rN+
                  | Dex-3 SH+5}.
 65285 | Vaults:5 | 65285 ||| REMOVING +2 pair of boots "Joblekop" {-Tele
                  | Rampage rC- Will+++}.
 65290 | Vaults:5 | 65290 ||| UPGRADING to amulet "Sijomof" {Reflect Str+5
                  | SH+5}.
 65300 | Vaults:5 | 65300 ||| UPGRADING to +2 pair of boots "Joblekop" {-Tele
                  | Rampage rC- Will+++}.
 65305 | Vaults:5 | 65305 ||| UPGRADING to amulet of Doatz {Reflect rC++ rN+
                  | Dex-3 SH+5}.
 65315 | Vaults:5 | 65315 ||| REMOVING +2 pair of boots "Joblekop" {-Tele
                  | Rampage rC- Will+++}.
 65320 | Vaults:5 | 65320 ||| UPGRADING to amulet "Sijomof" {Reflect Str+5
                  | SH+5}.
 65330 | Vaults:5 | 65330 ||| UPGRADING to +2 pair of boots "Joblekop" {-Tele
                  | Rampage rC- Will+++}.
 65335 | Vaults:5 | 65335 ||| UPGRADING to amulet of Doatz {Reflect rC++ rN+
                  | Dex-3 SH+5}.
 65345 | Vaults:5 | 65345 ||| REMOVING +2 pair of boots "Joblekop" {-Tele
                  | Rampage rC- Will+++}.
 65350 | Vaults:5 | 65350 ||| UPGRADING to amulet "Sijomof" {Reflect Str+5
                  | SH+5}.
 65360 | Vaults:5 | 65360 ||| UPGRADING to +2 pair of boots "Joblekop" {-Tele
                  | Rampage rC- Will+++}.
 65365 | Vaults:5 | 65365 ||| UPGRADING to amulet of Doatz {Reflect rC++ rN+
                  | Dex-3 SH+5}.
 65375 | Vaults:5 | 65375 ||| REMOVING +2 pair of boots "Joblekop" {-Tele
                  | Rampage rC- Will+++}.
 65380 | Vaults:5 | 65380 ||| UPGRADING to amulet "Sijomof" {Reflect Str+5
                  | SH+5}.
 65390 | Vaults:5 | 65390 ||| UPGRADING to +2 pair of boots "Joblekop" {-Tele
                  | Rampage rC- Will+++}.
 65395 | Vaults:5 | 65395 ||| UPGRADING to amulet of Doatz {Reflect rC++ rN+
                  | Dex-3 SH+5}.
 65405 | Vaults:5 | 65405 ||| REMOVING +2 pair of boots "Joblekop" {-Tele
                  | Rampage rC- Will+++}.
 65410 | Vaults:5 | 65410 ||| UPGRADING to amulet "Sijomof" {Reflect Str+5
                  | SH+5}.
 65420 | Vaults:5 | 65420 ||| UPGRADING to +2 pair of boots "Joblekop" {-Tele
                  | Rampage rC- Will+++}.
 65425 | Vaults:5 | 65425 ||| UPGRADING to amulet of Doatz {Reflect rC++ rN+
                  | Dex-3 SH+5}.
 65435 | Vaults:5 | 65435 ||| REMOVING +2 pair of boots "Joblekop" {-Tele
                  | Rampage rC- Will+++}.
 65440 | Vaults:5 | 65440 ||| UPGRADING to amulet "Sijomof" {Reflect Str+5
                  | SH+5}.
 65450 | Vaults:5 | 65450 ||| UPGRADING to +2 pair of boots "Joblekop" {-Tele
                  | Rampage rC- Will+++}.
 65455 | Vaults:5 | 65455 ||| UPGRADING to amulet of Doatz {Reflect rC++ rN+
                  | Dex-3 SH+5}.
 65465 | Vaults:5 | 65465 ||| REMOVING +2 pair of boots "Joblekop" {-Tele
                  | Rampage rC- Will+++}.
 65470 | Vaults:5 | 65470 ||| UPGRADING to amulet "Sijomof" {Reflect Str+5
                  | SH+5}.
 65480 | Vaults:5 | 65480 ||| UPGRADING to +2 pair of boots "Joblekop" {-Tele
                  | Rampage rC- Will+++}.
 65485 | Vaults:5 | 65485 ||| UPGRADING to amulet of Doatz {Reflect rC++ rN+
                  | Dex-3 SH+5}.
 65495 | Vaults:5 | 65495 ||| REMOVING +2 pair of boots "Joblekop" {-Tele
                  | Rampage rC- Will+++}.
 65500 | Vaults:5 | 65500 ||| UPGRADING to amulet "Sijomof" {Reflect Str+5
                  | SH+5}.
 65510 | Vaults:5 | 65510 ||| UPGRADING to +2 pair of boots "Joblekop" {-Tele
                  | Rampage rC- Will+++}.
 65515 | Vaults:5 | 65515 ||| UPGRADING to amulet of Doatz {Reflect rC++ rN+
                  | Dex-3 SH+5}.
 65525 | Vaults:5 | 65525 ||| REMOVING +2 pair of boots "Joblekop" {-Tele
                  | Rampage rC- Will+++}.
 65530 | Vaults:5 | 65530 ||| UPGRADING to amulet "Sijomof" {Reflect Str+5
                  | SH+5}.
 65540 | Vaults:5 | 65540 ||| UPGRADING to +2 pair of boots "Joblekop" {-Tele
                  | Rampage rC- Will+++}.
 65545 | Vaults:5 | 65545 ||| UPGRADING to amulet of Doatz {Reflect rC++ rN+
                  | Dex-3 SH+5}.
 65555 | Vaults:5 | 65555 ||| REMOVING +2 pair of boots "Joblekop" {-Tele
                  | Rampage rC- Will+++}.
 65560 | Vaults:5 | 65560 ||| UPGRADING to amulet "Sijomof" {Reflect Str+5
                  | SH+5}.
 65570 | Vaults:5 | 65570 ||| UPGRADING to +2 pair of boots "Joblekop" {-Tele
                  | Rampage rC- Will+++}.
 65575 | Vaults:5 | 65575 ||| UPGRADING to amulet of Doatz {Reflect rC++ rN+
                  | Dex-3 SH+5}.
 65585 | Vaults:5 | 65585 ||| REMOVING +2 pair of boots "Joblekop" {-Tele
                  | Rampage rC- Will+++}.
 65590 | Vaults:5 | 65590 ||| UPGRADING to amulet "Sijomof" {Reflect Str+5
                  | SH+5}.
 65600 | Vaults:5 | 65600 ||| UPGRADING to +2 pair of boots "Joblekop" {-Tele
                  | Rampage rC- Will+++}.
 65605 | Vaults:5 | 65605 ||| UPGRADING to amulet of Doatz {Reflect rC++ rN+
                  | Dex-3 SH+5}.
 65615 | Vaults:5 | 65615 ||| REMOVING +2 pair of boots "Joblekop" {-Tele
                  | Rampage rC- Will+++}.
 65620 | Vaults:5 | 65620 ||| UPGRADING to amulet "Sijomof" {Reflect Str+5
                  | SH+5}.
 65630 | Vaults:5 | 65630 ||| UPGRADING to +2 pair of boots "Joblekop" {-Tele
                  | Rampage rC- Will+++}.
 65635 | Vaults:5 | 65635 ||| UPGRADING to amulet of Doatz {Reflect rC++ rN+
                  | Dex-3 SH+5}.
 65645 | Vaults:5 | 65645 ||| REMOVING +2 pair of boots "Joblekop" {-Tele
                  | Rampage rC- Will+++}.
 65650 | Vaults:5 | 65650 ||| UPGRADING to amulet "Sijomof" {Reflect Str+5
                  | SH+5}.
 65660 | Vaults:5 | 65660 ||| UPGRADING to +2 pair of boots "Joblekop" {-Tele
                  | Rampage rC- Will+++}.
 65665 | Vaults:5 | 65665 ||| UPGRADING to amulet of Doatz {Reflect rC++ rN+
                  | Dex-3 SH+5}.
 65675 | Vaults:5 | 65675 ||| REMOVING +2 pair of boots "Joblekop" {-Tele
                  | Rampage rC- Will+++}.
 65680 | Vaults:5 | 65680 ||| UPGRADING to amulet "Sijomof" {Reflect Str+5
                  | SH+5}.
 65690 | Vaults:5 | 65690 ||| UPGRADING to +2 pair of boots "Joblekop" {-Tele
                  | Rampage rC- Will+++}.
 65695 | Vaults:5 | 65695 ||| UPGRADING to amulet of Doatz {Reflect rC++ rN+
                  | Dex-3 SH+5}.
 65705 | Vaults:5 | 65705 ||| REMOVING +2 pair of boots "Joblekop" {-Tele
                  | Rampage rC- Will+++}.
 65710 | Vaults:5 | 65710 ||| UPGRADING to amulet "Sijomof" {Reflect Str+5
                  | SH+5}.
 65720 | Vaults:5 | 65720 ||| UPGRADING to +2 pair of boots "Joblekop" {-Tele
                  | Rampage rC- Will+++}.
 65725 | Vaults:5 | 65725 ||| UPGRADING to amulet of Doatz {Reflect rC++ rN+
                  | Dex-3 SH+5}.
 65735 | Vaults:5 | 65735 ||| REMOVING +2 pair of boots "Joblekop" {-Tele
                  | Rampage rC- Will+++}.
 65740 | Vaults:5 | 65740 ||| UPGRADING to amulet "Sijomof" {Reflect Str+5
                  | SH+5}.
 65750 | Vaults:5 | 65750 ||| UPGRADING to +2 pair of boots "Joblekop" {-Tele
                  | Rampage rC- Will+++}.
 65755 | Vaults:5 | 65755 ||| UPGRADING to amulet of Doatz {Reflect rC++ rN+
                  | Dex-3 SH+5}.
 65765 | Vaults:5 | 65765 ||| REMOVING +2 pair of boots "Joblekop" {-Tele
                  | Rampage rC- Will+++}.
 65770 | Vaults:5 | 65770 ||| UPGRADING to amulet "Sijomof" {Reflect Str+5
                  | SH+5}.
 65780 | Vaults:5 | 65780 ||| UPGRADING to +2 pair of boots "Joblekop" {-Tele
                  | Rampage rC- Will+++}.
 65785 | Vaults:5 | 65785 ||| UPGRADING to amulet of Doatz {Reflect rC++ rN+
                  | Dex-3 SH+5}.
 65795 | Vaults:5 | 65795 ||| REMOVING +2 pair of boots "Joblekop" {-Tele
                  | Rampage rC- Will+++}.
 65800 | Vaults:5 | 65800 ||| UPGRADING to amulet "Sijomof" {Reflect Str+5
                  | SH+5}.
 65810 | Vaults:5 | 65810 ||| UPGRADING to +2 pair of boots "Joblekop" {-Tele
                  | Rampage rC- Will+++}.
 65815 | Vaults:5 | 65815 ||| UPGRADING to amulet of Doatz {Reflect rC++ rN+
                  | Dex-3 SH+5}.
 65825 | Vaults:5 | 65825 ||| REMOVING +2 pair of boots "Joblekop" {-Tele
                  | Rampage rC- Will+++}.
 65830 | Vaults:5 | 65830 ||| UPGRADING to amulet "Sijomof" {Reflect Str+5
                  | SH+5}.
 65840 | Vaults:5 | 65840 ||| UPGRADING to +2 pair of boots "Joblekop" {-Tele
                  | Rampage rC- Will+++}.
 65845 | Vaults:5 | 65845 ||| UPGRADING to amulet of Doatz {Reflect rC++ rN+
                  | Dex-3 SH+5}.
 65855 | Vaults:5 | 65855 ||| REMOVING +2 pair of boots "Joblekop" {-Tele
                  | Rampage rC- Will+++}.
 65860 | Vaults:5 | 65860 ||| UPGRADING to amulet "Sijomof" {Reflect Str+5
                  | SH+5}.
 65870 | Vaults:5 | 65870 ||| UPGRADING to +2 pair of boots "Joblekop" {-Tele
                  | Rampage rC- Will+++}.
 65875 | Vaults:5 | 65875 ||| UPGRADING to amulet of Doatz {Reflect rC++ rN+
                  | Dex-3 SH+5}.
 65885 | Vaults:5 | 65885 ||| REMOVING +2 pair of boots "Joblekop" {-Tele
                  | Rampage rC- Will+++}.
 65890 | Vaults:5 | 65890 ||| UPGRADING to amulet "Sijomof" {Reflect Str+5
                  | SH+5}.
 65900 | Vaults:5 | 65900 ||| UPGRADING to +2 pair of boots "Joblekop" {-Tele
                  | Rampage rC- Will+++}.
 65905 | Vaults:5 | 65905 ||| UPGRADING to amulet of Doatz {Reflect rC++ rN+
                  | Dex-3 SH+5}.
 65915 | Vaults:5 | 65915 ||| REMOVING +2 pair of boots "Joblekop" {-Tele
                  | Rampage rC- Will+++}.
 65920 | Vaults:5 | 65920 ||| UPGRADING to amulet "Sijomof" {Reflect Str+5
                  | SH+5}.
 65930 | Vaults:5 | 65930 ||| UPGRADING to +2 pair of boots "Joblekop" {-Tele
                  | Rampage rC- Will+++}.
 65935 | Vaults:5 | 65935 ||| UPGRADING to amulet of Doatz {Reflect rC++ rN+
                  | Dex-3 SH+5}.
 65945 | Vaults:5 | 65945 ||| REMOVING +2 pair of boots "Joblekop" {-Tele
                  | Rampage rC- Will+++}.
 65950 | Vaults:5 | 65950 ||| UPGRADING to amulet "Sijomof" {Reflect Str+5
                  | SH+5}.
 65960 | Vaults:5 | 65960 ||| UPGRADING to +2 pair of boots "Joblekop" {-Tele
                  | Rampage rC- Will+++}.
 65965 | Vaults:5 | 65965 ||| UPGRADING to amulet of Doatz {Reflect rC++ rN+
                  | Dex-3 SH+5}.
 65975 | Vaults:5 | 65975 ||| REMOVING +2 pair of boots "Joblekop" {-Tele
                  | Rampage rC- Will+++}.
 65980 | Vaults:5 | 65980 ||| UPGRADING to amulet "Sijomof" {Reflect Str+5
                  | SH+5}.
 65990 | Vaults:5 | 65990 ||| UPGRADING to +2 pair of boots "Joblekop" {-Tele
                  | Rampage rC- Will+++}.
 65995 | Vaults:5 | 65995 ||| UPGRADING to amulet of Doatz {Reflect rC++ rN+
                  | Dex-3 SH+5}.
 66005 | Vaults:5 | 66005 ||| REMOVING +2 pair of boots "Joblekop" {-Tele
                  | Rampage rC- Will+++}.
 66010 | Vaults:5 | 66010 ||| UPGRADING to amulet "Sijomof" {Reflect Str+5
                  | SH+5}.
 66020 | Vaults:5 | 66020 ||| UPGRADING to +2 pair of boots "Joblekop" {-Tele
                  | Rampage rC- Will+++}.
 66025 | Vaults:5 | 66025 ||| UPGRADING to amulet of Doatz {Reflect rC++ rN+
                  | Dex-3 SH+5}.
 66035 | Vaults:5 | 66035 ||| REMOVING +2 pair of boots "Joblekop" {-Tele
                  | Rampage rC- Will+++}.
 66040 | Vaults:5 | 66040 ||| UPGRADING to amulet "Sijomof" {Reflect Str+5
                  | SH+5}.
 66050 | Vaults:5 | 66050 ||| UPGRADING to +2 pair of boots "Joblekop" {-Tele
                  | Rampage rC- Will+++}.
 66055 | Vaults:5 | 66055 ||| UPGRADING to amulet of Doatz {Reflect rC++ rN+
                  | Dex-3 SH+5}.
 66065 | Vaults:5 | 66065 ||| REMOVING +2 pair of boots "Joblekop" {-Tele
                  | Rampage rC- Will+++}.
 66070 | Vaults:5 | 66070 ||| UPGRADING to amulet "Sijomof" {Reflect Str+5
                  | SH+5}.
 66080 | Vaults:5 | 66080 ||| UPGRADING to +2 pair of boots "Joblekop" {-Tele
                  | Rampage rC- Will+++}.
 66085 | Vaults:5 | 66085 ||| UPGRADING to amulet of Doatz {Reflect rC++ rN+
                  | Dex-3 SH+5}.
 66095 | Vaults:5 | 66095 ||| REMOVING +2 pair of boots "Joblekop" {-Tele
                  | Rampage rC- Will+++}.
 66100 | Vaults:5 | 66100 ||| UPGRADING to amulet "Sijomof" {Reflect Str+5
                  | SH+5}.
 66110 | Vaults:5 | 66110 ||| UPGRADING to +2 pair of boots "Joblekop" {-Tele
                  | Rampage rC- Will+++}.
 66115 | Vaults:5 | 66115 ||| UPGRADING to amulet of Doatz {Reflect rC++ rN+
                  | Dex-3 SH+5}.
 66125 | Vaults:5 | 66125 ||| REMOVING +2 pair of boots "Joblekop" {-Tele
                  | Rampage rC- Will+++}.
 66130 | Vaults:5 | 66130 ||| UPGRADING to amulet "Sijomof" {Reflect Str+5
                  | SH+5}.
 66140 | Vaults:5 | 66140 ||| UPGRADING to +2 pair of boots "Joblekop" {-Tele
                  | Rampage rC- Will+++}.
 66145 | Vaults:5 | 66145 ||| UPGRADING to amulet of Doatz {Reflect rC++ rN+
                  | Dex-3 SH+5}.
 66155 | Vaults:5 | 66155 ||| REMOVING +2 pair of boots "Joblekop" {-Tele
                  | Rampage rC- Will+++}.
 66160 | Vaults:5 | 66160 ||| UPGRADING to amulet "Sijomof" {Reflect Str+5
                  | SH+5}.
 66170 | Vaults:5 | 66170 ||| UPGRADING to +2 pair of boots "Joblekop" {-Tele
                  | Rampage rC- Will+++}.
 66175 | Vaults:5 | 66175 ||| UPGRADING to amulet of Doatz {Reflect rC++ rN+
                  | Dex-3 SH+5}.
 66185 | Vaults:5 | 66185 ||| REMOVING +2 pair of boots "Joblekop" {-Tele
                  | Rampage rC- Will+++}.
 66190 | Vaults:5 | 66190 ||| UPGRADING to amulet "Sijomof" {Reflect Str+5
                  | SH+5}.
 66200 | Vaults:5 | 66200 ||| UPGRADING to +2 pair of boots "Joblekop" {-Tele
                  | Rampage rC- Will+++}.
 66205 | Vaults:5 | 66205 ||| UPGRADING to amulet of Doatz {Reflect rC++ rN+
                  | Dex-3 SH+5}.
 66215 | Vaults:5 | 66215 ||| REMOVING +2 pair of boots "Joblekop" {-Tele
                  | Rampage rC- Will+++}.
 66220 | Vaults:5 | 66220 ||| UPGRADING to amulet "Sijomof" {Reflect Str+5
                  | SH+5}.
 66230 | Vaults:5 | 66230 ||| UPGRADING to +2 pair of boots "Joblekop" {-Tele
                  | Rampage rC- Will+++}.
 66235 | Vaults:5 | 66235 ||| UPGRADING to amulet of Doatz {Reflect rC++ rN+
                  | Dex-3 SH+5}.
 66245 | Vaults:5 | 66245 ||| REMOVING +2 pair of boots "Joblekop" {-Tele
                  | Rampage rC- Will+++}.
 66250 | Vaults:5 | 66250 ||| UPGRADING to amulet "Sijomof" {Reflect Str+5
                  | SH+5}.
 66260 | Vaults:5 | 66260 ||| UPGRADING to +2 pair of boots "Joblekop" {-Tele
                  | Rampage rC- Will+++}.
 66265 | Vaults:5 | 66265 ||| UPGRADING to amulet of Doatz {Reflect rC++ rN+
                  | Dex-3 SH+5}.
 66275 | Vaults:5 | 66275 ||| REMOVING +2 pair of boots "Joblekop" {-Tele
                  | Rampage rC- Will+++}.
 66280 | Vaults:5 | 66280 ||| UPGRADING to amulet "Sijomof" {Reflect Str+5
                  | SH+5}.
 66290 | Vaults:5 | 66290 ||| UPGRADING to +2 pair of boots "Joblekop" {-Tele
                  | Rampage rC- Will+++}.
 66295 | Vaults:5 | 66295 ||| UPGRADING to amulet of Doatz {Reflect rC++ rN+
                  | Dex-3 SH+5}.
 66305 | Vaults:5 | 66305 ||| REMOVING +2 pair of boots "Joblekop" {-Tele
                  | Rampage rC- Will+++}.
 66310 | Vaults:5 | 66310 ||| UPGRADING to amulet "Sijomof" {Reflect Str+5
                  | SH+5}.
 66320 | Vaults:5 | 66320 ||| UPGRADING to +2 pair of boots "Joblekop" {-Tele
                  | Rampage rC- Will+++}.
 66325 | Vaults:5 | 66325 ||| UPGRADING to amulet of Doatz {Reflect rC++ rN+
                  | Dex-3 SH+5}.
 66335 | Vaults:5 | 66335 ||| REMOVING +2 pair of boots "Joblekop" {-Tele
                  | Rampage rC- Will+++}.
 66340 | Vaults:5 | 66340 ||| UPGRADING to amulet "Sijomof" {Reflect Str+5
                  | SH+5}.
 66350 | Vaults:5 | 66350 ||| UPGRADING to +2 pair of boots "Joblekop" {-Tele
                  | Rampage rC- Will+++}.
 66355 | Vaults:5 | 66355 ||| UPGRADING to amulet of Doatz {Reflect rC++ rN+
                  | Dex-3 SH+5}.
 66365 | Vaults:5 | 66365 ||| REMOVING +2 pair of boots "Joblekop" {-Tele
                  | Rampage rC- Will+++}.
 66370 | Vaults:5 | 66370 ||| UPGRADING to amulet "Sijomof" {Reflect Str+5
                  | SH+5}.
 66380 | Vaults:5 | 66380 ||| UPGRADING to +2 pair of boots "Joblekop" {-Tele
                  | Rampage rC- Will+++}.
 66385 | Vaults:5 | 66385 ||| UPGRADING to amulet of Doatz {Reflect rC++ rN+
                  | Dex-3 SH+5}.
 66395 | Vaults:5 | 66395 ||| REMOVING +2 pair of boots "Joblekop" {-Tele
                  | Rampage rC- Will+++}.
 66400 | Vaults:5 | 66400 ||| UPGRADING to amulet "Sijomof" {Reflect Str+5
                  | SH+5}.
 66410 | Vaults:5 | 66410 ||| UPGRADING to +2 pair of boots "Joblekop" {-Tele
                  | Rampage rC- Will+++}.
 66415 | Vaults:5 | 66415 ||| UPGRADING to amulet of Doatz {Reflect rC++ rN+
                  | Dex-3 SH+5}.
 66425 | Vaults:5 | 66425 ||| REMOVING +2 pair of boots "Joblekop" {-Tele
                  | Rampage rC- Will+++}.
 66430 | Vaults:5 | 66430 ||| UPGRADING to amulet "Sijomof" {Reflect Str+5
                  | SH+5}.
 66440 | Vaults:5 | 66440 ||| UPGRADING to +2 pair of boots "Joblekop" {-Tele
                  | Rampage rC- Will+++}.
 66445 | Vaults:5 | 66445 ||| UPGRADING to amulet of Doatz {Reflect rC++ rN+
                  | Dex-3 SH+5}.
 66455 | Vaults:5 | 66455 ||| REMOVING +2 pair of boots "Joblekop" {-Tele
                  | Rampage rC- Will+++}.
 66460 | Vaults:5 | 66460 ||| UPGRADING to amulet "Sijomof" {Reflect Str+5
                  | SH+5}.
 66470 | Vaults:5 | 66470 ||| UPGRADING to +2 pair of boots "Joblekop" {-Tele
                  | Rampage rC- Will+++}.
 66475 | Vaults:5 | 66475 ||| UPGRADING to amulet of Doatz {Reflect rC++ rN+
                  | Dex-3 SH+5}.
 66485 | Vaults:5 | 66485 ||| REMOVING +2 pair of boots "Joblekop" {-Tele
                  | Rampage rC- Will+++}.
 66490 | Vaults:5 | 66490 ||| UPGRADING to amulet "Sijomof" {Reflect Str+5
                  | SH+5}.
 66500 | Vaults:5 | 66500 ||| UPGRADING to +2 pair of boots "Joblekop" {-Tele
                  | Rampage rC- Will+++}.
 66505 | Vaults:5 | 66505 ||| UPGRADING to amulet of Doatz {Reflect rC++ rN+
                  | Dex-3 SH+5}.
 66515 | Vaults:5 | 66515 ||| REMOVING +2 pair of boots "Joblekop" {-Tele
                  | Rampage rC- Will+++}.
 66520 | Vaults:5 | 66520 ||| UPGRADING to amulet "Sijomof" {Reflect Str+5
                  | SH+5}.
 66530 | Vaults:5 | 66530 ||| UPGRADING to +2 pair of boots "Joblekop" {-Tele
                  | Rampage rC- Will+++}.
 66535 | Vaults:5 | 66535 ||| UPGRADING to amulet of Doatz {Reflect rC++ rN+
                  | Dex-3 SH+5}.
 66545 | Vaults:5 | 66545 ||| REMOVING +2 pair of boots "Joblekop" {-Tele
                  | Rampage rC- Will+++}.
 66550 | Vaults:5 | 66550 ||| UPGRADING to amulet "Sijomof" {Reflect Str+5
                  | SH+5}.
 66560 | Vaults:5 | 66560 ||| UPGRADING to +2 pair of boots "Joblekop" {-Tele
                  | Rampage rC- Will+++}.
 66565 | Vaults:5 | 66565 ||| UPGRADING to amulet of Doatz {Reflect rC++ rN+
                  | Dex-3 SH+5}.
 66575 | Vaults:5 | 66575 ||| REMOVING +2 pair of boots "Joblekop" {-Tele
                  | Rampage rC- Will+++}.
 66580 | Vaults:5 | 66580 ||| UPGRADING to amulet "Sijomof" {Reflect Str+5
                  | SH+5}.
 66590 | Vaults:5 | 66590 ||| UPGRADING to +2 pair of boots "Joblekop" {-Tele
                  | Rampage rC- Will+++}.
 66595 | Vaults:5 | 66595 ||| UPGRADING to amulet of Doatz {Reflect rC++ rN+
                  | Dex-3 SH+5}.
 66605 | Vaults:5 | 66605 ||| REMOVING +2 pair of boots "Joblekop" {-Tele
                  | Rampage rC- Will+++}.
 66610 | Vaults:5 | 66610 ||| UPGRADING to amulet "Sijomof" {Reflect Str+5
                  | SH+5}.
 66620 | Vaults:5 | 66620 ||| UPGRADING to +2 pair of boots "Joblekop" {-Tele
                  | Rampage rC- Will+++}.
 66625 | Vaults:5 | 66625 ||| UPGRADING to amulet of Doatz {Reflect rC++ rN+
                  | Dex-3 SH+5}.
 66635 | Vaults:5 | 66635 ||| REMOVING +2 pair of boots "Joblekop" {-Tele
                  | Rampage rC- Will+++}.
 66640 | Vaults:5 | 66640 ||| UPGRADING to amulet "Sijomof" {Reflect Str+5
                  | SH+5}.
 66650 | Vaults:5 | 66650 ||| UPGRADING to +2 pair of boots "Joblekop" {-Tele
                  | Rampage rC- Will+++}.
 66655 | Vaults:5 | 66655 ||| UPGRADING to amulet of Doatz {Reflect rC++ rN+
                  | Dex-3 SH+5}.
 66665 | Vaults:5 | 66665 ||| REMOVING +2 pair of boots "Joblekop" {-Tele
                  | Rampage rC- Will+++}.
 66670 | Vaults:5 | 66670 ||| UPGRADING to amulet "Sijomof" {Reflect Str+5
                  | SH+5}.
 66680 | Vaults:5 | 66680 ||| UPGRADING to +2 pair of boots "Joblekop" {-Tele
                  | Rampage rC- Will+++}.
 66685 | Vaults:5 | 66685 ||| UPGRADING to amulet of Doatz {Reflect rC++ rN+
                  | Dex-3 SH+5}.
 66695 | Vaults:5 | 66695 ||| REMOVING +2 pair of boots "Joblekop" {-Tele
                  | Rampage rC- Will+++}.
 66700 | Vaults:5 | 66700 ||| UPGRADING to amulet "Sijomof" {Reflect Str+5
                  | SH+5}.
 66710 | Vaults:5 | 66710 ||| UPGRADING to +2 pair of boots "Joblekop" {-Tele
                  | Rampage rC- Will+++}.
 66715 | Vaults:5 | 66715 ||| UPGRADING to amulet of Doatz {Reflect rC++ rN+
                  | Dex-3 SH+5}.
 66725 | Vaults:5 | 66725 ||| REMOVING +2 pair of boots "Joblekop" {-Tele
                  | Rampage rC- Will+++}.
 66730 | Vaults:5 | 66730 ||| UPGRADING to amulet "Sijomof" {Reflect Str+5
                  | SH+5}.
 66740 | Vaults:5 | 66740 ||| UPGRADING to +2 pair of boots "Joblekop" {-Tele
                  | Rampage rC- Will+++}.
 66745 | Vaults:5 | 66745 ||| UPGRADING to amulet of Doatz {Reflect rC++ rN+
                  | Dex-3 SH+5}.
 66755 | Vaults:5 | 66755 ||| REMOVING +2 pair of boots "Joblekop" {-Tele
                  | Rampage rC- Will+++}.
 66760 | Vaults:5 | 66760 ||| UPGRADING to amulet "Sijomof" {Reflect Str+5
                  | SH+5}.
 66770 | Vaults:5 | 66770 ||| UPGRADING to +2 pair of boots "Joblekop" {-Tele
                  | Rampage rC- Will+++}.
 66775 | Vaults:5 | 66775 ||| UPGRADING to amulet of Doatz {Reflect rC++ rN+
                  | Dex-3 SH+5}.
 66785 | Vaults:5 | 66785 ||| REMOVING +2 pair of boots "Joblekop" {-Tele
                  | Rampage rC- Will+++}.
 66790 | Vaults:5 | 66790 ||| UPGRADING to amulet "Sijomof" {Reflect Str+5
                  | SH+5}.
 66800 | Vaults:5 | 66800 ||| UPGRADING to +2 pair of boots "Joblekop" {-Tele
                  | Rampage rC- Will+++}.
 66805 | Vaults:5 | 66805 ||| UPGRADING to amulet of Doatz {Reflect rC++ rN+
                  | Dex-3 SH+5}.
 66815 | Vaults:5 | 66815 ||| REMOVING +2 pair of boots "Joblekop" {-Tele
                  | Rampage rC- Will+++}.
 66820 | Vaults:5 | 66820 ||| UPGRADING to amulet "Sijomof" {Reflect Str+5
                  | SH+5}.
 66830 | Vaults:5 | 66830 ||| UPGRADING to +2 pair of boots "Joblekop" {-Tele
                  | Rampage rC- Will+++}.
 66835 | Vaults:5 | 66835 ||| UPGRADING to amulet of Doatz {Reflect rC++ rN+
                  | Dex-3 SH+5}.
 66845 | Vaults:5 | 66845 ||| REMOVING +2 pair of boots "Joblekop" {-Tele
                  | Rampage rC- Will+++}.
 66850 | Vaults:5 | 66850 ||| UPGRADING to amulet "Sijomof" {Reflect Str+5
                  | SH+5}.
 66860 | Vaults:5 | 66860 ||| UPGRADING to +2 pair of boots "Joblekop" {-Tele
                  | Rampage rC- Will+++}.
 66865 | Vaults:5 | 66865 ||| UPGRADING to amulet of Doatz {Reflect rC++ rN+
                  | Dex-3 SH+5}.
 66875 | Vaults:5 | 66875 ||| REMOVING +2 pair of boots "Joblekop" {-Tele
                  | Rampage rC- Will+++}.
 66880 | Vaults:5 | 66880 ||| UPGRADING to amulet "Sijomof" {Reflect Str+5
                  | SH+5}.
 66890 | Vaults:5 | 66890 ||| UPGRADING to +2 pair of boots "Joblekop" {-Tele
                  | Rampage rC- Will+++}.
 66895 | Vaults:5 | 66895 ||| UPGRADING to amulet of Doatz {Reflect rC++ rN+
                  | Dex-3 SH+5}.
 66905 | Vaults:5 | 66905 ||| REMOVING +2 pair of boots "Joblekop" {-Tele
                  | Rampage rC- Will+++}.
 66910 | Vaults:5 | 66910 ||| UPGRADING to amulet "Sijomof" {Reflect Str+5
                  | SH+5}.
 66920 | Vaults:5 | 66920 ||| UPGRADING to +2 pair of boots "Joblekop" {-Tele
                  | Rampage rC- Will+++}.
 66925 | Vaults:5 | 66925 ||| UPGRADING to amulet of Doatz {Reflect rC++ rN+
                  | Dex-3 SH+5}.
 66935 | Vaults:5 | 66935 ||| REMOVING +2 pair of boots "Joblekop" {-Tele
                  | Rampage rC- Will+++}.
 66940 | Vaults:5 | 66940 ||| UPGRADING to amulet "Sijomof" {Reflect Str+5
                  | SH+5}.
 66950 | Vaults:5 | 66950 ||| UPGRADING to +2 pair of boots "Joblekop" {-Tele
                  | Rampage rC- Will+++}.
 66955 | Vaults:5 | 66955 ||| UPGRADING to amulet of Doatz {Reflect rC++ rN+
                  | Dex-3 SH+5}.
 66965 | Vaults:5 | 66965 ||| REMOVING +2 pair of boots "Joblekop" {-Tele
                  | Rampage rC- Will+++}.
 66970 | Vaults:5 | 66970 ||| UPGRADING to amulet "Sijomof" {Reflect Str+5
                  | SH+5}.
 66980 | Vaults:5 | 66980 ||| UPGRADING to +2 pair of boots "Joblekop" {-Tele
                  | Rampage rC- Will+++}.
 66985 | Vaults:5 | 66985 ||| UPGRADING to amulet of Doatz {Reflect rC++ rN+
                  | Dex-3 SH+5}.
 66995 | Vaults:5 | 66995 ||| REMOVING +2 pair of boots "Joblekop" {-Tele
                  | Rampage rC- Will+++}.
 67000 | Vaults:5 | 67000 ||| UPGRADING to amulet "Sijomof" {Reflect Str+5
                  | SH+5}.
 67010 | Vaults:5 | 67010 ||| UPGRADING to +2 pair of boots "Joblekop" {-Tele
                  | Rampage rC- Will+++}.
 67015 | Vaults:5 | 67015 ||| UPGRADING to amulet of Doatz {Reflect rC++ rN+
                  | Dex-3 SH+5}.
 67025 | Vaults:5 | 67025 ||| REMOVING +2 pair of boots "Joblekop" {-Tele
                  | Rampage rC- Will+++}.
 67030 | Vaults:5 | 67030 ||| UPGRADING to amulet "Sijomof" {Reflect Str+5
                  | SH+5}.
 67040 | Vaults:5 | 67040 ||| UPGRADING to +2 pair of boots "Joblekop" {-Tele
                  | Rampage rC- Will+++}.
 67045 | Vaults:5 | 67045 ||| UPGRADING to amulet of Doatz {Reflect rC++ rN+
                  | Dex-3 SH+5}.
 67055 | Vaults:5 | 67055 ||| REMOVING +2 pair of boots "Joblekop" {-Tele
                  | Rampage rC- Will+++}.
 67060 | Vaults:5 | 67060 ||| UPGRADING to amulet "Sijomof" {Reflect Str+5
                  | SH+5}.
 67070 | Vaults:5 | 67070 ||| UPGRADING to +2 pair of boots "Joblekop" {-Tele
                  | Rampage rC- Will+++}.
 67075 | Vaults:5 | 67075 ||| UPGRADING to amulet of Doatz {Reflect rC++ rN+
                  | Dex-3 SH+5}.
 67085 | Vaults:5 | 67085 ||| REMOVING +2 pair of boots "Joblekop" {-Tele
                  | Rampage rC- Will+++}.
 67090 | Vaults:5 | 67090 ||| UPGRADING to amulet "Sijomof" {Reflect Str+5
                  | SH+5}.
 67100 | Vaults:5 | 67100 ||| UPGRADING to +2 pair of boots "Joblekop" {-Tele
                  | Rampage rC- Will+++}.
 67105 | Vaults:5 | 67105 ||| UPGRADING to amulet of Doatz {Reflect rC++ rN+
                  | Dex-3 SH+5}.
 67115 | Vaults:5 | 67115 ||| REMOVING +2 pair of boots "Joblekop" {-Tele
                  | Rampage rC- Will+++}.
 67120 | Vaults:5 | 67120 ||| UPGRADING to amulet "Sijomof" {Reflect Str+5
                  | SH+5}.
 67130 | Vaults:5 | 67130 ||| UPGRADING to +2 pair of boots "Joblekop" {-Tele
                  | Rampage rC- Will+++}.
 67135 | Vaults:5 | 67135 ||| UPGRADING to amulet of Doatz {Reflect rC++ rN+
                  | Dex-3 SH+5}.
 67145 | Vaults:5 | 67145 ||| REMOVING +2 pair of boots "Joblekop" {-Tele
                  | Rampage rC- Will+++}.
 67150 | Vaults:5 | 67150 ||| UPGRADING to amulet "Sijomof" {Reflect Str+5
                  | SH+5}.
 67160 | Vaults:5 | 67160 ||| UPGRADING to +2 pair of boots "Joblekop" {-Tele
                  | Rampage rC- Will+++}.
 67165 | Vaults:5 | 67165 ||| UPGRADING to amulet of Doatz {Reflect rC++ rN+
                  | Dex-3 SH+5}.
 67175 | Vaults:5 | 67175 ||| REMOVING +2 pair of boots "Joblekop" {-Tele
                  | Rampage rC- Will+++}.
 67180 | Vaults:5 | 67180 ||| UPGRADING to amulet "Sijomof" {Reflect Str+5
                  | SH+5}.
 67190 | Vaults:5 | 67190 ||| UPGRADING to +2 pair of boots "Joblekop" {-Tele
                  | Rampage rC- Will+++}.
 67195 | Vaults:5 | 67195 ||| UPGRADING to amulet of Doatz {Reflect rC++ rN+
                  | Dex-3 SH+5}.
 67205 | Vaults:5 | 67205 ||| REMOVING +2 pair of boots "Joblekop" {-Tele
                  | Rampage rC- Will+++}.
 67210 | Vaults:5 | 67210 ||| UPGRADING to amulet "Sijomof" {Reflect Str+5
                  | SH+5}.
 67220 | Vaults:5 | 67220 ||| UPGRADING to +2 pair of boots "Joblekop" {-Tele
                  | Rampage rC- Will+++}.
 67225 | Vaults:5 | 67225 ||| UPGRADING to amulet of Doatz {Reflect rC++ rN+
                  | Dex-3 SH+5}.
 67235 | Vaults:5 | 67235 ||| REMOVING +2 pair of boots "Joblekop" {-Tele
                  | Rampage rC- Will+++}.
 67240 | Vaults:5 | 67240 ||| UPGRADING to amulet "Sijomof" {Reflect Str+5
                  | SH+5}.
 67250 | Vaults:5 | 67250 ||| UPGRADING to +2 pair of boots "Joblekop" {-Tele
                  | Rampage rC- Will+++}.
 67255 | Vaults:5 | 67255 ||| UPGRADING to amulet of Doatz {Reflect rC++ rN+
                  | Dex-3 SH+5}.
 67265 | Vaults:5 | 67265 ||| REMOVING +2 pair of boots "Joblekop" {-Tele
                  | Rampage rC- Will+++}.
 67270 | Vaults:5 | 67270 ||| UPGRADING to amulet "Sijomof" {Reflect Str+5
                  | SH+5}.
 67280 | Vaults:5 | 67280 ||| UPGRADING to +2 pair of boots "Joblekop" {-Tele
                  | Rampage rC- Will+++}.
 67285 | Vaults:5 | 67285 ||| UPGRADING to amulet of Doatz {Reflect rC++ rN+
                  | Dex-3 SH+5}.
 67295 | Vaults:5 | 67295 ||| REMOVING +2 pair of boots "Joblekop" {-Tele
                  | Rampage rC- Will+++}.
 67300 | Vaults:5 | 67300 ||| UPGRADING to amulet "Sijomof" {Reflect Str+5
                  | SH+5}.
 67310 | Vaults:5 | 67310 ||| UPGRADING to +2 pair of boots "Joblekop" {-Tele
                  | Rampage rC- Will+++}.
 67315 | Vaults:5 | 67315 ||| UPGRADING to amulet of Doatz {Reflect rC++ rN+
                  | Dex-3 SH+5}.
 67325 | Vaults:5 | 67325 ||| REMOVING +2 pair of boots "Joblekop" {-Tele
                  | Rampage rC- Will+++}.
 67330 | Vaults:5 | 67330 ||| UPGRADING to amulet "Sijomof" {Reflect Str+5
                  | SH+5}.
 67340 | Vaults:5 | 67340 ||| UPGRADING to +2 pair of boots "Joblekop" {-Tele
                  | Rampage rC- Will+++}.
 67345 | Vaults:5 | 67345 ||| UPGRADING to amulet of Doatz {Reflect rC++ rN+
                  | Dex-3 SH+5}.
 67355 | Vaults:5 | 67355 ||| REMOVING +2 pair of boots "Joblekop" {-Tele
                  | Rampage rC- Will+++}.
 67360 | Vaults:5 | 67360 ||| UPGRADING to amulet "Sijomof" {Reflect Str+5
                  | SH+5}.
 67370 | Vaults:5 | 67370 ||| UPGRADING to +2 pair of boots "Joblekop" {-Tele
                  | Rampage rC- Will+++}.
 67375 | Vaults:5 | 67375 ||| UPGRADING to amulet of Doatz {Reflect rC++ rN+
                  | Dex-3 SH+5}.
 67385 | Vaults:5 | 67385 ||| REMOVING +2 pair of boots "Joblekop" {-Tele
                  | Rampage rC- Will+++}.
 67390 | Vaults:5 | 67390 ||| UPGRADING to amulet "Sijomof" {Reflect Str+5
                  | SH+5}.
 67400 | Vaults:5 | 67400 ||| UPGRADING to +2 pair of boots "Joblekop" {-Tele
                  | Rampage rC- Will+++}.
 67405 | Vaults:5 | 67405 ||| UPGRADING to amulet of Doatz {Reflect rC++ rN+
                  | Dex-3 SH+5}.
 67415 | Vaults:5 | 67415 ||| REMOVING +2 pair of boots "Joblekop" {-Tele
                  | Rampage rC- Will+++}.
 67420 | Vaults:5 | 67420 ||| UPGRADING to amulet "Sijomof" {Reflect Str+5
                  | SH+5}.
 67430 | Vaults:5 | 67430 ||| UPGRADING to +2 pair of boots "Joblekop" {-Tele
                  | Rampage rC- Will+++}.
 67435 | Vaults:5 | 67435 ||| UPGRADING to amulet of Doatz {Reflect rC++ rN+
                  | Dex-3 SH+5}.
 67445 | Vaults:5 | 67445 ||| REMOVING +2 pair of boots "Joblekop" {-Tele
                  | Rampage rC- Will+++}.
 67450 | Vaults:5 | 67450 ||| UPGRADING to amulet "Sijomof" {Reflect Str+5
                  | SH+5}.
 67460 | Vaults:5 | 67460 ||| UPGRADING to +2 pair of boots "Joblekop" {-Tele
                  | Rampage rC- Will+++}.
 67465 | Vaults:5 | 67465 ||| UPGRADING to amulet of Doatz {Reflect rC++ rN+
                  | Dex-3 SH+5}.
 67475 | Vaults:5 | 67475 ||| REMOVING +2 pair of boots "Joblekop" {-Tele
                  | Rampage rC- Will+++}.
 67480 | Vaults:5 | 67480 ||| UPGRADING to amulet "Sijomof" {Reflect Str+5
                  | SH+5}.
 67490 | Vaults:5 | 67490 ||| UPGRADING to +2 pair of boots "Joblekop" {-Tele
                  | Rampage rC- Will+++}.
 67495 | Vaults:5 | 67495 ||| UPGRADING to amulet of Doatz {Reflect rC++ rN+
                  | Dex-3 SH+5}.
 67505 | Vaults:5 | 67505 ||| REMOVING +2 pair of boots "Joblekop" {-Tele
                  | Rampage rC- Will+++}.
 67510 | Vaults:5 | 67510 ||| UPGRADING to amulet "Sijomof" {Reflect Str+5
                  | SH+5}.
 67520 | Vaults:5 | 67520 ||| UPGRADING to +2 pair of boots "Joblekop" {-Tele
                  | Rampage rC- Will+++}.
 67525 | Vaults:5 | 67525 ||| UPGRADING to amulet of Doatz {Reflect rC++ rN+
                  | Dex-3 SH+5}.
 67535 | Vaults:5 | 67535 ||| REMOVING +2 pair of boots "Joblekop" {-Tele
                  | Rampage rC- Will+++}.
 67540 | Vaults:5 | 67540 ||| UPGRADING to amulet "Sijomof" {Reflect Str+5
                  | SH+5}.
 67550 | Vaults:5 | 67550 ||| UPGRADING to +2 pair of boots "Joblekop" {-Tele
                  | Rampage rC- Will+++}.
 67555 | Vaults:5 | 67555 ||| UPGRADING to amulet of Doatz {Reflect rC++ rN+
                  | Dex-3 SH+5}.
 67565 | Vaults:5 | 67565 ||| REMOVING +2 pair of boots "Joblekop" {-Tele
                  | Rampage rC- Will+++}.
 67570 | Vaults:5 | 67570 ||| UPGRADING to amulet "Sijomof" {Reflect Str+5
                  | SH+5}.
 67580 | Vaults:5 | 67580 ||| UPGRADING to +2 pair of boots "Joblekop" {-Tele
                  | Rampage rC- Will+++}.
 67585 | Vaults:5 | 67585 ||| UPGRADING to amulet of Doatz {Reflect rC++ rN+
                  | Dex-3 SH+5}.
 67595 | Vaults:5 | 67595 ||| REMOVING +2 pair of boots "Joblekop" {-Tele
                  | Rampage rC- Will+++}.
 67600 | Vaults:5 | 67600 ||| UPGRADING to amulet "Sijomof" {Reflect Str+5
                  | SH+5}.
 67610 | Vaults:5 | 67610 ||| UPGRADING to +2 pair of boots "Joblekop" {-Tele
                  | Rampage rC- Will+++}.
 67615 | Vaults:5 | 67615 ||| UPGRADING to amulet of Doatz {Reflect rC++ rN+
                  | Dex-3 SH+5}.
 67625 | Vaults:5 | 67625 ||| REMOVING +2 pair of boots "Joblekop" {-Tele
                  | Rampage rC- Will+++}.
 67630 | Vaults:5 | 67630 ||| UPGRADING to amulet "Sijomof" {Reflect Str+5
                  | SH+5}.
 67640 | Vaults:5 | 67640 ||| UPGRADING to +2 pair of boots "Joblekop" {-Tele
                  | Rampage rC- Will+++}.
 67645 | Vaults:5 | 67645 ||| UPGRADING to amulet of Doatz {Reflect rC++ rN+
                  | Dex-3 SH+5}.
 67655 | Vaults:5 | 67655 ||| REMOVING +2 pair of boots "Joblekop" {-Tele
                  | Rampage rC- Will+++}.
 67660 | Vaults:5 | 67660 ||| UPGRADING to amulet "Sijomof" {Reflect Str+5
                  | SH+5}.
 67670 | Vaults:5 | 67670 ||| UPGRADING to +2 pair of boots "Joblekop" {-Tele
                  | Rampage rC- Will+++}.
 67675 | Vaults:5 | 67675 ||| UPGRADING to amulet of Doatz {Reflect rC++ rN+
                  | Dex-3 SH+5}.
 67685 | Vaults:5 | 67685 ||| REMOVING +2 pair of boots "Joblekop" {-Tele
                  | Rampage rC- Will+++}.
 67690 | Vaults:5 | 67690 ||| UPGRADING to amulet "Sijomof" {Reflect Str+5
                  | SH+5}.
 67700 | Vaults:5 | 67700 ||| UPGRADING to +2 pair of boots "Joblekop" {-Tele
                  | Rampage rC- Will+++}.
 67705 | Vaults:5 | 67705 ||| UPGRADING to amulet of Doatz {Reflect rC++ rN+
                  | Dex-3 SH+5}.
 67715 | Vaults:5 | 67715 ||| REMOVING +2 pair of boots "Joblekop" {-Tele
                  | Rampage rC- Will+++}.
 67720 | Vaults:5 | 67720 ||| UPGRADING to amulet "Sijomof" {Reflect Str+5
                  | SH+5}.
 67730 | Vaults:5 | 67730 ||| UPGRADING to +2 pair of boots "Joblekop" {-Tele
                  | Rampage rC- Will+++}.
 67735 | Vaults:5 | 67735 ||| UPGRADING to amulet of Doatz {Reflect rC++ rN+
                  | Dex-3 SH+5}.
 67745 | Vaults:5 | 67745 ||| REMOVING +2 pair of boots "Joblekop" {-Tele
                  | Rampage rC- Will+++}.
 67750 | Vaults:5 | 67750 ||| UPGRADING to amulet "Sijomof" {Reflect Str+5
                  | SH+5}.
 67760 | Vaults:5 | 67760 ||| UPGRADING to +2 pair of boots "Joblekop" {-Tele
                  | Rampage rC- Will+++}.
 67765 | Vaults:5 | 67765 ||| UPGRADING to amulet of Doatz {Reflect rC++ rN+
                  | Dex-3 SH+5}.
 67775 | Vaults:5 | 67775 ||| REMOVING +2 pair of boots "Joblekop" {-Tele
                  | Rampage rC- Will+++}.
 67780 | Vaults:5 | 67780 ||| UPGRADING to amulet "Sijomof" {Reflect Str+5
                  | SH+5}.
 67790 | Vaults:5 | 67790 ||| UPGRADING to +2 pair of boots "Joblekop" {-Tele
                  | Rampage rC- Will+++}.
 67795 | Vaults:5 | 67795 ||| UPGRADING to amulet of Doatz {Reflect rC++ rN+
                  | Dex-3 SH+5}.
 67805 | Vaults:5 | 67805 ||| REMOVING +2 pair of boots "Joblekop" {-Tele
                  | Rampage rC- Will+++}.
 67810 | Vaults:5 | 67810 ||| UPGRADING to amulet "Sijomof" {Reflect Str+5
                  | SH+5}.
 67820 | Vaults:5 | 67820 ||| UPGRADING to +2 pair of boots "Joblekop" {-Tele
                  | Rampage rC- Will+++}.
 67825 | Vaults:5 | 67825 ||| UPGRADING to amulet of Doatz {Reflect rC++ rN+
                  | Dex-3 SH+5}.
 67835 | Vaults:5 | 67835 ||| REMOVING +2 pair of boots "Joblekop" {-Tele
                  | Rampage rC- Will+++}.
 67840 | Vaults:5 | 67840 ||| UPGRADING to amulet "Sijomof" {Reflect Str+5
                  | SH+5}.
 67850 | Vaults:5 | 67850 ||| UPGRADING to +2 pair of boots "Joblekop" {-Tele
                  | Rampage rC- Will+++}.
 67855 | Vaults:5 | 67855 ||| UPGRADING to amulet of Doatz {Reflect rC++ rN+
                  | Dex-3 SH+5}.
 67865 | Vaults:5 | 67865 ||| REMOVING +2 pair of boots "Joblekop" {-Tele
                  | Rampage rC- Will+++}.
 67870 | Vaults:5 | 67870 ||| UPGRADING to amulet "Sijomof" {Reflect Str+5
                  | SH+5}.
 67880 | Vaults:5 | 67880 ||| UPGRADING to +2 pair of boots "Joblekop" {-Tele
                  | Rampage rC- Will+++}.
 67885 | Vaults:5 | 67885 ||| UPGRADING to amulet of Doatz {Reflect rC++ rN+
                  | Dex-3 SH+5}.
 67895 | Vaults:5 | 67895 ||| REMOVING +2 pair of boots "Joblekop" {-Tele
                  | Rampage rC- Will+++}.
 67900 | Vaults:5 | 67900 ||| UPGRADING to amulet "Sijomof" {Reflect Str+5
                  | SH+5}.
 67910 | Vaults:5 | 67910 ||| UPGRADING to +2 pair of boots "Joblekop" {-Tele
                  | Rampage rC- Will+++}.
 67915 | Vaults:5 | 67915 ||| UPGRADING to amulet of Doatz {Reflect rC++ rN+
                  | Dex-3 SH+5}.
 67925 | Vaults:5 | 67925 ||| REMOVING +2 pair of boots "Joblekop" {-Tele
                  | Rampage rC- Will+++}.
 67930 | Vaults:5 | 67930 ||| UPGRADING to amulet "Sijomof" {Reflect Str+5
                  | SH+5}.
 67940 | Vaults:5 | 67940 ||| UPGRADING to +2 pair of boots "Joblekop" {-Tele
                  | Rampage rC- Will+++}.
 67945 | Vaults:5 | 67945 ||| UPGRADING to amulet of Doatz {Reflect rC++ rN+
                  | Dex-3 SH+5}.
 67955 | Vaults:5 | 67955 ||| REMOVING +2 pair of boots "Joblekop" {-Tele
                  | Rampage rC- Will+++}.
 67960 | Vaults:5 | 67960 ||| UPGRADING to amulet "Sijomof" {Reflect Str+5
                  | SH+5}.
 67970 | Vaults:5 | 67970 ||| UPGRADING to +2 pair of boots "Joblekop" {-Tele
                  | Rampage rC- Will+++}.
 67975 | Vaults:5 | 67975 ||| UPGRADING to amulet of Doatz {Reflect rC++ rN+
                  | Dex-3 SH+5}.
 67985 | Vaults:5 | 67985 ||| REMOVING +2 pair of boots "Joblekop" {-Tele
                  | Rampage rC- Will+++}.
 67990 | Vaults:5 | 67990 ||| UPGRADING to amulet "Sijomof" {Reflect Str+5
                  | SH+5}.
 68000 | Vaults:5 | 68000 ||| UPGRADING to +2 pair of boots "Joblekop" {-Tele
                  | Rampage rC- Will+++}.
 68005 | Vaults:5 | 68005 ||| UPGRADING to amulet of Doatz {Reflect rC++ rN+
                  | Dex-3 SH+5}.
 68015 | Vaults:5 | 68015 ||| REMOVING +2 pair of boots "Joblekop" {-Tele
                  | Rampage rC- Will+++}.
 68020 | Vaults:5 | 68020 ||| UPGRADING to amulet "Sijomof" {Reflect Str+5
                  | SH+5}.
 68030 | Vaults:5 | 68030 ||| UPGRADING to +2 pair of boots "Joblekop" {-Tele
                  | Rampage rC- Will+++}.
 68035 | Vaults:5 | 68035 ||| UPGRADING to amulet of Doatz {Reflect rC++ rN+
                  | Dex-3 SH+5}.
 68045 | Vaults:5 | 68045 ||| REMOVING +2 pair of boots "Joblekop" {-Tele
                  | Rampage rC- Will+++}.
 68050 | Vaults:5 | 68050 ||| UPGRADING to amulet "Sijomof" {Reflect Str+5
                  | SH+5}.
 68060 | Vaults:5 | 68060 ||| UPGRADING to +2 pair of boots "Joblekop" {-Tele
                  | Rampage rC- Will+++}.
 68065 | Vaults:5 | 68065 ||| UPGRADING to amulet of Doatz {Reflect rC++ rN+
                  | Dex-3 SH+5}.
 68075 | Vaults:5 | 68075 ||| REMOVING +2 pair of boots "Joblekop" {-Tele
                  | Rampage rC- Will+++}.
 68080 | Vaults:5 | 68080 ||| UPGRADING to amulet "Sijomof" {Reflect Str+5
                  | SH+5}.
 68090 | Vaults:5 | 68090 ||| UPGRADING to +2 pair of boots "Joblekop" {-Tele
                  | Rampage rC- Will+++}.
 68095 | Vaults:5 | 68095 ||| UPGRADING to amulet of Doatz {Reflect rC++ rN+
                  | Dex-3 SH+5}.
 68105 | Vaults:5 | 68105 ||| REMOVING +2 pair of boots "Joblekop" {-Tele
                  | Rampage rC- Will+++}.
 68110 | Vaults:5 | 68110 ||| UPGRADING to amulet "Sijomof" {Reflect Str+5
                  | SH+5}.
 68120 | Vaults:5 | 68120 ||| UPGRADING to +2 pair of boots "Joblekop" {-Tele
                  | Rampage rC- Will+++}.
 68125 | Vaults:5 | 68125 ||| UPGRADING to amulet of Doatz {Reflect rC++ rN+
                  | Dex-3 SH+5}.
 68135 | Vaults:5 | 68135 ||| REMOVING +2 pair of boots "Joblekop" {-Tele
                  | Rampage rC- Will+++}.
 68140 | Vaults:5 | 68140 ||| UPGRADING to amulet "Sijomof" {Reflect Str+5
                  | SH+5}.
 68150 | Vaults:5 | 68150 ||| UPGRADING to +2 pair of boots "Joblekop" {-Tele
                  | Rampage rC- Will+++}.
 68155 | Vaults:5 | 68155 ||| UPGRADING to amulet of Doatz {Reflect rC++ rN+
                  | Dex-3 SH+5}.
 68165 | Vaults:5 | 68165 ||| REMOVING +2 pair of boots "Joblekop" {-Tele
                  | Rampage rC- Will+++}.
 68170 | Vaults:5 | 68170 ||| UPGRADING to amulet "Sijomof" {Reflect Str+5
                  | SH+5}.
 68180 | Vaults:5 | 68180 ||| UPGRADING to +2 pair of boots "Joblekop" {-Tele
                  | Rampage rC- Will+++}.
 68185 | Vaults:5 | 68185 ||| UPGRADING to amulet of Doatz {Reflect rC++ rN+
                  | Dex-3 SH+5}.
 68195 | Vaults:5 | 68195 ||| REMOVING +2 pair of boots "Joblekop" {-Tele
                  | Rampage rC- Will+++}.
 68200 | Vaults:5 | 68200 ||| UPGRADING to amulet "Sijomof" {Reflect Str+5
                  | SH+5}.
 68210 | Vaults:5 | 68210 ||| UPGRADING to +2 pair of boots "Joblekop" {-Tele
                  | Rampage rC- Will+++}.
 68215 | Vaults:5 | 68215 ||| UPGRADING to amulet of Doatz {Reflect rC++ rN+
                  | Dex-3 SH+5}.
 68225 | Vaults:5 | 68225 ||| REMOVING +2 pair of boots "Joblekop" {-Tele
                  | Rampage rC- Will+++}.
 68230 | Vaults:5 | 68230 ||| UPGRADING to amulet "Sijomof" {Reflect Str+5
                  | SH+5}.
 68240 | Vaults:5 | 68240 ||| UPGRADING to +2 pair of boots "Joblekop" {-Tele
                  | Rampage rC- Will+++}.
 68245 | Vaults:5 | 68245 ||| UPGRADING to amulet of Doatz {Reflect rC++ rN+
                  | Dex-3 SH+5}.
 68255 | Vaults:5 | 68255 ||| REMOVING +2 pair of boots "Joblekop" {-Tele
                  | Rampage rC- Will+++}.
 68260 | Vaults:5 | 68260 ||| UPGRADING to amulet "Sijomof" {Reflect Str+5
                  | SH+5}.
 68270 | Vaults:5 | 68270 ||| UPGRADING to +2 pair of boots "Joblekop" {-Tele
                  | Rampage rC- Will+++}.
 68275 | Vaults:5 | 68275 ||| UPGRADING to amulet of Doatz {Reflect rC++ rN+
                  | Dex-3 SH+5}.
 68285 | Vaults:5 | 68285 ||| REMOVING +2 pair of boots "Joblekop" {-Tele
                  | Rampage rC- Will+++}.
 68290 | Vaults:5 | 68290 ||| UPGRADING to amulet "Sijomof" {Reflect Str+5
                  | SH+5}.
 68300 | Vaults:5 | 68300 ||| UPGRADING to +2 pair of boots "Joblekop" {-Tele
                  | Rampage rC- Will+++}.
 68305 | Vaults:5 | 68305 ||| UPGRADING to amulet of Doatz {Reflect rC++ rN+
                  | Dex-3 SH+5}.
 68315 | Vaults:5 | 68315 ||| REMOVING +2 pair of boots "Joblekop" {-Tele
                  | Rampage rC- Will+++}.
 68320 | Vaults:5 | 68320 ||| UPGRADING to amulet "Sijomof" {Reflect Str+5
                  | SH+5}.
 68330 | Vaults:5 | 68330 ||| UPGRADING to +2 pair of boots "Joblekop" {-Tele
                  | Rampage rC- Will+++}.
 68335 | Vaults:5 | 68335 ||| UPGRADING to amulet of Doatz {Reflect rC++ rN+
                  | Dex-3 SH+5}.
 68345 | Vaults:5 | 68345 ||| REMOVING +2 pair of boots "Joblekop" {-Tele
                  | Rampage rC- Will+++}.
 68350 | Vaults:5 | 68350 ||| UPGRADING to amulet "Sijomof" {Reflect Str+5
                  | SH+5}.
 68350 | Vaults:5 | Glimpsed the power of Zot.
 68351 | Vaults:5 | 68351 ||| UPGRADING to amulet "Sijomof" {Reflect Str+5
                  | SH+5}.
 68361 | Vaults:5 | 68361 ||| UPGRADING to +2 pair of boots "Joblekop" {-Tele
                  | Rampage rC- Will+++}.
 68366 | Vaults:5 | 68366 ||| UPGRADING to amulet of Doatz {Reflect rC++ rN+
                  | Dex-3 SH+5}.
 68376 | Vaults:5 | 68376 ||| REMOVING +2 pair of boots "Joblekop" {-Tele
                  | Rampage rC- Will+++}.
 68381 | Vaults:5 | 68381 ||| UPGRADING to amulet "Sijomof" {Reflect Str+5
                  | SH+5}.
 68391 | Vaults:5 | 68391 ||| UPGRADING to +2 pair of boots "Joblekop" {-Tele
                  | Rampage rC- Will+++}.
 68396 | Vaults:5 | 68396 ||| UPGRADING to amulet of Doatz {Reflect rC++ rN+
                  | Dex-3 SH+5}.
 68406 | Vaults:5 | 68406 ||| REMOVING +2 pair of boots "Joblekop" {-Tele
                  | Rampage rC- Will+++}.
 68411 | Vaults:5 | 68411 ||| UPGRADING to amulet "Sijomof" {Reflect Str+5
                  | SH+5}.
 68421 | Vaults:5 | 68421 ||| UPGRADING to +2 pair of boots "Joblekop" {-Tele
                  | Rampage rC- Will+++}.
 68426 | Vaults:5 | 68426 ||| UPGRADING to amulet of Doatz {Reflect rC++ rN+
                  | Dex-3 SH+5}.
 68436 | Vaults:5 | 68436 ||| REMOVING +2 pair of boots "Joblekop" {-Tele
                  | Rampage rC- Will+++}.
 68441 | Vaults:5 | 68441 ||| UPGRADING to amulet "Sijomof" {Reflect Str+5
                  | SH+5}.
 68451 | Vaults:5 | 68451 ||| UPGRADING to +2 pair of boots "Joblekop" {-Tele
                  | Rampage rC- Will+++}.
 68456 | Vaults:5 | 68456 ||| UPGRADING to amulet of Doatz {Reflect rC++ rN+
                  | Dex-3 SH+5}.
 68466 | Vaults:5 | 68466 ||| REMOVING +2 pair of boots "Joblekop" {-Tele
                  | Rampage rC- Will+++}.
 68471 | Vaults:5 | 68471 ||| UPGRADING to amulet "Sijomof" {Reflect Str+5
                  | SH+5}.
 68481 | Vaults:5 | 68481 ||| UPGRADING to +2 pair of boots "Joblekop" {-Tele
                  | Rampage rC- Will+++}.
 68486 | Vaults:5 | 68486 ||| UPGRADING to amulet of Doatz {Reflect rC++ rN+
                  | Dex-3 SH+5}.
 68496 | Vaults:5 | 68496 ||| REMOVING +2 pair of boots "Joblekop" {-Tele
                  | Rampage rC- Will+++}.
 68501 | Vaults:5 | 68501 ||| UPGRADING to amulet "Sijomof" {Reflect Str+5
                  | SH+5}.
 68511 | Vaults:5 | 68511 ||| UPGRADING to +2 pair of boots "Joblekop" {-Tele
                  | Rampage rC- Will+++}.
 68516 | Vaults:5 | 68516 ||| UPGRADING to amulet of Doatz {Reflect rC++ rN+
                  | Dex-3 SH+5}.
 68526 | Vaults:5 | 68526 ||| REMOVING +2 pair of boots "Joblekop" {-Tele
                  | Rampage rC- Will+++}.
 68531 | Vaults:5 | 68531 ||| UPGRADING to amulet "Sijomof" {Reflect Str+5
                  | SH+5}.
 68541 | Vaults:5 | 68541 ||| UPGRADING to +2 pair of boots "Joblekop" {-Tele
                  | Rampage rC- Will+++}.
 68546 | Vaults:5 | 68546 ||| UPGRADING to amulet of Doatz {Reflect rC++ rN+
                  | Dex-3 SH+5}.
 68556 | Vaults:5 | 68556 ||| REMOVING +2 pair of boots "Joblekop" {-Tele
                  | Rampage rC- Will+++}.
 68561 | Vaults:5 | 68561 ||| UPGRADING to amulet "Sijomof" {Reflect Str+5
                  | SH+5}.
 68571 | Vaults:5 | 68571 ||| UPGRADING to +2 pair of boots "Joblekop" {-Tele
                  | Rampage rC- Will+++}.
 68576 | Vaults:5 | 68576 ||| UPGRADING to amulet of Doatz {Reflect rC++ rN+
                  | Dex-3 SH+5}.
 68586 | Vaults:5 | 68586 ||| REMOVING +2 pair of boots "Joblekop" {-Tele
                  | Rampage rC- Will+++}.
 68591 | Vaults:5 | 68591 ||| UPGRADING to amulet "Sijomof" {Reflect Str+5
                  | SH+5}.
 68601 | Vaults:5 | 68601 ||| UPGRADING to +2 pair of boots "Joblekop" {-Tele
                  | Rampage rC- Will+++}.
 68606 | Vaults:5 | 68606 ||| UPGRADING to amulet of Doatz {Reflect rC++ rN+
                  | Dex-3 SH+5}.
 68616 | Vaults:5 | 68616 ||| REMOVING +2 pair of boots "Joblekop" {-Tele
                  | Rampage rC- Will+++}.
 68621 | Vaults:5 | 68621 ||| UPGRADING to amulet "Sijomof" {Reflect Str+5
                  | SH+5}.
 68631 | Vaults:5 | 68631 ||| UPGRADING to +2 pair of boots "Joblekop" {-Tele
                  | Rampage rC- Will+++}.
 68636 | Vaults:5 | 68636 ||| UPGRADING to amulet of Doatz {Reflect rC++ rN+
                  | Dex-3 SH+5}.
 68646 | Vaults:5 | 68646 ||| REMOVING +2 pair of boots "Joblekop" {-Tele
                  | Rampage rC- Will+++}.
 68651 | Vaults:5 | 68651 ||| UPGRADING to amulet "Sijomof" {Reflect Str+5
                  | SH+5}.
 68661 | Vaults:5 | 68661 ||| UPGRADING to +2 pair of boots "Joblekop" {-Tele
                  | Rampage rC- Will+++}.
 68666 | Vaults:5 | 68666 ||| UPGRADING to amulet of Doatz {Reflect rC++ rN+
                  | Dex-3 SH+5}.
 68676 | Vaults:5 | 68676 ||| REMOVING +2 pair of boots "Joblekop" {-Tele
                  | Rampage rC- Will+++}.
 68681 | Vaults:5 | 68681 ||| UPGRADING to amulet "Sijomof" {Reflect Str+5
                  | SH+5}.
 68691 | Vaults:5 | 68691 ||| UPGRADING to +2 pair of boots "Joblekop" {-Tele
                  | Rampage rC- Will+++}.
 68696 | Vaults:5 | 68696 ||| UPGRADING to amulet of Doatz {Reflect rC++ rN+
                  | Dex-3 SH+5}.
 68706 | Vaults:5 | 68706 ||| REMOVING +2 pair of boots "Joblekop" {-Tele
                  | Rampage rC- Will+++}.
 68711 | Vaults:5 | 68711 ||| UPGRADING to amulet "Sijomof" {Reflect Str+5
                  | SH+5}.
 68721 | Vaults:5 | 68721 ||| UPGRADING to +2 pair of boots "Joblekop" {-Tele
                  | Rampage rC- Will+++}.
 68726 | Vaults:5 | 68726 ||| UPGRADING to amulet of Doatz {Reflect rC++ rN+
                  | Dex-3 SH+5}.
 68736 | Vaults:5 | 68736 ||| REMOVING +2 pair of boots "Joblekop" {-Tele
                  | Rampage rC- Will+++}.
 68741 | Vaults:5 | 68741 ||| UPGRADING to amulet "Sijomof" {Reflect Str+5
                  | SH+5}.
 68751 | Vaults:5 | 68751 ||| UPGRADING to +2 pair of boots "Joblekop" {-Tele
                  | Rampage rC- Will+++}.
 68756 | Vaults:5 | 68756 ||| UPGRADING to amulet of Doatz {Reflect rC++ rN+
                  | Dex-3 SH+5}.
 68766 | Vaults:5 | 68766 ||| REMOVING +2 pair of boots "Joblekop" {-Tele
                  | Rampage rC- Will+++}.
 68771 | Vaults:5 | 68771 ||| UPGRADING to amulet "Sijomof" {Reflect Str+5
                  | SH+5}.
 68781 | Vaults:5 | 68781 ||| UPGRADING to +2 pair of boots "Joblekop" {-Tele
                  | Rampage rC- Will+++}.
 68786 | Vaults:5 | 68786 ||| UPGRADING to amulet of Doatz {Reflect rC++ rN+
                  | Dex-3 SH+5}.
 68796 | Vaults:5 | 68796 ||| REMOVING +2 pair of boots "Joblekop" {-Tele
                  | Rampage rC- Will+++}.
 68801 | Vaults:5 | 68801 ||| UPGRADING to amulet "Sijomof" {Reflect Str+5
                  | SH+5}.
 68811 | Vaults:5 | 68811 ||| UPGRADING to +2 pair of boots "Joblekop" {-Tele
                  | Rampage rC- Will+++}.
 68816 | Vaults:5 | 68816 ||| UPGRADING to amulet of Doatz {Reflect rC++ rN+
                  | Dex-3 SH+5}.
 68826 | Vaults:5 | 68826 ||| REMOVING +2 pair of boots "Joblekop" {-Tele
                  | Rampage rC- Will+++}.
 68831 | Vaults:5 | 68831 ||| UPGRADING to amulet "Sijomof" {Reflect Str+5
                  | SH+5}.
 68841 | Vaults:5 | 68841 ||| UPGRADING to +2 pair of boots "Joblekop" {-Tele
                  | Rampage rC- Will+++}.
 68846 | Vaults:5 | 68846 ||| UPGRADING to amulet of Doatz {Reflect rC++ rN+
                  | Dex-3 SH+5}.
 68850 | Vaults:5 | Glimpsed the power of Zot.
 68851 | Vaults:5 | 68851 ||| UPGRADING to amulet of Doatz {Reflect rC++ rN+
                  | Dex-3 SH+5}.
 68856 | Vaults:5 | 68856 ||| REMOVING +2 pair of boots "Joblekop" {-Tele
                  | Rampage rC- Will+++}.
 68861 | Vaults:5 | 68861 ||| UPGRADING to amulet "Sijomof" {Reflect Str+5
                  | SH+5}.
 68871 | Vaults:5 | 68871 ||| UPGRADING to +2 pair of boots "Joblekop" {-Tele
                  | Rampage rC- Will+++}.
 68876 | Vaults:5 | 68876 ||| UPGRADING to amulet of Doatz {Reflect rC++ rN+
                  | Dex-3 SH+5}.
 68886 | Vaults:5 | 68886 ||| REMOVING +2 pair of boots "Joblekop" {-Tele
                  | Rampage rC- Will+++}.
 68891 | Vaults:5 | 68891 ||| UPGRADING to amulet "Sijomof" {Reflect Str+5
                  | SH+5}.
 68901 | Vaults:5 | 68901 ||| UPGRADING to +2 pair of boots "Joblekop" {-Tele
                  | Rampage rC- Will+++}.
 68906 | Vaults:5 | 68906 ||| UPGRADING to amulet of Doatz {Reflect rC++ rN+
                  | Dex-3 SH+5}.
 68916 | Vaults:5 | 68916 ||| REMOVING +2 pair of boots "Joblekop" {-Tele
                  | Rampage rC- Will+++}.
 68921 | Vaults:5 | 68921 ||| UPGRADING to amulet "Sijomof" {Reflect Str+5
                  | SH+5}.
 68931 | Vaults:5 | 68931 ||| UPGRADING to +2 pair of boots "Joblekop" {-Tele
                  | Rampage rC- Will+++}.
 68936 | Vaults:5 | 68936 ||| UPGRADING to amulet of Doatz {Reflect rC++ rN+
                  | Dex-3 SH+5}.
 68946 | Vaults:5 | 68946 ||| REMOVING +2 pair of boots "Joblekop" {-Tele
                  | Rampage rC- Will+++}.
 68951 | Vaults:5 | 68951 ||| UPGRADING to amulet "Sijomof" {Reflect Str+5
                  | SH+5}.
 68961 | Vaults:5 | 68961 ||| UPGRADING to +2 pair of boots "Joblekop" {-Tele
                  | Rampage rC- Will+++}.
 68966 | Vaults:5 | 68966 ||| UPGRADING to amulet of Doatz {Reflect rC++ rN+
                  | Dex-3 SH+5}.
 68976 | Vaults:5 | 68976 ||| REMOVING +2 pair of boots "Joblekop" {-Tele
                  | Rampage rC- Will+++}.
 68981 | Vaults:5 | 68981 ||| UPGRADING to amulet "Sijomof" {Reflect Str+5
                  | SH+5}.
 68991 | Vaults:5 | 68991 ||| UPGRADING to +2 pair of boots "Joblekop" {-Tele
                  | Rampage rC- Will+++}.
 68996 | Vaults:5 | 68996 ||| UPGRADING to amulet of Doatz {Reflect rC++ rN+
                  | Dex-3 SH+5}.
 69006 | Vaults:5 | 69006 ||| REMOVING +2 pair of boots "Joblekop" {-Tele
                  | Rampage rC- Will+++}.
 69011 | Vaults:5 | 69011 ||| UPGRADING to amulet "Sijomof" {Reflect Str+5
                  | SH+5}.
 69021 | Vaults:5 | 69021 ||| UPGRADING to +2 pair of boots "Joblekop" {-Tele
                  | Rampage rC- Will+++}.
 69026 | Vaults:5 | 69026 ||| UPGRADING to amulet of Doatz {Reflect rC++ rN+
                  | Dex-3 SH+5}.
 69036 | Vaults:5 | 69036 ||| REMOVING +2 pair of boots "Joblekop" {-Tele
                  | Rampage rC- Will+++}.
 69041 | Vaults:5 | 69041 ||| UPGRADING to amulet "Sijomof" {Reflect Str+5
                  | SH+5}.
 69051 | Vaults:5 | 69051 ||| UPGRADING to +2 pair of boots "Joblekop" {-Tele
                  | Rampage rC- Will+++}.
 69056 | Vaults:5 | 69056 ||| UPGRADING to amulet of Doatz {Reflect rC++ rN+
                  | Dex-3 SH+5}.
 69066 | Vaults:5 | 69066 ||| REMOVING +2 pair of boots "Joblekop" {-Tele
                  | Rampage rC- Will+++}.
 69071 | Vaults:5 | 69071 ||| UPGRADING to amulet "Sijomof" {Reflect Str+5
                  | SH+5}.
 69081 | Vaults:5 | 69081 ||| UPGRADING to +2 pair of boots "Joblekop" {-Tele
                  | Rampage rC- Will+++}.
 69086 | Vaults:5 | 69086 ||| UPGRADING to amulet of Doatz {Reflect rC++ rN+
                  | Dex-3 SH+5}.
 69096 | Vaults:5 | 69096 ||| REMOVING +2 pair of boots "Joblekop" {-Tele
                  | Rampage rC- Will+++}.
 69101 | Vaults:5 | 69101 ||| UPGRADING to amulet "Sijomof" {Reflect Str+5
                  | SH+5}.
 69111 | Vaults:5 | 69111 ||| UPGRADING to +2 pair of boots "Joblekop" {-Tele
                  | Rampage rC- Will+++}.
 69116 | Vaults:5 | 69116 ||| UPGRADING to amulet of Doatz {Reflect rC++ rN+
                  | Dex-3 SH+5}.
 69126 | Vaults:5 | 69126 ||| REMOVING +2 pair of boots "Joblekop" {-Tele
                  | Rampage rC- Will+++}.
 69131 | Vaults:5 | 69131 ||| UPGRADING to amulet "Sijomof" {Reflect Str+5
                  | SH+5}.
 69141 | Vaults:5 | 69141 ||| UPGRADING to +2 pair of boots "Joblekop" {-Tele
                  | Rampage rC- Will+++}.
 69146 | Vaults:5 | 69146 ||| UPGRADING to amulet of Doatz {Reflect rC++ rN+
                  | Dex-3 SH+5}.
 69156 | Vaults:5 | 69156 ||| REMOVING +2 pair of boots "Joblekop" {-Tele
                  | Rampage rC- Will+++}.
 69161 | Vaults:5 | 69161 ||| UPGRADING to amulet "Sijomof" {Reflect Str+5
                  | SH+5}.
 69171 | Vaults:5 | 69171 ||| UPGRADING to +2 pair of boots "Joblekop" {-Tele
                  | Rampage rC- Will+++}.
 69176 | Vaults:5 | 69176 ||| UPGRADING to amulet of Doatz {Reflect rC++ rN+
                  | Dex-3 SH+5}.
 69186 | Vaults:5 | 69186 ||| REMOVING +2 pair of boots "Joblekop" {-Tele
                  | Rampage rC- Will+++}.
 69191 | Vaults:5 | 69191 ||| UPGRADING to amulet "Sijomof" {Reflect Str+5
                  | SH+5}.
 69201 | Vaults:5 | 69201 ||| UPGRADING to +2 pair of boots "Joblekop" {-Tele
                  | Rampage rC- Will+++}.
 69206 | Vaults:5 | 69206 ||| UPGRADING to amulet of Doatz {Reflect rC++ rN+
                  | Dex-3 SH+5}.
 69216 | Vaults:5 | 69216 ||| REMOVING +2 pair of boots "Joblekop" {-Tele
                  | Rampage rC- Will+++}.
 69221 | Vaults:5 | 69221 ||| UPGRADING to amulet "Sijomof" {Reflect Str+5
                  | SH+5}.
 69231 | Vaults:5 | 69231 ||| UPGRADING to +2 pair of boots "Joblekop" {-Tele
                  | Rampage rC- Will+++}.
 69236 | Vaults:5 | 69236 ||| UPGRADING to amulet of Doatz {Reflect rC++ rN+
                  | Dex-3 SH+5}.
 69246 | Vaults:5 | 69246 ||| REMOVING +2 pair of boots "Joblekop" {-Tele
                  | Rampage rC- Will+++}.
 69250 | Vaults:5 | Glimpsed the power of Zot.
 69251 | Vaults:5 | 69251 ||| UPGRADING to amulet "Sijomof" {Reflect Str+5
                  | SH+5}.
 69261 | Vaults:5 | 69261 ||| UPGRADING to +2 pair of boots "Joblekop" {-Tele
                  | Rampage rC- Will+++}.
 69266 | Vaults:5 | 69266 ||| UPGRADING to amulet of Doatz {Reflect rC++ rN+
                  | Dex-3 SH+5}.
 69276 | Vaults:5 | 69276 ||| REMOVING +2 pair of boots "Joblekop" {-Tele
                  | Rampage rC- Will+++}.
 69281 | Vaults:5 | 69281 ||| UPGRADING to amulet "Sijomof" {Reflect Str+5
                  | SH+5}.
 69291 | Vaults:5 | 69291 ||| UPGRADING to +2 pair of boots "Joblekop" {-Tele
                  | Rampage rC- Will+++}.
 69296 | Vaults:5 | 69296 ||| UPGRADING to amulet of Doatz {Reflect rC++ rN+
                  | Dex-3 SH+5}.
 69306 | Vaults:5 | 69306 ||| REMOVING +2 pair of boots "Joblekop" {-Tele
                  | Rampage rC- Will+++}.
 69311 | Vaults:5 | 69311 ||| UPGRADING to amulet "Sijomof" {Reflect Str+5
                  | SH+5}.
 69321 | Vaults:5 | 69321 ||| UPGRADING to +2 pair of boots "Joblekop" {-Tele
                  | Rampage rC- Will+++}.
 69326 | Vaults:5 | 69326 ||| UPGRADING to amulet of Doatz {Reflect rC++ rN+
                  | Dex-3 SH+5}.
 69336 | Vaults:5 | 69336 ||| REMOVING +2 pair of boots "Joblekop" {-Tele
                  | Rampage rC- Will+++}.
 69341 | Vaults:5 | 69341 ||| UPGRADING to amulet "Sijomof" {Reflect Str+5
                  | SH+5}.
 69350 | Vaults:5 | Touched by the power of Zot (MHP 184 -> 151)
 69351 | Vaults:5 | 69351 ||| UPGRADING to +2 pair of boots "Joblekop" {-Tele
                  | Rampage rC- Will+++}.
 69351 | Vaults:5 | Glimpsed the power of Zot.
 69356 | Vaults:5 | 69356 ||| UPGRADING to amulet of Doatz {Reflect rC++ rN+
                  | Dex-3 SH+5}.
 69366 | Vaults:5 | 69366 ||| REMOVING +2 pair of boots "Joblekop" {-Tele
                  | Rampage rC- Will+++}.
 69371 | Vaults:5 | 69371 ||| UPGRADING to amulet "Sijomof" {Reflect Str+5
                  | SH+5}.
 69381 | Vaults:5 | 69381 ||| UPGRADING to +2 pair of boots "Joblekop" {-Tele
                  | Rampage rC- Will+++}.
 69386 | Vaults:5 | 69386 ||| UPGRADING to amulet of Doatz {Reflect rC++ rN+
                  | Dex-3 SH+5}.
 69396 | Vaults:5 | 69396 ||| REMOVING +2 pair of boots "Joblekop" {-Tele
                  | Rampage rC- Will+++}.
 69401 | Vaults:5 | 69401 ||| UPGRADING to amulet "Sijomof" {Reflect Str+5
                  | SH+5}.
 69411 | Vaults:5 | 69411 ||| UPGRADING to +2 pair of boots "Joblekop" {-Tele
                  | Rampage rC- Will+++}.
 69416 | Vaults:5 | 69416 ||| UPGRADING to amulet of Doatz {Reflect rC++ rN+
                  | Dex-3 SH+5}.
 69426 | Vaults:5 | 69426 ||| REMOVING +2 pair of boots "Joblekop" {-Tele
                  | Rampage rC- Will+++}.
 69431 | Vaults:5 | 69431 ||| UPGRADING to amulet "Sijomof" {Reflect Str+5
                  | SH+5}.
 69441 | Vaults:5 | 69441 ||| UPGRADING to +2 pair of boots "Joblekop" {-Tele
                  | Rampage rC- Will+++}.
 69446 | Vaults:5 | 69446 ||| UPGRADING to amulet of Doatz {Reflect rC++ rN+
                  | Dex-3 SH+5}.
 69456 | Vaults:5 | 69456 ||| REMOVING +2 pair of boots "Joblekop" {-Tele
                  | Rampage rC- Will+++}.
 69461 | Vaults:5 | 69461 ||| UPGRADING to amulet "Sijomof" {Reflect Str+5
                  | SH+5}.
 69471 | Vaults:5 | 69471 ||| UPGRADING to +2 pair of boots "Joblekop" {-Tele
                  | Rampage rC- Will+++}.
 69476 | Vaults:5 | 69476 ||| UPGRADING to amulet of Doatz {Reflect rC++ rN+
                  | Dex-3 SH+5}.
 69486 | Vaults:5 | 69486 ||| REMOVING +2 pair of boots "Joblekop" {-Tele
                  | Rampage rC- Will+++}.
 69491 | Vaults:5 | 69491 ||| UPGRADING to amulet "Sijomof" {Reflect Str+5
                  | SH+5}.
 69501 | Vaults:5 | 69501 ||| UPGRADING to +2 pair of boots "Joblekop" {-Tele
                  | Rampage rC- Will+++}.
 69506 | Vaults:5 | 69506 ||| UPGRADING to amulet of Doatz {Reflect rC++ rN+
                  | Dex-3 SH+5}.
 69516 | Vaults:5 | 69516 ||| REMOVING +2 pair of boots "Joblekop" {-Tele
                  | Rampage rC- Will+++}.
 69521 | Vaults:5 | 69521 ||| UPGRADING to amulet "Sijomof" {Reflect Str+5
                  | SH+5}.
 69531 | Vaults:5 | 69531 ||| UPGRADING to +2 pair of boots "Joblekop" {-Tele
                  | Rampage rC- Will+++}.
 69536 | Vaults:5 | 69536 ||| UPGRADING to amulet of Doatz {Reflect rC++ rN+
                  | Dex-3 SH+5}.
 69546 | Vaults:5 | 69546 ||| REMOVING +2 pair of boots "Joblekop" {-Tele
                  | Rampage rC- Will+++}.
 69551 | Vaults:5 | 69551 ||| UPGRADING to amulet "Sijomof" {Reflect Str+5
                  | SH+5}.
 69561 | Vaults:5 | 69561 ||| UPGRADING to +2 pair of boots "Joblekop" {-Tele
                  | Rampage rC- Will+++}.
 69566 | Vaults:5 | 69566 ||| UPGRADING to amulet of Doatz {Reflect rC++ rN+
                  | Dex-3 SH+5}.
 69576 | Vaults:5 | 69576 ||| REMOVING +2 pair of boots "Joblekop" {-Tele
                  | Rampage rC- Will+++}.
 69581 | Vaults:5 | 69581 ||| UPGRADING to amulet "Sijomof" {Reflect Str+5
                  | SH+5}.
 69591 | Vaults:5 | 69591 ||| UPGRADING to +2 pair of boots "Joblekop" {-Tele
                  | Rampage rC- Will+++}.
 69596 | Vaults:5 | 69596 ||| UPGRADING to amulet of Doatz {Reflect rC++ rN+
                  | Dex-3 SH+5}.
 69606 | Vaults:5 | 69606 ||| REMOVING +2 pair of boots "Joblekop" {-Tele
                  | Rampage rC- Will+++}.
 69611 | Vaults:5 | 69611 ||| UPGRADING to amulet "Sijomof" {Reflect Str+5
                  | SH+5}.
 69621 | Vaults:5 | 69621 ||| UPGRADING to +2 pair of boots "Joblekop" {-Tele
                  | Rampage rC- Will+++}.
 69626 | Vaults:5 | 69626 ||| UPGRADING to amulet of Doatz {Reflect rC++ rN+
                  | Dex-3 SH+5}.
 69636 | Vaults:5 | 69636 ||| REMOVING +2 pair of boots "Joblekop" {-Tele
                  | Rampage rC- Will+++}.
 69641 | Vaults:5 | 69641 ||| UPGRADING to amulet "Sijomof" {Reflect Str+5
                  | SH+5}.
 69651 | Vaults:5 | 69651 ||| UPGRADING to +2 pair of boots "Joblekop" {-Tele
                  | Rampage rC- Will+++}.
 69656 | Vaults:5 | 69656 ||| UPGRADING to amulet of Doatz {Reflect rC++ rN+
                  | Dex-3 SH+5}.
 69666 | Vaults:5 | 69666 ||| REMOVING +2 pair of boots "Joblekop" {-Tele
                  | Rampage rC- Will+++}.
 69671 | Vaults:5 | 69671 ||| UPGRADING to amulet "Sijomof" {Reflect Str+5
                  | SH+5}.
 69681 | Vaults:5 | 69681 ||| UPGRADING to +2 pair of boots "Joblekop" {-Tele
                  | Rampage rC- Will+++}.
 69686 | Vaults:5 | 69686 ||| UPGRADING to amulet of Doatz {Reflect rC++ rN+
                  | Dex-3 SH+5}.
 69696 | Vaults:5 | 69696 ||| REMOVING +2 pair of boots "Joblekop" {-Tele
                  | Rampage rC- Will+++}.
 69701 | Vaults:5 | 69701 ||| UPGRADING to amulet "Sijomof" {Reflect Str+5
                  | SH+5}.
 69711 | Vaults:5 | 69711 ||| UPGRADING to +2 pair of boots "Joblekop" {-Tele
                  | Rampage rC- Will+++}.
 69716 | Vaults:5 | 69716 ||| UPGRADING to amulet of Doatz {Reflect rC++ rN+
                  | Dex-3 SH+5}.
 69716 | Vaults:5 | Upgraded the game from 0.31-a0-167-g1c394c0614 to
                  | 0.31-a0-174-g85c54bcb58
 69716 | Vaults:5 | 69716 ||| PLANNING SHOPPING SPREE
 69716 | Vaults:5 | 69716 ||| UPGRADING to amulet of Doatz {Reflect rC++ rN+
                  | Dex-3 SH+5}.
 69726 | Vaults:5 | 69726 ||| REMOVING +2 pair of boots "Joblekop" {-Tele
                  | Rampage rC- Will+++}.
 69731 | Vaults:5 | 69731 ||| UPGRADING to amulet "Sijomof" {Reflect Str+5
                  | SH+5}.
 69741 | Vaults:5 | 69741 ||| UPGRADING to +2 pair of boots "Joblekop" {-Tele
                  | Rampage rC- Will+++}.
 69849 | Vaults:2 | Glimpsed the power of Zot.
 69903 | D:14     | 69903 ||| PLANNING SHOPPING SPREE
 69903 | D:14     | 69903 ||| PLANNING SHOPPING SPREE
 69903 | D:14     | 69903 ||| UPGRADING to +5 ring of evasion.
 69905 | D:14     | 69905 ||| DRINKING 2 fizzy purple potions.
 70201 | Snake:2  | 70201 ||| BUYING scroll of brand weapon (142 gold).
 70201 | Snake:2  | Bought a scroll of brand weapon for 142 gold pieces
 70201 | Snake:2  | 70201 ||| BUYING scroll of enchant weapon (112 gold).
 70201 | Snake:2  | Bought a scroll of enchant weapon for 112 gold pieces
 70201 | Snake:2  | 70201 ||| BUYING scroll of teleportation (45 gold).
 70201 | Snake:2  | Bought a scroll of teleportation for 45 gold pieces
 70201 | Snake:2  | 70201 ||| READING scroll of enchant weapon.
 70201 | Snake:2  | 70201 ||| ENCHANTING +6 vampiric war axe.
 70838 | Snake:2  | 70838 ||| BUYING scroll of enchant armour (232 gold).
 70838 | Snake:2  | Bought a scroll of enchant armour for 232 gold pieces
 71242 | Depths:3 | 71242 ||| BUYING amulet of faith (800 gold).
 71242 | Depths:3 | Bought an amulet of faith for 800 gold pieces
 71242 | Depths:3 | 71242 ||| UPGRADING to amulet of faith.
 71252 | Depths:3 | 71252 ||| PLANNING ZOT:1-4
 71288 | Zot:1    | Entered Level 1 of the Realm of Zot
 71289 | Zot:1    | 71289 ||| INVOKING Heroism.
 71346 | Zot:1    | Quit the game

Levels and vault maps discovered:
D:1:      sevenhm_arrival_forest_fort_large_2, layout_basic, serial_shops,
          nicolae_shop_advertising_works [nicolae_subvault_shop_adworks],
          minmay_misc_feat_hallway, kennysheep_small_spiral, st_stairs_5,
          chequers_arboretum, minivault_26, solitary_fountain, corner_web_ring
D:2:      layout_basic
D:3:      layout_basic, grunt_ministairs_6, minmay_goblin_kobold_house
D:4:      layout_basic, serial_bayou_crossing, uniq_pikel, uniq_menkaure
D:5:      layout_layer_cave, gup_ossuary_entry_pyramid, solitary_fountain
D:6:      layout_rooms, nzn_hepliaklqana_mist_gate, serial_shops,
          nicolae_shop_waterfront, kennysheep_nondescript, uniq_grinder
D:7:      layout_rooms, minmay_temple_entry_antechambers, serial_shops,
          nicolae_shop_pleasant_corner_grove, nicolae_shop_clearance
D:8:      layout_basic, chequers_temple_overflow_statue_of_worship,
          lair_entry_dummy, kennysheep_generic_room_13, uniq_prince_ribbit1
D:9:      minmay_octagon_keep, layout_cave_pods, zin_statuary, sword_in_stone
D:10:     layout_basic, mainiacjoe_overflow_small_starburst
D:11:     nzn_winding_woodlands_cross [nzn_winding_woodlands_5x15_crooked,
          nzn_winding_woodlands_5x15_twine,
          nzn_winding_woodlands_5x15_pathside_ponds,
          nzn_winding_woodlands_5x15_cabin,
          nzn_winding_woodlands_15x15_eel_pit], layout_basic,
          minmay_rotating_lava, uniq_gastronok
D:12:     giant_chief_lemuel, layout_cave_pods, orc_0_dummy
D:13:     layout_rooms, drop_trap, uniq_snorg
D:14:     layout_irregular_city, lightli_vaults_fourway_checkpoint,
          serial_glass, glass_columns_a, glass_columns_a, serial_shops, shop,
          minmay_holes
D:15:     grunt_enter_depths_giant_problem, layout_stronghold, elyvilon_altar_1
Temple:   sentei_temple_godly_chess
Lair:1:   layout_cave_pods, nicolae_lair_lindhole, grunt_megastairs_4
Lair:2:   layout_misc_corridors, nicolae_lair_run_with_the_wolves, uniq_amaemon
Lair:3:   layout_chaotic_city, minmay_shoals_entry_lonely_mermaid,
          infiniplex_staircase_pool_2, lemuel_fruit_tree
Lair:4:   layout_loops_ring, dpeg_slime_entry_corner,
          chequers_serial_rivers_micro_e
Lair:5:   minmay_lair_end_enchanted_forest, layout_misc_corridors
Shoals:1: layout_shoals, nicolae_shoals_abyss_on_the_beach
Shoals:2: layout_shoals, hangedman_feature_mirror
Shoals:3: layout_shoals, uniq_ilsuiw, uniq_bai_suzhen
Shoals:4: shoals_end_hellmonk_storm_palace [storm_palace_center_ruins,
          storm_palace_corner_grid, storm_palace_corner_grid,
          storm_palace_corner_blocked, storm_palace_corner_grid]
Snake:1:  layout_onion, gammafunk_ghost_arena
Snake:2:  layout_onion, gammafunk_ghost_necromancy,
          nicolae_shop_overcharged_wands, minmay_shoptagon, uniq_aizul
Snake:3:  layout_chambers, nicolae_snake_guarding_the_ruins, uniq_roxanne,
          uniq_vashnia
Snake:4:  grunt_snake_rune_pools, layout_onion, nicolae_snake_lava_pool,
          grunt_megastairs_3, uniq_mara
Orc:1:    layout_caves, enter_volcano_3
Orc:2:    st_orc_town, layout_caves, basic_altar, lemuel_statue_altar,
          uniq_donald
Vaults:1: hangedman_vaults_pinch, v_alt_pattern_2, nicolae_vaults_house_3,
          v_misc_12, nicolae_vaults_heart-shaped_vault,
          nicolae_vaults_trapezoid_lopsided_2, nicolae_vaults_tetromino_L_2,
          v_alt_pattern_5, vaults_standard_mumra_lines, layout_vaults_omnibox
Vaults:2: gammafunk_ghost_ooze, v_rooms_1, nicolae_vaults_surprise_closet,
          vaults_room_pool, nicolae_vaults_double_plus_1, vaults_room_octagon,
          hangedman_vaults_slice, vaults_room_fours, nicolae_vaults_house_2,
          vaults_standard_mumra_enter_the_diamond, vaults_room_stairs_pillars,
          layout_vaults_omnigrid
Vaults:3: nicolae_vaults_closet_pinwheel_2, nicolae_vaults_trapezoid_layered,
          blue_anna_dwarven_crypt, vaults_dpeg_diagonal,
          nicolae_vaults_closet_pinwheel_5, v_misc_11, vaults_room_semicircle,
          nicolae_vaults_big_ls, vaults_mumra_minichess_inversion,
          nicolae_vaults_tangram_1, nicolae_vaults_circle_grid_b,
          nicolae_vaults_house_1, nicolae_vaults_six-pack, layout_vaults_ring
Vaults:4: gammafunk_ghost_tricky_traps, ontoclasm_vaults_decontamination,
          hangedman_vaults_stitches, dpeg_vaults_monster_row,
          nicolae_vaults_rhombus_6, nicolae_vaults_network_s,
          nicolae_vaults_shelves_hall, v_pattern_2, v_misc_13,
          vaults_room_hallway, vaults_mumra_hexcomb,
          nicolae_vaults_taking_the_gang_shopping, v_misc_23,
          nicolae_vaults_oval_intersection, vaults_dpeg_encased_lava,
          layout_vaults_maze_snakey, uniq_zenata, uniq_boris
Vaults:5: uniq_margery
Depths:1: minmay_blocking_statues, layout_cave_pools, serial_bayou_pond_d,
          lightli_enter_wizlab_magi_temple, pf_hell_entry_great_geh,
          rand_demon_pan_entry_9, minmay_hollow_rounded_squares, uniq_sojobo
Depths:2: minmay_guarded_unrand_guard, layout_cave_pools,
          rand_demon_pan_entry_8, nicolae_trove_entry_isolated, hell_entry,
          nicolae_burly_brawl, serial_bayou_shore_a, uniq_grunn
Depths:3: grunt_bent_corner, layout_honeycomb, enter_ziggurat_c,
          minmay_room_of_horrors, serial_shops, kennysheep_mini_moat,
          hell_entry, led_xom_imps, minmay_shop_grove, minmay_staircase_bubble
Depths:4: hangedman_spin_cycle, serial_shops, pan_entry, hell_entry,
          uniq_josephina
Zot:1:    layout_gridville

Skill      XL: |  1  2  3  4  5  6  7  8  9 10 11 12 13 14 15 16 17 18 19 20 21 22 23 24 25 |
---------------+----------------------------------------------------------------------------+-----
Axes           | 2 3 4 5 6 8 9 11 12 14 16 | 16.0
Dodging        | 1 2 3 4 5 6 9 11 | 11.9
Fighting       | 4 6 7 8 9 10 11 12 13 15 17 18 19 21 24 25 26 | 26.0
Armour         | 6 7 8 11 12 13 15 17 18 19 21 22 | 22.0
Shields        | 4 5 6 7 12 13 15 16 17 20 21 22 | 22.0
Invocations    | 4 8 10 | 10.0
Throwing       | 1 5 6 7 9 10 11 12 13 | 13.2

Action                     |  1- 3 |  4- 6 |  7- 9 | 10-12 | 13-15 | 16-18 | 19-21 | 22-24 | 25-27 || total
---------------------------+-------+-------+-------+-------+-------+-------+-------+-------+-------++-------
  Melee: War axe           |   130 |   139 |   247 |   325 |   975 |  1858 |  1825 |  1487 |   430 ||  7416
         Flail             |       |       |       |    28 |       |       |       |       |       ||    28
         Demon whip        |       |       |       |    67 |    20 |    29 |       |       |       ||   116
  Throw: Javelin           |       |       |       |    31 |    72 |    26 |    93 |   118 |    51 ||   391
         Boomerang         |       |       |       |       |    62 |   134 |    55 |    28 |       ||   279
 Invoke: Heroism           |       |       |     1 |    20 |    22 |    24 |    17 |    27 |    11 ||   122
         Finesse           |       |       |       |       |     6 |     7 |     6 |     9 |       ||    28
    Use: Scroll            |     6 |     7 |    13 |     5 |     9 |     1 |     3 |     1 |     1 ||    46
         Potion            |       |     3 |       |     2 |     1 |     1 |       |     1 |     2 ||    10
   Stab: Petrified         |       |       |       |       |     8 |       |       |       |       ||     8
         Petrifying        |       |       |       |       |     1 |       |       |       |       ||     1
         Invisible         |       |       |       |       |       |       |       |     2 |       ||     2
 Armour: Scale mail        |    35 |       |       |       |       |       |       |       |       ||    35
         Plate armour      |    49 |    87 |   143 |   397 |    30 |       |       |       |       ||   706
         Gold dragon scale |       |       |       |       |   398 |   743 |   731 |   588 |   227 ||  2687
  Dodge: Dodged            |    55 |    48 |    72 |   289 |   178 |   575 |   509 |   504 |   218 ||  2448
  Block: Buckler           |    25 |    33 |    51 |   167 |    79 |       |       |       |       ||   355
         Kite shield       |       |       |       |       |   416 |  1621 |   818 |       |       ||  2855
         Reflection        |       |       |       |       |    24 |   166 |    50 |    30 |     5 ||   275
         Tower shield      |       |       |       |       |       |       |   650 |  1454 |   518 ||  2622

Table legend:
 A = Non-vault XP
 B = Vault XP
 C = Vault XP percentage of total XP
 D = Non-vault monster count
 E = Vault monster count
 F = Vault count percentage of total count
                 A         B        C        D         E       F
            +---------+---------+-------+---------+---------+-------
      Total |  477899 |  596392 |  55.5 |    1123 |     849 |  43.1
            +---------+---------+-------+---------+---------+-------
        D:1 |      36 |       7 |  16.3 |      21 |       4 |  16.0
        D:2 |      41 |       0 |   0.0 |      17 |       0 |   0.0
        D:3 |     207 |      14 |   6.3 |      32 |       8 |  20.0
        D:4 |     338 |     801 |  70.3 |      24 |       2 |   7.7
        D:5 |     530 |      18 |   3.3 |      21 |       1 |   4.5
        D:6 |     653 |     300 |  31.5 |      17 |       1 |   5.6
        D:7 |     250 |       0 |   0.0 |       9 |       0 |   0.0
        D:8 |    2632 |     283 |   9.7 |      35 |       1 |   2.8
        D:9 |    4230 |    2529 |  37.4 |      17 |      16 |  48.5
       D:10 |    2618 |       0 |   0.0 |      16 |       0 |   0.0
       D:11 |    5015 |   14285 |  74.0 |      24 |      31 |  56.4
       D:12 |    9693 |   12563 |  56.4 |      29 |      29 |  50.0
       D:13 |    5652 |     973 |  14.7 |      13 |       1 |   7.1
       D:14 |   17845 |    7265 |  28.9 |      30 |      12 |  28.6
       D:15 |   13177 |    1075 |   7.5 |      32 |       1 |   3.0
     Lair:1 |    8299 |    3753 |  31.1 |      29 |      16 |  35.6
     Lair:2 |    3867 |     525 |  12.0 |      14 |       2 |  12.5
     Lair:3 |    6787 |     466 |   6.4 |      29 |       1 |   3.3
     Lair:4 |    6805 |       0 |   0.0 |      27 |       0 |   0.0
     Lair:5 |    8977 |    8342 |  48.2 |      25 |      49 |  66.2
   Shoals:1 |   23471 |     454 |   1.9 |      45 |       1 |   2.2
   Shoals:2 |    4257 |       0 |   0.0 |       7 |       0 |   0.0
   Shoals:3 |    7475 |    6395 |  46.1 |      17 |       7 |  29.2
   Shoals:4 |   11425 |   25398 |  69.0 |      22 |      53 |  70.7
    Snake:1 |   18297 |       0 |   0.0 |      38 |       0 |   0.0
    Snake:2 |   26466 |    1198 |   4.3 |      57 |       1 |   1.7
    Snake:3 |   22612 |   10943 |  32.6 |      52 |      14 |  21.2
    Snake:4 |   22808 |   42397 |  65.0 |      54 |      60 |  52.6
      Orc:1 |    2919 |     296 |   9.2 |      17 |       2 |  10.5
      Orc:2 |    3007 |    7139 |  70.4 |      48 |      62 |  56.4
   Vaults:1 |   14028 |   24689 |  63.8 |      22 |      35 |  61.4
   Vaults:2 |   11702 |   10972 |  48.4 |      15 |      17 |  53.1
   Vaults:3 |   47303 |   24660 |  34.3 |      60 |      32 |  34.8
   Vaults:4 |   33438 |   43277 |  56.4 |      48 |      51 |  51.5
   Vaults:5 |   20021 |  107332 |  84.3 |      28 |      94 |  77.0
   Depths:1 |   28894 |   45069 |  60.9 |      32 |      36 |  52.9
   Depths:2 |   33619 |   29760 |  47.0 |      44 |      29 |  39.7
   Depths:3 |   35057 |   72818 |  67.5 |      44 |      69 |  61.1
   Depths:4 |    4018 |   90243 |  95.7 |       4 |      95 |  96.0
      Zot:1 |    9430 |       0 |   0.0 |       8 |       0 |   0.0
    Ossuary |       0 |     153 | 100.0 |       0 |      16 | 100.0
            +---------+---------+-------+---------+---------+-------
